Workbook
Name I9172.: [1]专家清理复核汇总4.23!$H:$H
Name 哦79: [2]重庆映射关系!$J$8
Name 哦79: [4]重庆映射关系!$J$8
Name 哦79: [4]重庆映射关系!$J$8
Name 哦79: [4]重庆映射关系!$J$8
Name 哦79: [4]重庆映射关系!$J$8

Sheet 附件1-消化系统类医疗服务价格项目表
A1: 附件1 | B1: 消化系统类医疗服务价格项目表（征求意见稿）
A2: 序号 | B2: 项目编码 | C2: 项目名称 | D2: 服务产出 | E2: 价格构成 | F2: 计价单位 | G2: 计价说明 | H2: 政府指导价 | L2: 医保属性 | M2: 医保支付限制 | N2: 归集口径
H3: 三级医院 | I3: 二级医院 | J3: 一级医院 | K3: 其他医疗机构（含基层医疗机构）
A4: 使用说明： 1.本类项目以消化系统为重点，按照消化系统相关医疗服务产出设立价格项目。 2.根据《深化医疗服务价格改革试点方案》（医保发〔2021〕41号）关于“厘清价格项目与临床诊疗技术规范、医疗机构成本要素、不同应用场景和收费标准等的政策边界分类整合现行价格项目，实现价格项目与操作步骤、诊疗部位等技术细节脱钩，增强现行价格项目对医疗技术和医疗活动改良创新的兼容性”的要求，服务产出相同的一类项目在操作层面存在差异，但在价格项目和定价水平层面具备合并同类项的条件，立项指南对此进行合并。所定价格属于政府指导价，为最高限价，下浮不限。同时，医疗机构申报的技术改良进步项目，可采取“现有项目兼容”方式简化处理，无需申报新增医疗服务价格项目，经向本地区医疗保障部门备案后可按照对应的项目执行。 3.本类项目所称“价格构成”，指项目价格应涵盖的各类资源消耗，用于确定计价单元的边界，不应作为临床技术标准理解，不是实际操作方式、路径、步骤、程序的强制性要求，价格构成中包含但临床实践中非必要、未发生的，无需强制要求公立医疗机构减计费用。所列“设备投入”包括但不限于操作设备、器具及固定资产投入。 4.本类项目所称“加收项”，指同一项目以不同方式提供或在不同场景应用时，确有必要制定差异化收费标准而细分的一类子项，包括在原项目价格基础上增加或减少收费的情况；实际应用中，同时涉及多个加收项的，以项目单价为基础计算相应的加/减收水平后，据实收费。 5.本类项目所称“扩展项”，指同一项目下以不同方式提供或在不同场景应用时，只扩展价格项目适用范围、不额外加价的一类子项，子项的价格按主项目执行。 6.本类项目所称“基本物质资源物耗”，指原则上限于不应或不必要与医疗服务项目分割的易耗品，包括但不限于各类消杀灭菌用品、储存用品、清洁用品、个人防护用品、垃圾处理用品、滑石粉、标签、防渗漏垫、中单、护（尿）垫、棉球、棉签、纱布（垫）、治疗护理盘（包）、治疗巾（单）、手术巾（单）、手术包、普通注射器、可复用的操作器具、非药品类对比剂、影像存储介质、铅制防护用品、标本采集存放用品、咬口器或牙垫、口/吹嘴、气体收集袋、肠道菌液制备用物或菌液制成品、染色剂、辅助试剂、肛门扩张器具、肛诊指套、圈套皮筋、挂线材料、报告打印耗材、软件（版权、开发、购买）成本等。基本物质资源消耗成本计入项目价格，不另行收费。除基本物质资源消耗以外的其他耗材，按照实际采购价格零差率销售。 7.本类项目中的“无创”为无需切开皮肤，经过自然腔道入路，利用无创入路方式进行的操作，包括但不限于食管镜、胃镜、十二指肠镜、结肠镜、小肠镜、直肠镜、胆管镜、胰管镜、超声内镜、共聚焦激光显微内镜等各类内镜。不包含因其他操作需求而涉及皮肤切开、组织切除等有创性操作内容。 8.本类项目中的“部位”为食管、胃、小肠、阑尾、盲肠、结肠、直肠、胆囊、胆管、胰腺、胰管等。 9.本类项目中消化内科内镜治疗或手术类项目，如需使用相关内镜可按内镜检查费用收取，如行消化内镜息肉去除时使用“内镜”，可收取“无创消化道息肉去除费+上消化道内镜检查费（常规）”。 10.本类项目中普通外科的各类手术项目的价格构成，已包含手术涉及的各类内镜使用成本。医疗机构在开展相关操作时，开放手术与经内镜手术执行相同的价格标准，内镜辅助操作不再另行收费。 11.本类项目价格构成中所称的“穿刺”为主项操作涉及的必要穿刺技术，价格构成中的穿刺操作不可收取相关费用；独立穿刺项目可按相应治疗价格项目收取。 12.本类项目中价格构成中所称的“止血”为压迫、填塞、包扎等常规止血方法，其他止血方式可收取相应费用。 13.本类项目中所称的“恶性肿瘤扩大根治性切除”，可参照各地省及省以上卫生健康部门技术规范中扩大根治性切除进行加收。 14.本类项目中涉及“包括……”“……等”的，属于开放型表述，所指对象不仅局限于表述中列明的事项，也包括未列明的同类事项。 15.本类项目中未尽事项，如等离子、激光、射频、微波等手术辅助操作等，将在辅助操作类、一般治疗类等其他立项指南中单独列示，暂按现行价格政策执行。 16.本类项目中其他学科开展相应项目时，可据实收费。 17.本类项目中的术中、治疗或检查过程中取活检样本已包含在本类项目价格构成中，不得按病理类医疗服务价格项目立项指南所列活检取材费计费。 18.本类项目中价格项目可应用人工智能辅助进行的，可直接按主项目收费，不同时收费。 19.公立医疗机构开展相关放射检查须提供符合要求的“数字影像处理和上传存储服务”并执行现行放射检查项目价格，对于不能提供符合要求的“数字影像处理和上传存储服务”的，执行的相关放射检查项目价格减收5元。 20.允许公立医疗机构在患者自愿选择基础上，若提供“数字胶片云储存服务”，可不再提供实体胶片。将减少实体胶片打印节约的成本，用于补偿数字胶片服务成本。医疗机构在常规提供影像资料后，如需额外提供影像资料，可收取相应费用。 21.本类项目所称的“儿童”，指6周岁及以下。本类项目儿童加收比例为主项目价格的20%。周岁的计算方法以法律的相关规定为准。
A5: 1 | B5: 012410000010000 | C5: 消化道pH值监测费 | D5: 通过各种方式监测消化道ph值。 | E5: 所定价格涵盖设备准备、插管、测定、撤除、数据提取分析、出具报告、处理用物等步骤所需的人力资源和基本物质资源消耗。（不含内镜操作） | F5: 次 | G5: 本项目中的“次”指：监测时长24小时，不足24小时按24小时计费。 | H5: 296.6 | I5: 269.6 | J5: 256.1 | K5: 242.6 | L5: =_xlfn.XLOOKUP(B5,[8]打印格式!$B$1:$B$65536,[8]打印格式!$H$1:$H$65536,) -> 乙类 | N5: 检查费
A6: 2 | B6: 012410000010001 | C6: 消化道pH值监测费-阻抗测定（加收） | F6: 次 | H6: 11.4 | I6: 10.4 | J6: 9.9 | K6: 9.4 | L6: =_xlfn.XLOOKUP(B6,[8]打印格式!$B$1:$B$65536,[8]打印格式!$H$1:$H$65536,) -> 乙类 | N6: 检查费
A7: 3 | B7: 012410000020000 | C7: 消化道压力测定费 | D7: 通过各种方式测定消化道压力。 | E7: 所定价格涵盖设备准备、插管、测定、撤除、数据提取分析、出具报告、处理用物等步骤所需的人力资源和基本物质资源消耗。（不含内镜操作） | F7: 项 | G7: 本类项目中的“消化道压力测定”指：食管测压、高分辨率食管测压、24小时食管动态测压、胃肠测压、24小时胃肠测压、胃幽门十二指肠测压、奥迪氏括约肌测压、结肠测压、肛门直肠测压、胆道测压等，以上不同测压按本项目收费，同一入路同一操作时间仅可计费1 次。 | H7: 142.7 | I7: 129.7 | J7: 123.2 | K7: 116.7 | L7: =_xlfn.XLOOKUP(B7,[8]打印格式!$B$1:$B$65536,[8]打印格式!$H$1:$H$65536,) -> 甲类 | N7: 检查费
A8: 4 | B8: 012410000030000 | C8: 胃肠电图检查费 | D8: 通过传导生物电，记录胃肠生物电活动并绘图，检查胃肠的蠕动情况及动力的强弱。 | E8: 所定价格涵盖设备准备、电极安放、记录、分析、出具报告、处理用物等步骤所需的人力资源和基本物质资源消耗。 | F8: 次 | H8: 167.9 | I8: 152.6 | J8: 145 | K8: 137.3 | L8: =_xlfn.XLOOKUP(B8,[8]打印格式!$B$1:$B$65536,[8]打印格式!$H$1:$H$65536,) -> 乙类 | N8: 检查费
A9: 5 | B9: 012410000040000 | C9: 呼气试验费（炎症检测） | D9: 测定呼出气体中特定气体的含量，判断气道炎症或全身炎症反应。 | E9: 所定价格涵盖设备准备、指导呼气、测定、分析、出具报告、处理用物等步骤所需的人力资源和基本物质资源消耗。 | F9: 次 | G9: 本项目中的“特定气体”指：一氧化氮。 | H9: 286 | I9: 260 | J9: 247 | K9: 234 | L9: =_xlfn.XLOOKUP(B9,[8]打印格式!$B$1:$B$65536,[8]打印格式!$H$1:$H$65536,) -> 自费 | N9: 检查费
A10: 6 | B10: 012410000050000 | C10: 呼气试验费（红细胞寿命检测） | D10: 测定呼出气体中特定气体的含量，判断红细胞寿命。 | E10: 所定价格涵盖设备准备、指导呼气、测定、分析、出具报告、处理用物等步骤所需的人力资源和基本物质资源消耗。 | F10: 次 | G10: 本项目中的“特定气体”指：一氧化碳。 | H10: 330 | I10: 300 | J10: 285 | K10: 270 | L10: =_xlfn.XLOOKUP(B10,[8]打印格式!$B$1:$B$65536,[8]打印格式!$H$1:$H$65536,) -> 自费 | N10: 检查费
A11: 7 | B11: 012410000060000 | C11: 呼气试验费（幽门螺旋杆菌检测） | D11: 通过测定呼出气体中标记同位素的含量，判断是否存在幽门螺杆菌感染。 | E11: 所定价格涵盖设备准备、指导呼气、采集气体、底物及服用、再次采集气体、测定、分析、出具报告、处理用物等步骤所需的人力资源和基本物质资源消耗。 | F11: 次 | H11: 103.8 | I11: 94.4 | J11: 89.7 | K11: 85 | L11: =_xlfn.XLOOKUP(B11,[8]打印格式!$B$1:$B$65536,[8]打印格式!$H$1:$H$65536,) -> 乙类 | N11: 检查费
A12: 8 | B12: 012410000070000 | C12: 呼气试验费（胃肠功能检测） | D12: 通过测定呼出气体中特定气体的含量，评估胃肠功能、小肠细菌过度生长。 | E12: 所定价格涵盖设备准备、底物及服用、指导呼气、多次采集气体、测定、分析、出具报告、处理用物等步骤所需的人力资源和基本物质资源消耗。 | F12: 项 | G12: 本项目中的“特定气体”指：氢气、甲烷、二氧化碳；其中氢气和甲烷的测定各计为1项，二氧化碳的测定不额外计费。 | H12: 195 | I12: 177.3 | J12: 168.4 | K12: 159.6 | L12: =_xlfn.XLOOKUP(B12,[8]打印格式!$B$1:$B$65536,[8]打印格式!$H$1:$H$65536,) -> 自费 | N12: 检查费
A13: 9 | B13: 012410000080000 | C13: 胃肠传输时间检查费 | D13: 根据标记物在消化道不同时间的分布情况，判断胃肠道动力。 | E13: 所定价格涵盖标记物准备、指导服用、拍片、数据处理、出具报告、处理用物等步骤所需的人力资源和基本物质资源消耗。 | F13: 次 | H13: 119.9 | I13: 109 | J13: 103.6 | K13: 98.1 | L13: =_xlfn.XLOOKUP(B13,[8]打印格式!$B$1:$B$65536,[8]打印格式!$H$1:$H$65536,) -> 甲类 | N13: 检查费
A14: 10 | B14: 012410000090000 | C14: 肝功能储备检查费 | D14: 通过监测特定状态下，肝脏对相关物质的滞留、排泄清除率，判断肝储备功能。 | E14: 所定价格涵盖准备、静脉注射、定时取血或探头监测含量、记录、计算、出具报告、处理用物等步骤所需的人力资源和基本物质资源消耗。 | F14: 次 | G14: 肝功能排泄试验按此收费。 | H14: 142.8 | I14: 129.8 | J14: 123.3 | K14: 116.8 | L14: =_xlfn.XLOOKUP(B14,[8]打印格式!$B$1:$B$65536,[8]打印格式!$H$1:$H$65536,) -> 乙类 | N14: 检查费
A15: 11 | B15: 013109000010000 | C15: 肠道菌群移植费 | D15: 收集并检测供者肠道样本制备菌液或菌制成品，通过消化道植入患者肠道。 | E15: 所定价格涵盖准备、供体筛查、采集、采集物检测、分离、制备、保存、植入、处理用物等步骤所需的人力资源和基本物质资源消耗。 | F15: 次 | G15: 需胃肠道内镜或置管辅助完成移植的，可收取“内镜检查”及“胃肠道置管”费用。 | H15: 1650 | I15: 1500 | J15: 1425 | K15: 1350 | L15: =_xlfn.XLOOKUP(B15,[8]打印格式!$B$1:$B$65536,[8]打印格式!$H$1:$H$65536,) -> 自费 | N15: 治疗费
A16: 12 | B16: 013109000020000 | C16: 腹水回输治疗费 | D16: 收集腹水，处理后回输患者进行治疗。 | E16: 所定价格涵盖准备、穿刺、置管、引流采集、过滤、回输、处理用物等步骤所需的人力资源和基本物质资源消耗。 | F16: 次 | H16: 386.2 | I16: 351.1 | J16: 333.5 | K16: 316 | L16: =_xlfn.XLOOKUP(B16,[8]打印格式!$B$1:$B$65536,[8]打印格式!$H$1:$H$65536,) -> 甲类 | N16: 治疗费
A17: 13 | B17: 013109000020100 | C17: 腹水回输治疗费-胸水回输治疗（扩展） | F17: 次 | H17: 386.2 | I17: 351.1 | J17: 333.5 | K17: 316 | L17: =_xlfn.XLOOKUP(B17,[8]打印格式!$B$1:$B$65536,[8]打印格式!$H$1:$H$65536,) -> 甲类 | N17: 治疗费
A18: 14 | B18: 013109000030000 | C18: 肠异位灌注整复费 | D18: 通过灌注复位肠套叠、肠扭转等各类异位情况。 | E18: 所定价格涵盖设备准备、灌注、观察、复位、处理用物等步骤所需的人力资源和基本物质资源消耗。（不含内镜操作） | F18: 次 | H18: 268 | I18: 243.6 | J18: 231.4 | K18: 219.2 | L18: =_xlfn.XLOOKUP(B18,[8]打印格式!$B$1:$B$65536,[8]打印格式!$H$1:$H$65536,) -> 乙类 | N18: 治疗费
A19: 15 | B19: 013109000030100 | C19: 肠异位灌注整复费-胃异位整复（扩展） | F19: 次 | H19: 268 | I19: 243.6 | J19: 231.4 | K19: 219.2 | L19: =_xlfn.XLOOKUP(B19,[8]打印格式!$B$1:$B$65536,[8]打印格式!$H$1:$H$65536,) -> 乙类 | N19: 治疗费
A20: 16 | B20: 012410000100000 | C20: 胶囊内镜检查费（非操控） | D20: 各类胶囊内镜借助消化道自身蠕动，无需外界干预，自然通过消化道完成检查。 | E20: 所定价格涵盖准备、指导吞服胶囊内镜、收集影像信息、出具报告、处理用物等步骤所需的人力资源和基本物质资源消耗。 | F20: 次 | H20: 3025 | I20: 2750 | J20: 2612.5 | K20: 2475 | L20: =_xlfn.XLOOKUP(B20,[8]打印格式!$B$1:$B$65536,[8]打印格式!$H$1:$H$65536,) -> 乙类 | N20: 检查费
A21: 17 | B21: 012410000110000 | C21: 胶囊内镜检查费（受操控） | D21: 医务人员以磁控等方式操作胶囊内镜，使其在受操控下通过消化道，实现定向定位检查。 | E21: 所定价格涵盖准备、指导吞服胶囊内镜、操控、收集影像信息、出具报告、处理用物等步骤所需的人力资源和基本物质资源消耗。 | F21: 次 | H21: 3630 | I21: 3300 | J21: 3135 | K21: 2970 | L21: =_xlfn.XLOOKUP(B21,[8]打印格式!$B$1:$B$65536,[8]打印格式!$H$1:$H$65536,) -> 乙类 | N21: 检查费
A22: 18 | B22: 012410000120000 | C22: 上消化道内镜检查费（常规） | D22: 通过消化道内镜观察和诊断上消化道的疾病。 | E22: 所定价格涵盖设备准备、体位摆放、入镜、观察、图像采集、撤镜、出具报告、处理用物等步骤所需的人力资源和基本物质资源消耗。 | F22: 次 | G22: 1.单次入路检查经过多个部位的，以最终到达的部位计费1次。 2.同时行放大、染色检查仅计费1次 3.“经皮经肝胆道镜检查”按“胆/胰管内镜检查”收费。 | H22: 189.8 | I22: 172.5 | J22: 163.9 | K22: 155.3 | L22: =_xlfn.XLOOKUP(B22,[8]打印格式!$B$1:$B$65536,[8]打印格式!$H$1:$H$65536,) -> 甲类 | N22: 检查费
A23: 19 | B23: 012410000120001 | C23: 上消化道内镜检查费（常规）-单气囊小肠镜（加收） | F23: 次 | H23: 1200 | I23: 1090.9 | J23: 1036.4 | K23: 981.8 | L23: =_xlfn.XLOOKUP(B23,[8]打印格式!$B$1:$B$65536,[8]打印格式!$H$1:$H$65536,) -> 自费 | N23: 检查费
A24: 20 | B24: 012410000120002 | C24: 上消化道内镜检查费（常规）-双气囊小肠镜（加收） | F24: 次 | H24: 4219 | I24: 3835.5 | J24: 3643.7 | K24: 3451.9 | L24: =_xlfn.XLOOKUP(B24,[8]打印格式!$B$1:$B$65536,[8]打印格式!$H$1:$H$65536,) -> 甲类 | N24: 检查费
A25: 21 | B25: 012410000120003 | C25: 上消化道内镜检查费（常规）-胆/胰管内镜检查（加收） | F25: 次 | H25: 204 | I25: 185.5 | J25: 176.2 | K25: 166.9 | L25: =_xlfn.XLOOKUP(B25,[8]打印格式!$B$1:$B$65536,[8]打印格式!$H$1:$H$65536,) -> 甲类 | N25: 检查费
A26: 22 | B26: 012410000120004 | C26: 上消化道内镜检查费（常规）-胆/胰管内镜子镜检查（加收） | F26: 次 | H26: 2010.2 | I26: 1827.5 | J26: 1736.1 | K26: 1644.7 | L26: =_xlfn.XLOOKUP(B26,[8]打印格式!$B$1:$B$65536,[8]打印格式!$H$1:$H$65536,) -> 自费 | N26: 检查费
A27: 23 | B27: 012410000120011 | C27: 上消化道内镜检查费（常规）-放大/染色检查（加收） | F27: 次 | H27: 178.4 | I27: 162.2 | J27: 154.1 | K27: 146 | L27: =_xlfn.XLOOKUP(B27,[8]打印格式!$B$1:$B$65536,[8]打印格式!$H$1:$H$65536,) -> 乙类 | N27: 检查费
A28: 24 | B28: 012410000130000 | C28: 下消化道内镜检查费（常规） | D28: 通过消化道内镜观察和诊断下消化道的疾病。 | E28: 所定价格涵盖设备准备、体位摆放、入镜、观察、图像采集、撤镜、出具报告、处理用物等步骤所需的人力资源和基本物质资源消耗。 | F28: 次 | G28: 1.单次入路检查经过多个部位的，以最终到达的部位计费1次。 2.同时行放大、染色检查仅计费1次。 | H28: 228.6 | I28: 207.8 | J28: 197.4 | K28: 187 | L28: =_xlfn.XLOOKUP(B28,[8]打印格式!$B$1:$B$65536,[8]打印格式!$H$1:$H$65536,) -> 甲类 | N28: 检查费
A29: 25 | B29: 012410000130001 | C29: 下消化道内镜检查费（常规）-单气囊小肠镜（加收） | F29: 次 | H29: 1200 | I29: 1090.9 | J29: 1036.4 | K29: 981.8 | L29: =_xlfn.XLOOKUP(B29,[8]打印格式!$B$1:$B$65536,[8]打印格式!$H$1:$H$65536,) -> 自费 | N29: 检查费
A30: 26 | B30: 012410000130002 | C30: 下消化道内镜检查费（常规）-双气囊小肠镜（加收） | F30: 次 | H30: 4180.2 | I30: 3800.2 | J30: 3610.2 | K30: 3420.2 | L30: =_xlfn.XLOOKUP(B30,[8]打印格式!$B$1:$B$65536,[8]打印格式!$H$1:$H$65536,) -> 甲类 | N30: 检查费
A31: 27 | B31: 012410000130011 | C31: 下消化道内镜检查费（常规）-放大/染色检查（加收） | F31: 次 | H31: 178.4 | I31: 162.2 | J31: 154.1 | K31: 146 | L31: =_xlfn.XLOOKUP(B31,[8]打印格式!$B$1:$B$65536,[8]打印格式!$H$1:$H$65536,) -> 乙类 | N31: 检查费
A32: 28 | B32: 012410000140000 | C32: 上消化道内镜检查费（超声内镜） | D32: 通过微探头、环扫 、线阵式等不同消化道超声内镜观察和诊断疾病。 | E32: 所定价格涵盖设备准备、体位摆放、入镜、观察、图像采集、撤镜、出具报告、处理用物等步骤所需的人力资源和基本物质资源消耗。 | F32: 次 | G32: 单次入路检查经过多个部位的，以最终到达的部位计费1次。 | H32: 536.8 | I32: 488 | J32: 463.6 | K32: 439.2 | L32: =_xlfn.XLOOKUP(B32,[8]打印格式!$B$1:$B$65536,[8]打印格式!$H$1:$H$65536,) -> 自费 | N32: 检查费
A33: 29 | B33: 012410000140001 | C33: 上消化道内镜检查费（超声内镜）-胆/胰超声内镜检查（加收） | F33: 次 | H33: 283 | I33: 257.3 | J33: 244.4 | K33: 231.6 | L33: =_xlfn.XLOOKUP(B33,[8]打印格式!$B$1:$B$65536,[8]打印格式!$H$1:$H$65536,) -> 自费 | N33: 检查费
A34: 30 | B34: 012410000150000 | C34: 下消化道内镜检查费（超声内镜） | D34: 通过微探头、环扫 、线阵式等不同消化道超声内镜观察和诊断疾病。 | E34: 所定价格涵盖设备准备、体位摆放、入镜、观察、图像采集、撤镜、出具报告、处理用物等步骤所需的人力资源和基本物质资源消耗。 | F34: 次 | G34: 单次入路检查经过多个部位的，以最终到达的部位计费1次。 | H34: 536.8 | I34: 488 | J34: 463.6 | K34: 439.2 | L34: =_xlfn.XLOOKUP(B34,[8]打印格式!$B$1:$B$65536,[8]打印格式!$H$1:$H$65536,) -> 自费 | N34: 检查费
A35: 31 | B35: 012410000160000 | C35: 上消化道内镜检查费（共聚焦激光显微内镜） | D35: 通过共聚焦激光显微内镜观察和诊断上消化道的疾病。 | E35: 所定价格涵盖设备准备、体位摆放、应用对比剂（静脉或喷涂）、入镜、观察、图像采集、撤镜、处理用物等步骤所需的人力资源和基本物质资源消耗。 | F35: 次 | G35: 1.单次入路检查经过多个部位的，以最终到达的部位计费1次。 2.超声内镜引导针基共聚焦激光显微内镜行胆/胰检查时，可收取“上消化道内镜检查费（超声内镜）-胆/胰超声内镜检查（加收）”及“上消化道内镜检查费（共聚焦激光显微内镜）”。 | H35: 1550 | I35: 1409.1 | J35: 1338.6 | K35: 1268.2 | L35: =_xlfn.XLOOKUP(B35,[8]打印格式!$B$1:$B$65536,[8]打印格式!$H$1:$H$65536,) -> 自费 | N35: 检查费
A36: 32 | B36: 012410000170000 | C36: 下消化道内镜检查费（共聚焦激光显微内镜） | D36: 通过共聚焦激光显微内镜观察和诊断下消化道的疾病。 | E36: 所定价格涵盖设备准备、体位摆放、应用对比剂（静脉或喷涂）、入镜、观察、图像采集、撤镜、处理用物等步骤所需的人力资源和基本物质资源消耗。 | F36: 次 | G36: 单次入路检查经过多个部位的，以最终到达的部位计费1次。 | H36: 2000 | I36: 1818.2 | J36: 1727.3 | K36: 1636.4 | L36: =_xlfn.XLOOKUP(B36,[8]打印格式!$B$1:$B$65536,[8]打印格式!$H$1:$H$65536,) -> 自费 | N36: 检查费
A37: 33 | B37: 012301010050000 | C37: 无创逆行胰胆管造影费 | D37: 通过无创操作，将导管插入胆管和（或）胰管内进行造影。 | E37: 所定价格涵盖准备、置管、注入对比剂、摄取成像、撤除、出具报告、数字影像处理与上传存储（含数字方式）、处理用物等步骤所需的人力资源、设备运转成本和基本物质资源消耗。（不含内镜检查） | F37: 次 | H37: 275 | I37: 250 | J37: 237.5 | K37: 225 | L37: =_xlfn.XLOOKUP(B37,[8]打印格式!$B$1:$B$65536,[8]打印格式!$H$1:$H$65536,) -> 乙类 | N37: 检查费
A38: 34 | B38: 012301010060000 | C38: 经皮经肝胆管造影费 | D38: 通过经皮经肝穿刺胆管造影。 | E38: 所定价格涵盖准备、穿刺、置管、注入对比剂、摄取成像、撤除、出具报告、数字影像处理与上传存储（含数字方式）、处理用物等步骤所需的人力资源、设备运转成本和基本物质资源消耗。 | F38: 次 | H38: 220 | I38: 200 | J38: 190 | K38: 180 | L38: =_xlfn.XLOOKUP(B38,[8]打印格式!$B$1:$B$65536,[8]打印格式!$H$1:$H$65536,) -> 乙类 | N38: 检查费
A39: 35 | B39: 013109000040000 | C39: 经皮经肝穿刺胆管外引流费 | D39: 经皮经肝穿刺胆管并置入引流管，实现外引流。 | E39: 所定价格涵盖设备准备、体位摆放、穿刺、观察、必要时扩张、置管、引流、处理用物等步骤所需的人力资源、设备运转成本和基本物质资源消耗。 （不含内镜检查和经皮经肝胆管造影） | F39: 次 | H39: 495 | I39: 450 | J39: 427.5 | K39: 405 | L39: =_xlfn.XLOOKUP(B39,[8]打印格式!$B$1:$B$65536,[8]打印格式!$H$1:$H$65536,) -> 甲类 | N39: 治疗费
A40: 36 | B40: 013109000040100 | C40: 经皮经肝穿刺胆管外引流费-经皮经肝穿刺胆囊外引流费（扩展） | F40: 次 | H40: 495 | I40: 450 | J40: 427.5 | K40: 405 | L40: =_xlfn.XLOOKUP(B40,[8]打印格式!$B$1:$B$65536,[8]打印格式!$H$1:$H$65536,) -> 甲类 | N40: 治疗费
A41: 37 | B41: 013109000050000 | C41: 经皮经肝穿刺胆管内引流费 | D41: 通过经皮经肝穿刺进入胆管通路，实现内引流。 | E41: 所定价格涵盖设备准备、体位摆放、穿刺、观察、必要时扩张、置管、引流、处理用物等步骤所需的人力资源、设备运转成本和基本物质资源消耗。 （不含内镜检查和经皮经肝胆管造影） | F41: 次 | H41: 935 | I41: 850 | J41: 807.5 | K41: 765 | L41: =_xlfn.XLOOKUP(B41,[8]打印格式!$B$1:$B$65536,[8]打印格式!$H$1:$H$65536,) -> 甲类 | N41: 治疗费
A42: 38 | B42: 013109000050100 | C42: 经皮经肝穿刺胆管内引流费-经皮经肝穿刺胆囊内引流费（扩展） | F42: 次 | H42: 935 | I42: 850 | J42: 807.5 | K42: 765 | L42: =_xlfn.XLOOKUP(B42,[8]打印格式!$B$1:$B$65536,[8]打印格式!$H$1:$H$65536,) -> 甲类 | N42: 治疗费
A43: 39 | B43: 013310000010000 | C43: 无创胆管外引流费 | D43: 通过无创方式在胆管内放置引流管使胆汁引流至体外。 | E43: 所定价格涵盖设备准备、体位摆放、观察、置管、引流、处理用物等步骤所需的人力资源、设备运转成本和基本物质资源消耗。（不含内镜检查及无创逆行胰胆管造影） | F43: 次 | H43: 770 | I43: 700 | J43: 665 | K43: 630 | L43: =_xlfn.XLOOKUP(B43,[8]打印格式!$B$1:$B$65536,[8]打印格式!$H$1:$H$65536,) -> 甲类 | N43: 手术费
A44: 40 | B44: 013310000010001 | C44: 无创胆管外引流费-儿童（加收） | F44: 次 | H44: 154 | I44: 140 | J44: 133 | K44: 126 | L44: =_xlfn.XLOOKUP(B44,[8]打印格式!$B$1:$B$65536,[8]打印格式!$H$1:$H$65536,) -> 甲类 | N44: 手术费
A45: 41 | B45: 013310000010011 | C45: 无创胆管外引流费-内穿刺引流（加收） | F45: 次 | H45: 577.5 | I45: 525 | J45: 498.8 | K45: 472.5 | L45: =_xlfn.XLOOKUP(B45,[8]打印格式!$B$1:$B$65536,[8]打印格式!$H$1:$H$65536,) -> 自费 | N45: 手术费
A46: 42 | B46: 013310000010100 | C46: 无创胆管外引流费-无创胰管外引流（扩展） | F46: 次 | H46: 770 | I46: 700 | J46: 665 | K46: 630 | L46: =_xlfn.XLOOKUP(B46,[8]打印格式!$B$1:$B$65536,[8]打印格式!$H$1:$H$65536,) -> 甲类 | N46: 手术费
A47: 43 | B47: 013310000020000 | C47: 无创胆管内引流费 | D47: 通过无创方式在胆管内放置引流管使胆汁引流至体内。 | E47: 所定价格涵盖设备准备、体位摆放、观察、置管、引流、处理用物等步骤所需的人力资源、设备运转成本和基本物质资源消耗。（不含内镜检查及无创逆行胰胆管造影） | F47: 次 | H47: 770 | I47: 700 | J47: 665 | K47: 630 | L47: =_xlfn.XLOOKUP(B47,[8]打印格式!$B$1:$B$65536,[8]打印格式!$H$1:$H$65536,) -> 甲类 | N47: 手术费
A48: 44 | B48: 013310000020001 | C48: 无创胆管内引流费-儿童（加收） | F48: 次 | H48: 154 | I48: 140 | J48: 133 | K48: 126 | L48: =_xlfn.XLOOKUP(B48,[8]打印格式!$B$1:$B$65536,[8]打印格式!$H$1:$H$65536,) -> 甲类 | N48: 手术费
A49: 45 | B49: 013310000020011 | C49: 无创胆管内引流费-内穿刺引流（加收） | F49: 次 | H49: 770 | I49: 700 | J49: 665 | K49: 630 | L49: =_xlfn.XLOOKUP(B49,[8]打印格式!$B$1:$B$65536,[8]打印格式!$H$1:$H$65536,) -> 自费 | N49: 手术费
A50: 46 | B50: 013310000020100 | C50: 无创胆管内引流费-无创胰管内引流（扩展） | F50: 次 | H50: 770 | I50: 700 | J50: 665 | K50: 630 | L50: =_xlfn.XLOOKUP(B50,[8]打印格式!$B$1:$B$65536,[8]打印格式!$H$1:$H$65536,) -> 甲类 | N50: 手术费
A51: 47 | B51: 013109000060000 | C51: 腹腔脏器穿刺治疗费（常规） | D51: 行腹腔脏器穿刺，对病灶组织进行注射、冲洗、引流等常规治疗。 | E51: 所定价格涵盖定位、消毒、穿刺、注射、冲洗、引流、记录、处理用物等所需的人力资源和基本物质资源消耗。 | F51: 次 | G51: 1.同一治疗位置行多种治疗方式只可收取一次。 2.胆管、胰管引流按相关项目收费。 | H51: 659.2 | I51: 599.3 | J51: 569.3 | K51: 539.4 | L51: =_xlfn.XLOOKUP(B51,[8]打印格式!$B$1:$B$65536,[8]打印格式!$H$1:$H$65536,) -> 甲类 | N51: 治疗费
A52: 48 | B52: 013109000070000 | C52: 腹腔脏器穿刺治疗费（特殊） | D52: 行腹腔脏器穿刺，对病灶组织进行射频、微波、激光、冷冻、电凝、脉冲等各种特殊治疗。 | E52: 所定价格涵盖定位、消毒、穿刺、治疗、处理用物等步骤所需的人力资源、设备运转成本和基本物质资源消耗。 | F52: 次 | G52: 1.同一治疗位置使用多种能量源只可收取一次。 2.针对同一目的，常规治疗转特殊治疗，按照“腹腔脏器穿刺治疗费（特殊）”收费。 | H52: 1868.4 | I52: 1698.5 | J52: 1613.6 | K52: 1528.7 | L52: =_xlfn.XLOOKUP(B52,[8]打印格式!$B$1:$B$65536,[8]打印格式!$H$1:$H$65536,) -> 甲类 | N52: 治疗费
A53: 49 | B53: 013109000080000 | C53: 消化内镜治疗费（常规） | D53: 通过消化内镜对消化系统病灶行注射、引流、止血、冲洗等常规治疗。 | E53: 所定价格涵盖准备、镜下治疗、处理用物等步骤所需的人力资源和基本物质资源消耗。（不含内镜检查） | F53: 次 | G53: 1.同一治疗位置行多种治疗方式只可收取一次。 2.涉及消化道静脉曲张治疗按照“消化道静脉曲张治疗费”收取。 3.胆管、胰管引流按相关项目收费。 4.不同入路治疗可分别收费。 | H53: 319 | I53: 290 | J53: 275.5 | K53: 261 | L53: =_xlfn.XLOOKUP(B53,[8]打印格式!$B$1:$B$65536,[8]打印格式!$H$1:$H$65536,) -> 甲类 | N53: 治疗费
A54: 50 | B54: 013109000090000 | C54: 消化内镜治疗费（特殊） | D54: 通过消化内镜对消化系统病灶行射频、微波、激光、圈套、套扎、冷冻、电凝、脉冲等各种特殊治疗。 | E54: 所定价格涵盖设备准备、体位摆放、镜下治疗、处理用物等步骤所需的人力资源、设备运转成本和基本物质资源消耗。（不含内镜检查） | F54: 次 | G54: 1.同一治疗位置使用多种能量源只可收取一次。 2.针对同一目的，常规治疗转特殊治疗，按照“消化内镜治疗费（特殊）”收费。 3.涉及息肉治疗按照“无创消化道息肉去除费”或“无创消化道病变切除费”收取。 4.涉及消化道静脉曲张治疗按照“消化道静脉曲张治疗费”收取。 5.不同入路治疗可分别收费。 | H54: 457.3 | I54: 415.7 | J54: 394.9 | K54: 374.1 | L54: =_xlfn.XLOOKUP(B54,[8]打印格式!$B$1:$B$65536,[8]打印格式!$H$1:$H$65536,) -> 甲类 | N54: 治疗费
A55: 51 | B55: 013310000030000 | C55: 无创消化道静脉曲张治疗费 | D55: 通过无创方式，利用硬化、组织粘合、套扎等手段治疗消化道静脉曲张。 | E55: 所定价格涵盖准备、治疗、处理用物等步骤所需的人力资源和基本物质资源消耗。（不含内镜检查） | F55: 次 | G55: 治疗消化道静脉曲张使用多种治疗方式只可收取1次。 | H55: 715 | I55: 650 | J55: 617.5 | K55: 585 | L55: =_xlfn.XLOOKUP(B55,[8]打印格式!$B$1:$B$65536,[8]打印格式!$H$1:$H$65536,) -> 甲类 | N55: 手术费
A56: 52 | B56: 013310000030001 | C56: 无创消化道静脉曲张治疗费-儿童（加收） | F56: 次 | H56: 143 | I56: 130 | J56: 123.5 | K56: 117 | L56: =_xlfn.XLOOKUP(B56,[8]打印格式!$B$1:$B$65536,[8]打印格式!$H$1:$H$65536,) -> 甲类 | N56: 手术费
A57: 53 | B57: 013310000040000 | C57: 无创消化道息肉去除费 | D57: 通过无创方式，运用切除、钳除、圈套、激光、微波、电凝、冷冻、电切等各种手段去除消化道粘膜表面息肉。 | E57: 所定价格涵盖设备准备、体位摆放、镜下祛除、创面处理、处理用物等步骤所需的人力资源、设备运转成本和基本物质资源消耗。（不含内镜检查） | F57: 部位/次 | G57: “次”指息肉数小于等于3个，每增加1个按30%加收。10个及以上息肉按10个息肉收费。 | H57: 773.4 | I57: 703.1 | J57: 667.9 | K57: 632.8 | L57: =_xlfn.XLOOKUP(B57,[8]打印格式!$B$1:$B$65536,[8]打印格式!$H$1:$H$65536,) -> 甲类 | N57: 手术费
A58: 54 | B58: 013310000040001 | C58: 无创消化道息肉去除费-儿童（加收） | F58: 部位/次 | H58: 154.7 | I58: 140.6 | J58: 133.6 | K58: 126.6 | L58: =_xlfn.XLOOKUP(B58,[8]打印格式!$B$1:$B$65536,[8]打印格式!$H$1:$H$65536,) -> 自费 | N58: 手术费
A59: 55 | B59: 013310000050000 | C59: 无创消化道病变切除费 | D59: 通过无创方式切除消化道黏膜层、黏膜下层或更深层的病变。 | E59: 所定价格涵盖准备、观察、黏膜剥离、切除、创面处理、处理用物等步骤所需的人力资源和基本物质资源消耗。（不含内镜检查） | F59: 部位/次 | G59: 同一部位的多发病灶可按50%加收。 | H59: 1272.9 | I59: 1157.2 | J59: 1099.3 | K59: 1041.5 | L59: =_xlfn.XLOOKUP(B59,[8]打印格式!$B$1:$B$65536,[8]打印格式!$H$1:$H$65536,) -> 乙类 | N59: 手术费
A60: 56 | B60: 013310000050001 | C60: 无创消化道病变切除费-儿童（加收） | F60: 部位/次 | H60: 254.6 | I60: 231.4 | J60: 219.9 | K60: 208.3 | L60: =_xlfn.XLOOKUP(B60,[8]打印格式!$B$1:$B$65536,[8]打印格式!$H$1:$H$65536,) -> 自费 | N60: 手术费
A61: 57 | B61: 013310000050011 | C61: 无创消化道病变切除费-黏膜下隧道病变切除（加收） | F61: 部位/次 | H61: 767.1 | I61: 697.3 | J61: 662.5 | K61: 627.6 | L61: =_xlfn.XLOOKUP(B61,[8]打印格式!$B$1:$B$65536,[8]打印格式!$H$1:$H$65536,) -> 自费 | N61: 手术费
A62: 58 | B62: 013310000060000 | C62: 无创消化道缺损闭合费 | D62: 通过无创方式修补闭合消化道缺损。 | E62: 所定价格涵盖准备、观察、修补闭合、创面处理、处理用物等步骤所需的人力资源和基本物质资源消耗。（不含内镜检查） | F62: 次 | H62: 1782 | I62: 1620 | J62: 1539 | K62: 1458 | L62: =_xlfn.XLOOKUP(B62,[8]打印格式!$B$1:$B$65536,[8]打印格式!$H$1:$H$65536,) -> 甲类 | N62: 手术费
A63: 59 | B63: 013310000060001 | C63: 无创消化道缺损闭合费-儿童（加收） | F63: 次 | H63: 356.4 | I63: 324 | J63: 307.8 | K63: 291.6 | L63: =_xlfn.XLOOKUP(B63,[8]打印格式!$B$1:$B$65536,[8]打印格式!$H$1:$H$65536,) -> 自费 | N63: 手术费
A64: 60 | B64: 013310000070000 | C64: 无创消化道异物取出费 | D64: 通过无创方式取出消化道异物。 | E64: 所定价格涵盖准备、观察、异物取出、处理用物，必要时切开等步骤所需的人力资源和基本物质资源消耗。（不含内镜检查） | F64: 部位 | G64: 同一治疗部位只能收取1次费用。 | H64: 227.3 | I64: 206.6 | J64: 196.3 | K64: 185.9 | L64: =_xlfn.XLOOKUP(B64,[8]打印格式!$B$1:$B$65536,[8]打印格式!$H$1:$H$65536,) -> 甲类 | N64: 手术费
A65: 61 | B65: 013310000070001 | C65: 无创消化道异物取出费-儿童（加收） | F65: 部位 | H65: 45.5 | I65: 41.3 | J65: 39.3 | K65: 37.2 | L65: =_xlfn.XLOOKUP(B65,[8]打印格式!$B$1:$B$65536,[8]打印格式!$H$1:$H$65536,) -> 甲类 | N65: 手术费
A66: 62 | B66: 013310000070011 | C66: 无创消化道异物取出费-异物直径大于5cm（加收） | F66: 部位 | H66: 170.5 | I66: 155 | J66: 147.2 | K66: 139.4 | L66: =_xlfn.XLOOKUP(B66,[8]打印格式!$B$1:$B$65536,[8]打印格式!$H$1:$H$65536,) -> 甲类 | N66: 手术费
A67: 63 | B67: 013310000080000 | C67: 无创消化道扩张费 | D67: 通过无创方式利用球囊等对消化道狭窄进行扩张。 | E67: 所定价格涵盖准备、观察、狭部扩张、处理用物等步骤所需的人力资源和基本物质资源消耗。（不含内镜检查） | F67: 部位 | G67: 同一治疗部位只能收取1次费用。 | H67: 404.1 | I67: 367.4 | J67: 349 | K67: 330.7 | L67: =_xlfn.XLOOKUP(B67,[8]打印格式!$B$1:$B$65536,[8]打印格式!$H$1:$H$65536,) -> 甲类 | N67: 手术费
A68: 64 | B68: 013310000080001 | C68: 无创消化道扩张费-儿童（加收） | F68: 部位 | H68: 80.8 | I68: 73.5 | J68: 69.8 | K68: 66.1 | L68: =_xlfn.XLOOKUP(B68,[8]打印格式!$B$1:$B$65536,[8]打印格式!$H$1:$H$65536,) -> 甲类 | N68: 手术费
A69: 65 | B69: 013310000080011 | C69: 无创消化道扩张费-胆管扩张（加收） | F69: 部位 | H69: 578.4 | I69: 525.8 | J69: 499.5 | K69: 473.2 | L69: =_xlfn.XLOOKUP(B69,[8]打印格式!$B$1:$B$65536,[8]打印格式!$H$1:$H$65536,) -> 甲类 | N69: 手术费
A70: 66 | B70: 013310000080021 | C70: 无创消化道扩张费-胰管扩张（加收） | F70: 部位 | H70: 578.4 | I70: 525.8 | J70: 499.5 | K70: 473.2 | L70: =_xlfn.XLOOKUP(B70,[8]打印格式!$B$1:$B$65536,[8]打印格式!$H$1:$H$65536,) -> 自费 | N70: 手术费
A71: 67 | B71: 013310000080031 | C71: 无创消化道扩张费-胆囊扩张（加收） | F71: 部位 | H71: 578.4 | I71: 525.8 | J71: 499.5 | K71: 473.2 | L71: =_xlfn.XLOOKUP(B71,[8]打印格式!$B$1:$B$65536,[8]打印格式!$H$1:$H$65536,) -> 自费 | N71: 手术费
A72: 68 | B72: 013310000090000 | C72: 无创消化道支架置入费 | D72: 通过无创方式在消化道置入支架。 | E72: 所定价格涵盖准备、观察、必要时狭部扩张、支架置入、处理用物等步骤所需的人力资源和基本物质资源消耗。（不含内镜检查） | F72: 部位 | G72: 1.同一治疗部位只能收取1次费用。 2.含无创消化道扩张费。 | H72: 600.1 | I72: 545.5 | J72: 518.2 | K72: 491 | L72: =_xlfn.XLOOKUP(B72,[8]打印格式!$B$1:$B$65536,[8]打印格式!$H$1:$H$65536,) -> 甲类 | N72: 手术费
A73: 69 | B73: 013310000090001 | C73: 无创消化道支架置入费-儿童（加收） | F73: 部位 | H73: 120 | I73: 109.1 | J73: 103.6 | K73: 98.2 | L73: =_xlfn.XLOOKUP(B73,[8]打印格式!$B$1:$B$65536,[8]打印格式!$H$1:$H$65536,) -> 甲类 | N73: 手术费
A74: 70 | B74: 013310000090011 | C74: 无创消化道支架置入费-胆管支架置入（加收） | F74: 部位 | H74: 126.2 | I74: 114.8 | J74: 109.1 | K74: 103.3 | L74: =_xlfn.XLOOKUP(B74,[8]打印格式!$B$1:$B$65536,[8]打印格式!$H$1:$H$65536,) -> 甲类 | N74: 手术费
A75: 71 | B75: 013310000090021 | C75: 无创消化道支架置入费-胰管支架置入（加收） | F75: 部位 | H75: 566.3 | I75: 514.9 | J75: 489.2 | K75: 463.4 | L75: =_xlfn.XLOOKUP(B75,[8]打印格式!$B$1:$B$65536,[8]打印格式!$H$1:$H$65536,) -> 甲类 | N75: 手术费
A76: 72 | B76: 013310000090031 | C76: 无创消化道支架置入费-胆囊支架置入（加收） | F76: 部位 | H76: 126.2 | I76: 114.8 | J76: 109.1 | K76: 103.3 | L76: =_xlfn.XLOOKUP(B76,[8]打印格式!$B$1:$B$65536,[8]打印格式!$H$1:$H$65536,) -> 自费 | N76: 手术费
A77: 73 | B77: 013310000100000 | C77: 无创消化道支架取出费 | D77: 通过无创方式自消化道取出支架。 | E77: 所定价格涵盖准备、观察、支架取出、处理用物等步骤所需的人力资源和基本物质资源消耗。（不含内镜检查） | F77: 部位 | G77: 同一治疗部位只能收取1次费用。 | H77: 591.4 | I77: 537.6 | J77: 510.7 | K77: 483.8 | L77: =_xlfn.XLOOKUP(B77,[8]打印格式!$B$1:$B$65536,[8]打印格式!$H$1:$H$65536,) -> 甲类 | N77: 手术费
A78: 74 | B78: 013310000100001 | C78: 无创消化道支架取出费-儿童（加收） | F78: 部位 | H78: 118.3 | I78: 107.5 | J78: 102.1 | K78: 96.8 | L78: =_xlfn.XLOOKUP(B78,[8]打印格式!$B$1:$B$65536,[8]打印格式!$H$1:$H$65536,) -> 甲类 | N78: 手术费
A79: 75 | B79: 013310000100100 | C79: 无创消化道支架取出费-经皮穿刺支架取出（扩展） | F79: 部位 | H79: 591.4 | I79: 537.6 | J79: 510.7 | K79: 483.8 | L79: =_xlfn.XLOOKUP(B79,[8]打印格式!$B$1:$B$65536,[8]打印格式!$H$1:$H$65536,) -> 甲类 | N79: 手术费
A80: 76 | B80: 013310000110000 | C80: 无创消化道狭窄切开费 | D80: 通过无创方式进入消化道切开狭窄部位。 | E80: 所定价格涵盖准备、观察、切开、处理用物等步骤所需的人力资源和基本物质资源消耗。（不含内镜检查） | F80: 部位 | G80: 同一治疗部位只能收取1次费用。 | H80: 2158.5 | I80: 1962.3 | J80: 1864.2 | K80: 1766.1 | L80: =_xlfn.XLOOKUP(B80,[8]打印格式!$B$1:$B$65536,[8]打印格式!$H$1:$H$65536,) -> 自费 | N80: 手术费
A81: 77 | B81: 013310000110001 | C81: 无创消化道狭窄切开费-儿童（加收） | F81: 部位 | H81: 431.7 | I81: 392.5 | J81: 372.8 | K81: 353.2 | L81: =_xlfn.XLOOKUP(B81,[8]打印格式!$B$1:$B$65536,[8]打印格式!$H$1:$H$65536,) -> 自费 | N81: 手术费
A82: 78 | B82: 013310000120000 | C82: 无创胆管结石取出费 | D82: 通过无创方式将胆管内结石取出。 | E82: 所定价格涵盖设备准备、体位摆放、观察、体内碎石、取石、处理用物等步骤所需的人力资源、设备运转成本与基本物质资源消耗。（不含内镜检查、无创逆行胰胆管造影、无创消化道肌切开） | F82: 次 | H82: 715.8 | I82: 650.7 | J82: 618.2 | K82: 585.6 | L82: =_xlfn.XLOOKUP(B82,[8]打印格式!$B$1:$B$65536,[8]打印格式!$H$1:$H$65536,) -> 甲类 | N82: 手术费
A83: 79 | B83: 013310000120001 | C83: 无创胆管结石取出费-儿童（加收） | F83: 次 | H83: 143.2 | I83: 130.1 | J83: 123.6 | K83: 117.1 | L83: =_xlfn.XLOOKUP(B83,[8]打印格式!$B$1:$B$65536,[8]打印格式!$H$1:$H$65536,) -> 甲类 | N83: 手术费
A84: 80 | B84: 013310000120100 | C84: 无创胆管结石取出费-无创胰管取石（扩展） | F84: 次 | H84: 715.8 | I84: 650.7 | J84: 618.2 | K84: 585.6 | L84: =_xlfn.XLOOKUP(B84,[8]打印格式!$B$1:$B$65536,[8]打印格式!$H$1:$H$65536,) -> 甲类 | N84: 手术费
A85: 81 | B85: 013310000130000 | C85: 无创保胆取石费 | D85: 通过无创方式将胆囊内结石取出。 | E85: 所定价格涵盖设备准备、体位摆放、观察、体内碎石、取石、处理用物等步骤所需的人力资源、设备运转成本与基本物质资源消耗。（不含内镜检查与无创逆行胰胆管造影） | F85: 次 | H85: 2557 | I85: 2324.5 | J85: 2208.3 | K85: 2092.1 | L85: =_xlfn.XLOOKUP(B85,[8]打印格式!$B$1:$B$65536,[8]打印格式!$H$1:$H$65536,) -> 自费 | N85: 手术费
A86: 82 | B86: 013310000130001 | C86: 无创保胆取石费-儿童（加收） | F86: 次 | H86: 511.4 | I86: 464.9 | J86: 441.7 | K86: 418.4 | L86: =_xlfn.XLOOKUP(B86,[8]打印格式!$B$1:$B$65536,[8]打印格式!$H$1:$H$65536,) -> 自费 | N86: 手术费
A87: 83 | B87: 013310000140000 | C87: 经皮穿刺胆囊碎石取石费 | D87: 通过经皮穿刺进入胆囊碎石后并取出。 | E87: 所定价格涵盖设备准备、体位摆放、穿刺、观察、体内碎石、取石、置管引流、处理用物等步骤所需的人力资源、设备运转成本与基本物质资源消耗。 （不含内镜检查） | F87: 次 | H87: 666.9 | I87: 606.3 | J87: 576 | K87: 545.7 | L87: =_xlfn.XLOOKUP(B87,[8]打印格式!$B$1:$B$65536,[8]打印格式!$H$1:$H$65536,) -> 甲类 | N87: 手术费
A88: 84 | B88: 013310000140001 | C88: 经皮穿刺胆囊碎石取石费-儿童（加收） | F88: 次 | H88: 133.4 | I88: 121.3 | J88: 115.2 | K88: 109.1 | L88: =_xlfn.XLOOKUP(B88,[8]打印格式!$B$1:$B$65536,[8]打印格式!$H$1:$H$65536,) -> 甲类 | N88: 手术费
A89: 85 | B89: 013310000140100 | C89: 经皮穿刺胆囊碎石取石费-经皮穿刺胆管碎石取石费（扩展） | F89: 次 | H89: 666.9 | I89: 606.3 | J89: 576 | K89: 545.7 | L89: =_xlfn.XLOOKUP(B89,[8]打印格式!$B$1:$B$65536,[8]打印格式!$H$1:$H$65536,) -> 甲类 | N89: 手术费
A90: 86 | B90: 013310000150000 | C90: 无创消化道肌切开费 | D90: 通过无创方式进入消化道切开括约肌等肌肉。 | E90: 所定价格涵盖准备、观察、切开、处理用物等步骤所需的人力资源和基本物质资源消耗。（不含内镜检查） | F90: 次 | H90: 1984.4 | I90: 1804 | J90: 1713.8 | K90: 1623.6 | L90: =_xlfn.XLOOKUP(B90,[8]打印格式!$B$1:$B$65536,[8]打印格式!$H$1:$H$65536,) -> 乙类 | N90: 手术费
A91: 87 | B91: 013310000150001 | C91: 无创消化道肌切开费-儿童（加收） | F91: 次 | H91: 396.9 | I91: 360.8 | J91: 342.8 | K91: 324.7 | L91: =_xlfn.XLOOKUP(B91,[8]打印格式!$B$1:$B$65536,[8]打印格式!$H$1:$H$65536,) -> 自费 | N91: 手术费
A92: 88 | B92: 013310000160000 | C92: 无创消化道造瘘/口置管费 | D92: 通过无创方式进入消化道，在消化道造口并置入营养管。 | E92: 所定价格涵盖准备、观察、穿刺、置管、固定、处理用物等步骤所需的人力资源和基本物质资源消耗。（不含内镜检查） | F92: 次 | H92: 935 | I92: 850 | J92: 807.5 | K92: 765 | L92: =_xlfn.XLOOKUP(B92,[8]打印格式!$B$1:$B$65536,[8]打印格式!$H$1:$H$65536,) -> 自费 | N92: 手术费
A93: 89 | B93: 013310000160001 | C93: 无创消化道造瘘/口置管费-儿童（加收） | F93: 次 | H93: 187 | I93: 170 | J93: 161.5 | K93: 153 | L93: =_xlfn.XLOOKUP(B93,[8]打印格式!$B$1:$B$65536,[8]打印格式!$H$1:$H$65536,) -> 自费 | N93: 手术费
A94: 90 | B94: 013310000170000 | C94: 无创消化道造瘘/口管取出费 | D94: 通过无创方式进入消化道，取出置入的营养管。 | E94: 所定价格涵盖准备、观察、取出、处理用物等步骤所需的人力资源和基本物质资源消耗。（不含内镜检查） | F94: 次 | H94: 935 | I94: 850 | J94: 807.5 | K94: 765 | L94: =_xlfn.XLOOKUP(B94,[8]打印格式!$B$1:$B$65536,[8]打印格式!$H$1:$H$65536,) -> 自费 | N94: 手术费
A95: 91 | B95: 013310000170001 | C95: 无创消化道造瘘/口管取出费-儿童（加收） | F95: 次 | H95: 187 | I95: 170 | J95: 161.5 | K95: 153 | L95: =_xlfn.XLOOKUP(B95,[8]打印格式!$B$1:$B$65536,[8]打印格式!$H$1:$H$65536,) -> 自费 | N95: 手术费
A96: 92 | B96: 013310000170100 | C96: 无创消化道造瘘/口管取出费-无创消化道造瘘/口管调整（扩展） | F96: 次 | H96: 935 | I96: 850 | J96: 807.5 | K96: 765 | L96: =_xlfn.XLOOKUP(B96,[8]打印格式!$B$1:$B$65536,[8]打印格式!$H$1:$H$65536,) -> 自费 | N96: 手术费
A97: 93 | B97: 013310000180000 | C97: 无创消化道置管更换费 | D97: 通过无创方式进入消化道，置换消化道造瘘/口管。 | E97: 所定价格涵盖准备、观察、拔管、置新管、固定、处理用物等步骤所需的人力资源和基本物质资源消耗。（不含内镜检查） | F97: 次 | H97: 935 | I97: 850 | J97: 807.5 | K97: 765 | L97: =_xlfn.XLOOKUP(B97,[8]打印格式!$B$1:$B$65536,[8]打印格式!$H$1:$H$65536,) -> 甲类 | N97: 手术费
A98: 94 | B98: 013310000180001 | C98: 无创消化道置管更换费-儿童（加收） | F98: 次 | H98: 187 | I98: 170 | J98: 161.5 | K98: 153 | L98: =_xlfn.XLOOKUP(B98,[8]打印格式!$B$1:$B$65536,[8]打印格式!$H$1:$H$65536,) -> 甲类 | N98: 手术费
A99: 95 | B99: 013310000190000 | C99: 无创胃空肠吻合费 | D99: 通过无创方式进入消化道，建立胃与空肠之间的通路。 | E99: 所定价格涵盖准备、观察、穿刺、吻合 、固定、处理用物等步骤所需的人力资源和基本物质资源消耗。（不含内镜检查） | F99: 次 | H99: 2692.5 | I99: 2447.7 | J99: 2325.3 | K99: 2202.9 | L99: =_xlfn.XLOOKUP(B99,[8]打印格式!$B$1:$B$65536,[8]打印格式!$H$1:$H$65536,) -> 自费 | N99: 手术费
A100: 96 | B100: 013310000190001 | C100: 无创胃空肠吻合费-儿童（加收） | F100: 次 | H100: 538.5 | I100: 489.5 | J100: 465.1 | K100: 440.6 | L100: =_xlfn.XLOOKUP(B100,[8]打印格式!$B$1:$B$65536,[8]打印格式!$H$1:$H$65536,) -> 自费 | N100: 手术费
...

Sheet 附件2-拟停用消化系统类医疗服务价格项目表
A1: 附件2 | B1: 拟停用消化系统类医疗服务价格项目表（征求意见稿）
A3: 序号 | B3: 项目编码 | C3: 项目名称 | D3: 医保结算编码
A4: 1 | B4: 230500014 | C4: 14碳呼气试验 | D4: 002305000140000-230500014
A5: 2 | B5: 230500014.10 | C5: 14碳呼气试验(各类呼气试验) | D5: 002305000140000-230500014.10
A6: 3 | B6: 250101023 | C6: 呼气内源性CO分析 | D6: 003106010130000-250101023
A7: 4 | B7: 250403079 | C7: 13碳尿素呼气试验 | D7: 002504030790000-250403079
A8: 5 | B8: 3109 | C8: 9.消化系统
A9: 6 | B9: 3109.01 | C9: 消化系统(使用电子镜加收) | D9: 503300000010000-3109.01
A10: 7 | B10: 310901 | C10: 食管诊疗
A11: 8 | B11: 310901001 | C11: 食管测压 | D11: 003109010010000-310901001
A12: 9 | B12: 310901003 | C12: 硬性食管镜检查 | D12: 003109010030000-310901003
A13: 10 | B13: 310901004 | C13: 纤维食管镜检查 | D13: 003109010040000-310901004
A14: 11 | B14: 310901005 | C14: 经食管镜取异物 | D14: 003109010050000-310901005
A15: 12 | B15: 310901005.01 | C15: 经食管镜取异物(穿刺食道壁加收) | D15: 003109010050000-310901005.01
A16: 13 | B16: 310901006 | C16: 食管腔内支架置入术 | D16: 003109010060000-310901006
A17: 14 | B17: 310901006.10 | C17: 食管腔内支架置入术(内镜下置入) | D17: 003109010060100-310901006.10
A18: 15 | B18: 310901006.20 | C18: 食管腔内支架置入术(透视下置入) | D18: 003109010060200-310901006.20
A19: 16 | B19: 310901006.30 | C19: 食管腔内支架置入术(取出支架) | D19: 003109010060300-310901006.30
A20: 17 | B20: 310901007 | C20: 经胃镜食管静脉曲张治疗 | D20: 003109010070000-310901007
A21: 18 | B21: 310901007.10 | C21: 经胃镜食管静脉曲张治疗(硬化) | D21: 003109010070100-310901007.10
A22: 19 | B22: 310901007.20 | C22: 经胃镜食管静脉曲张治疗(套扎) | D22: 003109010070200-310901007.20
... A34: 31 | B34: 310901008.80 | C34: 食管狭窄扩张术(十二指肠狭窄扩张术) | D34: 003109010080700-310901008.80
A35: 32 | B35: 310902 | C35: 胃肠道诊疗
A36: 33 | B36: 310902001 | C36: 胃肠电图 | D36: 003109020010000-310902001
A37: 34 | B37: 310902001.01 | C37: 胃肠电图(动态胃电图加收) | D37: 003109020010001-310902001.01
A38: 35 | B38: 310902002 | C38: 24小时动态胃酸监测 | D38: 003109020020000-310902002
A39: 36 | B39: 310902002.01 | C39: 24小时动态胃酸监测(瞬间胃酸监测收取) | D39: 003109020020000-310902002.01
A40: 37 | B40: 310902003 | C40: 胃幽门十二指肠压力测定 | D40: 003109020030000-310902003
A41: 38 | B41: 310902004 | C41: 24小时胃肠压力测定 | D41: 003109020040000-310902004
A42: 39 | B42: 310902005 | C42: 纤维胃十二指肠镜检查 | D42: 003109020050000-310902005
A43: 40 | B43: 310902006 | C43: 经胃镜特殊治疗 | D43: 003109020060000-310902006
A44: 41 | B44: 310902006.01 | C44: 经胃镜特殊治疗(激光法加收) | D44: 003109020060000-310902006.01
A45: 42 | B45: 310902006.02 | C45: 经胃镜特殊治疗(微波法加收) | D45: 003109020060000-310902006.02
A46: 43 | B46: 310902006.03 | C46: 经胃镜特殊治疗(电切、射频、氩气刀法每次加收) | D46: 003109020060000-310902006.03
A47: 44 | B47: 310902006.04 | C47: 经胃镜特殊治疗(出血点每增加一个加收) | D47: 003109020060000-310902006.04
... A70: 67 | B70: 310902011 | C70: 肠道菌群移植 | D70: 503109050470000-310902011
A71: 68 | B71: 310903 | C71: 十二指肠、小肠、结肠治疗
A72: 69 | B72: 310903002 | C72: 奥迪氏括约肌压力测定 | D72: 003109030020000-310903002
A73: 70 | B73: 310903003 | C73: 经十二指肠镜胆道结石取出术 | D73: 003109030030000-310903003
A74: 71 | B74: 310903003.10 | C74: 经十二指肠镜胆道结石取出术(取异物) | D74: 003109030030100-310903003.10
A75: 72 | B75: 310903003.20 | C75: 经十二指肠镜胆道结石取出术(取蛔虫) | D75: 003109030030200-310903003.20
A76: 73 | B76: 310903004 | C76: 小肠镜检查 | D76: 003109030040000-310903004
A77: 74 | B77: 310903005 | C77: 纤维结肠镜检查 | D77: 003109030050000-310903005
A78: 75 | B78: 310903006 | C78: 乙状结肠镜检查 | D78: 003109030060000-310903006
A79: 76 | B79: 310903007 | C79: 经内镜肠道球囊扩张术 | D79: 003109030070000-310903007
A80: 77 | B80: 310903008 | C80: 经内镜肠道支架置入术 | D80: 003109030080000-310903008
A81: 78 | B81: 310903008.10 | C81: 经内镜肠道支架置入术(取出术) | D81: 003109030080100-310903008.10
A82: 79 | B82: 310903009 | C82: 经内镜结肠治疗 | D82: 003109030090000-310903009
A83: 80 | B83: 310903009.10 | C83: 经内镜结肠治疗(液疗) | D83: 003109030090100-310903009.10
... A103: 100 | B103: 310903016 | C103: 共聚焦激光显微内镜消化道检查 | D103: 003109050270000-310903016
A104: 101 | B104: 310904 | C104: 直肠肛门诊疗
A105: 102 | B105: 310904001 | C105: 直肠镜检查 | D105: 003109040010000-310904001
A106: 103 | B106: 310904002 | C106: 肛门直肠测压 | D106: 003109040020000-310904002
A107: 104 | B107: 310904003 | C107: 肛门镜检查 | D107: 003109040030000-310904003
A108: 105 | B108: 310904004 | C108: 肛门指检 | D108: 003109040040000-310904004
A109: 106 | B109: 310904005 | C109: 肛直肠肌电测量 | D109: 003109040050000-310904005
A110: 107 | B110: 310904006 | C110: 直肠肛门特殊治疗 | D110: 003109040060000-310904006
A111: 108 | B111: 310904006.01 | C111: 直肠肛门特殊治疗(微波法加收) | D111: 003109040060100-310904006.01
A112: 109 | B112: 310904006.02 | C112: 直肠肛门特殊治疗(激光法加收) | D112: 003109040060200-310904006.02
A113: 110 | B113: 310904009 | C113: 高分辨率肛门直肠测压 | D113: 003109040020000-310904009
A114: 111 | B114: 310905 | C114: 消化系统其他诊疗
A115: 112 | B115: 310905.01 | C115: 消化系统其他诊疗(使用激光碎石加收) | D115: 503300000010000-310905.01
A116: 113 | B116: 310905002 | C116: 腹水直接回输治疗 | D116: 003109050020000-310905002
A117: 114 | B117: 310905002.01 | C117: 腹水直接回输治疗(超滤回输加收) | D117: 003109050020001-310905002.01
A118: 115 | B118: 310905005 | C118: 经皮穿刺肝肿物特殊治疗
A119: 116 | B119: 310905005a | C119: 经皮穿刺肝肿物特殊治疗(药物注射法) | D119: 003109050050300-310905005a
A120: 117 | B120: 310905005b | C120: 经皮穿刺肝肿物特殊治疗(90钇法) | D120: 003109050050400-310905005b
A121: 118 | B121: 310905005c | C121: 经皮穿刺肝肿物特殊治疗(射频(多弹头)法) | D121: 003109050050300-310905005c
A122: 119 | B122: 310905006 | C122: 胆道镜检查 | D122: 003109050060000-310905006
A123: 120 | B123: 310905006.01 | C123: 胆道镜检查(超选择造影加收) | D123: 003109050060000-310905006.01
A124: 121 | B124: 310905008 | C124: 膈下脓肿穿刺引流术 | D124: 003109050080000-310905008
A125: 122 | B125: 310905008.10 | C125: 膈下脓肿穿刺引流术(腹腔脓肿) | D125: 003109050080100-310905008.10
A126: 123 | B126: 310905008.20 | C126: 膈下脓肿穿刺引流术(胆汁穿刺引流) | D126: 003109050080200-310905008.20
A127: 124 | B127: 310905009 | C127: 肝囊肿硬化剂注射治疗 | D127: 003109050090000-310905009
A128: 125 | B128: 310905010 | C128: 经皮肝穿胆道引流术(PTCD) | D128: 003109050100000-310905010
A129: 126 | B129: 310905011 | C129: 经内镜胆管内引流术＋支架置入术 | D129: 003109050110000-310905011
A130: 127 | B130: 310905012 | C130: 经内镜鼻胆管引流术(ENBD) | D130: 003109050120000-310905012
... A176: 173 | B176: 330900020 | C176: 异体脾脏移植术 | D176: 003309000200000-330900020
A177: 174 | B177: 3310 | C177: 10.消化系统手术
A178: 175 | B178: 3310.01 | C178: 消化系统手术(使用胸腔镜加收) | D178: 503300000010000-3310.01
A179: 176 | B179: 331001 | C179: 食管手术
A180: 177 | B180: 331001001 | C180: 颈侧切开食道异物取出术 | D180: 003310010010000-331001001
A181: 178 | B181: 331001002 | C181: 食管破裂修补术 | D181: 003310010020000-331001002
A182: 179 | B182: 331001002.10 | C182: 食管破裂修补术(直接缝合修补) | D182: 003310010020100-331001002.10
A183: 180 | B183: 331001002.20 | C183: 食管破裂修补术(利用其他组织修补) | D183: 003310010020200-331001002.20
A184: 181 | B184: 331001003 | C184: 食管瘘清创术 | D184: 003310010030000-331001003
A185: 182 | B185: 331001003.10 | C185: 食管瘘清创术(填堵术) | D185: 003310010030100-331001003.10
A186: 183 | B186: 331001004 | C186: 食管良性肿物切除术 | D186: 003310010040000-331001004
A187: 184 | B187: 331001005 | C187: 先天性食管囊肿切除术 | D187: 003310010050000-331001005
A188: 185 | B188: 331001006 | C188: 食管憩室切除术 | D188: 003310010060000-331001006
A189: 186 | B189: 331001006.10 | C189: 食管憩室切除术(内翻术) | D189: 003310010060100-331001006.10
A190: 187 | B190: 331001007 | C190: 食管狭窄切除吻合术 | D190: 003310010070000-331001007
A191: 188 | B191: 331001007.10 | C191: 食管狭窄切除吻合术(食管蹼切除术) | D191: 003310010070100-331001007.10
... A210: 207 | B210: 331001017 | C210: 食管横断吻合术 | D210: 003310010170000-331001017
A211: 208 | B211: 3.3100102e+08 | C211: 食管横断吻合术(经网膜静脉门静脉测压术) | D211: 003310010170100-331001017.10
A212: 209 | B212: 331001018 | C212: 食管再造术 | D212: 003310010180000-331001018
A213: 210 | B213: 331001018.10 | C213: 食管再造术(胃) | D213: 003310010180100-331001018.10
A214: 211 | B214: 331001018.20 | C214: 食管再造术(肠代食管) | D214: 003310010180200-331001018.20
A215: 212 | B215: 331001019 | C215: 食管胃短路捷径手术 | D215: 003310010190000-331001019
A216: 213 | B216: 331001020 | C216: 游离空肠代食管术 | D216: 003310010200000-331001020
...

Sheet 附件3-消化系统类立项指南项目映射关系表
A1: 附件3 | B1: 消化系统类立项指南项目映射关系表
A2: 序号 | B2: 项目名称 | C2: 计价单位 | D2: 计价说明 | E2: 医保医疗服务项目分类与代码 | I2: 映射现行重庆项目 | M2: 《全国医疗服务项目技术规范（2023年版）》
E3: 同主项目/扩展项/加收项收取 | G3: 纳入价格构成 | I3: 同主项目/扩展项/加收项收取 | K3: 纳入价格构成 | M3: 同主项目/扩展项/加收项收取 | O3: 纳入价格构成
E4: 项目编码 | F4: 项目名称 | G4: 项目编码 | H4: 项目名称 | I4: 项目编码 | J4: 项目名称 | K4: 项目编码 | L4: 项目名称 | M4: 项目编码 | N4: 项目名称 | O4: 项目编码 | P4: 项目名称
A5: 1 | B5: 消化道pH值监测费 | C5: 次 | D5: 本项目中的“次”指：监测时长24小时，不足24小时按24小时计费。 | E5: 3109020020000 | F5: 24小时动态胃酸监测 | I5: 310902002 310902002.01 | J5: 24小时动态胃酸监测 24小时动态胃酸监测(瞬间胃酸监测收取) | M5: FPB1E401 | N5: 24小时食管/胃pH监测
A6: 2 | B6: 消化道pH值监测费-阻抗测定（加收） | C6: 次 | I6: FPB05403 | J6: 24小时食道阻抗及pH联合监测 | M6: FPC1E401 | N6: 24小时食管多通道阻抗监测
A7: 3 | B7: 消化道压力测定费 | C7: 项 | D7: 本类项目中的“消化道压力测定”指：食管测压、高分辨率食管测压、24小时食管动态测压、胃肠测压、24小时胃肠测压、胃幽门十二指肠测压、奥迪氏括约肌测压、结肠测压、肛门直肠测压、胆道测压等，以上不同测压按本项目收费，同一入路同一操作时间仅可计费1 次。 | E7: 3109040020000 3109010010000 3109010010001 3109020040000 3109030020000 3109020030000 | F7: 肛门直肠测压 食管测压 食管测压（部分测压） 24小时胃肠压力测定 奥迪氏括约肌压力测定 胃幽门十二指肠压力测定 | I7: 310904002 310901001 310904009 310902003 310902004 310903002 | J7: 肛门直肠测压 食管测压 高分辨率肛门直肠测压 胃幽门十二指肠压力测定 24小时胃肠压力测定 奥迪氏括约肌压力测定 | M7: FPB1C401 FPB1C402 FPC1C402 FPS1C701 FPV1C401 FPK1C601 FPC1C401 | N7: 胃-幽门-十二指肠压力测定 24小时食管动态压力测定 儿童食管压力测定 结肠压力测定 肛门直肠压力测定 经内镜奥迪括约肌压力测定 高分辨率食管压力测定
A8: 4 | B8: 胃肠电图检查费 | C8: 次 | E8: 3109020010000 3109020010001 3109020010002 | F8: 胃肠电图 胃肠电图（动态胃电图加收） 胃肠电图（导纳式胃动力检测加收） | I8: 310902001 310904005 | J8: 胃肠电图 肛直肠肌电测量 | K8: 3.10902e+08 | L8: 胃肠电图(动态胃电图加收) | M8: FPD1A701 | N8: 胃电图检查
A9: 5 | B9: 呼气试验费（炎症检测） | C9: 次 | D9: 本项目中的“特定气体”指：一氧化氮。 | E9: 3106010130000 | F9: 一氧化氮呼气测定 | I9: FJE02407 | J9: 呼出气一氧化氮测定 | M9: FJE1C408 | N9: 呼出气一氧化氮测定(FeNO)
A10: 6 | B10: 呼气试验费（红细胞寿命检测） | C10: 次 | D10: 本项目中的“特定气体”指：一氧化碳。 | I10: 250101023 | J10: 呼气内源性CO分析
A11: 7 | B11: 呼气试验费（幽门螺旋杆菌检测） | C11: 次 | E11: 2504030790000 2305000140000 | F11: 13碳尿素呼气试验 14碳呼气试验 | I11: 250403079 230500014 230500014.10 | J11: 13碳尿素呼气试验 14碳呼气试验 14碳呼气试验(各类呼气试验) | M11: CGP09001 CGP10001 EEGPD001 | N11: 碳13尿素呼气试验 碳14尿素呼气试验 尿素呼气试验
A12: 8 | B12: 呼气试验费（胃肠功能检测） | C12: 项 | D12: 本项目中的“特定气体”指：氢气、甲烷、二氧化碳；其中氢气和甲烷的测定各计为1项，二氧化碳的测定不额外计费。 | I12: 新增 | M12: FPA1D701 | N12: 乳果糖氢呼气试验
A13: 9 | B13: 胃肠传输时间检查费 | C13: 次 | I13: 210103014 | J13: 胃肠排空试验 | M13: FPA1C401 | N13: 胃肠传输时间检测
A14: 10 | B14: 肝功能储备检查费 | C14: 次 | D14: 肝功能排泄试验按此收费。 | I14: 310905026 310905026.10 | J14: 吲哚箐绿(ICG)肝脏储备功能分析 吲哚箐绿(ICG)肝脏储备功能分析((DDG)肝脏储备功能测定) | K14: 3.1090503e+08 | L14: 吲哚箐绿(ICG)肝脏储备功能分析((DDG)肝脏储备功能测定加收) | M14: FQA1C201 | N14: 肝储备功能测定
A15: 11 | B15: 肠道菌群移植费 | C15: 次 | D15: 需胃肠道内镜或置管辅助完成移植的，可收取“内镜检查”及“胃肠道置管”费用。 | I15: 310902011 | J15: 肠道菌群移植 | M15: KPH3M401 | N15: 肠道菌群移植
A16: 12 | B16: 腹水回输治疗费 | C16: 次 | E16: 3109050020000 3109050020001 | F16: 腹水直接回输治疗 腹水直接回输治疗（超滤回输加收） | I16: 310905002 | J16: 腹水直接回输治疗 | K16: 310905002.01 | L16: 腹水直接回输治疗(超滤回输加收) | M16: KQT3L101 KQT3M101 | N16: 腹水超滤间接回输治疗 腹水直接回输治疗
A17: 13 | B17: 腹水回输治疗费-胸水回输治疗（扩展） | C17: 次
A18: 14 | B18: 肠异位灌注整复费 | C18: 次 | E18: 3109030130000 | F18: 肠套叠充气造影及整复 | I18: 310903013 310903012 310903012.10 310903014 | J18: 肠套叠充气造影及整复 肠套叠手法复位 肠套叠手法复位(嵌顿疝手法复位) 超声引导下肠套叠水压控制灌肠整复术 | M18: KPH3H401 KPH3H701 KPH3H702 | N18: 肠套叠充气整复 肠套叠手法复位 嵌顿疝手法复位
A19: 15 | B19: 肠异位灌注整复费-胃异位整复（扩展） | C19: 次
A20: 16 | B20: 胶囊内镜检查费（非操控） | C20: 次 | E20: 3109030140000 | F20: 胶囊内镜检查 | I20: FPA01604 | J20: 胶囊内镜检查 | M20: FPA1A602 | N20: 胶囊内镜检查
A21: 17 | B21: 胶囊内镜检查费（受操控） | C21: 次 | I21: 新增
A22: 18 | B22: 上消化道内镜检查费（常规） | C22: 次 | D22: 1.单次入路检查经过多个部位的，以最终到达的部位计费1次。 2.同时行放大、染色检查仅计费1次 3.“经皮经肝胆道镜检查”按“胆/胰管内镜检查”收费。 | E22: 3109010030000 3109010040000 3109010040001 3109020050000 3109020050001 | F22: 硬性食管镜检查 纤维食管镜检查 纤维食管镜检查（电子镜加收） 纤维胃十二指肠镜检查 纤维胃十二指肠镜检查（电子镜加收） | I22: 310901003 310901004 310902005 | J22: 硬性食管镜检查 纤维食管镜检查 纤维胃十二指肠镜检查 | K22: 3109.01 220800008.10 | L22: 消化系统(使用电子镜加收) 超声计算机图文报告(窥镜图象报告) | M22: FPB1A603 FPB1A604 FPC1A601 FPC1A602 FPD1C601 | N22: 胃镜检查 经鼻胃镜检查 硬质食管镜食管检查 硬质食管内镜食管检查 经内镜胃黏膜血流量测定
A23: 19 | B23: 上消化道内镜检查费（常规）-单气囊小肠镜（加收） | C23: 次
A24: 20 | B24: 上消化道内镜检查费（常规）-双气囊小肠镜（加收） | C24: 次 | I24: 310903004 | J24: 小肠镜检查 | K24: 2.2080001e+08 | L24: 超声计算机图文报告(窥镜图象报告)
A25: 21 | B25: 上消化道内镜检查费（常规）-胆/胰管内镜检查（加收） | C25: 次 | E25: 3109050060000 3109050060001 | F25: 胆道镜检查 胆道镜检查（超选择造影加收） | I25: 310905006 | J25: 胆道镜检查 | K25: 310905006.01 | L25: 胆道镜检查(超选择造影加收) | M25: FQE1A101 | N25: 经皮经肝胆道镜检查
A26: 22 | B26: 上消化道内镜检查费（常规）-胆/胰管内镜子镜检查（加收） | C26: 次 | E26: 3109050300000 | F26: 经口电子胰管镜检查 | I26: 310905031 | J26: 经口电子胆管镜检查 | M26: FQE1A602 | N26: 经口胆胰管镜检查
A27: 23 | B27: 上消化道内镜检查费（常规）-放大/染色检查（加收） | C27: 次 | E27: 3109050260000 | F27: 内镜色素检查 | I27: FPA01603 | J27: 内镜色素检查 | M27: FPA1A601 FPA1A603 | N27: 上消化道内镜色素检查 上消化道图像增强内镜检查
A28: 24 | B28: 下消化道内镜检查费（常规） | C28: 次 | D28: 1.单次入路检查经过多个部位的，以最终到达的部位计费1次。 2.同时行放大、染色检查仅计费1次。 | E28: 3109040010000 3109030060000 3109030060001 3109030050000 3109030050001 | F28: 直肠镜检查 乙状结肠镜检查 乙状结肠镜检查（电子镜加收） 纤维结肠镜检查 纤维结肠镜检查（电子镜加收） | I28: 310904001 310903006 310903005 | J28: 直肠镜检查 乙状结肠镜检查 纤维结肠镜检查 | K28: 3109.01 220800008.10 | L28: 消化系统(使用电子镜加收) 超声计算机图文报告(窥镜图象报告) | M28: FQE1A601 FPS1A601 FPT1A601 FPU1A601 | N28: 经瘘管胆道镜检查 结肠镜检查 乙状结肠镜检查 直肠镜检查
A29: 25 | B29: 下消化道内镜检查费（常规）-单气囊小肠镜（加收） | C29: 次 | E29: 3109030040000 3109030040001 | F29: 小肠镜检查 小肠镜检查（使用电子镜检查 | M29: FPJ1A602 FPJ1A601 | N29: 气囊辅助小肠镜检查 推进式小肠镜检查
A30: 26 | B30: 下消化道内镜检查费（常规）-双气囊小肠镜（加收） | C30: 次 | E30: 3109030040002 | F30: 小肠镜检查（使用双气囊小肠镜） | I30: 310903004 | J30: 小肠镜检查 | K30: 2.2080001e+08 | L30: 超声计算机图文报告(窥镜图象报告) | M30: FPJ1A602 FPJ1A601 | N30: 气囊辅助小肠镜检查 推进式小肠镜检查
A31: 27 | B31: 下消化道内镜检查费（常规）-放大/染色检查（加收） | C31: 次 | E31: 3109050260000 | F31: 内镜色素检查 | I31: FPA01603 | J31: 内镜色素检查 | M31: FPA1A604 FPA1A605 FPA1A606 | N31: 结直肠图像增强内镜检查 结直肠内镜色素检查 小肠内镜色素检查
A32: 28 | B32: 上消化道内镜检查费（超声内镜） | C32: 次 | D32: 单次入路检查经过多个部位的，以最终到达的部位计费1次。 | E32: 3109020090000 3109050240000 3109050240001 3109050240100 | F32: 超声胃镜检查术 经内镜胆管内超声检查术 经内镜胆管内超声检查术（治疗酌情加收） 经内镜胰管腔内超声检查 | I32: 310902009 | J32: 超声胃镜检查术 | K32: 220800008.10 | L32: 超声计算机图文报告(窥镜图象报告) | M32: FPA1A609 FPB1A602 FPB1A605 FPA1A608 FPB1K602 | N32: 经超声内镜经穿刺针囊腔内镜检查 经内镜超声微探头上消化道检查 超声胃镜检查 经超声内镜经穿刺针共聚焦激光显微内镜检查 超声内镜引导下穿刺针吸细胞及组织学检查
A33: 29 | B33: 上消化道内镜检查费（超声内镜）-胆/胰超声内镜检查（加收） | C33: 次 | I33: 310905024 | J33: 经内镜胆管内超声检查术 | M33: FQP1A601 | N33: 经内镜胆胰管腔内超声检查
A34: 30 | B34: 下消化道内镜检查费（超声内镜） | C34: 次 | D34: 单次入路检查经过多个部位的，以最终到达的部位计费1次。 | I34: 310902009.10 | J34: 超声胃镜检查术(超声肠镜检查术) | K34: 220800008.10 | L34: 超声计算机图文报告(窥镜图象报告) | M34: FPS1A602 FPU1A602 FPA1A609 FPB1K602 | N34: 超声结肠镜检查 经内镜超声微探头结直肠检查 经超声内镜经穿刺针囊腔内镜检查 超声内镜引导下穿刺针吸细胞及组织学检查
A35: 31 | B35: 上消化道内镜检查费（共聚焦激光显微内镜） | C35: 次 | D35: 1.单次入路检查经过多个部位的，以最终到达的部位计费1次。 2.超声内镜引导针基共聚焦激光显微内镜行胆/胰检查时，可收取“上消化道内镜检查费（超声内镜）-胆/胰超声内镜检查（加收）”及“上消化道内镜检查费（共聚焦激光显微内镜）”。 | I35: 310903016 | J35: 共聚焦激光显微内镜消化道检查 | M35: FPA1A607 FPB1A601 FPA1A608 | N35: 探头式共聚焦激光显微内镜检查 上消化道共聚焦激光显微内镜检查 经超声内镜经穿刺针共聚焦激光显微内镜检查
A36: 32 | B36: 下消化道内镜检查费（共聚焦激光显微内镜） | C36: 次 | D36: 单次入路检查经过多个部位的，以最终到达的部位计费1次。 | I36: 映射关系同“上消化道内镜检查费（共聚焦激光显微内镜）” | M36: FPN1A601 FPA1A607 FPA1A608 | N36: 结直肠共聚焦激光显微内镜检查 探头式共聚焦激光显微内镜检查 经超声内镜经穿刺针共聚焦激光显微内镜检查
A37: 33 | B37: 无创逆行胰胆管造影费 | C37: 次 | E37: 2101030210000 | F37: 经内镜逆行胰胆管造影（ERCP） | I37: 210103021 | J37: 经内镜逆行胰胆管造影(ERCP) | M37: EACQP001 | N37: 经内镜逆行胰胆管造影(ERCP)
A38: 34 | B38: 经皮经肝胆管造影费 | C38: 次 | E38: 2101030220000 | F38: 经皮经肝胆道造影（PTC） | I38: 210103022 | J38: 经皮经肝胆道造影(PTC) | M38: EACQE001 | N38: 经皮经肝穿刺胆管造影
A39: 35 | B39: 经皮经肝穿刺胆管外引流费 | C39: 次 | E39: 3109050100000 | F39: 经皮肝穿胆道引流术（PTCD） | I39: 310905010 | J39: 经皮肝穿胆道引流术(PTCD) | M39: KQE6R101 KQE7E101 KQE7E102 KQC6R101 | N39: 经皮肝穿胆道引流术(PTCD) 经皮经肝胆道狭窄球囊扩张术 经皮胆管球囊扩张术 经皮经肝肝门部肿物支架管外引流术
A40: 36 | B40: 经皮经肝穿刺胆管外引流费-经皮经肝穿刺胆囊外引流费（扩展） | C40: 次
A41: 37 | B41: 经皮经肝穿刺胆管内引流费 | C41: 次 | E41: 3109050170000 | F41: 经皮经肝胆道镜胆管狭窄内瘘术 | I41: 310905017 | J41: 经皮经肝胆道镜胆管狭窄内瘘术 | M41: KQE7E101 KQE7E102 KQC6K101 | N41: 经皮经肝胆道狭窄球囊扩张术 经皮胆管球囊扩张术 经皮经肝肝门部肿物支架置入内引流术
A42: 38 | B42: 经皮经肝穿刺胆管内引流费-经皮经肝穿刺胆囊内引流费（扩展） | C42: 次
A43: 39 | B43: 无创胆管外引流费 | C43: 次 | E43: 3109050120000 | F43: 经内镜鼻胆管引流术（ENBD） | I43: 310905012 | J43: 经内镜鼻胆管引流术(ENBD) | M43: KQE6R601 KQP6R601 | N43: 经内镜鼻-胆管引流术(ENBD) 经内镜鼻-胰管引流术
A44: 40 | B44: 无创胆管外引流费-内穿刺引流（加收） | C44: 次
A45: 41 | B45: 无创胆管外引流费-无创胰管外引流（扩展） | C45: 次 | M45: KQP6R603 | N45: 经超声内镜胰管穿刺引流术
A46: 42 | B46: 无创胆管内引流费 | C46: 次 | I46: 新增
A47: 43 | B47: 无创胆管内引流费-内穿刺引流（加收） | C47: 次
A48: 44 | B48: 无创胆管内引流费-无创胰管内引流（扩展） | C48: 次 | E48: 3109050190000 3109050190100 | F48: 经内镜胰管内引流术 经内镜胰管内引流术（胰腺囊肿内引流） | I48: 310905019 310905019.10 | J48: 经内镜胰管内引流术 经内镜胰管内引流术(胰腺囊肿内引流) | M48: KQP6R602 HQN6R601 KQP6R603 | N48: 经内镜胰管内引流术 经超声内镜胰腺囊肿内引流术 经超声内镜胰管穿刺引流术
A49: 45 | B49: 腹腔脏器穿刺治疗费（常规） | C49: 次 | D49: 1.同一治疗位置行多种治疗方式只可收取一次。 2.胆管、胰管引流按相关项目收费。 | E49: 3109050090000 3109050050300 | F49: 肝囊肿硬化剂注射治疗 经皮穿刺肝肿物特殊治疗（药物注射） | I49: 310905009 310905005a 310905008 310905008.10 310905008.20 331007001 310905029 | J49: 肝囊肿硬化剂注射治疗 经皮穿刺肝肿物特殊治疗(药物注射法) 膈下脓肿穿刺引流术 膈下脓肿穿刺引流术(腹腔脓肿) 膈下脓肿穿刺引流术(胆汁穿刺引流) 胰腺穿刺术 超声内镜引导下胆道穿刺引流术 | M49: KQA6B101 KQA7N101 HQA7N301 KPA1J601 KQT6R101 KQU6B301 KNB6R101 KNB6R102 KQA6R101 KQA6R102 KQD7D101 KQN3M101 KQN6R101 KQN6R102 KQZ6R101 HNB6R101 HNB7D101 HQH7D101 KPR6R101 KPA6R101 | N49: 经皮肝囊肿穿刺药物注射治疗 经皮肝脏肿物药物注射消融术 肝脏肿物药物注射消融术 经内镜消化道定位(示踪)术 经皮腹腔脓肿穿刺引流术 腹盆腔灌洗术 经皮脾囊肿穿刺引流术 经皮脾脓肿穿刺引流术 经皮肝囊肿穿刺引流术 经皮肝脓肿穿刺引流术 经皮肝血管瘤硬化剂注射栓塞术 经皮胰腺穿刺引流/注药术 经皮胰腺囊肿穿刺引流术 经皮胰腺脓肿穿刺引流术 经皮膈下脓肿穿刺引流术 经皮脾脓肿切开引流术 经皮穿刺脾脏创伤出血栓塞术 经皮肝管栓塞术 经直肠阑尾脓肿穿刺引流术 经超声内镜穿刺引流术
A50: 46 | B50: 腹腔脏器穿刺治疗费（特殊） | C50: 次 | D50: 1.同一治疗位置使用多种能量源只可收取一次。 2.针对同一目的，常规治疗转特殊治疗，按照“腹腔脏器穿刺治疗费（特殊）”收费。 | E50: 3109050050000 3109050050400 3109050050100 3109050050200 | F50: 经皮穿刺肝肿物特殊治疗 经皮穿刺肝肿物特殊治疗（90钇） 经皮穿刺肝肿物特殊治疗（激光） 经皮穿刺肝肿物特殊治疗（微波） | I50: 310905005 310905005b 310905005c HQA46101 | J50: 经皮穿刺肝肿物特殊治疗 经皮穿刺肝肿物特殊治疗(90钇法) 经皮穿刺肝肿物特殊治疗(射频(多弹头)法) 经皮肝脏创伤止血治疗 | K50: HQA46101.01 | L50: 经皮肝脏创伤止血治疗(以一个病灶为基价，每增加1处加收) | M50: HQA7N101 HQA7N102 HQA7N103 HQT7N101 KQA7N102 | N50: 经皮肝脏肿物激光消融术 经皮肝脏肿物微波消融术 经皮肝脏肿物冷冻消融术 腹腔恶性肿瘤冷冻治疗 经皮肝脏肿物射频消融术
A51: 47 | B51: 消化内镜治疗费（常规） | C51: 次 | D51: 1.同一治疗位置行多种治疗方式只可收取一次。 2.涉及消化道静脉曲张治疗按照“消化道静脉曲张治疗费”收取。 3.胆管、胰管引流按相关项目收费。 4.不同入路治疗可分别收费。 | E51: 3109030100000 3109030090000 3109030090100 3109030090200 3109020060000 3109020060300 3109020060400 3109020060700 3109020060800 3109020060900 | F51: 经肠镜特殊治疗 经内镜结肠治疗 经内镜结肠治疗（液疗） 经内镜结肠治疗（药疗） 经胃镜特殊治疗 经胃镜特殊治疗（粘膜血流量测定） 经胃镜特殊治疗（止血） 经胃镜特殊治疗（药疗） 经胃镜特殊治疗（化疗） 经胃镜特殊治疗（硬化剂治疗） | I51: 310903010 310903010.20 310903010.30 310903010.40 310903009 310903009.10 310903009.20 310902006 310902006.30 310902006.40 310902006.60 310902006.70 310902006.80 | J51: 经肠镜特殊治疗 经肠镜特殊治疗(粘膜切除) 经肠镜特殊治疗(粘膜血流量测定) 经肠镜特殊治疗(止血) 经内镜结肠治疗 经内镜结肠治疗(液疗) 经内镜结肠治疗(药疗) 经胃镜特殊治疗 经胃镜特殊治疗(粘膜血流量测定) 经胃镜特殊治疗(止血) 经胃镜特殊治疗(药疗) 经胃镜特殊治疗(化疗) 经胃镜特殊治疗(硬化剂治疗) | K51: 310903010.06 310903010.07 310902006.04 310902006.05 | L51: 经肠镜特殊治疗(出血点每增加一个加收) 经肠镜特殊治疗(肿物每增加一个加收) 经胃镜特殊治疗(出血点每增加一个加收) 经胃镜特殊治疗(肿物每增加一个加收) | M51: HQN6R601 KPA6R101 KPB3R601 KPB3R602 KPB3R604 KPJ3R601 KPS3R601 KPS3R602 KPU3R601 KPU7D601 KQE6R602 KQE6R603 KQN6B601 | N51: 经超声内镜胰腺囊肿内引流术 经超声内镜穿刺引流术 经内镜上消化道止血术 经内镜上消化道出血金属夹止血术 经内镜上消化道出血喷洒治疗 经内镜小肠出血止血术 经内镜结肠黏膜出血夹闭止血术 经内镜结肠黏膜出血喷洒治疗 经内镜结直肠黏膜止血术 经直肠镜直肠出血缝扎术 经超声内镜胆管穿刺引流术 经内镜胆管内引流术 经超声内镜注射
A52: 48 | B52: 消化内镜治疗费（特殊） | C52: 次 | D52: 1.同一治疗位置使用多种能量源只可收取一次。 2.针对同一目的，常规治疗转特殊治疗，按照“消化内镜治疗费（特殊）”收费。 3.涉及息肉治疗按照“无创消化道息肉去除费”或“无创消化道病变切除费”收取。 4.涉及消化道静脉曲张治疗按照“消化道静脉曲张治疗费”收取。 5.不同入路治疗可分别收费。 | E52: 3109020060600 3109040060000 3109040060100 3109040060200 3109040060300 3310040030500 3310040030700 3310040030600 | F52: 经胃镜特殊治疗（内镜下胃食道返流治疗） 直肠肛门特殊治疗 直肠肛门特殊治疗（微波） 直肠肛门特殊治疗（激光） 直肠肛门特殊治疗（冷冻） 经内镜直肠良性肿物切除术（激光） 经内镜直肠良性肿物切除术（电凝） 经内镜直肠良性肿物切除术（套扎） | I52: 310904006 331004003 310905028 | J52: 直肠肛门特殊治疗 经内镜直肠良性肿物切除术 超声内镜引导下胰腺囊肿消融术 | K52: 310903010.07 310904006.01 310904006.02 331004003.01 331004003.02 310902006.01 310902006.02 310902006.03 310903010.01 310903010.02 310903010.03 310903010.04 310903010.05 310902006.05 | L52: 经肠镜特殊治疗(肿物每增加一个加收) 直肠肛门特殊治疗(微波法加收) 直肠肛门特殊治疗(激光法加收) 经内镜直肠良性肿物切除术(激光加收) 经内镜直肠良性肿物切除术(套扎加收) 经胃镜特殊治疗(激光法加收) 经胃镜特殊治疗(微波法加收) 经胃镜特殊治疗(电切、射频、氩气刀法每次加收) 经肠镜特殊治疗(激光法加收) 经肠镜特殊治疗(微波法加收) 经肠镜特殊治疗(电切法加收) 经肠镜特殊治疗(射频法加收) 经肠镜特殊治疗(氩气刀法加收) 经胃镜特殊治疗(肿物每增加一个加收) | M52: HPA6W601 HPU6U601 HPU6U602 HPU7N601 HPU7N602 HPV7N601 HPV7N602 HPV7N603 HQN6U601 HQN7N601 KPA7D601 KPA7N601 KPA7N602 KPB7N601 KPU3R603 KPB3R603 KPU3R602 | N52: 经内镜多环套扎黏膜切除术(MBM) 结直肠病变氩离子切除术 经内镜结直肠病变高频电切术 经内镜结直肠病变微波切除术 经内镜结直肠病变激光切除术 经肛门镜直肠肛门冷冻治疗 经肛门镜直肠病变微波治疗 经肛门镜直肠病变激光治疗 经口消化内镜坏死组织清创术 经超声内镜胰腺囊肿消融术 经内镜胃肠道病变套扎术 经内镜消化道病变射频消融术 经内镜消化道病变微波消融术 上消化道病变氩离子凝固术 经直肠镜直肠出血电凝术 经内镜上消化道出血电凝止血术 经内镜结直肠黏膜出血电凝止血术
A53: 49 | B53: 无创消化道静脉曲张治疗费 | C53: 次 | D53: 治疗消化道静脉曲张使用多种治疗方式只可收取1次。 | E53: 3109010070000 3109010070100 3109010070300 3109010070200 | F53: 经胃镜食管静脉曲张治疗 经胃镜食管静脉曲张治疗（硬化） 经胃镜食管静脉曲张治疗（组织粘合） 经胃镜食管静脉曲张治疗（套扎） | I53: 310901007 310901007.10 310901007.20 310901007.30 331002017 | J53: 经胃镜食管静脉曲张治疗 经胃镜食管静脉曲张治疗(硬化) 经胃镜食管静脉曲张治疗(套扎) 经胃镜食管静脉曲张治疗(组织粘合) 超声内镜引导下胃底曲张静脉栓塞术 | M53: HMT7D601 KMS6B601 KMS7D601 | N53: 经超声内镜胃底曲张静脉栓塞术 经内镜食管胃底静脉曲张注射治疗 经内镜食管胃底静脉曲张套扎治疗
A54: 50 | B54: 无创消化道息肉去除费 | C54: 部位/次 | D54: “次”指息肉数小于等于3个，每增加1个按30%加收。10个及以上息肉按10个息肉收费。 | E54: 3109020060500 3310040030300 | F54: 经胃镜特殊治疗（息肉肿物切除） 经内镜直肠良性肿物切除术（息肉） | I54: 331004003.30 310902006.50 310903010.50 331003024.10 | J54: 经内镜直肠良性肿物切除术(息肉) 经胃镜特殊治疗(息肉肿物切除) 经肠镜特殊治疗(息肉肿物切除) 结肠良性肿物切除术(息肉) | M54: HPS6U602 HPS7N601 | N54: 经内镜结肠息肉切除术 经内镜结肠息肉毁损术
A55: 51 | B55: 无创消化道病变切除费 | C55: 部位/次 | D55: 同一部位的多发病灶可按50%加收。 | E55: 3109020060200 3310040030000 3310040030100 3310040030200 3310040030400 | F55: 经胃镜特殊治疗（粘膜切除） 经内镜直肠良性肿物切除术 经内镜直肠良性肿物切除术（粘膜） 经内镜直肠良性肿物切除术（粘膜下） 经内镜直肠良性肿物切除术（腺瘤） | I55: 310902006.20 331004003.10 331004003.20 331004003.40 331002021 331003024 331003024.20 | J55: 经胃镜特殊治疗(粘膜切除) 经内镜直肠良性肿物切除术(粘膜) 经内镜直肠良性肿物切除术(粘膜下) 经内镜直肠良性肿物切除术(腺瘤) 经电子内镜消化道黏膜切除术(EMR) 结肠良性肿物切除术 结肠良性肿物切除术(腺瘤切除) | K55: 331002021.01 | L55: 经电子内镜消化道黏膜切除术(采用切开刀进行剥离手术治疗(ESD)加收) | M55: HPA6U601 HPA6U603 HPB6U601 HPB6U602 HPB6U603 HPS6U603 HPU6U603 KPB6T601 KPS6T601 | N55: 经内镜黏膜下肿物挖除术(ESE) 经内镜消化道管壁全层切除术(EFTR) 经内镜上消化道病变高频电切术 经内镜上消化道病变微波切除术 经内镜上消化道病变激光切除术 经内镜结肠黏膜切除术(EMR) 经内镜直肠肿物切除术 经内镜上消化道黏膜剥离术(ESD) 经内镜结直肠黏膜剥离术(ESD)
A56: 52 | B56: 无创消化道病变切除费-黏膜下隧道病变切除（加收） | C56: 部位/次 | I56: 331002020 | J56: 经内镜粘膜下隧道肿瘤切除术(STER) | M56: HPA6U602 | N56: 经内镜黏膜下隧道肿瘤切除术(STER)
A57: 53 | B57: 无创消化道缺损闭合费 | C57: 次 | I57: 310901010 331001003 331001003.10 | J57: 经内镜食管瘘填堵术 食管瘘清创术 食管瘘清创术(填堵术) | M57: HPA7D601 HPA7P601 HPB7P601 | N57: 经内镜瘘口闭合术 经内镜消化道创面修补术 经内镜消化道憩室修补术
A58: 54 | B58: 无创消化道异物取出费 | C58: 部位 | D58: 同一治疗部位只能收取1次费用。 | E58: 3109010050000 3109010050001 3109020080000 3109020080300 3109020080001 3109020080100 3109020080200 3109020060100 3109030090300 3109040010200 | F58: 经食管镜取异物 经食管镜取异物（电子镜加收） 经胃镜碎石术 经胃镜碎石术（爆破碎石法） 经胃镜碎石术（电子镜加收） 经胃镜碎石术（机械碎石法） 经胃镜碎石术（激光碎石法） 经胃镜特殊治疗（取异物） 经内镜结肠治疗（取异物） 直肠镜检查（取异物） | I58: 310901005 310902006.10 310903009.30 310903010.10 310902008 310902008.10 310902008.20 310902008.30 | J58: 经食管镜取异物 经胃镜特殊治疗(取异物) 经内镜结肠治疗(取异物) 经肠镜特殊治疗(取异物) 经胃镜碎石术 经胃镜碎石术(机械碎石法) 经胃镜碎石术(激光碎石法) 经胃镜碎石术(爆破碎石法) | K58: 310901005.01 | L58: 经食管镜取异物(穿刺食道壁加收) | M58: HQE6P601 KPB3F601 KPC3F601 KPC3F602 KPC3F603 KPC3F401 | N58: 经瘘管胆道镜异物取出术 经内镜上消化道异物取出术 经硬质食管镜异物取出术 经食管内镜气囊导尿管辅助食管异物取出术 经食管内镜异物取出术 气囊导尿管辅助食管异物取出术
A59: 55 | B59: 无创消化道异物取出费-异物直径大于5cm（加收） | C59: 部位
A60: 56 | B60: 无创消化道扩张费 | C60: 部位 | D60: 同一治疗部位只能收取1次费用。 | E60: 3109010080000 3109010080500 3109010080100 3109010080400 3109010080200 3109010080700 3109010080300 3109010080600 3109030070000 | F60: 食管狭窄扩张术 食管狭窄扩张术（贲门） 食管狭窄扩张术（经内镜扩张） 食管狭窄扩张术（逆行扩张） 食管狭窄扩张术（器械扩张） 食管狭窄扩张术（十二指肠狭窄扩张术） 食管狭窄扩张术（透视下气囊或水囊扩张） 食管狭窄扩张术（幽门） 经内镜肠道球囊扩张术 | I60: 310901008 310901008.10 310901008.20 310901008.30 310901008.40 310901008.50 310901008.60 310901008.70 310901008.80 310903007 331004004 | J60: 食管狭窄扩张术 食管狭窄扩张术(经内镜扩张) 食管狭窄扩张术(器械扩张) 食管狭窄扩张术(透视下气囊扩张) 食管狭窄扩张术(透视下水囊扩张) 食管狭窄扩张术(逆行扩张) 食管狭窄扩张术(贲门狭窄扩张术) 食管狭窄扩张术(幽门狭窄扩张术) 食管狭窄扩张术(十二指肠狭窄扩张术) 经内镜肠道球囊扩张术 直肠狭窄扩张术 | K60: 310901008.01 310901008.02 | L60: 食管狭窄扩张术(幽门狭窄扩张术加收) 食管狭窄扩张术(十二指肠狭窄扩张术加收) | M60: KPB7E601 KPH7E601 KPK7E601 | N60: 经内镜上消化道狭窄扩张术 经内镜肠道狭窄扩张术 经内镜十二指肠乳头括约肌扩张术
A61: 57 | B61: 无创消化道扩张费-胆管扩张（加收） | C61: 部位 | E61: 3109050210000 | F61: 胆道球囊扩张术 | I61: 331006013 310905021 | J61: 经十二指肠镜乳头扩张术 胆道球囊扩张术 | K61: 310905021.01 310905021.02 | L61: 胆道球囊扩张术(术后扩张加收) 胆道球囊扩张术(经十二指肠内窥镜加收) | M61: KPK7E602 KQM7E601 HQE7E501 | N61: 经十二指肠镜乳头狭窄扩张术 经内镜胆总管球囊扩张术 经胆道镜胆管球囊扩张术
A62: 58 | B62: 无创消化道扩张费-胰管扩张（加收） | C62: 部位 | M62: KQP7E601 | N62: 经内镜胰管狭窄扩张术
A63: 59 | B63: 无创消化道扩张费-胆囊扩张（加收） | C63: 部位
A64: 60 | B64: 无创消化道支架置入费 | C64: 部位 | D64: 1.同一治疗部位只能收取1次费用。 2.含无创消化道扩张费。 | E64: 3109010060000 3109010060100 3109010060200 3109020070000 3109020070200 3109020070400 3109020070100 3109020070300 3109050180000 3109030080000 3109030080100 | F64: 食管腔内支架置入术 食管腔内支架置入术（内镜下置入） 食管腔内支架置入术（透视下置入） 经胃镜胃内支架置入术 经胃镜胃内支架置入术（贲门） 经胃镜胃内支架置入术（十二指肠支架置入术） 经胃镜胃内支架置入术（食管） 经胃镜胃内支架置入术（幽门） 经内镜十二指肠狭窄支架置入术 经内镜肠道支架置入术 经内镜肠道支架置入术（取出术） | I64: 310901006 310901006.10 310901006.20 310902007 310902007.10 310902007.20 310902007.30 310902007.40 310903008 310905018 | J64: 食管腔内支架置入术 食管腔内支架置入术(内镜下置入) 食管腔内支架置入术(透视下置入) 经胃镜胃内支架置入术 经胃镜胃内支架置入术(食管支架置入术) 经胃镜胃内支架置入术(贲门支架置入术) 经胃镜胃内支架置入术(幽门支架置入术) 经胃镜胃内支架置入术(十二指肠支架置入术) 经内镜肠道支架置入术 经内镜十二指肠狭窄支架置入术 | K64: 310902007.01 310902007.02 | L64: 经胃镜胃内支架置入术(幽门支架置入术加收) 经胃镜胃内支架置入术(十二指肠支架置入术加收) | M64: HPR6R601 KPB6L601 KPC6K601 KPJ6K601 KPS6K601 KPS6L601 | N64: 经内镜阑尾引流术 经内镜上消化道支架置换术 经内镜上消化道支架置入术 经内镜小肠支架置入术 经内镜结肠支架置入术 经内镜结肠支架置换术
A65: 61 | B65: 无创消化道支架置入费-胆管支架置入（加收） | C65: 部位 | E65: 3109050110000 3109050220000 | F65: 经内镜胆管内引流术＋支架置入术 胆道支架置入术 | I65: 310905011 310905022 | J65: 经内镜胆管内引流术＋支架置入术 胆道支架置入术 | K65: 310905022.01 310905022.02 | L65: 胆道支架置入术(术后扩张加收) 胆道支架置入术(经十二指肠内窥镜加收) | M65: HQE6K301 KQE6K101 KQE6K601 | N65: 胆管内支架置入术 经皮经肝胆道支架置入术 经内镜胆管内支架置入术
A66: 62 | B66: 无创消化道支架置入费-胰管支架置入（加收） | C66: 部位 | E66: 3109050200000 3109050200001 | F66: 经内镜胰胆管扩张术＋支架置入术 经内镜胰胆管扩张术＋支架置入术（双管加收） | I66: 310905020 | J66: 经内镜胰胆管扩张术＋支架置入术 | K66: 310905020.01 | L66: 经内镜胰胆管扩张术＋支架置入术(双管加收) | M66: KQP6K601 KQP6L601 | N66: 经内镜胰管内支架置入术 经内镜胰管支架置换术
A67: 63 | B67: 无创消化道支架置入费-胆囊支架置入（加收） | C67: 部位
A68: 64 | B68: 无创消化道支架取出费 | C68: 部位 | D68: 同一治疗部位只能收取1次费用。 | E68: 3109010060300 | F68: 食管腔内支架置入术（取出支架） | I68: 310901006.30 310903008.10 | J68: 食管腔内支架置入术(取出支架) 经内镜肠道支架置入术(取出术) | M68: KPB6N601 KPS6N601 KQE6N601 KQP6N601 | N68: 经内镜上消化道支架取出术 经内镜结肠支架取出术 经内镜胆管内支架取出术 经内镜胰管支架取出术
A69: 65 | B69: 无创消化道支架取出费-经皮穿刺支架取出（扩展） | C69: 部位 | M69: KQM6P101 | N69: 经皮胆总管支架取出术
A70: 66 | B70: 无创消化道狭窄切开费 | C70: 部位 | D70: 同一治疗部位只能收取1次费用。 | I70: 新增 | M70: HPA7C601 | N70: 经内镜消化道瘢痕松解术
A71: 67 | B71: 无创胆管结石取出费 | C71: 次 | E71: 3109030030000 3109030030200 3109030030100 3109050130000 3109050130100 3109050130200 3109050140000 3109050150000 3109050160000 3310060150000 3310060150100 | F71: 经十二指肠镜胆道结石取出术 经十二指肠镜胆道结石取出术（取蛔虫） 经十二指肠镜胆道结石取出术（取异物） 经胆道镜瘘管取石术 经胆道镜瘘管取石术（肝内结石取出） 经胆道镜瘘管取石术（外胆道结石取出） 经胆道镜胆道结石取出术 经皮胆囊超声碎石取石术 经皮经肝胆道镜取石术 经内镜奥狄氏括约肌切开取石术（ECT） 经内镜奥狄氏括约肌切开取石术（ECT）（取蛔虫） | I71: 310903003 310903003.10 310903003.20 | J71: 经十二指肠镜胆道结石取出术 经十二指肠镜胆道结石取出术(取异物) 经十二指肠镜胆道结石取出术(取蛔虫) | K71: 310905.01 | L71: 消化系统其他诊疗(使用激光碎石加收)
A72: 68 | B72: 无创胆管结石取出费-无创胰管取石（扩展） | C72: 次 | E72: 3310060160000 | F72: 经内镜奥狄氏括约肌切开胰管取石术 | M72: KQP6P601 HPK6P602 | N72: 经内镜胰管结石取石术 经电子十二指肠镜奥狄氏括约肌切开胰管取石术
A73: 69 | B73: 无创保胆取石费 | C73: 次 | I73: 310905027 | J73: 超声内镜引导下保胆取石术 | M73: HQK6P602 HQK6P601 HQK6P603 | N73: 经超声内镜经胃保胆取石术 经超声内镜保胆取石术 经内镜经乳头保胆取石术术
A74: 70 | B74: 经皮穿刺胆囊碎石取石费 | C74: 次 | I74: 310905013 310905013.10 310905013.20 310905014 310905015 310905016 310905032 | J74: 经胆道镜瘘管取石术 经胆道镜瘘管取石术(肝内结石取出) 经胆道镜瘘管取石术(外胆道结石取出) 经胆道镜胆道结石取出术 经皮胆囊超声碎石取石术 经皮经肝胆道镜取石术 胆胰管结石激光碎石术 | M74: HQK6P101 HQK6P102 HQK6P502 | N74: 经皮经肝胆囊穿刺超声碎石取石术 经皮经肝胆囊穿刺激光碎石取石术 经皮经肝胆囊穿刺胆道镜胆囊结石取出术
A75: 71 | B75: 经皮穿刺胆囊碎石取石费-经皮穿刺胆管碎石取石费（扩展） | C75: 次
A76: 72 | B76: 无创消化道肌切开费 | C76: 次 | E76: 3310060150000 3310060150100 3310060160000 | F76: 经内镜奥狄氏括约肌切开取石术（ECT） 经内镜奥狄氏括约肌切开取石术（ECT）（取蛔虫） 经内镜奥狄氏括约肌切开胰管取石术 | I76: 331006015 331006015.10 331006016 331006014 331006014.10 331002019 | J76: 经内镜奥狄氏括约肌切开取石术(ECT) 经内镜奥狄氏括约肌切开取石术(ECT)(取蛔虫) 经内镜奥狄氏括约肌切开胰管取石术 经十二指肠奥狄氏括约肌切开成形术 经十二指肠奥狄氏括约肌切开成形术(十二指肠乳头括约肌切开术) 经口内镜下肌切开术(POEM) | M76: HPG6S601 HPK6P601 HPK6S601 HPK7P401 HPK7P602 HQP6S601 HPC6S601 HPE6S601 HPK7P601 | N76: 经内镜幽门肌切开术 经内镜奥狄氏括约肌切开取石术(ECT) 经内镜十二指肠乳头括约肌切开术(EST) 经十二指肠奥狄氏括约肌切开成形术 经电子十二指肠镜奥狄氏括约肌狭窄切开成形术 经内镜胰管括约肌切开术 经内镜食管憩室切开术 经内镜食管贲门肌切开术(POEM) 经内镜十二指肠乳头成形术
A77: 73 | B77: 无创消化道造瘘/口置管费 | C77: 次 | I77: 新增 | M77: KPD6S601 KPL6K601 KPL6S601 | N77: 经内镜胃造口术(PEG) 经内镜空肠置管术 经内镜空肠造口术
A78: 74 | B78: 无创消化道造瘘/口管取出费 | C78: 次 | I78: 新增
A79: 75 | B79: 无创消化道造瘘/口管取出费-无创消化道造瘘/口管调整（扩展） | C79: 次
A80: 76 | B80: 无创消化道置管更换费 | C80: 次 | E80: 3109050250000 3109050250200 3109050250300 3109050250100 | F80: 消化道造瘘管换管术 消化道造瘘管换管术（胆道造瘘） 消化道造瘘管换管术（空肠） 消化道造瘘管换管术（胃造瘘） | I80: 310905025 310905025.10 310905025.20 310905025.30 | J80: 消化道造瘘管换管术 消化道造瘘管换管术(胃造瘘) 消化道造瘘管换管术(胆道造瘘) 消化道造瘘管换管术(空肠造瘘) | M80: KPA6L301 | N80: 消化道造口管置换术
A81: 77 | B81: 无创胃空肠吻合费 | C81: 次 | I81: 新增 | M81: KPD7K601 | N81: 经超声内镜胃空肠吻合术
A82: 78 | B82: 食管病变切除费 | C82: 次 | E82: 3310010040000 3310010040001 3310010050000 3310010050001 3310010060000 3310010060001 3310010060100 | F82: 食管良性肿物切除术 食管良性肿物切除术（经胸腔镜加收） 先天性食管囊肿切除术 先天性食管囊肿切除术（经胸腔镜加收） 食管憩室切除术 食管憩室切除术（经胸腔镜加收） 食管憩室切除术（内翻术） | I82: 331001004 331001005 331001006 331001006.10 | J82: 食管良性肿物切除术 先天性食管囊肿切除术 食管憩室切除术 食管憩室切除术(内翻术) | M82: HPC6U302 HPC6U304 HMS7D301 | N82: 食管良性肿物切除术 食管憩室切除术 经胸食管下端曲张静脉缝扎术(Crile手术)
A83: 79 | B83: 食管病变切除费-多病变切除（加收） | C83: 次
A84: 80 | B84: 食管部分切除费 | C84: 次 | E84: 3310010120000 3310010120100 3310010120200 3310010120300 3310010130000 3310010140000 3310010140100 3310010180000 3310010180100 3310010180200 3310010150000 | F84: 颈段食管癌切除+结肠代食管术 颈段食管癌切除+结肠代食管术（经颈手术） 颈段食管癌切除+结肠代食管术（经胸手术） 颈段食管癌切除+结肠代食管术（经腹手术） 颈段食管癌切除+颈部皮瓣食管再造术 食管癌根治+结肠代食管术 食管癌根治+结肠代食管术（经胸腔镜加收） 食管再造术 食管再造术（胃） 食管再造术（肠代食管） 颈段食管切除术 | I84: 331001018 331001018.10 331001018.20 331001015 330611007 | J84: 食管再造术 食管再造术(胃) 食管再造术(肠代食管) 颈段食管切除术 颈侧径路咽食管肿瘤切除术 | M84: HGH6U302 HPC6U303 HPC7K301 HPC7K315 | N84: 颈侧入路咽食管肿瘤切除术 颈侧入路食管肿瘤切除术 经腹食管下端横断术 经胸食管下端横断术
A85: 81 | B85: 食管部分切除费-恶性肿瘤切除（加收） | C85: 次 | E85: 3310010110000 3310010110001 3310010110100 003310010220000 3310010230000 | F85: 食管癌根治术 食管癌根治术（三切口联合加收） 食管癌根治术（胸内胃食管吻合（主动脉弓下，弓上胸顶部吻合）及颈部吻合术） 贲门癌切除术 贲门癌扩大根治术 | I85: 331001011 331001011.10 331001022 331001023 331001024 | J85: 食管癌根治术 食管癌根治术(胸内胃食管吻合(主动脉弓下，弓上胸顶部吻合)及颈部吻合术) 贲门癌切除术 贲门癌扩大根治术 腔镜下经颈经食管裂孔食管癌根治术 | K85: 331001011.01 | L85: 食管癌根治术(三切口联合加收) | M85: HPC6U502 HPC6V301 HPC6X501 HPC7K304 HPC7K308 HPC7K309 HPC7K310 HPC7K311 HPC7K313 | N85: 经胸腹腔镜颈胸腹三切口食管胃部分切除食管胃颈部吻合术 颈段食管切除颈部皮瓣食管重建术 经腹腔镜联合纵隔镜经颈经食管裂孔食管癌根治术 食管内翻拔脱切除胃代食管颈部吻合术 经左胸食管胃部分切除食管胃胸内吻合术 经腹经胸两切口食管胃部分切除食管胃胸内吻合术 经颈胸两切口食管胃部分切除食管胃颈部吻合术 颈胸腹三切口食管胃部分切除食管胃颈部吻合术 胸骨前/后食管胃吻合术
A86: 82 | B86: 食管部分切除费-胃/肠代食管吻合（加收） | C86: 次 | E86: 3310010120000 3310010120100 3310010120200 3310010120300 3310010140000 3310010140100 3310010200000 3310010200100 | F86: 颈段食管癌切除+结肠代食管术 颈段食管癌切除+结肠代食管术（经颈手术） 颈段食管癌切除+结肠代食管术（经胸手术） 颈段食管癌切除+结肠代食管术（经腹手术） 食管癌根治+结肠代食管术 食管癌根治+结肠代食管术（经胸腔镜加收） 游离空肠代食管术 游离空肠代食管术（游离空肠移植代下咽术） | I86: 331001012 331001012.10 331001012.20 331001012.30 331001014 331001020 331001020.10 | J86: 颈段食管癌切除+结肠代食管术 颈段食管癌切除+结肠代食管术(经颈手术) 颈段食管癌切除+结肠代食管术(经胸手术) 颈段食管癌切除+结肠代食管术(经腹手术) 食管癌根治+结肠代食管术 游离空肠代食管术 游离空肠代食管术(游离空肠移植代下咽术) | M86: HPC7K307 HPC7K306 HPC7K305 HPC7K312 | N86: 经颈胸腹三切口食管部分切除结肠代食管颈部吻合术 经腹经胸两切口食管部分切除结肠代食管胸内吻合术 食管部分切除食管空肠胸内吻合术 胸骨前/后食管结肠颈部吻合术
A87: 83 | B87: 食管全切除费 | C87: 次 | D87: 本项目中的“恶性肿瘤扩大根治性切除”指联合多脏器切除，且不含淋巴结清扫。 | E87: 3310010120000 3310010120100 3310010120200 3310010120300 3310010130000 3310010140000 3310010140100 3310010180000 3310010180100 3310010180200 3310010150000 3310010110000 3310010110001 3310010110100 003310010220000 3310010230000 | F87: 颈段食管癌切除+结肠代食管术 颈段食管癌切除+结肠代食管术（经颈手术） 颈段食管癌切除+结肠代食管术（经胸手术） 颈段食管癌切除+结肠代食管术（经腹手术） 颈段食管癌切除+颈部皮瓣食管再造术 食管癌根治+结肠代食管术 食管癌根治+结肠代食管术（经胸腔镜加收） 食管再造术 食管再造术（胃） 食管再造术（肠代食管） 颈段食管切除术 食管癌根治术 食管癌根治术（三切口联合加收） 食管癌根治术（胸内胃食管吻合（主动脉弓下，弓上胸顶部吻合）及颈部吻合术） 贲门癌切除术 贲门癌扩大根治术 | I87: 331001013 331001018 331001018.10 331001018.20 331001015 331001011 331001011.10 331001022 | J87: 颈段食管癌切除+颈部皮瓣食管再造术 食管再造术 食管再造术(胃) 食管再造术(肠代食管) 颈段食管切除术 食管癌根治术 食管癌根治术(胸内胃食管吻合(主动脉弓下，弓上胸顶部吻合)及颈部吻合术) 贲门癌切除术 | K87: 331001011.01 | L87: 食管癌根治术(三切口联合加收) | M87: HGG6V301 | N87: 全喉全下咽全食管切除+全胃上提修复术
A88: 84 | B88: 食管全切除费-恶性肿瘤扩大根治性切除（加收） | C88: 次 | E88: 3310010140000 3310010140100 | F88: 食管癌根治+结肠代食管术 食管癌根治+结肠代食管术（经胸腔镜加收） | I88: 331001014 331001023 | J88: 食管癌根治+结肠代食管术 贲门癌扩大根治术
A89: 85 | B89: 食管全切除费-胃/肠代食管吻合（加收） | C89: 次 | E89: 3310010120000 3310010120100 3310010120200 3310010120300 3310010200000 3310010200100 | F89: 颈段食管癌切除+结肠代食管术 颈段食管癌切除+结肠代食管术（经颈手术） 颈段食管癌切除+结肠代食管术（经胸手术） 颈段食管癌切除+结肠代食管术（经腹手术） 游离空肠代食管术 游离空肠代食管术（游离空肠移植代下咽术） | I89: 331001012 331001012.10 331001012.20 331001012.30 331001020 331001020.10 | J89: 颈段食管癌切除+结肠代食管术 颈段食管癌切除+结肠代食管术(经颈手术) 颈段食管癌切除+结肠代食管术(经胸手术) 颈段食管癌切除+结肠代食管术(经腹手术) 游离空肠代食管术 游离空肠代食管术(游离空肠移植代下咽术)
A90: 86 | B90: 食管切开异物取出费 | C90: 次 | E90: 3310010010000 | F90: 颈侧切开食道异物取出术 | I90: 331001001 | J90: 颈侧切开食道异物取出术 | M90: HPC6P301 | N90: 颈侧入路切开食管异物取出术
A91: 87 | B91: 食管狭窄成形费 | C91: 次 | E91: 3310010070000 3310010070100 3310010080000 3310010100000 3310010160000 3310010160100 3310010160200 3310010170000 | F91: 食管狭窄切除吻合术 食管狭窄切除吻合术（食管蹼切除术） 下咽颈段食管狭窄切除及颈段食管再造术 先天性食管闭锁经胸膜外吻合术 食管胃吻合口狭窄切开成形术 食管胃吻合口狭窄切开成形术（狭窄局部切开缝合） 食管胃吻合口狭窄切开成形术（再吻合术） | I91: 331001007 331001007.10 331001010 331001016 331001016.10 331001016.20 331001017 331001008 | J91: 食管狭窄切除吻合术 食管狭窄切除吻合术(食管蹼切除术) 先天性食管闭锁经胸膜外吻合术 食管胃吻合口狭窄切开成形术 食管胃吻合口狭窄切开成形术(狭窄局部切开缝合) 食管胃吻合口狭窄切开成形术(再吻合术) 食管横断吻合术 下咽颈段食管狭窄切除及颈段食管再造术 | K91: 331008026.01 331001017.10 | L91: 门体静脉断流术(食管横断吻合术加收) 食管横断吻合术(经网膜静脉门静脉测压术) | M91: HPA7P301 HPC6S302 HPC6S304 HPC6S305 HPC6S501 HPC6S502 HPC6U301 HPC6V302 HPC7K303 HPC7K314 HPC7K501 HPC7P301 | N91: 食管胃吻合口狭窄切开成形术 先天性食管闭锁分期手术 经胸食管下段贲门肌层切开术 食管下段贲门肌层切开术 经胸腔镜食管下段贲门肌层切开术 经腹腔镜食管下段贲门肌层切开术 经左胸食管狭窄切除吻合术 下咽颈段食管狭窄切除食管重建术 先天性食管闭锁经右胸端端吻合术 经右胸食管狭窄切除吻合术 经胸腔镜先天性食管闭锁经右胸端端吻合术 经颈部先天性食管闭锁修补术
A92: 88 | B92: 食管造瘘/口费 | C92: 次 | E92: 3310010090000 3310010090100 | F92: 食管闭锁造瘘术 食管闭锁造瘘术（食管颈段造瘘） | I92: 331001009 | J92: 食管闭锁造瘘术 | M92: HPC6S301 | N92: 颈部食管造口术
A93: 89 | B93: 食管修补费 | C93: 次 | D93: 本项目中的“次”指：2处以下部位修补，3处及3处以上修补按“多部位修补”加收。 | E93: 3310010020000 3310010020100 3310010020200 3310010020300 | F93: 食管破裂修补术 食管破裂修补术（直接缝合修补） 食管破裂修补术（利用其他组织修补） 食管破裂修补术（经胸腔镜加收） | I93: 331001002 331001002.10 331001002.20 330701043 | J93: 食管破裂修补术 食管破裂修补术(直接缝合修补) 食管破裂修补术(利用其他组织修补) 颈段气管食管瘘修补术 | M93: HJC7P301 HJC7P303 HPC7P302 HPC7P501 | N93: 喉气管食管裂修补术 颈段气管食管瘘修补术 食管破裂修补术 经胸腔镜食管破裂修补术
A94: 90 | B94: 食管修补费-多部位修补（加收） | C94: 次
A95: 91 | B95: 胃部分切除费 | C95: 次 | E95: 3310020010100 | F95: 胃肠切开取异物（局部肿瘤切除） | I95: 331002001.10 | J95: 胃肠切开取异物(局部肿瘤切除) | M95: HPC6U305 HPC6U503 HPD6U302 HPD6U303 HPF7K301 HPF7K501 | N95: 食管下端胃底切除术 经腹腔镜食管下端胃底切除术 胃部分切除术 胃袖状切除术 胃底横断术(Tanner手术) 经腹腔镜胃底横断术 | O95: HZX6P601 | P95: 经自然腔道取出外科标本术
A96: 92 | B96: 胃部分切除费-多病变切除（加收） | C96: 次
A97: 93 | B97: 胃部分切除费-病变累及贲门（加收） | C97: 次
A98: 94 | B98: 胃大部切除费 | C98: 次 | D98: 本项目中的“恶性肿瘤扩大根治性切除”指联合多脏器切除，且不含淋巴结清扫。 | I98: 331002004 331002004.10 331002004.20 331002004.30 | J98: 远端胃大部切除术 远端胃大部切除术(胃、十二指肠吻合(BillrothI式)) 远端胃大部切除术(胃空肠吻合(BillrothⅡ式)) 远端胃大部切除术(胃—空肠Roux-y型吻合) | M98: HPD6U503 | N98: 经腹腔镜远端胃大部切除术 | O98: HZX6P601 | P98: 经自然腔道取出外科标本术
A99: 95 | B99: 胃大部切除费-恶性肿瘤扩大根治性切除（加收） | C99: 次 | M99: HPD6X303 HPD6X304 HPD6X306 HPD6X308 | N99: 残胃癌根治性切除术 残胃癌扩大根治性切除术 远端胃大部根治性切除术 远端胃大部扩大根治性切除术
A100: 96 | B100: 胃大部切除费-近端胃大部切除（加收） | C100: 次 | I100: 331002003 | J100: 近端胃大部切除术 | M100: HPD6X305 HPD6U305 HPD6X307 | N100: 近端胃大部根治性切除术 近端胃大部切除术 近端胃大部扩大根治性切除术
...

Sheet 附件4-消化系统类医疗服务价格项目意见建议反馈表
A1: 附件4 | B1: 消化系统类医疗服务价格项目意见建议反馈表 | O1: 单位（盖章）：
A2: 序号 | B2: 项目编码 | C2: 项目名称 | D2: 服务产出 | E2: 价格构成 | F2: 计价单位 | G2: 计价说明 | H2: 政府指导价 | L2: 医保属性 | M2: 医保支付限制 | N2: 归集口径 | O2: 意见/建议 | P2: 理由
H3: 三级医院 | I3: 二级医院 | J3: 一级医院 | K3: 其他医疗机构（含基层医疗机构）
A4: 使用说明： 1.本类项目以消化系统为重点，按照消化系统相关医疗服务产出设立价格项目。 2.根据《深化医疗服务价格改革试点方案》（医保发〔2021〕41号）关于“厘清价格项目与临床诊疗技术规范、医疗机构成本要素、不同应用场景和收费标准等的政策边界分类整合现行价格项目，实现价格项目与操作步骤、诊疗部位等技术细节脱钩，增强现行价格项目对医疗技术和医疗活动改良创新的兼容性”的要求，服务产出相同的一类项目在操作层面存在差异，但在价格项目和定价水平层面具备合并同类项的条件，立项指南对此进行合并。所定价格属于政府指导价，为最高限价，下浮不限。同时，医疗机构申报的技术改良进步项目，可采取“现有项目兼容”方式简化处理，无需申报新增医疗服务价格项目，经向本地区医疗保障部门备案后可按照对应的项目执行。 3.本类项目所称“价格构成”，指项目价格应涵盖的各类资源消耗，用于确定计价单元的边界，不应作为临床技术标准理解，不是实际操作方式、路径、步骤、程序的强制性要求，价格构成中包含但临床实践中非必要、未发生的，无需强制要求公立医疗机构减计费用。所列“设备投入”包括但不限于操作设备、器具及固定资产投入。 4.本类项目所称“加收项”，指同一项目以不同方式提供或在不同场景应用时，确有必要制定差异化收费标准而细分的一类子项，包括在原项目价格基础上增加或减少收费的情况；实际应用中，同时涉及多个加收项的，以项目单价为基础计算相应的加/减收水平后，据实收费。 5.本类项目所称“扩展项”，指同一项目下以不同方式提供或在不同场景应用时，只扩展价格项目适用范围、不额外加价的一类子项，子项的价格按主项目执行。 6.本类项目所称“基本物质资源物耗”，指原则上限于不应或不必要与医疗服务项目分割的易耗品，包括但不限于各类消杀灭菌用品、储存用品、清洁用品、个人防护用品、垃圾处理用品、滑石粉、标签、防渗漏垫、中单、护（尿）垫、棉球、棉签、纱布（垫）、治疗护理盘（包）、治疗巾（单）、手术巾（单）、手术包、普通注射器、可复用的操作器具、非药品类对比剂、影像存储介质、铅制防护用品、标本采集存放用品、咬口器或牙垫、口/吹嘴、气体收集袋、肠道菌液制备用物或菌液制成品、染色剂、辅助试剂、肛门扩张器具、肛诊指套、圈套皮筋、挂线材料、报告打印耗材、软件（版权、开发、购买）成本等。基本物质资源消耗成本计入项目价格，不另行收费。除基本物质资源消耗以外的其他耗材，按照实际采购价格零差率销售。 7.本类项目中的“无创”为无需切开皮肤，经过自然腔道入路，利用无创入路方式进行的操作，包括但不限于食管镜、胃镜、十二指肠镜、结肠镜、小肠镜、直肠镜、胆管镜、胰管镜、超声内镜、共聚焦激光显微内镜等各类内镜。不包含因其他操作需求而涉及皮肤切开、组织切除等有创性操作内容。 8.本类项目中的“部位”为食管、胃、小肠、阑尾、盲肠、结肠、直肠、胆囊、胆管、胰腺、胰管等。 9.本类项目中消化内科内镜治疗或手术类项目，如需使用相关内镜可按内镜检查费用收取，如行消化内镜息肉去除时使用“内镜”，可收取“无创消化道息肉去除费+上消化道内镜检查费（常规）”。 10.本类项目中普通外科的各类手术项目的价格构成，已包含手术涉及的各类内镜使用成本。医疗机构在开展相关操作时，开放手术与经内镜手术执行相同的价格标准，内镜辅助操作不再另行收费。 11.本类项目价格构成中所称的“穿刺”为主项操作涉及的必要穿刺技术，价格构成中的穿刺操作不可收取相关费用；独立穿刺项目可按相应治疗价格项目收取。 12.本类项目中价格构成中所称的“止血”为压迫、填塞、包扎等常规止血方法，其他止血方式可收取相应费用。 13.本类项目中所称的“恶性肿瘤扩大根治性切除”，可参照各地省及省以上卫生健康部门技术规范中扩大根治性切除进行加收。 14.本类项目中涉及“包括……”“……等”的，属于开放型表述，所指对象不仅局限于表述中列明的事项，也包括未列明的同类事项。 15.本类项目中未尽事项，如等离子、激光、射频、微波等手术辅助操作等，将在辅助操作类、一般治疗类等其他立项指南中单独列示，暂按现行价格政策执行。 16.本类项目中其他学科开展相应项目时，可据实收费。 17.本类项目中的术中、治疗或检查过程中取活检样本已包含在本类项目价格构成中，不得按病理类医疗服务价格项目立项指南所列活检取材费计费。 18.本类项目中价格项目可应用人工智能辅助进行的，可直接按主项目收费，不同时收费。 19.公立医疗机构开展相关放射检查须提供符合要求的“数字影像处理和上传存储服务”并执行现行放射检查项目价格，对于不能提供符合要求的“数字影像处理和上传存储服务”的，执行的相关放射检查项目价格减收5元。 20.允许公立医疗机构在患者自愿选择基础上，若提供“数字胶片云储存服务”，可不再提供实体胶片。将减少实体胶片打印节约的成本，用于补偿数字胶片服务成本。医疗机构在常规提供影像资料后，如需额外提供影像资料，可收取相应费用。 21.本类项目所称的“儿童”，指6周岁及以下。本类项目儿童加收比例为主项目价格的20%。周岁的计算方法以法律的相关规定为准。
A5: 1 | B5: 012410000010000 | C5: 消化道pH值监测费 | D5: 通过各种方式监测消化道ph值。 | E5: 所定价格涵盖设备准备、插管、测定、撤除、数据提取分析、出具报告、处理用物等步骤所需的人力资源和基本物质资源消耗。（不含内镜操作） | F5: 次 | G5: 本项目中的“次”指：监测时长24小时，不足24小时按24小时计费。 | H5: 296.6 | I5: 269.6 | J5: 256.1 | K5: 242.6 | L5: =_xlfn.XLOOKUP(B5,[8]打印格式!$B$1:$B$65536,[8]打印格式!$H$1:$H$65536,) -> 乙类 | N5: 检查费
A6: 2 | B6: 012410000010001 | C6: 消化道pH值监测费-阻抗测定（加收） | F6: 次 | H6: 11.4 | I6: 10.4 | J6: 9.9 | K6: 9.4 | L6: =_xlfn.XLOOKUP(B6,[8]打印格式!$B$1:$B$65536,[8]打印格式!$H$1:$H$65536,) -> 乙类 | N6: 检查费
A7: 3 | B7: 012410000020000 | C7: 消化道压力测定费 | D7: 通过各种方式测定消化道压力。 | E7: 所定价格涵盖设备准备、插管、测定、撤除、数据提取分析、出具报告、处理用物等步骤所需的人力资源和基本物质资源消耗。（不含内镜操作） | F7: 项 | G7: 本类项目中的“消化道压力测定”指：食管测压、高分辨率食管测压、24小时食管动态测压、胃肠测压、24小时胃肠测压、胃幽门十二指肠测压、奥迪氏括约肌测压、结肠测压、肛门直肠测压、胆道测压等，以上不同测压按本项目收费，同一入路同一操作时间仅可计费1 次。 | H7: 142.7 | I7: 129.7 | J7: 123.2 | K7: 116.7 | L7: =_xlfn.XLOOKUP(B7,[8]打印格式!$B$1:$B$65536,[8]打印格式!$H$1:$H$65536,) -> 甲类 | N7: 检查费
A8: 4 | B8: 012410000030000 | C8: 胃肠电图检查费 | D8: 通过传导生物电，记录胃肠生物电活动并绘图，检查胃肠的蠕动情况及动力的强弱。 | E8: 所定价格涵盖设备准备、电极安放、记录、分析、出具报告、处理用物等步骤所需的人力资源和基本物质资源消耗。 | F8: 次 | H8: 167.9 | I8: 152.6 | J8: 145 | K8: 137.3 | L8: =_xlfn.XLOOKUP(B8,[8]打印格式!$B$1:$B$65536,[8]打印格式!$H$1:$H$65536,) -> 乙类 | N8: 检查费
A9: 5 | B9: 012410000040000 | C9: 呼气试验费（炎症检测） | D9: 测定呼出气体中特定气体的含量，判断气道炎症或全身炎症反应。 | E9: 所定价格涵盖设备准备、指导呼气、测定、分析、出具报告、处理用物等步骤所需的人力资源和基本物质资源消耗。 | F9: 次 | G9: 本项目中的“特定气体”指：一氧化氮。 | H9: 286 | I9: 260 | J9: 247 | K9: 234 | L9: =_xlfn.XLOOKUP(B9,[8]打印格式!$B$1:$B$65536,[8]打印格式!$H$1:$H$65536,) -> 自费 | N9: 检查费
A10: 6 | B10: 012410000050000 | C10: 呼气试验费（红细胞寿命检测） | D10: 测定呼出气体中特定气体的含量，判断红细胞寿命。 | E10: 所定价格涵盖设备准备、指导呼气、测定、分析、出具报告、处理用物等步骤所需的人力资源和基本物质资源消耗。 | F10: 次 | G10: 本项目中的“特定气体”指：一氧化碳。 | H10: 330 | I10: 300 | J10: 285 | K10: 270 | L10: =_xlfn.XLOOKUP(B10,[8]打印格式!$B$1:$B$65536,[8]打印格式!$H$1:$H$65536,) -> 自费 | N10: 检查费
A11: 7 | B11: 012410000060000 | C11: 呼气试验费（幽门螺旋杆菌检测） | D11: 通过测定呼出气体中标记同位素的含量，判断是否存在幽门螺杆菌感染。 | E11: 所定价格涵盖设备准备、指导呼气、采集气体、底物及服用、再次采集气体、测定、分析、出具报告、处理用物等步骤所需的人力资源和基本物质资源消耗。 | F11: 次 | H11: 103.8 | I11: 94.4 | J11: 89.7 | K11: 85 | L11: =_xlfn.XLOOKUP(B11,[8]打印格式!$B$1:$B$65536,[8]打印格式!$H$1:$H$65536,) -> 乙类 | N11: 检查费
A12: 8 | B12: 012410000070000 | C12: 呼气试验费（胃肠功能检测） | D12: 通过测定呼出气体中特定气体的含量，评估胃肠功能、小肠细菌过度生长。 | E12: 所定价格涵盖设备准备、底物及服用、指导呼气、多次采集气体、测定、分析、出具报告、处理用物等步骤所需的人力资源和基本物质资源消耗。 | F12: 项 | G12: 本项目中的“特定气体”指：氢气、甲烷、二氧化碳；其中氢气和甲烷的测定各计为1项，二氧化碳的测定不额外计费。 | H12: 195 | I12: 177.3 | J12: 168.4 | K12: 159.6 | L12: =_xlfn.XLOOKUP(B12,[8]打印格式!$B$1:$B$65536,[8]打印格式!$H$1:$H$65536,) -> 自费 | N12: 检查费
A13: 9 | B13: 012410000080000 | C13: 胃肠传输时间检查费 | D13: 根据标记物在消化道不同时间的分布情况，判断胃肠道动力。 | E13: 所定价格涵盖标记物准备、指导服用、拍片、数据处理、出具报告、处理用物等步骤所需的人力资源和基本物质资源消耗。 | F13: 次 | H13: 119.9 | I13: 109 | J13: 103.6 | K13: 98.1 | L13: =_xlfn.XLOOKUP(B13,[8]打印格式!$B$1:$B$65536,[8]打印格式!$H$1:$H$65536,) -> 甲类 | N13: 检查费
A14: 10 | B14: 012410000090000 | C14: 肝功能储备检查费 | D14: 通过监测特定状态下，肝脏对相关物质的滞留、排泄清除率，判断肝储备功能。 | E14: 所定价格涵盖准备、静脉注射、定时取血或探头监测含量、记录、计算、出具报告、处理用物等步骤所需的人力资源和基本物质资源消耗。 | F14: 次 | G14: 肝功能排泄试验按此收费。 | H14: 142.8 | I14: 129.8 | J14: 123.3 | K14: 116.8 | L14: =_xlfn.XLOOKUP(B14,[8]打印格式!$B$1:$B$65536,[8]打印格式!$H$1:$H$65536,) -> 乙类 | N14: 检查费
A15: 11 | B15: 013109000010000 | C15: 肠道菌群移植费 | D15: 收集并检测供者肠道样本制备菌液或菌制成品，通过消化道植入患者肠道。 | E15: 所定价格涵盖准备、供体筛查、采集、采集物检测、分离、制备、保存、植入、处理用物等步骤所需的人力资源和基本物质资源消耗。 | F15: 次 | G15: 需胃肠道内镜或置管辅助完成移植的，可收取“内镜检查”及“胃肠道置管”费用。 | H15: 1650 | I15: 1500 | J15: 1425 | K15: 1350 | L15: =_xlfn.XLOOKUP(B15,[8]打印格式!$B$1:$B$65536,[8]打印格式!$H$1:$H$65536,) -> 自费 | N15: 治疗费
A16: 12 | B16: 013109000020000 | C16: 腹水回输治疗费 | D16: 收集腹水，处理后回输患者进行治疗。 | E16: 所定价格涵盖准备、穿刺、置管、引流采集、过滤、回输、处理用物等步骤所需的人力资源和基本物质资源消耗。 | F16: 次 | H16: 386.2 | I16: 351.1 | J16: 333.5 | K16: 316 | L16: =_xlfn.XLOOKUP(B16,[8]打印格式!$B$1:$B$65536,[8]打印格式!$H$1:$H$65536,) -> 甲类 | N16: 治疗费
A17: 13 | B17: 013109000020100 | C17: 腹水回输治疗费-胸水回输治疗（扩展） | F17: 次 | H17: 386.2 | I17: 351.1 | J17: 333.5 | K17: 316 | L17: =_xlfn.XLOOKUP(B17,[8]打印格式!$B$1:$B$65536,[8]打印格式!$H$1:$H$65536,) -> 甲类 | N17: 治疗费
A18: 14 | B18: 013109000030000 | C18: 肠异位灌注整复费 | D18: 通过灌注复位肠套叠、肠扭转等各类异位情况。 | E18: 所定价格涵盖设备准备、灌注、观察、复位、处理用物等步骤所需的人力资源和基本物质资源消耗。（不含内镜操作） | F18: 次 | H18: 268 | I18: 243.6 | J18: 231.4 | K18: 219.2 | L18: =_xlfn.XLOOKUP(B18,[8]打印格式!$B$1:$B$65536,[8]打印格式!$H$1:$H$65536,) -> 乙类 | N18: 治疗费
A19: 15 | B19: 013109000030100 | C19: 肠异位灌注整复费-胃异位整复（扩展） | F19: 次 | H19: 268 | I19: 243.6 | J19: 231.4 | K19: 219.2 | L19: =_xlfn.XLOOKUP(B19,[8]打印格式!$B$1:$B$65536,[8]打印格式!$H$1:$H$65536,) -> 乙类 | N19: 治疗费
A20: 16 | B20: 012410000100000 | C20: 胶囊内镜检查费（非操控） | D20: 各类胶囊内镜借助消化道自身蠕动，无需外界干预，自然通过消化道完成检查。 | E20: 所定价格涵盖准备、指导吞服胶囊内镜、收集影像信息、出具报告、处理用物等步骤所需的人力资源和基本物质资源消耗。 | F20: 次 | H20: 3025 | I20: 2750 | J20: 2612.5 | K20: 2475 | L20: =_xlfn.XLOOKUP(B20,[8]打印格式!$B$1:$B$65536,[8]打印格式!$H$1:$H$65536,) -> 乙类 | N20: 检查费
A21: 17 | B21: 012410000110000 | C21: 胶囊内镜检查费（受操控） | D21: 医务人员以磁控等方式操作胶囊内镜，使其在受操控下通过消化道，实现定向定位检查。 | E21: 所定价格涵盖准备、指导吞服胶囊内镜、操控、收集影像信息、出具报告、处理用物等步骤所需的人力资源和基本物质资源消耗。 | F21: 次 | H21: 3630 | I21: 3300 | J21: 3135 | K21: 2970 | L21: =_xlfn.XLOOKUP(B21,[8]打印格式!$B$1:$B$65536,[8]打印格式!$H$1:$H$65536,) -> 乙类 | N21: 检查费
A22: 18 | B22: 012410000120000 | C22: 上消化道内镜检查费（常规） | D22: 通过消化道内镜观察和诊断上消化道的疾病。 | E22: 所定价格涵盖设备准备、体位摆放、入镜、观察、图像采集、撤镜、出具报告、处理用物等步骤所需的人力资源和基本物质资源消耗。 | F22: 次 | G22: 1.单次入路检查经过多个部位的，以最终到达的部位计费1次。 2.同时行放大、染色检查仅计费1次 3.“经皮经肝胆道镜检查”按“胆/胰管内镜检查”收费。 | H22: 189.8 | I22: 172.5 | J22: 163.9 | K22: 155.3 | L22: =_xlfn.XLOOKUP(B22,[8]打印格式!$B$1:$B$65536,[8]打印格式!$H$1:$H$65536,) -> 甲类 | N22: 检查费
A23: 19 | B23: 012410000120001 | C23: 上消化道内镜检查费（常规）-单气囊小肠镜（加收） | F23: 次 | H23: 1200 | I23: 1090.9 | J23: 1036.4 | K23: 981.8 | L23: =_xlfn.XLOOKUP(B23,[8]打印格式!$B$1:$B$65536,[8]打印格式!$H$1:$H$65536,) -> 自费 | N23: 检查费
A24: 20 | B24: 012410000120002 | C24: 上消化道内镜检查费（常规）-双气囊小肠镜（加收） | F24: 次 | H24: 4219 | I24: 3835.5 | J24: 3643.7 | K24: 3451.9 | L24: =_xlfn.XLOOKUP(B24,[8]打印格式!$B$1:$B$65536,[8]打印格式!$H$1:$H$65536,) -> 甲类 | N24: 检查费
A25: 21 | B25: 012410000120003 | C25: 上消化道内镜检查费（常规）-胆/胰管内镜检查（加收） | F25: 次 | H25: 204 | I25: 185.5 | J25: 176.2 | K25: 166.9 | L25: =_xlfn.XLOOKUP(B25,[8]打印格式!$B$1:$B$65536,[8]打印格式!$H$1:$H$65536,) -> 甲类 | N25: 检查费
A26: 22 | B26: 012410000120004 | C26: 上消化道内镜检查费（常规）-胆/胰管内镜子镜检查（加收） | F26: 次 | H26: 2010.2 | I26: 1827.5 | J26: 1736.1 | K26: 1644.7 | L26: =_xlfn.XLOOKUP(B26,[8]打印格式!$B$1:$B$65536,[8]打印格式!$H$1:$H$65536,) -> 自费 | N26: 检查费
A27: 23 | B27: 012410000120011 | C27: 上消化道内镜检查费（常规）-放大/染色检查（加收） | F27: 次 | H27: 178.4 | I27: 162.2 | J27: 154.1 | K27: 146 | L27: =_xlfn.XLOOKUP(B27,[8]打印格式!$B$1:$B$65536,[8]打印格式!$H$1:$H$65536,) -> 乙类 | N27: 检查费
A28: 24 | B28: 012410000130000 | C28: 下消化道内镜检查费（常规） | D28: 通过消化道内镜观察和诊断下消化道的疾病。 | E28: 所定价格涵盖设备准备、体位摆放、入镜、观察、图像采集、撤镜、出具报告、处理用物等步骤所需的人力资源和基本物质资源消耗。 | F28: 次 | G28: 1.单次入路检查经过多个部位的，以最终到达的部位计费1次。 2.同时行放大、染色检查仅计费1次。 | H28: 228.6 | I28: 207.8 | J28: 197.4 | K28: 187 | L28: =_xlfn.XLOOKUP(B28,[8]打印格式!$B$1:$B$65536,[8]打印格式!$H$1:$H$65536,) -> 甲类 | N28: 检查费
A29: 25 | B29: 012410000130001 | C29: 下消化道内镜检查费（常规）-单气囊小肠镜（加收） | F29: 次 | H29: 1200 | I29: 1090.9 | J29: 1036.4 | K29: 981.8 | L29: =_xlfn.XLOOKUP(B29,[8]打印格式!$B$1:$B$65536,[8]打印格式!$H$1:$H$65536,) -> 自费 | N29: 检查费
A30: 26 | B30: 012410000130002 | C30: 下消化道内镜检查费（常规）-双气囊小肠镜（加收） | F30: 次 | H30: 4180.2 | I30: 3800.2 | J30: 3610.2 | K30: 3420.2 | L30: =_xlfn.XLOOKUP(B30,[8]打印格式!$B$1:$B$65536,[8]打印格式!$H$1:$H$65536,) -> 甲类 | N30: 检查费
A31: 27 | B31: 012410000130011 | C31: 下消化道内镜检查费（常规）-放大/染色检查（加收） | F31: 次 | H31: 178.4 | I31: 162.2 | J31: 154.1 | K31: 146 | L31: =_xlfn.XLOOKUP(B31,[8]打印格式!$B$1:$B$65536,[8]打印格式!$H$1:$H$65536,) -> 乙类 | N31: 检查费
A32: 28 | B32: 012410000140000 | C32: 上消化道内镜检查费（超声内镜） | D32: 通过微探头、环扫 、线阵式等不同消化道超声内镜观察和诊断疾病。 | E32: 所定价格涵盖设备准备、体位摆放、入镜、观察、图像采集、撤镜、出具报告、处理用物等步骤所需的人力资源和基本物质资源消耗。 | F32: 次 | G32: 单次入路检查经过多个部位的，以最终到达的部位计费1次。 | H32: 536.8 | I32: 488 | J32: 463.6 | K32: 439.2 | L32: =_xlfn.XLOOKUP(B32,[8]打印格式!$B$1:$B$65536,[8]打印格式!$H$1:$H$65536,) -> 自费 | N32: 检查费
A33: 29 | B33: 012410000140001 | C33: 上消化道内镜检查费（超声内镜）-胆/胰超声内镜检查（加收） | F33: 次 | H33: 283 | I33: 257.3 | J33: 244.4 | K33: 231.6 | L33: =_xlfn.XLOOKUP(B33,[8]打印格式!$B$1:$B$65536,[8]打印格式!$H$1:$H$65536,) -> 自费 | N33: 检查费
A34: 30 | B34: 012410000150000 | C34: 下消化道内镜检查费（超声内镜） | D34: 通过微探头、环扫 、线阵式等不同消化道超声内镜观察和诊断疾病。 | E34: 所定价格涵盖设备准备、体位摆放、入镜、观察、图像采集、撤镜、出具报告、处理用物等步骤所需的人力资源和基本物质资源消耗。 | F34: 次 | G34: 单次入路检查经过多个部位的，以最终到达的部位计费1次。 | H34: 536.8 | I34: 488 | J34: 463.6 | K34: 439.2 | L34: =_xlfn.XLOOKUP(B34,[8]打印格式!$B$1:$B$65536,[8]打印格式!$H$1:$H$65536,) -> 自费 | N34: 检查费
A35: 31 | B35: 012410000160000 | C35: 上消化道内镜检查费（共聚焦激光显微内镜） | D35: 通过共聚焦激光显微内镜观察和诊断上消化道的疾病。 | E35: 所定价格涵盖设备准备、体位摆放、应用对比剂（静脉或喷涂）、入镜、观察、图像采集、撤镜、处理用物等步骤所需的人力资源和基本物质资源消耗。 | F35: 次 | G35: 1.单次入路检查经过多个部位的，以最终到达的部位计费1次。 2.超声内镜引导针基共聚焦激光显微内镜行胆/胰检查时，可收取“上消化道内镜检查费（超声内镜）-胆/胰超声内镜检查（加收）”及“上消化道内镜检查费（共聚焦激光显微内镜）”。 | H35: 1550 | I35: 1409.1 | J35: 1338.6 | K35: 1268.2 | L35: =_xlfn.XLOOKUP(B35,[8]打印格式!$B$1:$B$65536,[8]打印格式!$H$1:$H$65536,) -> 自费 | N35: 检查费
A36: 32 | B36: 012410000170000 | C36: 下消化道内镜检查费（共聚焦激光显微内镜） | D36: 通过共聚焦激光显微内镜观察和诊断下消化道的疾病。 | E36: 所定价格涵盖设备准备、体位摆放、应用对比剂（静脉或喷涂）、入镜、观察、图像采集、撤镜、处理用物等步骤所需的人力资源和基本物质资源消耗。 | F36: 次 | G36: 单次入路检查经过多个部位的，以最终到达的部位计费1次。 | H36: 2000 | I36: 1818.2 | J36: 1727.3 | K36: 1636.4 | L36: =_xlfn.XLOOKUP(B36,[8]打印格式!$B$1:$B$65536,[8]打印格式!$H$1:$H$65536,) -> 自费 | N36: 检查费
A37: 33 | B37: 012301010050000 | C37: 无创逆行胰胆管造影费 | D37: 通过无创操作，将导管插入胆管和（或）胰管内进行造影。 | E37: 所定价格涵盖准备、置管、注入对比剂、摄取成像、撤除、出具报告、数字影像处理与上传存储（含数字方式）、处理用物等步骤所需的人力资源、设备运转成本和基本物质资源消耗。（不含内镜检查） | F37: 次 | H37: 275 | I37: 250 | J37: 237.5 | K37: 225 | L37: =_xlfn.XLOOKUP(B37,[8]打印格式!$B$1:$B$65536,[8]打印格式!$H$1:$H$65536,) -> 乙类 | N37: 检查费
A38: 34 | B38: 012301010060000 | C38: 经皮经肝胆管造影费 | D38: 通过经皮经肝穿刺胆管造影。 | E38: 所定价格涵盖准备、穿刺、置管、注入对比剂、摄取成像、撤除、出具报告、数字影像处理与上传存储（含数字方式）、处理用物等步骤所需的人力资源、设备运转成本和基本物质资源消耗。 | F38: 次 | H38: 220 | I38: 200 | J38: 190 | K38: 180 | L38: =_xlfn.XLOOKUP(B38,[8]打印格式!$B$1:$B$65536,[8]打印格式!$H$1:$H$65536,) -> 乙类 | N38: 检查费
A39: 35 | B39: 013109000040000 | C39: 经皮经肝穿刺胆管外引流费 | D39: 经皮经肝穿刺胆管并置入引流管，实现外引流。 | E39: 所定价格涵盖设备准备、体位摆放、穿刺、观察、必要时扩张、置管、引流、处理用物等步骤所需的人力资源、设备运转成本和基本物质资源消耗。 （不含内镜检查和经皮经肝胆管造影） | F39: 次 | H39: 495 | I39: 450 | J39: 427.5 | K39: 405 | L39: =_xlfn.XLOOKUP(B39,[8]打印格式!$B$1:$B$65536,[8]打印格式!$H$1:$H$65536,) -> 甲类 | N39: 治疗费
A40: 36 | B40: 013109000040100 | C40: 经皮经肝穿刺胆管外引流费-经皮经肝穿刺胆囊外引流费（扩展） | F40: 次 | H40: 495 | I40: 450 | J40: 427.5 | K40: 405 | L40: =_xlfn.XLOOKUP(B40,[8]打印格式!$B$1:$B$65536,[8]打印格式!$H$1:$H$65536,) -> 甲类 | N40: 治疗费
A41: 37 | B41: 013109000050000 | C41: 经皮经肝穿刺胆管内引流费 | D41: 通过经皮经肝穿刺进入胆管通路，实现内引流。 | E41: 所定价格涵盖设备准备、体位摆放、穿刺、观察、必要时扩张、置管、引流、处理用物等步骤所需的人力资源、设备运转成本和基本物质资源消耗。 （不含内镜检查和经皮经肝胆管造影） | F41: 次 | H41: 935 | I41: 850 | J41: 807.5 | K41: 765 | L41: =_xlfn.XLOOKUP(B41,[8]打印格式!$B$1:$B$65536,[8]打印格式!$H$1:$H$65536,) -> 甲类 | N41: 治疗费
A42: 38 | B42: 013109000050100 | C42: 经皮经肝穿刺胆管内引流费-经皮经肝穿刺胆囊内引流费（扩展） | F42: 次 | H42: 935 | I42: 850 | J42: 807.5 | K42: 765 | L42: =_xlfn.XLOOKUP(B42,[8]打印格式!$B$1:$B$65536,[8]打印格式!$H$1:$H$65536,) -> 甲类 | N42: 治疗费
A43: 39 | B43: 013310000010000 | C43: 无创胆管外引流费 | D43: 通过无创方式在胆管内放置引流管使胆汁引流至体外。 | E43: 所定价格涵盖设备准备、体位摆放、观察、置管、引流、处理用物等步骤所需的人力资源、设备运转成本和基本物质资源消耗。（不含内镜检查及无创逆行胰胆管造影） | F43: 次 | H43: 770 | I43: 700 | J43: 665 | K43: 630 | L43: =_xlfn.XLOOKUP(B43,[8]打印格式!$B$1:$B$65536,[8]打印格式!$H$1:$H$65536,) -> 甲类 | N43: 手术费
A44: 40 | B44: 013310000010001 | C44: 无创胆管外引流费-儿童（加收） | F44: 次 | H44: 154 | I44: 140 | J44: 133 | K44: 126 | L44: =_xlfn.XLOOKUP(B44,[8]打印格式!$B$1:$B$65536,[8]打印格式!$H$1:$H$65536,) -> 甲类 | N44: 手术费
A45: 41 | B45: 013310000010011 | C45: 无创胆管外引流费-内穿刺引流（加收） | F45: 次 | H45: 577.5 | I45: 525 | J45: 498.8 | K45: 472.5 | L45: =_xlfn.XLOOKUP(B45,[8]打印格式!$B$1:$B$65536,[8]打印格式!$H$1:$H$65536,) -> 自费 | N45: 手术费
A46: 42 | B46: 013310000010100 | C46: 无创胆管外引流费-无创胰管外引流（扩展） | F46: 次 | H46: 770 | I46: 700 | J46: 665 | K46: 630 | L46: =_xlfn.XLOOKUP(B46,[8]打印格式!$B$1:$B$65536,[8]打印格式!$H$1:$H$65536,) -> 甲类 | N46: 手术费
A47: 43 | B47: 013310000020000 | C47: 无创胆管内引流费 | D47: 通过无创方式在胆管内放置引流管使胆汁引流至体内。 | E47: 所定价格涵盖设备准备、体位摆放、观察、置管、引流、处理用物等步骤所需的人力资源、设备运转成本和基本物质资源消耗。（不含内镜检查及无创逆行胰胆管造影） | F47: 次 | H47: 770 | I47: 700 | J47: 665 | K47: 630 | L47: =_xlfn.XLOOKUP(B47,[8]打印格式!$B$1:$B$65536,[8]打印格式!$H$1:$H$65536,) -> 甲类 | N47: 手术费
A48: 44 | B48: 013310000020001 | C48: 无创胆管内引流费-儿童（加收） | F48: 次 | H48: 154 | I48: 140 | J48: 133 | K48: 126 | L48: =_xlfn.XLOOKUP(B48,[8]打印格式!$B$1:$B$65536,[8]打印格式!$H$1:$H$65536,) -> 甲类 | N48: 手术费
A49: 45 | B49: 013310000020011 | C49: 无创胆管内引流费-内穿刺引流（加收） | F49: 次 | H49: 770 | I49: 700 | J49: 665 | K49: 630 | L49: =_xlfn.XLOOKUP(B49,[8]打印格式!$B$1:$B$65536,[8]打印格式!$H$1:$H$65536,) -> 自费 | N49: 手术费
A50: 46 | B50: 013310000020100 | C50: 无创胆管内引流费-无创胰管内引流（扩展） | F50: 次 | H50: 770 | I50: 700 | J50: 665 | K50: 630 | L50: =_xlfn.XLOOKUP(B50,[8]打印格式!$B$1:$B$65536,[8]打印格式!$H$1:$H$65536,) -> 甲类 | N50: 手术费
A51: 47 | B51: 013109000060000 | C51: 腹腔脏器穿刺治疗费（常规） | D51: 行腹腔脏器穿刺，对病灶组织进行注射、冲洗、引流等常规治疗。 | E51: 所定价格涵盖定位、消毒、穿刺、注射、冲洗、引流、记录、处理用物等所需的人力资源和基本物质资源消耗。 | F51: 次 | G51: 1.同一治疗位置行多种治疗方式只可收取一次。 2.胆管、胰管引流按相关项目收费。 | H51: 659.2 | I51: 599.3 | J51: 569.3 | K51: 539.4 | L51: =_xlfn.XLOOKUP(B51,[8]打印格式!$B$1:$B$65536,[8]打印格式!$H$1:$H$65536,) -> 甲类 | N51: 治疗费
A52: 48 | B52: 013109000070000 | C52: 腹腔脏器穿刺治疗费（特殊） | D52: 行腹腔脏器穿刺，对病灶组织进行射频、微波、激光、冷冻、电凝、脉冲等各种特殊治疗。 | E52: 所定价格涵盖定位、消毒、穿刺、治疗、处理用物等步骤所需的人力资源、设备运转成本和基本物质资源消耗。 | F52: 次 | G52: 1.同一治疗位置使用多种能量源只可收取一次。 2.针对同一目的，常规治疗转特殊治疗，按照“腹腔脏器穿刺治疗费（特殊）”收费。 | H52: 1868.4 | I52: 1698.5 | J52: 1613.6 | K52: 1528.7 | L52: =_xlfn.XLOOKUP(B52,[8]打印格式!$B$1:$B$65536,[8]打印格式!$H$1:$H$65536,) -> 甲类 | N52: 治疗费
A53: 49 | B53: 013109000080000 | C53: 消化内镜治疗费（常规） | D53: 通过消化内镜对消化系统病灶行注射、引流、止血、冲洗等常规治疗。 | E53: 所定价格涵盖准备、镜下治疗、处理用物等步骤所需的人力资源和基本物质资源消耗。（不含内镜检查） | F53: 次 | G53: 1.同一治疗位置行多种治疗方式只可收取一次。 2.涉及消化道静脉曲张治疗按照“消化道静脉曲张治疗费”收取。 3.胆管、胰管引流按相关项目收费。 4.不同入路治疗可分别收费。 | H53: 319 | I53: 290 | J53: 275.5 | K53: 261 | L53: =_xlfn.XLOOKUP(B53,[8]打印格式!$B$1:$B$65536,[8]打印格式!$H$1:$H$65536,) -> 甲类 | N53: 治疗费
A54: 50 | B54: 013109000090000 | C54: 消化内镜治疗费（特殊） | D54: 通过消化内镜对消化系统病灶行射频、微波、激光、圈套、套扎、冷冻、电凝、脉冲等各种特殊治疗。 | E54: 所定价格涵盖设备准备、体位摆放、镜下治疗、处理用物等步骤所需的人力资源、设备运转成本和基本物质资源消耗。（不含内镜检查） | F54: 次 | G54: 1.同一治疗位置使用多种能量源只可收取一次。 2.针对同一目的，常规治疗转特殊治疗，按照“消化内镜治疗费（特殊）”收费。 3.涉及息肉治疗按照“无创消化道息肉去除费”或“无创消化道病变切除费”收取。 4.涉及消化道静脉曲张治疗按照“消化道静脉曲张治疗费”收取。 5.不同入路治疗可分别收费。 | H54: 457.3 | I54: 415.7 | J54: 394.9 | K54: 374.1 | L54: =_xlfn.XLOOKUP(B54,[8]打印格式!$B$1:$B$65536,[8]打印格式!$H$1:$H$65536,) -> 甲类 | N54: 治疗费
A55: 51 | B55: 013310000030000 | C55: 无创消化道静脉曲张治疗费 | D55: 通过无创方式，利用硬化、组织粘合、套扎等手段治疗消化道静脉曲张。 | E55: 所定价格涵盖准备、治疗、处理用物等步骤所需的人力资源和基本物质资源消耗。（不含内镜检查） | F55: 次 | G55: 治疗消化道静脉曲张使用多种治疗方式只可收取1次。 | H55: 715 | I55: 650 | J55: 617.5 | K55: 585 | L55: =_xlfn.XLOOKUP(B55,[8]打印格式!$B$1:$B$65536,[8]打印格式!$H$1:$H$65536,) -> 甲类 | N55: 手术费
A56: 52 | B56: 013310000030001 | C56: 无创消化道静脉曲张治疗费-儿童（加收） | F56: 次 | H56: 143 | I56: 130 | J56: 123.5 | K56: 117 | L56: =_xlfn.XLOOKUP(B56,[8]打印格式!$B$1:$B$65536,[8]打印格式!$H$1:$H$65536,) -> 甲类 | N56: 手术费
A57: 53 | B57: 013310000040000 | C57: 无创消化道息肉去除费 | D57: 通过无创方式，运用切除、钳除、圈套、激光、微波、电凝、冷冻、电切等各种手段去除消化道粘膜表面息肉。 | E57: 所定价格涵盖设备准备、体位摆放、镜下祛除、创面处理、处理用物等步骤所需的人力资源、设备运转成本和基本物质资源消耗。（不含内镜检查） | F57: 部位/次 | G57: “次”指息肉数小于等于3个，每增加1个按30%加收。10个及以上息肉按10个息肉收费。 | H57: 773.4 | I57: 703.1 | J57: 667.9 | K57: 632.8 | L57: =_xlfn.XLOOKUP(B57,[8]打印格式!$B$1:$B$65536,[8]打印格式!$H$1:$H$65536,) -> 甲类 | N57: 手术费
A58: 54 | B58: 013310000040001 | C58: 无创消化道息肉去除费-儿童（加收） | F58: 部位/次 | H58: 154.7 | I58: 140.6 | J58: 133.6 | K58: 126.6 | L58: =_xlfn.XLOOKUP(B58,[8]打印格式!$B$1:$B$65536,[8]打印格式!$H$1:$H$65536,) -> 自费 | N58: 手术费
A59: 55 | B59: 013310000050000 | C59: 无创消化道病变切除费 | D59: 通过无创方式切除消化道黏膜层、黏膜下层或更深层的病变。 | E59: 所定价格涵盖准备、观察、黏膜剥离、切除、创面处理、处理用物等步骤所需的人力资源和基本物质资源消耗。（不含内镜检查） | F59: 部位/次 | G59: 同一部位的多发病灶可按50%加收。 | H59: 1272.9 | I59: 1157.2 | J59: 1099.3 | K59: 1041.5 | L59: =_xlfn.XLOOKUP(B59,[8]打印格式!$B$1:$B$65536,[8]打印格式!$H$1:$H$65536,) -> 乙类 | N59: 手术费
A60: 56 | B60: 013310000050001 | C60: 无创消化道病变切除费-儿童（加收） | F60: 部位/次 | H60: 254.6 | I60: 231.4 | J60: 219.9 | K60: 208.3 | L60: =_xlfn.XLOOKUP(B60,[8]打印格式!$B$1:$B$65536,[8]打印格式!$H$1:$H$65536,) -> 自费 | N60: 手术费
A61: 57 | B61: 013310000050011 | C61: 无创消化道病变切除费-黏膜下隧道病变切除（加收） | F61: 部位/次 | H61: 767.1 | I61: 697.3 | J61: 662.5 | K61: 627.6 | L61: =_xlfn.XLOOKUP(B61,[8]打印格式!$B$1:$B$65536,[8]打印格式!$H$1:$H$65536,) -> 自费 | N61: 手术费
A62: 58 | B62: 013310000060000 | C62: 无创消化道缺损闭合费 | D62: 通过无创方式修补闭合消化道缺损。 | E62: 所定价格涵盖准备、观察、修补闭合、创面处理、处理用物等步骤所需的人力资源和基本物质资源消耗。（不含内镜检查） | F62: 次 | H62: 1782 | I62: 1620 | J62: 1539 | K62: 1458 | L62: =_xlfn.XLOOKUP(B62,[8]打印格式!$B$1:$B$65536,[8]打印格式!$H$1:$H$65536,) -> 甲类 | N62: 手术费
A63: 59 | B63: 013310000060001 | C63: 无创消化道缺损闭合费-儿童（加收） | F63: 次 | H63: 356.4 | I63: 324 | J63: 307.8 | K63: 291.6 | L63: =_xlfn.XLOOKUP(B63,[8]打印格式!$B$1:$B$65536,[8]打印格式!$H$1:$H$65536,) -> 自费 | N63: 手术费
A64: 60 | B64: 013310000070000 | C64: 无创消化道异物取出费 | D64: 通过无创方式取出消化道异物。 | E64: 所定价格涵盖准备、观察、异物取出、处理用物，必要时切开等步骤所需的人力资源和基本物质资源消耗。（不含内镜检查） | F64: 部位 | G64: 同一治疗部位只能收取1次费用。 | H64: 227.3 | I64: 206.6 | J64: 196.3 | K64: 185.9 | L64: =_xlfn.XLOOKUP(B64,[8]打印格式!$B$1:$B$65536,[8]打印格式!$H$1:$H$65536,) -> 甲类 | N64: 手术费
A65: 61 | B65: 013310000070001 | C65: 无创消化道异物取出费-儿童（加收） | F65: 部位 | H65: 45.5 | I65: 41.3 | J65: 39.3 | K65: 37.2 | L65: =_xlfn.XLOOKUP(B65,[8]打印格式!$B$1:$B$65536,[8]打印格式!$H$1:$H$65536,) -> 甲类 | N65: 手术费
A66: 62 | B66: 013310000070011 | C66: 无创消化道异物取出费-异物直径大于5cm（加收） | F66: 部位 | H66: 170.5 | I66: 155 | J66: 147.2 | K66: 139.4 | L66: =_xlfn.XLOOKUP(B66,[8]打印格式!$B$1:$B$65536,[8]打印格式!$H$1:$H$65536,) -> 甲类 | N66: 手术费
A67: 63 | B67: 013310000080000 | C67: 无创消化道扩张费 | D67: 通过无创方式利用球囊等对消化道狭窄进行扩张。 | E67: 所定价格涵盖准备、观察、狭部扩张、处理用物等步骤所需的人力资源和基本物质资源消耗。（不含内镜检查） | F67: 部位 | G67: 同一治疗部位只能收取1次费用。 | H67: 404.1 | I67: 367.4 | J67: 349 | K67: 330.7 | L67: =_xlfn.XLOOKUP(B67,[8]打印格式!$B$1:$B$65536,[8]打印格式!$H$1:$H$65536,) -> 甲类 | N67: 手术费
A68: 64 | B68: 013310000080001 | C68: 无创消化道扩张费-儿童（加收） | F68: 部位 | H68: 80.8 | I68: 73.5 | J68: 69.8 | K68: 66.1 | L68: =_xlfn.XLOOKUP(B68,[8]打印格式!$B$1:$B$65536,[8]打印格式!$H$1:$H$65536,) -> 甲类 | N68: 手术费
A69: 65 | B69: 013310000080011 | C69: 无创消化道扩张费-胆管扩张（加收） | F69: 部位 | H69: 578.4 | I69: 525.8 | J69: 499.5 | K69: 473.2 | L69: =_xlfn.XLOOKUP(B69,[8]打印格式!$B$1:$B$65536,[8]打印格式!$H$1:$H$65536,) -> 甲类 | N69: 手术费
A70: 66 | B70: 013310000080021 | C70: 无创消化道扩张费-胰管扩张（加收） | F70: 部位 | H70: 578.4 | I70: 525.8 | J70: 499.5 | K70: 473.2 | L70: =_xlfn.XLOOKUP(B70,[8]打印格式!$B$1:$B$65536,[8]打印格式!$H$1:$H$65536,) -> 自费 | N70: 手术费
A71: 67 | B71: 013310000080031 | C71: 无创消化道扩张费-胆囊扩张（加收） | F71: 部位 | H71: 578.4 | I71: 525.8 | J71: 499.5 | K71: 473.2 | L71: =_xlfn.XLOOKUP(B71,[8]打印格式!$B$1:$B$65536,[8]打印格式!$H$1:$H$65536,) -> 自费 | N71: 手术费
A72: 68 | B72: 013310000090000 | C72: 无创消化道支架置入费 | D72: 通过无创方式在消化道置入支架。 | E72: 所定价格涵盖准备、观察、必要时狭部扩张、支架置入、处理用物等步骤所需的人力资源和基本物质资源消耗。（不含内镜检查） | F72: 部位 | G72: 1.同一治疗部位只能收取1次费用。 2.含无创消化道扩张费。 | H72: 600.1 | I72: 545.5 | J72: 518.2 | K72: 491 | L72: =_xlfn.XLOOKUP(B72,[8]打印格式!$B$1:$B$65536,[8]打印格式!$H$1:$H$65536,) -> 甲类 | N72: 手术费
A73: 69 | B73: 013310000090001 | C73: 无创消化道支架置入费-儿童（加收） | F73: 部位 | H73: 120 | I73: 109.1 | J73: 103.6 | K73: 98.2 | L73: =_xlfn.XLOOKUP(B73,[8]打印格式!$B$1:$B$65536,[8]打印格式!$H$1:$H$65536,) -> 甲类 | N73: 手术费
A74: 70 | B74: 013310000090011 | C74: 无创消化道支架置入费-胆管支架置入（加收） | F74: 部位 | H74: 126.2 | I74: 114.8 | J74: 109.1 | K74: 103.3 | L74: =_xlfn.XLOOKUP(B74,[8]打印格式!$B$1:$B$65536,[8]打印格式!$H$1:$H$65536,) -> 甲类 | N74: 手术费
A75: 71 | B75: 013310000090021 | C75: 无创消化道支架置入费-胰管支架置入（加收） | F75: 部位 | H75: 566.3 | I75: 514.9 | J75: 489.2 | K75: 463.4 | L75: =_xlfn.XLOOKUP(B75,[8]打印格式!$B$1:$B$65536,[8]打印格式!$H$1:$H$65536,) -> 甲类 | N75: 手术费
A76: 72 | B76: 013310000090031 | C76: 无创消化道支架置入费-胆囊支架置入（加收） | F76: 部位 | H76: 126.2 | I76: 114.8 | J76: 109.1 | K76: 103.3 | L76: =_xlfn.XLOOKUP(B76,[8]打印格式!$B$1:$B$65536,[8]打印格式!$H$1:$H$65536,) -> 自费 | N76: 手术费
A77: 73 | B77: 013310000100000 | C77: 无创消化道支架取出费 | D77: 通过无创方式自消化道取出支架。 | E77: 所定价格涵盖准备、观察、支架取出、处理用物等步骤所需的人力资源和基本物质资源消耗。（不含内镜检查） | F77: 部位 | G77: 同一治疗部位只能收取1次费用。 | H77: 591.4 | I77: 537.6 | J77: 510.7 | K77: 483.8 | L77: =_xlfn.XLOOKUP(B77,[8]打印格式!$B$1:$B$65536,[8]打印格式!$H$1:$H$65536,) -> 甲类 | N77: 手术费
A78: 74 | B78: 013310000100001 | C78: 无创消化道支架取出费-儿童（加收） | F78: 部位 | H78: 118.3 | I78: 107.5 | J78: 102.1 | K78: 96.8 | L78: =_xlfn.XLOOKUP(B78,[8]打印格式!$B$1:$B$65536,[8]打印格式!$H$1:$H$65536,) -> 甲类 | N78: 手术费
A79: 75 | B79: 013310000100100 | C79: 无创消化道支架取出费-经皮穿刺支架取出（扩展） | F79: 部位 | H79: 591.4 | I79: 537.6 | J79: 510.7 | K79: 483.8 | L79: =_xlfn.XLOOKUP(B79,[8]打印格式!$B$1:$B$65536,[8]打印格式!$H$1:$H$65536,) -> 甲类 | N79: 手术费
A80: 76 | B80: 013310000110000 | C80: 无创消化道狭窄切开费 | D80: 通过无创方式进入消化道切开狭窄部位。 | E80: 所定价格涵盖准备、观察、切开、处理用物等步骤所需的人力资源和基本物质资源消耗。（不含内镜检查） | F80: 部位 | G80: 同一治疗部位只能收取1次费用。 | H80: 2158.5 | I80: 1962.3 | J80: 1864.2 | K80: 1766.1 | L80: =_xlfn.XLOOKUP(B80,[8]打印格式!$B$1:$B$65536,[8]打印格式!$H$1:$H$65536,) -> 自费 | N80: 手术费
A81: 77 | B81: 013310000110001 | C81: 无创消化道狭窄切开费-儿童（加收） | F81: 部位 | H81: 431.7 | I81: 392.5 | J81: 372.8 | K81: 353.2 | L81: =_xlfn.XLOOKUP(B81,[8]打印格式!$B$1:$B$65536,[8]打印格式!$H$1:$H$65536,) -> 自费 | N81: 手术费
A82: 78 | B82: 013310000120000 | C82: 无创胆管结石取出费 | D82: 通过无创方式将胆管内结石取出。 | E82: 所定价格涵盖设备准备、体位摆放、观察、体内碎石、取石、处理用物等步骤所需的人力资源、设备运转成本与基本物质资源消耗。（不含内镜检查、无创逆行胰胆管造影、无创消化道肌切开） | F82: 次 | H82: 715.8 | I82: 650.7 | J82: 618.2 | K82: 585.6 | L82: =_xlfn.XLOOKUP(B82,[8]打印格式!$B$1:$B$65536,[8]打印格式!$H$1:$H$65536,) -> 甲类 | N82: 手术费
A83: 79 | B83: 013310000120001 | C83: 无创胆管结石取出费-儿童（加收） | F83: 次 | H83: 143.2 | I83: 130.1 | J83: 123.6 | K83: 117.1 | L83: =_xlfn.XLOOKUP(B83,[8]打印格式!$B$1:$B$65536,[8]打印格式!$H$1:$H$65536,) -> 甲类 | N83: 手术费
A84: 80 | B84: 013310000120100 | C84: 无创胆管结石取出费-无创胰管取石（扩展） | F84: 次 | H84: 715.8 | I84: 650.7 | J84: 618.2 | K84: 585.6 | L84: =_xlfn.XLOOKUP(B84,[8]打印格式!$B$1:$B$65536,[8]打印格式!$H$1:$H$65536,) -> 甲类 | N84: 手术费
A85: 81 | B85: 013310000130000 | C85: 无创保胆取石费 | D85: 通过无创方式将胆囊内结石取出。 | E85: 所定价格涵盖设备准备、体位摆放、观察、体内碎石、取石、处理用物等步骤所需的人力资源、设备运转成本与基本物质资源消耗。（不含内镜检查与无创逆行胰胆管造影） | F85: 次 | H85: 2557 | I85: 2324.5 | J85: 2208.3 | K85: 2092.1 | L85: =_xlfn.XLOOKUP(B85,[8]打印格式!$B$1:$B$65536,[8]打印格式!$H$1:$H$65536,) -> 自费 | N85: 手术费
A86: 82 | B86: 013310000130001 | C86: 无创保胆取石费-儿童（加收） | F86: 次 | H86: 511.4 | I86: 464.9 | J86: 441.7 | K86: 418.4 | L86: =_xlfn.XLOOKUP(B86,[8]打印格式!$B$1:$B$65536,[8]打印格式!$H$1:$H$65536,) -> 自费 | N86: 手术费
A87: 83 | B87: 013310000140000 | C87: 经皮穿刺胆囊碎石取石费 | D87: 通过经皮穿刺进入胆囊碎石后并取出。 | E87: 所定价格涵盖设备准备、体位摆放、穿刺、观察、体内碎石、取石、置管引流、处理用物等步骤所需的人力资源、设备运转成本与基本物质资源消耗。 （不含内镜检查） | F87: 次 | H87: 666.9 | I87: 606.3 | J87: 576 | K87: 545.7 | L87: =_xlfn.XLOOKUP(B87,[8]打印格式!$B$1:$B$65536,[8]打印格式!$H$1:$H$65536,) -> 甲类 | N87: 手术费
A88: 84 | B88: 013310000140001 | C88: 经皮穿刺胆囊碎石取石费-儿童（加收） | F88: 次 | H88: 133.4 | I88: 121.3 | J88: 115.2 | K88: 109.1 | L88: =_xlfn.XLOOKUP(B88,[8]打印格式!$B$1:$B$65536,[8]打印格式!$H$1:$H$65536,) -> 甲类 | N88: 手术费
A89: 85 | B89: 013310000140100 | C89: 经皮穿刺胆囊碎石取石费-经皮穿刺胆管碎石取石费（扩展） | F89: 次 | H89: 666.9 | I89: 606.3 | J89: 576 | K89: 545.7 | L89: =_xlfn.XLOOKUP(B89,[8]打印格式!$B$1:$B$65536,[8]打印格式!$H$1:$H$65536,) -> 甲类 | N89: 手术费
A90: 86 | B90: 013310000150000 | C90: 无创消化道肌切开费 | D90: 通过无创方式进入消化道切开括约肌等肌肉。 | E90: 所定价格涵盖准备、观察、切开、处理用物等步骤所需的人力资源和基本物质资源消耗。（不含内镜检查） | F90: 次 | H90: 1984.4 | I90: 1804 | J90: 1713.8 | K90: 1623.6 | L90: =_xlfn.XLOOKUP(B90,[8]打印格式!$B$1:$B$65536,[8]打印格式!$H$1:$H$65536,) -> 乙类 | N90: 手术费
A91: 87 | B91: 013310000150001 | C91: 无创消化道肌切开费-儿童（加收） | F91: 次 | H91: 396.9 | I91: 360.8 | J91: 342.8 | K91: 324.7 | L91: =_xlfn.XLOOKUP(B91,[8]打印格式!$B$1:$B$65536,[8]打印格式!$H$1:$H$65536,) -> 自费 | N91: 手术费
A92: 88 | B92: 013310000160000 | C92: 无创消化道造瘘/口置管费 | D92: 通过无创方式进入消化道，在消化道造口并置入营养管。 | E92: 所定价格涵盖准备、观察、穿刺、置管、固定、处理用物等步骤所需的人力资源和基本物质资源消耗。（不含内镜检查） | F92: 次 | H92: 935 | I92: 850 | J92: 807.5 | K92: 765 | L92: =_xlfn.XLOOKUP(B92,[8]打印格式!$B$1:$B$65536,[8]打印格式!$H$1:$H$65536,) -> 自费 | N92: 手术费
A93: 89 | B93: 013310000160001 | C93: 无创消化道造瘘/口置管费-儿童（加收） | F93: 次 | H93: 187 | I93: 170 | J93: 161.5 | K93: 153 | L93: =_xlfn.XLOOKUP(B93,[8]打印格式!$B$1:$B$65536,[8]打印格式!$H$1:$H$65536,) -> 自费 | N93: 手术费
A94: 90 | B94: 013310000170000 | C94: 无创消化道造瘘/口管取出费 | D94: 通过无创方式进入消化道，取出置入的营养管。 | E94: 所定价格涵盖准备、观察、取出、处理用物等步骤所需的人力资源和基本物质资源消耗。（不含内镜检查） | F94: 次 | H94: 935 | I94: 850 | J94: 807.5 | K94: 765 | L94: =_xlfn.XLOOKUP(B94,[8]打印格式!$B$1:$B$65536,[8]打印格式!$H$1:$H$65536,) -> 自费 | N94: 手术费
A95: 91 | B95: 013310000170001 | C95: 无创消化道造瘘/口管取出费-儿童（加收） | F95: 次 | H95: 187 | I95: 170 | J95: 161.5 | K95: 153 | L95: =_xlfn.XLOOKUP(B95,[8]打印格式!$B$1:$B$65536,[8]打印格式!$H$1:$H$65536,) -> 自费 | N95: 手术费
A96: 92 | B96: 013310000170100 | C96: 无创消化道造瘘/口管取出费-无创消化道造瘘/口管调整（扩展） | F96: 次 | H96: 935 | I96: 850 | J96: 807.5 | K96: 765 | L96: =_xlfn.XLOOKUP(B96,[8]打印格式!$B$1:$B$65536,[8]打印格式!$H$1:$H$65536,) -> 自费 | N96: 手术费
A97: 93 | B97: 013310000180000 | C97: 无创消化道置管更换费 | D97: 通过无创方式进入消化道，置换消化道造瘘/口管。 | E97: 所定价格涵盖准备、观察、拔管、置新管、固定、处理用物等步骤所需的人力资源和基本物质资源消耗。（不含内镜检查） | F97: 次 | H97: 935 | I97: 850 | J97: 807.5 | K97: 765 | L97: =_xlfn.XLOOKUP(B97,[8]打印格式!$B$1:$B$65536,[8]打印格式!$H$1:$H$65536,) -> 甲类 | N97: 手术费
A98: 94 | B98: 013310000180001 | C98: 无创消化道置管更换费-儿童（加收） | F98: 次 | H98: 187 | I98: 170 | J98: 161.5 | K98: 153 | L98: =_xlfn.XLOOKUP(B98,[8]打印格式!$B$1:$B$65536,[8]打印格式!$H$1:$H$65536,) -> 甲类 | N98: 手术费
A99: 95 | B99: 013310000190000 | C99: 无创胃空肠吻合费 | D99: 通过无创方式进入消化道，建立胃与空肠之间的通路。 | E99: 所定价格涵盖准备、观察、穿刺、吻合 、固定、处理用物等步骤所需的人力资源和基本物质资源消耗。（不含内镜检查） | F99: 次 | H99: 2692.5 | I99: 2447.7 | J99: 2325.3 | K99: 2202.9 | L99: =_xlfn.XLOOKUP(B99,[8]打印格式!$B$1:$B$65536,[8]打印格式!$H$1:$H$65536,) -> 自费 | N99: 手术费
A100: 96 | B100: 013310000190001 | C100: 无创胃空肠吻合费-儿童（加收） | F100: 次 | H100: 538.5 | I100: 489.5 | J100: 465.1 | K100: 440.6 | L100: =_xlfn.XLOOKUP(B100,[8]打印格式!$B$1:$B$65536,[8]打印格式!$H$1:$H$65536,) -> 自费 | N100: 手术费
...

Sheet 附件5-口腔类医疗服务价格项目表
A1: 附件5 | B1: 口腔类医疗服务价格项目表（征求意见稿）
A2: 序号 | B2: 项目编码 | C2: 项目名称 | D2: 服务产出 | E2: 价格构成 | F2: 计价单位 | G2: 计价说明 | H2: 政府指导价（含耗材及消毒费） | L2: 医保属性 | M2: 医保支付限制 | N2: 归集口径
H3: 三级医院 | I3: 二级医院 | J3: 一级医院 | K3: 其他医疗机构（含基层医疗机构）
A4: 使用说明： 1.本类项目以口腔治疗为重点，按照口腔治疗方式设立价格项目。根据《深化医疗服务价格改革试点方案》（医保发〔2021〕41号)“厘清价格项目与临床诊疗技术规范、医疗机构成本要素、不同应用场景和收费标准等的政策边界，分类整合现行价格项目，实现价格项目与操作步骤、诊疗部位等技术细节脱钩，增强现行价格项目对医疗技术和医疗活动改良创新的兼容性”要求，各类口腔类项目在操作层面存在差异，但在价格项目和定价水平层面具备合并同类项的条件，立项指南对目前常用的口腔类项目进行了合并。所定价格是政府指导价为最高限价，下浮不限；同时，医疗机构、医务人员实施治疗过程中有关创新改良，采取“现有项目兼容”的方式简化处理，无需申报新增医疗服务价格项目,经向本地区医保部门备案后可按照对应的项目执行。 2.本类项目所称的“价格构成”，指项目价格应涵盖的各类资源消耗，用于确定计价单元的边界，是制定调整项目价格考虑的测算因子，不应作为临床技术标准理解，不是实际操作方式、路径、步骤、程序的强制性要求，价格构成中包含但临床实践中非必要、未发生的，无需强制要求公立医疗机构减计费用。所列“设备投入”包括但不限于操作设备、器具及固定资产投入。 3.本类项目所称“加收项”，指同一项目以不同方式提供或在不同场景应用时，确有必要制定差异化收费标准而细分的一类子项，包括在原项目价格基础上增加或减少收费的情况；实际应用中，同时涉及多个加收项的，以项目单价为基础计算相应的加/减收水平后，据实收费。 4.本类项目所称“扩展项”，指同一项目下以不同方式提供或在不同场景应用时，只扩展价格项目适用范围、不额外加价的一类子项，子项的价格按主项目执行。 5.本类项目所称"基本物质资源消耗"，指原则上限于不应或不必要与医疗服务项目分割的易耗品，属于医疗服务价格项目应当使用的、市场价格和使用数量相对稳定的医用耗材，包括但不限于各类消杀用品、储存用品、清洁用品、个人防护用品、垃圾处理用品、冲洗液、润滑剂、灌洗液、棉球（卷)、棉签、纱布（垫)、绷带、护垫、衬垫、手术巾（单)、治疗巾（单)、治疗护理盘(包)、注射器、压舌板、滑石粉、防渗漏垫、标签、操作器具、冲洗工具、备皮工具、镍钛锉、口腔盒、印模材、咬合纸、引流条、修复体粘接剂、窝沟封闭剂、耗材粘接剂、充填材料、根管封闭剂、盖髓材料、一次性口杯、一次性吸唾管、氟化物、银锶制剂、酚制剂等。基本物耗成本计入项目价格，不另行收费。除基本物耗以外的其他耗材，按照实际采购价格零差率销售。 6.本类项目中涉及“包括……”“…… 等”的，属于开放型表述，所指对象不仅局限于表述中列明的事项，也包括未列明的同类事项。 7.医疗机构自行制作设计的包括但不限于如矫治器、保持器、运动护齿等个性化产品，采取“产品化”的价格形成机制，由医疗机构以物料成本、加工服务等为基础，按照适当的成本回收率自主确定价格并销售，不再按制作步骤拆分设立医疗服务价格项目。 8.口腔种植类立项指南中“口腔内植骨费”项目，扩大其服务产出适用范围，不仅局限种植牙所用，口腔学科中“牙槽骨增量手术费”和“牙周植骨费”可按照此项目执行计费。 9.涉及“复杂”等内涵未尽的表述，除立项指南中已明确的情形外，医院实践中按照“复杂”情形计费的，应以卫生行政主管部门最新版卫生技术规范、临床指南或专家共识中的明确定性为前提。满足复杂情况中的任意一种即算复杂，不同复杂情况不累计叠加收费。 10.在本医疗机构开展错合矫治治疗时，方案设计属诊查治疗应尽事项，不得同时收取设计费。 11.本类项目所称的“儿童”，指6周岁及以下。本类项目儿童加收比例为主项目价格的20%。周岁的计算方法以法律的相关规定为准。
A5: 1 | B5: 013105020010000 | C5: 乳牙期错合矫治费（常规） | D5: 通过矫治器安装调整进行乳牙错合畸形的早期矫治。 | E5: 所定价格涵盖准备、方案设计、矫治器安装、调整评估、加力、拆除、处理用物等步骤所需的人力资源和基本物质资源消耗。 | F5: 疗程 | G5: 本项目所称“疗程”指：从错合矫治治疗开始到结束。 | H5: 2900 | I5: 2636.4 | J5: 2504.6 | K5: =I5*0.9 -> 2372.76 | L5: =_xlfn.XLOOKUP(B5,[7]打印格式!$B$1:$B$65536,[7]打印格式!$H$1:$H$65536) -> 自费 | N5: 治疗费
A6: 2 | B6: 013105020020000 | C6: 乳牙期错合矫治费（复杂） | D6: 通过矫治器安装调整进行疑难复杂情况的乳牙错合畸形的早期矫治。 | E6: 所定价格涵盖准备、方案设计、矫治器安装、调整评估、加力、拆除、处理用物等步骤所需的人力资源和基本物质资源消耗。 | F6: 疗程 | G6: 1.本项目所称“复杂”指：骨性Ⅲ类、上颌或上牙弓狭窄、伴颅颌面先天畸形、后牙反合或锁合的情况。 2.本项目所称“疗程”指：从错合矫治治疗开始到结束。 | H6: 4300 | I6: 3909.0909 | J6: 3713.6 | K6: =I6*0.9 -> 3518.1818 | L6: =_xlfn.XLOOKUP(B6,[7]打印格式!$B$1:$B$65536,[7]打印格式!$H$1:$H$65536) -> 自费 | N6: 治疗费
A7: 3 | B7: 013105020030000 | C7: 替牙期Ⅰ类错合矫治费（常规） | D7: 通过矫治器安装调整进行替牙期Ⅰ类错合畸形的早期矫治。 | E7: 所定价格涵盖准备、方案设计、矫治器安装、调整评估、加力、拆除、处理用物等步骤所需的人力资源和基本物质资源消耗。 | F7: 疗程 | G7: 本项目所称“疗程”指：从错合矫治治疗开始到结束。 | H7: 8700 | I7: 7909.0909 | J7: 7513.6 | K7: =I7*0.9 -> 7118.1818 | L7: =_xlfn.XLOOKUP(B7,[7]打印格式!$B$1:$B$65536,[7]打印格式!$H$1:$H$65536) -> 自费 | N7: 治疗费
A8: 4 | B8: 013105020040000 | C8: 替牙期Ⅰ类错合矫治费（复杂） | D8: 通过矫治器安装调整进行疑难复杂情况的替牙期Ⅰ类错合畸形的早期矫治。 | E8: 所定价格涵盖准备、方案设计、矫治器安装、调整评估、加力、拆除、处理用物等步骤所需的人力资源和基本物质资源消耗。 | F8: 疗程 | G8: 1.本项目所称“复杂”指：开合、后牙反合、III度深覆合、后牙锁合、上颌前突（ANB≥7度）或下颌前突（ANB≤0度）、伴颅颌面畸形、伴颞下颌关节病、阻生牙的情况。 2.本项目所称“疗程”指：从错合矫治治疗开始到结束。 | H8: 11100 | I8: 10090.909 | J8: 9586.4 | K8: =I8*0.9 -> 9081.8182 | L8: =_xlfn.XLOOKUP(B8,[7]打印格式!$B$1:$B$65536,[7]打印格式!$H$1:$H$65536) -> 自费 | N8: 治疗费
A9: 5 | B9: 013105020050000 | C9: 替牙期Ⅱ类错合矫治费（常规） | D9: 通过矫治器安装调整进行替牙期Ⅱ类错合畸形的早期矫治。 | E9: 所定价格涵盖准备、方案设计、矫治器安装、调整评估、加力、拆除、处理用物等步骤所需的人力资源和基本物质资源消耗。 | F9: 疗程 | G9: 本项目所称“疗程”指：从错合矫治治疗开始到结束。 | H9: 9800 | I9: 8909.0909 | J9: 8463.6 | K9: =I9*0.9 -> 8018.1818 | L9: =_xlfn.XLOOKUP(B9,[7]打印格式!$B$1:$B$65536,[7]打印格式!$H$1:$H$65536) -> 自费 | N9: 治疗费
A10: 6 | B10: 013105020060000 | C10: 替牙期Ⅱ类错合矫治费（复杂） | D10: 通过矫治器安装调整进行疑难复杂情况的替牙期Ⅱ类错合畸形的早期矫治。 | E10: 所定价格涵盖准备、方案设计、矫治器安装、调整评估、加力、拆除、处理用物等步骤所需的人力资源和基本物质资源消耗。 | F10: 疗程 | G10: 1.本项目所称“复杂”指：开合、后牙反合、III度深覆合、后牙锁合、严重上颌前突（ANB≥7度）、伴颅颌面畸形、伴颞下颌关节病、阻生牙的情况。 2.本项目所称“疗程”指：从错合矫治治疗开始到结束。 | H10: 13000 | I10: 11818.182 | J10: 11227.3 | K10: =I10*0.9 -> 10636.364 | L10: =_xlfn.XLOOKUP(B10,[7]打印格式!$B$1:$B$65536,[7]打印格式!$H$1:$H$65536) -> 自费 | N10: 治疗费
A11: 7 | B11: 013105020070000 | C11: 替牙期Ⅲ类错合矫治费（常规） | D11: 通过矫治器安装调整进行替牙期Ⅲ类错合畸形的早期矫治。 | E11: 所定价格涵盖准备、方案设计、矫治器安装、调整评估、加力、拆除、处理用物等步骤所需的人力资源和基本物质资源消耗。 | F11: 疗程 | G11: 本项目所称“疗程”指：从错合矫治治疗开始到结束。 | H11: 11100 | I11: 10090.909 | J11: 9586.4 | K11: =I11*0.9 -> 9081.8182 | L11: =_xlfn.XLOOKUP(B11,[7]打印格式!$B$1:$B$65536,[7]打印格式!$H$1:$H$65536) -> 自费 | N11: 治疗费
A12: 8 | B12: 013105020080000 | C12: 替牙期Ⅲ类错合矫治费（复杂） | D12: 通过矫治器安装调整进行疑难复杂情况的替牙期Ⅲ类错合畸形的早期矫治。 | E12: 所定价格涵盖准备、方案设计、矫治器安装、调整评估、加力、拆除、处理用物等步骤所需的人力资源和基本物质资源消耗。 | F12: 疗程 | G12: 1.本项目所称“复杂”指：开合、III度深覆合、后牙反合、后牙锁合、下颌前突（ANB≤0度）、伴颅颌面畸形、伴颞下颌关节病、阻生牙的情况。 2.本项目所称“疗程”指：从错合矫治治疗开始到结束。 | H12: 15000 | I12: 13636.364 | J12: 12954.5 | K12: =I12*0.9 -> 12272.727 | L12: =_xlfn.XLOOKUP(B12,[7]打印格式!$B$1:$B$65536,[7]打印格式!$H$1:$H$65536) -> 自费 | N12: 治疗费
A13: 9 | B13: 013105020090000 | C13: 恒牙期Ⅰ类错合矫治费（常规） | D13: 通过矫治器安装调整进行恒牙期Ⅰ类错合畸形的矫治。 | E13: 所定价格涵盖准备、方案设计、矫治器安装、调整评估、加力、拆除、处理用物等步骤所需的人力资源和基本物质资源消耗。 | F13: 疗程 | G13: 1.在同一家医疗机构正畸治疗结束，复发病例再次矫治，每例按疗程费用的50%计价收费。 2.本项目所称“疗程”指：从错合矫治治疗开始到结束。 | H13: 18400 | I13: 16727.273 | J13: 15890.9 | K13: =I13*0.9 -> 15054.545 | L13: =_xlfn.XLOOKUP(B13,[7]打印格式!$B$1:$B$65536,[7]打印格式!$H$1:$H$65536) -> 自费 | N13: 治疗费
A14: 10 | B14: 013105020100000 | C14: 恒牙期Ⅰ类错合矫治费（复杂） | D14: 通过矫治器安装调整进行疑难复杂情况的恒牙期Ⅰ类错合畸形的矫治。 | E14: 所定价格涵盖准备、方案设计、矫治器安装、调整评估、加力、拆除、处理用物等步骤所需的人力资源和基本物质资源消耗。 | F14: 疗程 | G14: 1.本项目所称“复杂”指：18岁以上（不含18岁）、开合、III度深覆合、拔磨牙后关闭间隙、磨牙或牙弓远中移动、阻生牙、伴颅颌面畸形、伴颞下颌关节病、正畸-正颌手术联合治疗、舌侧矫治的情况。 2.在同一家医疗机构正畸治疗结束，复发病例再次矫治，每例按疗程费用的50%计价收费。3.本项目所称“疗程”指：从错合矫治治疗开始到结束。 | H14: 24400 | I14: 22181.818 | J14: 21072.7 | K14: =I14*0.9 -> 19963.636 | L14: =_xlfn.XLOOKUP(B14,[7]打印格式!$B$1:$B$65536,[7]打印格式!$H$1:$H$65536) -> 自费 | N14: 治疗费
A15: 11 | B15: 013105020110000 | C15: 恒牙期Ⅱ类错合矫治费（常规） | D15: 通过矫治器安装调整进行恒牙期Ⅱ类错合畸形的矫治。 | E15: 所定价格涵盖准备、方案设计、矫治器安装、调整评估、加力、拆除、处理用物等步骤所需的人力资源和基本物质资源消耗。 | F15: 疗程 | G15: 1.在同一家医疗机构正畸治疗结束，复发病例再次矫治，每例按疗程费用的50%计价收费。 2.本项目所称“疗程”指：从错合矫治治疗开始到结束。 | H15: 22700 | I15: 20636.364 | J15: 19604.5 | K15: =I15*0.9 -> 18572.727 | L15: =_xlfn.XLOOKUP(B15,[7]打印格式!$B$1:$B$65536,[7]打印格式!$H$1:$H$65536) -> 自费 | N15: 治疗费
A16: 12 | B16: 013105020120000 | C16: 恒牙期Ⅱ类错合矫治费（复杂） | D16: 通过矫治器安装调整进行疑难复杂情况的恒牙期Ⅱ类错合畸形的矫治。 | E16: 所定价格涵盖准备、方案设计、矫治器安装、调整评估、加力、拆除、处理用物等步骤所需的人力资源和基本物质资源消耗。 | F16: 疗程 | G16: 1.本项目所称“复杂”指：18岁以上（不含18岁）、开合、III度深覆合、拔磨牙后关闭间隙、阻生牙、上颌前突（ANB≥5度）的拔牙正畸治疗、磨牙或牙弓远中移动、伴颅颌面畸形、伴颞下颌关节病、正畸-正颌手术联合治疗、舌侧矫治的情况。 2.在同一家医疗机构正畸治疗结束，复发病例再次矫治，每例按疗程费用的50%计价收费。 3.本项目所称“疗程”指：从错合矫治治疗开始到结束。 | H16: 29600 | I16: 26909.091 | J16: 25563.6 | K16: =I16*0.9 -> 24218.182 | L16: =_xlfn.XLOOKUP(B16,[7]打印格式!$B$1:$B$65536,[7]打印格式!$H$1:$H$65536) -> 自费 | N16: 治疗费
... A21: 17 | B21: 013105020170000 | C21: 恒牙期Ⅲ类错合矫形功能治疗费 | D21: 通过针对性矫治器的安装进行恒牙期III类错合畸形的矫形和功能治疗。 | E21: 所定价格涵盖准备、方案设计、矫治器安装、调整评估、加力、拆除、处理用物等步骤所需的人力资源和基本物质资源消耗。 | F21: 疗程 | G21: 本项目所称“疗程”指：从错合矫形治疗开始到结束。 | H21: 9700 | I21: 8818.1818 | J21: 8377.3 | K21: =I21*0.9 -> 7936.3636 | L21: =_xlfn.XLOOKUP(B21,[7]打印格式!$B$1:$B$65536,[7]打印格式!$H$1:$H$65536) -> 自费 | N21: 治疗费
A22: 18 | B22: 013105020180000 | C22: 新生儿唇腭裂术前治疗费 | D22: 针对婴儿期唇腭裂唇裂术前，通过矫治器安装调整，实现鼻齿槽塑形。 | E22: 所定价格涵盖准备、方案设计、矫治器安装、调整、拆除、处理用物等步骤所需的人力资源和基本物质资源消耗。 | F22: 疗程 | H22: 3100 | I22: 2818.1818 | J22: 2677.3 | K22: =I22*0.9 -> 2536.3636 | L22: =_xlfn.XLOOKUP(B22,[7]打印格式!$B$1:$B$65536,[7]打印格式!$H$1:$H$65536) -> 自费 | N22: 治疗费
A23: 19 | B23: 013105020190000 | C23: 睡眠呼吸暂停综合征口腔正畸辅助治疗费 | D23: 通过口腔阻鼾器安装调整或扩弓活动矫治，减轻阻塞性睡眠呼吸暂停的症状。 | E23: 所定价格涵盖准备、方案设计、矫治器安装、调整评估、处理用物等步骤所需的人力资源和基本物质资源消耗。 | F23: 疗程 | H23: 8000 | I23: 7272.7273 | J23: 6909.1 | K23: =I23*0.9 -> 6545.4545 | L23: =_xlfn.XLOOKUP(B23,[7]打印格式!$B$1:$B$65536,[7]打印格式!$H$1:$H$65536) -> 自费 | N23: 治疗费
A24: 20 | B24: 013105020200000 | C24: 局部正畸矫治费 | D24: 使用局部矫治器矫治一个象限内的牙齿伸长、倾斜、间隙关闭或开展、微小牙齿移动等矫治。 | E24: 所定价格涵盖准备、方案设计、矫治器安装、调整评估、加力、拆除、处理用物等步骤所需的人力资源和基本物质资源消耗。 | F24: 象限•疗程 | G24: 1.全口共4个象限。 2.累计价收费格超过全口价格，按照全口价格计价收费。 | H24: 7200 | I24: 6545.4545 | J24: 6218.2 | K24: =I24*0.9 -> 5890.9091 | L24: =_xlfn.XLOOKUP(B24,[7]打印格式!$B$1:$B$65536,[7]打印格式!$H$1:$H$65536) -> 自费 | N24: 治疗费
A25: 21 | B25: 013105020210000 | C25: 口腔固定保持器安装费 | D25: 为需要正畸治疗后进行固定保持的患者安装固定保持器。 | E25: 所定价格涵盖准备、安装、调试、处理用物等步骤所需的人力资源和基本物质资源消耗。 | F25: 单颌 | H25: 500 | I25: 454.54545 | J25: 431.8 | K25: =I25*0.9 -> 409.09091 | L25: =_xlfn.XLOOKUP(B25,[7]打印格式!$B$1:$B$65536,[7]打印格式!$H$1:$H$65536) -> 自费 | N25: 治疗费
A26: 22 | B26: 013105020220000 | C26: 口腔固定保持器拆除费 | D26: 为需要拆除固定保持器的患者去除固定保持器。 | E26: 所定价格涵盖准备、拆除、处理用物等步骤所需的人力资源和基本物质资源消耗。 | F26: 单颌 | H26: 250 | I26: 227.27273 | J26: 215.9 | K26: =I26*0.9 -> 204.54545 | L26: =_xlfn.XLOOKUP(B26,[7]打印格式!$B$1:$B$65536,[7]打印格式!$H$1:$H$65536) -> 自费 | N26: 治疗费
A27: 23 | B27: 013105020230000 | C27: 错合畸形治疗设计费 | D27: 通过各项检查完成错合畸形的诊断与矫治方案设计。 | E27: 所定价格涵盖准备、模型制取和灌注、模型测量、面颌像拍照、头影测量分析、制定治疗计划和方案、处理用物等步骤所需的人力资源和基本物质资源消耗。 | F27: 次 | G27: 1.完成1个疗程计价收费1次；在本医疗机构中开展的矫治不得同时收取设计价收费，若已收取“错合畸形治疗设计费”须在错合矫治治疗费用中予以同等费用减免。 2.不含放射检查费用。 | H27: 800 | I27: 727.27273 | J27: 690.9 | K27: =I27*0.9 -> 654.54545 | L27: =_xlfn.XLOOKUP(B27,[7]打印格式!$B$1:$B$65536,[7]打印格式!$H$1:$H$65536) -> 自费 | N27: 治疗费
A28: 24 | B28: 013306020010000 | C28: 正畸支抗钉植入费 | D28: 通过将正畸支抗钉植入颌骨协助完成正畸治疗。 | E28: 所定价格涵盖手术计划、术区准备、消毒、植入、处理用物等步骤所需的人力资源和基本物质资源消耗。 | F28: 每钉 | H28: 380 | I28: 345.45455 | J28: 328.2 | K28: =I28*0.9 -> 310.90909 | L28: =_xlfn.XLOOKUP(B28,[7]打印格式!$B$1:$B$65536,[7]打印格式!$H$1:$H$65536) -> 自费 | N28: 手术费
A29: 25 | B29: 013306020010001 | C29: 正畸支抗钉植入费-儿童（加收） | F29: 每钉 | H29: 76 | I29: 69.090909 | J29: =I29*0.95 -> 65.636364 | K29: =I29*0.9 -> 62.181818 | L29: =_xlfn.XLOOKUP(B29,[7]打印格式!$B$1:$B$65536,[7]打印格式!$H$1:$H$65536) -> 自费 | N29: 手术费
A30: 26 | B30: 013105010330000 | C30: 牙根牵引费 | D30: 通过牵引方法将冠根折或根折的外伤牙齿牵引至龈上。 | E30: 所定价格涵盖准备、切开、粘接或制戴、牵引、加力、调整、处理用物等步骤所需的人力资源和基本物质资源消耗。 | F30: 牙 | H30: 333.4 | I30: 303.07273 | J30: 287.9 | K30: =I30*0.9 -> 272.76545 | L30: =_xlfn.XLOOKUP(B30,[7]打印格式!$B$1:$B$65536,[7]打印格式!$H$1:$H$65536) -> 自费 | N30: 治疗费
A31: 27 | B31: 012406000010000 | C31: 牙髓活力测验费 | D31: 通过设备检查评估牙髓活力状态。 | E31: 所定价格涵盖准备、隔离、测验、评估、处理用物等步骤所需的人力资源和基本物质资源消耗。 | F31: 牙 | H31: 7.8 | I31: 7.0727273 | J31: 6.7 | K31: =I31*0.9 -> 6.3654545 | L31: =_xlfn.XLOOKUP(B31,[7]打印格式!$B$1:$B$65536,[7]打印格式!$H$1:$H$65536) -> 乙类 | N31: 检查费
A32: 28 | B32: 013105010010000 | C32: 橡皮障隔离费 | D32: 通过专用的橡皮障套装隔开接受治疗的牙齿与口腔。 | E32: 所定价格涵盖准备、隔离、处理用物等步骤所需的人力资源和基本物质资源消耗。 | F32: 次 | H32: 19.9 | I32: 18.072727 | J32: 17.2 | K32: =I32*0.9 -> 16.265455 | L32: =_xlfn.XLOOKUP(B32,[7]打印格式!$B$1:$B$65536,[7]打印格式!$H$1:$H$65536) -> 自费 | N32: 治疗费
A33: 29 | B33: 013105010020000 | C33: 牙体开髓引流费 | D33: 对于牙髓急症患者仅行开髓引流、牙髓摘除以缓解急性疼痛。 | E33: 所定价格涵盖准备、开髓、拔髓、处理用物等步骤所需的人力资源和基本物质资源消耗。 | F33: 牙 | G33: 仅限于牙髓急症患者应急处置时收费，在其他牙髓治疗中作为相关项目的价格构成，不单独收费。 | H33: 66 | I33: 60 | J33: 57 | K33: =I33*0.9 -> 54 | L33: =_xlfn.XLOOKUP(B33,[7]打印格式!$B$1:$B$65536,[7]打印格式!$H$1:$H$65536) -> 甲类 | N33: 治疗费
A34: 30 | B34: 013105010020001 | C34: 牙体开髓引流费-儿童（加收） | F34: 牙 | G34: 仅限于牙髓急症患者应急处置时收费，在其他牙髓治疗中作为相关项目的价格构成，不单独收费。 | H34: 13.2 | I34: 12 | J34: =I34*0.95 -> 11.4 | K34: =I34*0.9 -> 10.8 | L34: =_xlfn.XLOOKUP(B34,[7]打印格式!$B$1:$B$65536,[7]打印格式!$H$1:$H$65536) -> 甲类 | N34: 治疗费
A35: 31 | B35: 013105010030000 | C35: 牙髓失活费 | D35: 通过失活剂去除牙髓的活性。 | E35: 所定价格涵盖准备、开髓、放置失活剂、处理用物等步骤所需的人力资源和基本物质资源消耗。 | F35: 牙 | H35: 40.81 | I35: 37.1 | J35: 35.245 | K35: =I35*0.9 -> 33.39 | L35: =_xlfn.XLOOKUP(B35,[7]打印格式!$B$1:$B$65536,[7]打印格式!$H$1:$H$65536) -> 甲类 | N35: 治疗费
A36: 32 | B36: 013105010030001 | C36: 牙髓失活费-儿童（加收） | F36: 牙 | H36: 8.162 | I36: 7.42 | J36: =I36*0.95 -> 7.049 | K36: =I36*0.9 -> 6.678 | L36: =_xlfn.XLOOKUP(B36,[7]打印格式!$B$1:$B$65536,[7]打印格式!$H$1:$H$65536) -> 甲类 | N36: 治疗费
A37: 33 | B37: 013105010040000 | C37: 干髓治疗费 | D37: 通过干髓剂使牙髓保持干尸化。 | E37: 所定价格涵盖准备、开髓、去除冠髓、放置干髓剂、处理用物等步骤所需的人力资源和基本物质资源消耗。 | F37: 牙 | H37: 10 | I37: 9.0909091 | J37: 8.6 | K37: =I37*0.9 -> 8.1818182 | L37: =_xlfn.XLOOKUP(B37,[7]打印格式!$B$1:$B$65536,[7]打印格式!$H$1:$H$65536) -> 甲类 | N37: 治疗费
A38: 34 | B38: 013105010050000 | C38: 根管预备费 | D38: 通过清理扩大根管，清除感染坏死牙髓组织，对根管内部进行清理成形。 | E38: 所定价格涵盖准备、开髓、拔髓、疏通、测量、预备、处理用物等步骤所需的人力资源和基本物质资源消耗。 | F38: 根管 | G38: 1.本项目所称“根管异常”指：中重度弯曲根管、C型根管、根管间交通枝等特殊根管。 2.二级医院显微根管治疗术收取200元，其他医院按等级浮动。 | H38: =I38*1.1 -> 101.288 | I38: 92.08 | J38: =I38*0.95 -> 87.476 | K38: =I38*0.9 -> 82.872 | L38: =_xlfn.XLOOKUP(B38,[7]打印格式!$B$1:$B$65536,[7]打印格式!$H$1:$H$65536) -> 甲类 | N38: 治疗费
A39: 35 | B39: 013105010050001 | C39: 根管预备费-儿童（加收） | F39: 根管 | G39: 本项目所称“根管异常”指：中重度弯曲根管、C型根管、根管间交通枝等特殊根管。 | H39: =H38*0.2 -> 20.2576 | I39: =I38*0.2 -> 18.416 | J39: =J38*0.2 -> 17.4952 | K39: =I39*0.9 -> 16.5744 | L39: =_xlfn.XLOOKUP(B39,[7]打印格式!$B$1:$B$65536,[7]打印格式!$H$1:$H$65536) -> 甲类 | N39: 治疗费
A40: 36 | B40: 013105010050011 | C40: 根管预备费-根管异常（加收） | F40: 根管 | G40: 本项目所称“根管异常”指：中重度弯曲根管、C型根管、根管间交通枝等特殊根管。 | H40: =H38*0.6 -> 60.7728 | I40: =I38*0.6 -> 55.248 | J40: =J38*0.6 -> 52.4856 | K40: =I40*0.9 -> 49.7232 | L40: =_xlfn.XLOOKUP(B40,[7]打印格式!$B$1:$B$65536,[7]打印格式!$H$1:$H$65536) -> 乙类 | N40: 治疗费
A41: 37 | B41: 013105010060000 | C41: 根管冲洗费 | D41: 对根管进行冲洗消毒及感染控制。 | E41: 所定价格涵盖准备、冲洗、处理用物等步骤所需的人力资源和基本物质资源消耗。 | F41: 根管 | H41: 19.6 | I41: 17.8 | J41: 16.9 | K41: =I41*0.9 -> 16.02 | L41: =_xlfn.XLOOKUP(B41,[7]打印格式!$B$1:$B$65536,[7]打印格式!$H$1:$H$65536) -> 甲类 | N41: 治疗费
A42: 38 | B42: 013105010060100 | C42: 根管冲洗费-根管封药费（扩展） | F42: 根管 | H42: 19.6 | I42: 17.8 | J42: =I42*0.95 -> 16.91 | K42: =I42*0.9 -> 16.02 | L42: =_xlfn.XLOOKUP(B42,[7]打印格式!$B$1:$B$65536,[7]打印格式!$H$1:$H$65536) -> 自费 | N42: 治疗费
A43: 39 | B43: 013105010070000 | C43: 根管充填费 | D43: 通过向根管内充填，封闭根管系统。 | E43: 所定价格涵盖准备、充填、处理用物，必要时加压充填等步骤所需的人力资源和基本物质资源消耗。 | F43: 根管 | G43: 1.本项目所称“根管异常”指：中重度弯曲根管、C型根管、根管间交通枝等特殊根管。 2.二级医院显微根管治疗术收取200元，其他医院按等级浮动。 | H43: 46.167 | I43: 41.97 | J43: 39.8715 | K43: =I43*0.9 -> 37.773 | L43: =_xlfn.XLOOKUP(B43,[7]打印格式!$B$1:$B$65536,[7]打印格式!$H$1:$H$65536) -> 乙类 | N43: 治疗费
A44: 40 | B44: 013105010070001 | C44: 根管充填费-儿童（加收） | F44: 根管 | G44: 本项目所称“根管异常”指：中重度弯曲根管、C型根管、根管间交通枝等特殊根管。 | H44: =H43*0.2 -> 9.2334 | I44: =I43*0.2 -> 8.394 | J44: =J43*0.2 -> 7.9743 | K44: =I44*0.9 -> 7.5546 | L44: =_xlfn.XLOOKUP(B44,[7]打印格式!$B$1:$B$65536,[7]打印格式!$H$1:$H$65536) -> 乙类 | N44: 治疗费
A45: 41 | B45: 013105010070011 | C45: 根管充填费-根管异常（加收） | F45: 根管 | G45: 本项目所称“根管异常”指：中重度弯曲根管、C型根管、根管间交通枝等特殊根管。 | H45: =H43*0.6 -> 27.7002 | I45: =I43*0.6 -> 25.182 | J45: =J43*0.6 -> 23.9229 | K45: =I45*0.9 -> 22.6638 | L45: =_xlfn.XLOOKUP(B45,[7]打印格式!$B$1:$B$65536,[7]打印格式!$H$1:$H$65536) -> 乙类 | N45: 治疗费
A46: 42 | B46: 013105010070100 | C46: 根管充填费-乳牙根管充填费（扩展） | F46: 根管 | G46: 本项目所称“根管异常”指：中重度弯曲根管、C型根管、根管间交通枝等特殊根管。 | H46: =H43 -> 46.167 | I46: =I43 -> 41.97 | J46: =J43 -> 39.8715 | K46: =I46*0.9 -> 37.773 | L46: =_xlfn.XLOOKUP(B46,[7]打印格式!$B$1:$B$65536,[7]打印格式!$H$1:$H$65536) -> 乙类 | N46: 治疗费
A47: 43 | B47: 013105010080000 | C47: 根管再治疗费 | D47: 针对牙髓治疗后出现的问题进行的治疗。 | E47: 所定价格涵盖准备、取出、建立通道、处理用物等步骤所需的人力资源和基本物质资源消耗。 | F47: 根管 | H47: 74.4 | I47: 67.672727 | J47: =I47*0.95 -> 64.289091 | K47: =I47*0.9 -> 60.905455 | L47: =_xlfn.XLOOKUP(B47,[7]打印格式!$B$1:$B$65536,[7]打印格式!$H$1:$H$65536) -> 甲类 | N47: 治疗费
A48: 44 | B48: 013105010090000 | C48: 根管内异物取出费 | D48: 取出存留在根管内的异物。 | E48: 所定价格涵盖准备、确定位置、取出、处理用物等步骤所需的人力资源和基本物质资源消耗。 | F48: 根管 | H48: 415 | I48: 377.25455 | J48: =I48*0.95 -> 358.39182 | K48: =I48*0.9 -> 339.52909 | L48: =_xlfn.XLOOKUP(B48,[7]打印格式!$B$1:$B$65536,[7]打印格式!$H$1:$H$65536) -> 甲类 | N48: 治疗费
A49: 45 | B49: 013105010090001 | C49: 根管内异物取出费-根尖段异物取出（加收） | F49: 根管 | H49: 207.5 | I49: 188.62727 | J49: =I49*0.95 -> 179.19591 | K49: =I49*0.9 -> 169.76455 | L49: =_xlfn.XLOOKUP(B49,[7]打印格式!$B$1:$B$65536,[7]打印格式!$H$1:$H$65536) -> 自费 | N49: 治疗费
A50: 46 | B50: 013306020020000 | C50: 根尖诱导成形费 | D50: 诱导牙根继续发育或根尖封闭。 | E50: 所定价格涵盖手术计划、术区准备、消毒、开髓、去除、干燥、诱导、处理用物等步骤所需的人力资源和基本物质资源消耗。 | F50: 根管 | H50: 87 | I50: 79.072727 | J50: =I50*0.95 -> 75.119091 | K50: =I50*0.9 -> 71.165455 | L50: =_xlfn.XLOOKUP(B50,[7]打印格式!$B$1:$B$65536,[7]打印格式!$H$1:$H$65536) -> 自费 | N50: 手术费
A51: 47 | B51: 013306020020001 | C51: 根尖诱导成形费-儿童（加收） | F51: 根管 | H51: 17.4 | I51: 15.814545 | J51: =I51*0.95 -> 15.023818 | K51: =I51*0.9 -> 14.233091 | L51: =_xlfn.XLOOKUP(B51,[7]打印格式!$B$1:$B$65536,[7]打印格式!$H$1:$H$65536) -> 自费 | N51: 手术费
A52: 48 | B52: 013306020030000 | C52: 根尖屏障手术费 | D52: 针对根尖孔未闭合或较宽大的情况，封闭根尖段建立屏障。 | E52: 所定价格涵盖手术计划、术区准备、清洁、填充、处理用物等步骤所需的人力资源和基本物质资源消耗。 | F52: 根管 | H52: 176.5 | I52: 160.47273 | J52: =I52*0.95 -> 152.44909 | K52: =I52*0.9 -> 144.42545 | L52: =_xlfn.XLOOKUP(B52,[7]打印格式!$B$1:$B$65536,[7]打印格式!$H$1:$H$65536) -> 甲类 | N52: 手术费
A53: 49 | B53: 013306020030001 | C53: 根尖屏障手术费-儿童（加收） | F53: 根管 | H53: 35.3 | I53: 32.094545 | J53: =I53*0.95 -> 30.489818 | K53: =I53*0.9 -> 28.885091 | L53: =_xlfn.XLOOKUP(B53,[7]打印格式!$B$1:$B$65536,[7]打印格式!$H$1:$H$65536) -> 甲类 | N53: 手术费
A54: 50 | B54: 013306020030100 | C54: 根尖屏障手术费-髓腔穿孔修补费（扩展） | F54: 根管 | H54: 176.5 | I54: 160.47273 | J54: =I54*0.95 -> 152.44909 | K54: =I54*0.9 -> 144.42545 | L54: =_xlfn.XLOOKUP(B54,[7]打印格式!$B$1:$B$65536,[7]打印格式!$H$1:$H$65536) -> 甲类 | N54: 手术费
A55: 51 | B55: 013306020040000 | C55: 根尖手术费 | D55: 通过手术对根尖进行治疗。 | E55: 所定价格涵盖手术计划、术区准备、消毒、切开、翻瓣、切除、倒预备、倒充填、复位缝合、处理用物等步骤所需的人力资源和基本物质资源消耗。 | F55: 根管 | G55: 本项目所称“复杂根尖手术”指：根尖周病损累及邻近重要组织结构（上颌窦、颏孔、下颌神经管、切牙孔）、骨壁完整根尖定位困难的情况。 | H55: 371.7 | I55: 337.87273 | J55: 321 | K55: =I55*0.9 -> 304.08545 | L55: =_xlfn.XLOOKUP(B55,[7]打印格式!$B$1:$B$65536,[7]打印格式!$H$1:$H$65536) -> 甲类 | N55: 手术费
A56: 52 | B56: 013306020040001 | C56: 根尖手术费-儿童（加收） | F56: 根管 | H56: =H55*0.2 -> 74.34 | I56: =I55*0.2 -> 67.574545 | J56: =J55*0.2 -> 64.2 | K56: =I56*0.9 -> 60.817091 | L56: =_xlfn.XLOOKUP(B56,[7]打印格式!$B$1:$B$65536,[7]打印格式!$H$1:$H$65536) -> 甲类 | N56: 手术费
A57: 53 | B57: 013306020040011 | C57: 根尖手术费-复杂根尖手术（加收） | F57: 根管 | G57: 1.本项目所称“复杂根尖手术”指：根尖周病损累及邻近重要组织结构（上颌窦、颏孔、下颌神经管、切牙孔）、骨壁完整根尖定位困难的情况。 2.间接盖髓二级医院收取52.5元，其他医院按等级上下浮动。 | H57: =H55 -> 371.7 | I57: =I55 -> 337.87273 | J57: =J55 -> 321 | K57: =I57*0.9 -> 304.08545 | L57: =_xlfn.XLOOKUP(B57,[7]打印格式!$B$1:$B$65536,[7]打印格式!$H$1:$H$65536) -> 自费 | N57: 手术费
A58: 54 | B58: 013105010100000 | C58: 活髓保存治疗费 | D58: 通过处理暴露牙髓清除感染，保存正常牙髓。 | E58: 所定价格涵盖准备、去除、冲洗、盖髓、处理用物等步骤所需的人力资源和基本物质资源消耗。 | F58: 牙 | H58: 176 | I58: 160 | J58: 152 | K58: =I58*0.9 -> 144 | L58: =_xlfn.XLOOKUP(B58,[7]打印格式!$B$1:$B$65536,[7]打印格式!$H$1:$H$65536) -> 甲类 | N58: 治疗费
A59: 55 | B59: 013105010100001 | C59: 活髓保存治疗费-间接盖髓（减收） | F59: 牙 | H59: 57.75 | I59: 52.5 | J59: 49.875 | K59: =I59*0.9 -> 47.25 | L59: =_xlfn.XLOOKUP(B59,[7]打印格式!$B$1:$B$65536,[7]打印格式!$H$1:$H$65536) -> 甲类 | N59: 治疗费
A60: 56 | B60: 013105010110000 | C60: 牙髓再生治疗费 | D60: 清除根管内感染，借助多种方式促进根管内牙髓样组织再生及牙根生长。 | E60: 所定价格涵盖准备、根管内引血、封闭、处理用物等步骤所需的人力资源和基本物质资源消耗。 | F60: 牙 | H60: 830 | I60: 754.54545 | J60: =I60*0.95 -> 716.81818 | K60: =I60*0.9 -> 679.09091 | L60: =_xlfn.XLOOKUP(B60,[7]打印格式!$B$1:$B$65536,[7]打印格式!$H$1:$H$65536) -> 自费 | N60: 治疗费
A61: 57 | B61: 013105010110001 | C61: 牙髓再生治疗费-自体血支架制备（加收） | F61: 牙 | H61: 830 | I61: 754.54545 | J61: =I61*0.95 -> 716.81818 | K61: =I61*0.9 -> 679.09091 | L61: =_xlfn.XLOOKUP(B61,[7]打印格式!$B$1:$B$65536,[7]打印格式!$H$1:$H$65536) -> 自费 | N61: 治疗费
A62: 58 | B62: 013105010120000 | C62: 牙体缺损直接粘接修复费 | D62: 通过使用填充材料修复牙体缺损。 | E62: 所定价格涵盖准备、去龋、窝洞制备、充填、粘接固化、塑形、调合、磨光、抛光、处理用物等步骤所需的人力资源和基本物质资源消耗。 | F62: 牙 | G62: 本项目所称“牙体大面积缺损”指：累及2个及以上牙面的情况。 | H62: 198 | I62: 180 | J62: 171 | K62: =I62*0.9 -> 162 | L62: =_xlfn.XLOOKUP(B62,[7]打印格式!$B$1:$B$65536,[7]打印格式!$H$1:$H$65536) -> 乙类 | N62: 治疗费
A63: 59 | B63: 013105010120001 | C63: 牙体缺损直接粘接修复费-儿童（加收） | F63: 牙 | H63: =H62*0.2 -> 39.6 | I63: =I62*0.2 -> 36 | J63: =J62*0.2 -> 34.2 | K63: =I63*0.9 -> 32.4 | L63: =_xlfn.XLOOKUP(B63,[7]打印格式!$B$1:$B$65536,[7]打印格式!$H$1:$H$65536) -> 乙类 | N63: 治疗费
A64: 60 | B64: 013105010120011 | C64: 牙体缺损直接粘接修复费-牙体大面积缺损（加收） | F64: 牙 | G64: 1.本项目所称“牙体大面积缺损”指：累及2个及以上牙面的情况。 2.暂封二级医院收取144元，其他医院按等级上下浮动。 3.银汞合金充填二级医院收取144元，其他医院按等级上下浮动。 | H64: =H62 -> 198 | I64: =I62 -> 180 | J64: =J62 -> 171 | K64: =I64*0.9 -> 162 | L64: =_xlfn.XLOOKUP(B64,[7]打印格式!$B$1:$B$65536,[7]打印格式!$H$1:$H$65536) -> 自费 | N64: 治疗费
A65: 61 | B65: 013105010120012 | C65: 牙体缺损直接粘接修复费-暂封（减收） | F65: 牙 | H65: =H62*0.8 -> 158.4 | I65: =I62*0.8 -> 144 | J65: =J62*0.8 -> 136.8 | K65: =I65*0.9 -> 129.6 | L65: =_xlfn.XLOOKUP(B65,[7]打印格式!$B$1:$B$65536,[7]打印格式!$H$1:$H$65536) -> 乙类 | N65: 治疗费
A66: 62 | B66: 013105010120013 | C66: 牙体缺损直接粘接修复费-银汞合金充填（减收） | F66: 牙 | H66: =H65 -> 158.4 | I66: =I65 -> 144 | J66: =J65 -> 136.8 | K66: =I66*0.9 -> 129.6 | L66: =_xlfn.XLOOKUP(B66,[7]打印格式!$B$1:$B$65536,[7]打印格式!$H$1:$H$65536) -> 乙类 | N66: 治疗费
A67: 63 | B67: 013105010130000 | C67: 前牙形态修复费 | D67: 对牙齿美观区域进行形态、颜色、功能的修复。 | E67: 所定价格涵盖准备、美学设计、比色、窝洞制备、分层堆塑恢复牙齿颜色外形、调𬌗、磨光、抛光、处理用物等步骤所需的人力资源和基本物质资源消耗。 | F67: 牙 | H67: 250.4 | I67: 227.61818 | J67: =I67*0.95 -> 216.23727 | K67: =I67*0.9 -> 204.85636 | L67: =_xlfn.XLOOKUP(B67,[7]打印格式!$B$1:$B$65536,[7]打印格式!$H$1:$H$65536) -> 自费 | N67: 治疗费
A68: 64 | B68: 013105010130001 | C68: 前牙形态修复费-舌腭面形态辅助修复（加收） | F68: 牙 | H68: 75.1 | I68: 68.285455 | J68: =I68*0.95 -> 64.871182 | K68: =I68*0.9 -> 61.456909 | L68: =_xlfn.XLOOKUP(B68,[7]打印格式!$B$1:$B$65536,[7]打印格式!$H$1:$H$65536) -> 自费 | N68: 治疗费
A69: 65 | B69: 013105010140000 | C69: 窝沟封闭费 | D69: 封闭牙齿窝沟。 | E69: 所定价格涵盖准备、清洁、冲洗、酸蚀、干燥、封闭窝沟、光照固化、调合、抛光、处理用物等步骤所需的人力资源和基本物质资源消耗。 | F69: 牙 | H69: 52.9 | I69: 48.072727 | J69: =I69*0.95 -> 45.669091 | K69: =I69*0.9 -> 43.265455 | L69: =_xlfn.XLOOKUP(B69,[7]打印格式!$B$1:$B$65536,[7]打印格式!$H$1:$H$65536) -> 自费 | N69: 治疗费
A70: 66 | B70: 013105010150000 | C70: 氟防龋治疗费 | D70: 通过涂布氟化物预防龋齿。 | E70: 所定价格涵盖准备、清洁、涂布、处理用物等步骤所需的人力资源和基本物质资源消耗。 | F70: 牙 | H70: 11 | I70: 10 | J70: =I70*0.95 -> 9.5 | K70: =I70*0.9 -> 9 | L70: =_xlfn.XLOOKUP(B70,[7]打印格式!$B$1:$B$65536,[7]打印格式!$H$1:$H$65536) -> 自费 | N70: 治疗费
A71: 67 | B71: 013105010160000 | C71: 牙脱敏治疗费 | D71: 通过各种方式处理牙面降低牙敏感症状。 | E71: 所定价格涵盖准备、清洁、脱敏、处理用物等步骤所需的人力资源和基本物质资源消耗。 | F71: 牙 | H71: 12.1 | I71: 11 | J71: =I71*0.95 -> 10.45 | K71: =I71*0.9 -> 9.9 | L71: =_xlfn.XLOOKUP(B71,[7]打印格式!$B$1:$B$65536,[7]打印格式!$H$1:$H$65536) -> 乙类 | N71: 治疗费
A72: 68 | B72: 013105010170000 | C72: 牙齿内漂白费 | D72: 通过在牙齿内部使用药物去除牙齿中的有机着色物而使牙着色变浅。 | E72: 所定价格涵盖准备、清洁、比色、漂白脱色、处理用物等步骤所需的人力资源和基本物质资源消耗。 | F72: 牙 | G72: 1.美容整形常用项目。 2.单次漂白费用不能超过“全口牙齿漂白费”费用。 | H72: 36.2 | I72: 32.9 | J72: =I72*0.95 -> 31.255 | K72: =I72*0.9 -> 29.61 | L72: =_xlfn.XLOOKUP(B72,[7]打印格式!$B$1:$B$65536,[7]打印格式!$H$1:$H$65536) -> 自费 | N72: 治疗费
A73: 69 | B73: 013105010170100 | C73: 牙齿内漂白费-牙脱色费（扩展） | F73: 牙 | G73: 1.美容整形常用项目。 2.单次漂白费用不能超过“全口牙齿漂白费”费用。 | H73: 36.2 | I73: 32.9 | J73: =I73*0.95 -> 31.255 | K73: =I73*0.9 -> 29.61 | L73: =_xlfn.XLOOKUP(B73,[7]打印格式!$B$1:$B$65536,[7]打印格式!$H$1:$H$65536) -> 自费 | N73: 治疗费
A74: 70 | B74: 013105010180000 | C74: 全口牙齿漂白费 | D74: 通过专用漂白设备及漂白药物对全口牙齿表面进行漂白治疗，使牙齿颜色变浅。 | E74: 所定价格涵盖准备、牙龈保护、涂布、光照、保护处理、处理用物等步骤所需的人力资源和基本物质资源消耗。 | F74: 次 | G74: 美容整形常用项目。 | H74: 754.6 | I74: 686 | J74: =I74*0.95 -> 651.7 | K74: =I74*0.9 -> 617.4 | L74: =_xlfn.XLOOKUP(B74,[7]打印格式!$B$1:$B$65536,[7]打印格式!$H$1:$H$65536) -> 自费 | N74: 治疗费
A75: 71 | B75: 013105010180100 | C75: 全口牙齿漂白费-牙列套漂白费（扩展） | F75: 次 | G75: 美容整形常用项目。 | H75: 754.6 | I75: 686 | J75: =I75*0.95 -> 651.7 | K75: =I75*0.9 -> 617.4 | L75: =_xlfn.XLOOKUP(B75,[7]打印格式!$B$1:$B$65536,[7]打印格式!$H$1:$H$65536) -> 自费 | N75: 治疗费
A76: 72 | B76: 013105010190000 | C76: 预成冠修复费 | D76: 针对大面积牙体缺损进行预成冠修复。 | E76: 所定价格涵盖准备、预备、预成冠调改、粘结、调合、处理用物等步骤所需的人力资源和基本物质资源消耗。 | F76: 牙 | H76: 90.1 | I76: 81.9 | J76: =I76*0.95 -> 77.805 | K76: =I76*0.9 -> 73.71 | L76: =_xlfn.XLOOKUP(B76,[7]打印格式!$B$1:$B$65536,[7]打印格式!$H$1:$H$65536) -> 自费 | N76: 治疗费
A77: 73 | B77: 013306020050000 | C77: 牙拔除费 | D77: 通过手术拔除牙齿。 | E77: 所定价格涵盖手术计划、术区准备、消毒、分离龈、拔除、取出根、冲洗、清理、止血、处理用物等步骤所需的人力资源和基本物质资源消耗。 | F77: 牙 | G77: 本项目所称“复杂牙拔除”指：正常位牙齿因解剖变异、死髓或牙体治疗后其脆性增加、局部慢性炎症刺激使牙槽骨发生致密性改变、牙骨间骨性结合的情况。 | H77: 36.9 | I77: 33.55 | J77: 31.9 | K77: =I77*0.9 -> 30.195 | L77: =_xlfn.XLOOKUP(B77,[7]打印格式!$B$1:$B$65536,[7]打印格式!$H$1:$H$65536) -> 甲类 | N77: 手术费
A78: 74 | B78: 013306020050001 | C78: 牙拔除费-儿童（加收） | F78: 牙 | H78: =H77*0.2 -> 7.38 | I78: =I77*0.2 -> 6.71 | J78: =J77*0.2 -> 6.38 | K78: =I78*0.9 -> 6.039 | L78: =_xlfn.XLOOKUP(B78,[7]打印格式!$B$1:$B$65536,[7]打印格式!$H$1:$H$65536) -> 自费 | N78: 手术费
A79: 75 | B79: 013306020050011 | C79: 牙拔除费-复杂牙拔除（加收） | F79: 牙 | G79: 本项目所称“复杂牙拔除”指：正常位牙齿因解剖变异、死髓或牙体治疗后其脆性增加、局部慢性炎症刺激使牙槽骨发生致密性改变、牙骨间骨性结合的情况。 | H79: 98.3 | I79: 89.372727 | J79: 84.9 | K79: =I79*0.9 -> 80.435455 | L79: =_xlfn.XLOOKUP(B79,[7]打印格式!$B$1:$B$65536,[7]打印格式!$H$1:$H$65536) -> 乙类 | N79: 手术费
A80: 76 | B80: 013306020060000 | C80: 阻生牙拔除费 | D80: 通过手术拔除各类萌出智齿或高位阻生牙齿。 | E80: 所定价格涵盖手术计划、术区准备、消毒、翻瓣、分离、分牙、挺松、增隙、拔除、冲洗、清理、缝合、止血、处理用物等步骤所需的人力资源和基本物质资源消耗。 | F80: 牙 | G80: 本项目所称“复杂阻生牙拔除”指：被牙龈覆盖的各类阻生牙、完全埋藏颌骨内的各类阻生牙及多生牙的情况。 | H80: 219.7 | I80: 199.75 | J80: 189.8 | K80: =I80*0.9 -> 179.775 | L80: =_xlfn.XLOOKUP(B80,[7]打印格式!$B$1:$B$65536,[7]打印格式!$H$1:$H$65536) -> 乙类 | N80: 手术费
A81: 77 | B81: 013306020060001 | C81: 阻生牙拔除费-儿童（加收） | F81: 牙 | H81: =H80*0.2 -> 43.94 | I81: =I80*0.2 -> 39.95 | J81: =J80*0.2 -> 37.96 | K81: =I81*0.9 -> 35.955 | L81: =_xlfn.XLOOKUP(B81,[7]打印格式!$B$1:$B$65536,[7]打印格式!$H$1:$H$65536) -> 自费 | N81: 手术费
A82: 78 | B82: 013306020060011 | C82: 阻生牙拔除费-复杂阻生牙拔除（加收） | F82: 牙 | G82: 本项目所称“复杂阻生牙拔除”指：被牙龈覆盖的各类阻生牙、完全埋藏颌骨内的各类阻生牙及多生牙的情况。 | H82: 43.94 | I82: 39.95 | J82: 37.96 | K82: =I82*0.9 -> 35.955 | L82: =_xlfn.XLOOKUP(B82,[7]打印格式!$B$1:$B$65536,[7]打印格式!$H$1:$H$65536) -> 甲类 | N82: 手术费
A83: 79 | B83: 013306020060100 | C83: 阻生牙拔除费-多生牙拔除费（扩展） | F83: 牙 | H83: =H80 -> 219.7 | I83: =I80 -> 199.75 | J83: =J80 -> 189.8 | K83: =I83*0.9 -> 179.775 | L83: =_xlfn.XLOOKUP(B83,[7]打印格式!$B$1:$B$65536,[7]打印格式!$H$1:$H$65536) -> 甲类 | N83: 手术费
A84: 80 | B84: 013306020070000 | C84: 阻生牙开窗助萌费 | D84: 通过手术去除阻生牙萌出阻力。 | E84: 所定价格涵盖手术计划、术区准备、消毒、切开、显露牙、冲洗、缝合、止血、处理用物等步骤所需的人力资源和基本物质资源消耗。 | F84: 牙 | H84: 56.1 | I84: 51 | J84: =I84*0.95 -> 48.45 | K84: =I84*0.9 -> 45.9 | L84: =_xlfn.XLOOKUP(B84,[7]打印格式!$B$1:$B$65536,[7]打印格式!$H$1:$H$65536) -> 乙类 | N84: 手术费
A85: 81 | B85: 013306020070001 | C85: 阻生牙开窗助萌费-儿童（加收） | F85: 牙 | H85: 11.2 | I85: 10.2 | J85: =I85*0.95 -> 9.69 | K85: =I85*0.9 -> 9.18 | L85: =_xlfn.XLOOKUP(B85,[7]打印格式!$B$1:$B$65536,[7]打印格式!$H$1:$H$65536) -> 乙类 | N85: 手术费
A86: 82 | B86: 013306020070011 | C86: 阻生牙开窗助萌费-骨阻生开窗助萌（加收） | F86: 牙 | H86: 16.8 | I86: 15.3 | J86: =I86*0.95 -> 14.535 | K86: =I86*0.9 -> 13.77 | L86: =_xlfn.XLOOKUP(B86,[7]打印格式!$B$1:$B$65536,[7]打印格式!$H$1:$H$65536) -> 自费 | N86: 手术费
A87: 83 | B87: 013306020080000 | C87: 阻生牙牙冠切除费 | D87: 通过手术切除阻生牙牙冠。 | E87: 所定价格涵盖手术计划、术区准备、消毒、切开、分离、去骨、截冠、修整、冲洗、缝合、止血、处理用物等步骤所需的人力资源和基本物质资源消耗。 | F87: 牙 | H87: 250 | I87: 227.27273 | J87: =I87*0.95 -> 215.90909 | K87: =I87*0.9 -> 204.54545 | L87: =_xlfn.XLOOKUP(B87,[7]打印格式!$B$1:$B$65536,[7]打印格式!$H$1:$H$65536) -> 自费 | N87: 手术费
A88: 84 | B88: 013306020080001 | C88: 阻生牙牙冠切除费-儿童（加收） | F88: 牙 | H88: 50 | I88: 45.454545 | J88: =I88*0.95 -> 43.181818 | K88: =I88*0.9 -> 40.909091 | L88: =_xlfn.XLOOKUP(B88,[7]打印格式!$B$1:$B$65536,[7]打印格式!$H$1:$H$65536) -> 自费 | N88: 手术费
A89: 85 | B89: 013306020090000 | C89: 拔牙创搔刮费 | D89: 通过手术对拔牙创愈合不良的创面进行搔刮、清创处理。 | E89: 所定价格涵盖手术计划、术区准备、消毒、切开翻瓣、分离、刮除、冲洗、填塞、缝合、处理用物等步骤所需的人力资源和基本物质资源消耗。 | F89: 牙 | G89: 仅限于拔牙创愈合不良情况时收费，其他情况不单独收费。 | H89: 35.2 | I89: 32 | J89: =I89*0.95 -> 30.4 | K89: =I89*0.9 -> 28.8 | L89: =_xlfn.XLOOKUP(B89,[7]打印格式!$B$1:$B$65536,[7]打印格式!$H$1:$H$65536) -> 甲类 | N89: 手术费
A90: 86 | B90: 013306020090001 | C90: 拔牙创搔刮费-儿童（加收） | F90: 牙 | G90: 仅限于拔牙创愈合不良情况时收费，其他情况不单独收费。 | H90: 7 | I90: 6.4 | J90: =I90*0.95 -> 6.08 | K90: =I90*0.9 -> 5.76 | L90: =_xlfn.XLOOKUP(B90,[7]打印格式!$B$1:$B$65536,[7]打印格式!$H$1:$H$65536) -> 自费 | N90: 手术费
A91: 87 | B91: 013306020100000 | C91: 阻生牙龈瓣修整费 | D91: 用于保留、开窗助萌阻生牙修整龈瓣形态，预防感染、创口愈合、维持牙龈形态。 | E91: 所定价格涵盖手术计划、术区准备、消毒、修整、成形、缝合、处理用物等步骤所需的人力资源和基本物质资源消耗。 | F91: 牙 | H91: 57.2 | I91: 52 | J91: =I91*0.95 -> 49.4 | K91: =I91*0.9 -> 46.8 | L91: =_xlfn.XLOOKUP(B91,[7]打印格式!$B$1:$B$65536,[7]打印格式!$H$1:$H$65536) -> 甲类 | N91: 手术费
A92: 88 | B92: 013306020100001 | C92: 阻生牙龈瓣修整费-儿童（加收） | F92: 牙 | H92: 11.4 | I92: 10.4 | J92: =I92*0.95 -> 9.88 | K92: =I92*0.9 -> 9.36 | L92: =_xlfn.XLOOKUP(B92,[7]打印格式!$B$1:$B$65536,[7]打印格式!$H$1:$H$65536) -> 自费 | N92: 手术费
A93: 89 | B93: 013306020110000 | C93: 预防性拔牙窝组织封闭费 | D93: 拔牙后即刻封闭拔牙窝。 | E93: 所定价格涵盖手术计划、术区准备、消毒、修整、打磨、重建血运、修整、减张、封闭、缝合、止血、处理用物等步骤所需的人力资源和基本物质资源消耗。 | F93: 牙 | G93: 该项目指针对使用抗骨吸收药物、抗血管生成药物、放疗后、骨结构不良、硬化性骨髓炎等牙槽窝愈合不良高危患者，以及拔牙后牙槽嵴保存。 | H93: 740 | I93: 672.72727 | J93: =I93*0.95 -> 639.09091 | K93: =I93*0.9 -> 605.45455 | L93: =_xlfn.XLOOKUP(B93,[7]打印格式!$B$1:$B$65536,[7]打印格式!$H$1:$H$65536) -> 自费 | N93: 手术费
A94: 90 | B94: 013306020110001 | C94: 预防性拔牙窝组织封闭费-儿童（加收） | F94: 牙 | G94: 该项目指针对使用抗骨吸收药物、抗血管生成药物、放疗后、骨结构不良、硬化性骨髓炎等牙槽窝愈合不良高危患者，以及拔牙后牙槽嵴保存。 | H94: 148 | I94: 134.54545 | J94: =I94*0.95 -> 127.81818 | K94: =I94*0.9 -> 121.09091 | L94: =_xlfn.XLOOKUP(B94,[7]打印格式!$B$1:$B$65536,[7]打印格式!$H$1:$H$65536) -> 自费 | N94: 手术费
A95: 91 | B95: 013306020120000 | C95: 牙移植费 | D95: 通过手术将自体牙植入牙槽窝。 | E95: 所定价格涵盖手术计划、术区准备、消毒、修整、预备、植入、固定、调合、冲洗、缝合、止血、处理用物等步骤所需的人力资源和基本物质资源消耗。不包括供体牙拔除及其他治疗费用。 | F95: 牙 | H95: 302.4 | I95: 274.87273 | J95: =I95*0.95 -> 261.12909 | K95: =I95*0.9 -> 247.38545 | L95: =_xlfn.XLOOKUP(B95,[7]打印格式!$B$1:$B$65536,[7]打印格式!$H$1:$H$65536) -> 甲类 | N95: 手术费
A96: 92 | B96: 013306020120001 | C96: 牙移植费-儿童（加收） | F96: 牙 | H96: 60.48 | I96: 54.974545 | J96: =I96*0.95 -> 52.225818 | K96: =I96*0.9 -> 49.477091 | L96: =_xlfn.XLOOKUP(B96,[7]打印格式!$B$1:$B$65536,[7]打印格式!$H$1:$H$65536) -> 自费 | N96: 手术费
A97: 93 | B97: 013306020120100 | C97: 牙移植费-牙再植费（扩展） | F97: 牙 | H97: 302.4 | I97: 274.87273 | J97: =I97*0.95 -> 261.12909 | K97: =I97*0.9 -> 247.38545 | L97: =_xlfn.XLOOKUP(B97,[7]打印格式!$B$1:$B$65536,[7]打印格式!$H$1:$H$65536) -> 自费 | N97: 手术费
A98: 94 | B98: 013306020130000 | C98: 口腔良性肿物切除费 | D98: 通过手术切除口腔内的良性肿物。 | E98: 所定价格涵盖手术计划、术区准备、消毒、切开、解剖、分离、探查切除、冲洗、止血、缝合、处理用物等步骤所需的人力资源和基本物质资源消耗。 | F98: 病灶 | H98: 249.5 | I98: 226.77498 | J98: =I98*0.95 -> 215.43623 | K98: =I98*0.9 -> 204.09748 | L98: =_xlfn.XLOOKUP(B98,[7]打印格式!$B$1:$B$65536,[7]打印格式!$H$1:$H$65536) -> 甲类 | N98: 手术费
A99: 95 | B99: 013306020130001 | C99: 口腔良性肿物切除费-儿童（加收） | F99: 病灶 | H99: 49.9 | I99: 45.354996 | J99: =I99*0.95 -> 43.087246 | K99: =I99*0.9 -> 40.819496 | L99: =_xlfn.XLOOKUP(B99,[7]打印格式!$B$1:$B$65536,[7]打印格式!$H$1:$H$65536) -> 自费 | N99: 手术费
A100: 96 | B100: 013306020130011 | C100: 口腔良性肿物切除费-软组织缺损修复（加收） | F100: 病灶 | H100: 249.5 | I100: 226.77498 | J100: =I100*0.95 -> 215.43623 | K100: =I100*0.9 -> 204.09748 | L100: =_xlfn.XLOOKUP(B100,[7]打印格式!$B$1:$B$65536,[7]打印格式!$H$1:$H$65536) -> 自费 | N100: 手术费
A101: 97 | B101: 013306020140000 | C101: 口腔系带修整费 | D101: 通过手术调整口腔系带。 | E101: 所定价格涵盖手术计划、术区准备、消毒、切开、修整、缝合、处理用物等步骤所需的人力资源和基本物质资源消耗。 | F101: 次 | H101: 155.2 | I101: 141.07273 | J101: =I101*0.95 -> 134.01909 | K101: =I101*0.9 -> 126.96545 | L101: =_xlfn.XLOOKUP(B101,[7]打印格式!$B$1:$B$65536,[7]打印格式!$H$1:$H$65536) -> 自费 | N101: 手术费
A102: 98 | B102: 013306020140001 | C102: 口腔系带修整费-儿童（加收） | F102: 次 | H102: 31 | I102: 28.214545 | J102: =I102*0.95 -> 26.803818 | K102: =I102*0.9 -> 25.393091 | L102: =_xlfn.XLOOKUP(B102,[7]打印格式!$B$1:$B$65536,[7]打印格式!$H$1:$H$65536) -> 自费 | N102: 手术费
A103: 99 | B103: 013306020150000 | C103: 颌骨病变刮切费（口内） | D103: 口内入路治疗颌骨内的良性病变。 | E103: 所定价格涵盖手术计划、术区准备、消毒、切开、翻瓣、去骨、切除或刮切、化学烧灼、止血、冲洗、骨修整、缝合等操作所需的人力资源和基本物质资源消耗。 | F103: 次 | H103: 1087.4 | I103: 988.5 | J103: =I103*0.95 -> 939.075 | K103: =I103*0.9 -> 889.65 | L103: =_xlfn.XLOOKUP(B103,[7]打印格式!$B$1:$B$65536,[7]打印格式!$H$1:$H$65536) -> 甲类 | N103: 手术费
A104: 100 | B104: 013306020150001 | C104: 颌骨病变刮切费（口内）-儿童（加收） | F104: 次 | H104: 217.5 | I104: 197.7 | J104: =I104*0.95 -> 187.815 | K104: =I104*0.9 -> 177.93 | L104: =_xlfn.XLOOKUP(B104,[7]打印格式!$B$1:$B$65536,[7]打印格式!$H$1:$H$65536) -> 自费 | N104: 手术费
...

Sheet 附件6-拟停用口腔类医疗服务价格项目表
A1: 附件6 | B1: 拟停用口腔类医疗服务价格项目表
A2: 序号 | B2: 项目编码 | C2: 项目名称 | D2: 医保结算编码
A3: 1 | B3: 3105.01 | C3: 真空压力蒸气灭菌手机消毒成本费 | D3: 003105000000001-3105.01
A4: 2 | B4: 310501001 | C4: 全口牙病系统检查与治疗设计 | D4: 003105010010000-310501001
A5: 3 | B5: 310501001.01 | C5: 全口牙病系统检查与治疗设计(牙周专业检查加收) | D5: 003105010010001-310501001.01
A6: 4 | B6: 310501002 | C6: 咬合检查 | D6: 003105010020000-310501002
A7: 5 | B7: 310501003 | C7: 颌力测量检查 | D7: 003105010030000-310501003
A8: 6 | B8: 310501004 | C8: 咀嚼功能检查 | D8: 003105010040000-310501004
A9: 7 | B9: 310501005 | C9: 下颌运动检查 | D9: 003105010050000-310501005
A10: 8 | B10: 310501005.10 | C10: 下颌运动检查(髁状突运动轨迹描记) | D10: 003105010050100-310501005.10
A11: 9 | B11: FHL02401 | C11: 唾液流量测定 | D11: 003105010060000-FHL02401
A12: 10 | B12: 310501007 | C12: 口腔模型制备 | D12: 003105010070000-310501007
A13: 11 | B13: 310501008 | C13: 记存模型制备 | D13: 003105010080000-310501008
A14: 12 | B14: 310501009 | C14: 面部模型制备 | D14: 003105010090000-310501009
... A478: 476 | B478: 310508002 | C478: 测色仪检查 | D478: 003105080020000-310508002

Sheet 附件7-口腔类医疗服务项目映射表
A1: 附件7 | B1: 口腔类医疗服务项目整合映射关系表
A2: 立项指南口腔类医疗服务价格项目 | E2: 医保医疗服务项目分类与代码 | I2: 国家卫健委2023版技术规范项目 | M2: 映射现行重庆项目
E3: 同主项目/扩展项/加收项收取 | G3: 纳入价格构成 | I3: 同主项目/扩展项/加收项收取 | K3: 纳入价格构成 | M3: 现行重庆项目 | O3: 纳入价格构成
A4: 序号 | B4: 项目编码 | C4: 项目名称 | D4: 计价单位 | E4: 项目编码 | F4: 项目名称 | G4: 项目编码 | H4: 项目名称 | I4: 项目编码 | J4: 项目名称 | K4: 项目编码 | L4: 项目名称 | M4: 重新映射编码 | N4: 重新映射名称 | O4: 项目编码 | P4: 项目名称
A5: 1 | B5: 013105020010000 | C5: 乳牙期错合矫治费（常规） | D5: 疗程 | E5: 3105220010000 3105220010001 3105220010100 3105220010200 3105220050000 3105220050100 3105220050200 3105070030000 3105070040000 3105070050000 3105070060000 3105070060001 3105070060100 | F5: 乳牙期安氏I类错合正畸治疗 乳牙期安氏I类错合正畸治疗（前牙或后牙开合加收） 乳牙期安氏I类错合正畸治疗（含乳牙早失、乳前牙反合的矫治） 乳牙期安氏I类错合正畸治疗（使用间隙保持器、活动矫治器） 乳牙期安氏II类错合正畸治疗 乳牙期安氏II类错合正畸治疗（乳牙早失、上頦前突、乳前牙反合的矫治） 乳牙期安氏II类错合正畸治疗（使用间隙保持器、活动矫治器治疗） 固定矫治器复诊处置 活动矫治器复诊处置 功能矫治器复诊处置 特殊矫治器复诊处置 特殊矫治器复诊处置（使用舌侧矫正器加收） 特殊矫治器复诊处置（推杆式矫治） | G5: 3105120050000 3105120060000 3105120070000 3105120070100 3105120070200 | H5: 制戴固定式缺隙保持器 制戴活动式缺隙保持器 制戴活动矫正器 制戴活动矫正器（乳牙列部分错合畸形的矫治） 制戴活动矫正器（混合牙列部分错合畸形的矫治） | I5: KHS4F713 KHN4G401 KHJ4G402 KHS4G401 KHS4G402 KHS4G403 KHS4G448 KHW4G401 KHW4G402 KHS4G409 KHS4G418 KHS4G434 | J5: 阻生磨牙矫治 错合畸形唇腭裂序列正畸治疗 错合畸形颞下颌关节紊乱病正畸治疗 错合畸形复杂咬合创伤正畸治疗 复杂咬合创伤正畸治疗 正颌外科手术前后正畸治疗 错合畸形伴牙周病活动矫治器正畸治疗 错合畸形牙周病正畸治疗 错合畸形伴重度牙周病正畸治疗 乳牙期安氏Ⅰ类错合正畸治疗 乳牙期安氏Ⅱ类错合正畸治疗 乳牙期安氏Ⅲ类错合正畸治疗 | K5: KHS3G405 KHS3G404 KHS3G403 KHS3G402 KHS3G401 KHE4D401 KHE4F701 KHM4D401 KHM4F401 KHM4K401 KHN4A702 KHT4B703 KHZ4A701 KHZ4A702 KHZ4A703 KHS4C402 KHS4C403 KHS4G405 KHS4G406 KHS4G407 | L5: 无托槽隐形矫治器复诊处置 功能矫治器复诊处置 活动矫治器复诊处置 固定矫治器复诊处置 舌侧固定矫治器复诊处置 颌间固定物拆除术 牵张器加力调整 矫治器拆除术 辅助性调合治疗 口腔激光治疗 唇弓制备 邻面去釉 复杂唇弓器制备 带环制备 咬合导板制备 制戴固定式缺隙保持器 制戴活动式缺隙保持器 活动正畸保持器治疗 压膜式正畸保持器治疗 固定式正畸保持器治疗 | M5: 310522001 310522001.10 310522001.20 310522005 310522005.10 310522005.20 310515007 310505001 310505001.10 310505001.20 330604025 | N5: 乳牙期安氏I类错颌正畸治疗 乳牙期安氏I类错颌正畸治疗(含乳牙早失、乳前牙反合的矫治) 乳牙期安氏I类错颌正畸治疗(使用间隙保持器、活动矫治器) 乳牙期安氏Ⅱ类错颌正畸治疗 乳牙期安氏II类错颌正畸治疗(乳牙早失、上頦前突、乳前牙反合的矫治) 乳牙期安氏II类错颌正畸治疗(使用间隙保持器、活动矫治器治疗) 腭裂术后语音训练治疗 正颌外科手术设计与面型预测 正颌外科手术设计与面型预测(VTO技术) 正颌外科手术设计与面型预测(电子计算机技术) 牙外科正畸术 | O5: 310507003 310507004 310507005 310507006 310507001 310510008 310515001 310507006.10 | P5: 固定矫治器复诊处置 活动矫治器复诊处置 功能矫治器复诊处置 特殊矫治器复诊处置 错颌畸形初检 激光口内治疗 颞下颌关节复位 特殊矫治器复诊处置(推杆式矫治)
A6: 2 | B6: 013105020020000 | C6: 乳牙期错合矫治费（复杂） | D6: 疗程 | E6: 3105220010000 3105220010001 3105220010100 3105220010200 3105220050000 3105220050100 3105220050200 3105220130000 3105220130100 3105220130200 3105070030000 3105070040000 3105070050000 3105070060000 3105070060001 3105070060100 3105220220000 3105220220200 3105220240000 3105220240100 3105220240200 3105220220100 3105220210100 3105220210200 3105220210300 3105220210400 3105210010000 3105210010001 3105210010002 | F6: 乳牙期安氏I类错合正畸治疗 乳牙期安氏I类错合正畸治疗（前牙或后牙开合加收） 乳牙期安氏I类错合正畸治疗（含乳牙早失、乳前牙反合的矫治） 乳牙期安氏I类错合正畸治疗（使用间隙保持器、活动矫治器） 乳牙期安氏II类错合正畸治疗 乳牙期安氏II类错合正畸治疗（乳牙早失、上頦前突、乳前牙反合的矫治） 乳牙期安氏II类错合正畸治疗（使用间隙保持器、活动矫治器治疗） 乳牙期安氏III类错合正畸治疗 乳牙期安氏III类错合正畸治疗（乳前牙反合） 乳牙期安氏III类错合正畸治疗（使用活动矫治器或下颌连冠式斜面导板治疗） 固定矫治器复诊处置 活动矫治器复诊处置 功能矫治器复诊处置 特殊矫治器复诊处置 特殊矫治器复诊处置（使用舌侧矫正器加收） 特殊矫治器复诊处置（推杆式矫治） 早期颜面不对称正畸治疗 早期颜面不对称正畸治疗（使用活动矫治器和固定矫治器） 颅面畸形正畸治疗 颅面畸形正畸治疗（Crouzon综合征、Apert综合征、Treacher-Collins综合征） 颅面畸形正畸治疗（用活动矫治器或固定矫治器治疗） 早期颜面不对称正畸治疗（替牙期由错合引起或颜面不对称伴错合的病例） 单侧唇腭裂序列正畸治疗（单侧牙槽突裂） 单侧唇腭裂序列正畸治疗（无骨骼畸形和面部畸形） 单侧唇腭裂序列正畸治疗（腭托使用的正畸治疗） 单侧唇腭裂序列正畸治疗（面部畸形） 腭护板导板矫治 腭护板导板矫治（加放射治疗装置加收） 腭护板导板矫治（间接法制作加收） | G6: 3105120050000 3105120060000 3105120070000 3105120070100 3105120070200 | H6: 制戴固定式缺隙保持器 制戴活动式缺隙保持器 制戴活动矫正器 制戴活动矫正器（乳牙列部分错合畸形的矫治） 制戴活动矫正器（混合牙列部分错合畸形的矫治） | I6: KHS4F713 KHA4G401 KHS4G401 KHS4G402 KHS4G403 KHS4G448 KHW4G401 KHW4G402 KHN4G402 KHJ4G401 KHS4G410 KHS4G419 KHS4G435 KHA4G402 | J6: 阻生磨牙矫治 错合畸形复杂颅颌面畸形辅助正畸治疗 错合畸形复杂咬合创伤正畸治疗 复杂咬合创伤正畸治疗 正颌外科手术前后正畸治疗 错合畸形伴牙周病活动矫治器正畸治疗 错合畸形牙周病正畸治疗 错合畸形伴重度牙周病正畸治疗 错合畸形复杂唇腭裂序列正畸治疗 错合畸形复杂颞下颌关节紊乱病正畸治疗 乳牙期复杂安氏Ⅰ类错合正畸治疗 乳牙期复杂安氏Ⅱ类错合正畸治疗 乳牙期复杂安氏Ⅲ类错合正畸治疗 乳牙期颜面不对称畸形矫形治疗 | K6: KHS3G405 KHS3G404 KHS3G403 KHS3G402 KHS3G401 KHE4D401 KHE4F701 KHM4D401 KHM4F401 KHM4K401 KHN4A702 KHT4B703 KHZ4A701 KHZ4A702 KHZ4A703 KHS4C402 KHS4C403 KHS4G405 KHS4G406 KHS4G407 | L6: 无托槽隐形矫治器复诊处置 功能矫治器复诊处置 活动矫治器复诊处置 固定矫治器复诊处置 舌侧固定矫治器复诊处置 颌间固定物拆除术 牵张器加力调整 矫治器拆除术 辅助性调合治疗 口腔激光治疗 唇弓制备 邻面去釉 复杂唇弓器制备 带环制备 咬合导板制备 制戴固定式缺隙保持器 制戴活动式缺隙保持器 活动正畸保持器治疗 压膜式正畸保持器治疗 固定式正畸保持器治疗 | M6: 310522001 310522001.10 310522001.20 310522005 310522005.10 310522005.20 310522013 310522013.10 310522013.20 310522022 310522022.20 310522024 310522024.10 310522024.20 310522022.10 310522021.10 310522021.20 310522021.30 310522021.40 | N6: 乳牙期安氏I类错颌正畸治疗 乳牙期安氏I类错颌正畸治疗(含乳牙早失、乳前牙反合的矫治) 乳牙期安氏I类错颌正畸治疗(使用间隙保持器、活动矫治器) 乳牙期安氏Ⅱ类错颌正畸治疗 乳牙期安氏II类错颌正畸治疗(乳牙早失、上頦前突、乳前牙反合的矫治) 乳牙期安氏II类错颌正畸治疗(使用间隙保持器、活动矫治器治疗) 乳牙期安氏Ⅲ类错颌正畸治疗 乳牙期安氏III类错颌正畸治疗(乳前牙反合) 乳牙期安氏III类错颌正畸治疗(使用活动矫治器或下颌连冠式斜面导板治疗) 早期颜面不对称正畸治疗 早期颜面不对称正畸治疗(使用活动矫治器和固定矫治器) 颅面畸形正畸治疗 颅面畸形正畸治疗(Crouzon综合征、Apert综合征、Treacher-Collins综合征) 颅面畸形正畸治疗(用活动矫治器或固定矫治器治疗) 早期颜面不对称正畸治疗(替牙期由错颌引起或颜面不对称伴错颌的病例) 单侧唇腭裂序列正畸治疗(单侧牙槽突裂) 单侧唇腭裂序列正畸治疗(无骨骼畸形和面部畸形) 单侧唇腭裂序列正畸治疗(腭托使用的正畸治疗) 侧唇腭裂序列正畸治疗(面部畸形) | O6: 310507003 310507004 310507005 310507006 310507006.10 310521001 310521001.02 310521001.01 | P6: 固定矫治器复诊处置 活动矫治器复诊处置 功能矫治器复诊处置 特殊矫治器复诊处置 特殊矫治器复诊处置(推杆式矫治) 腭护板导板矫治 腭护板导板矫治(加放射治疗装置加收) 腭护板导板矫治(间接法制作加收)
A7: 3 | B7: 013105020030000 | C7: 替牙期Ⅰ类错合矫治费（常规） | D7: 疗程 | E7: 3105220020000 3105220020100 3105220020200 3105220030000 3105220030100 3105220030200 3105220280000 3105070030000 3105070040000 3105070050000 3105070060000 3105070060001 3105070060100 | F7: 替牙期安氏I类错合活动矫治器正畸治疗 替牙期安氏I类错合活动矫治器正畸治疗（替牙障碍） 替牙期安氏I类错合活动矫治器正畸治疗（不良口腔习惯的矫治） 替牙期安氏I类错合固定矫治器正畸治疗 替牙期安氏I类错合固定矫治器正畸治疗（使用简单固定矫治器） 替牙期安氏I类错合固定矫治器正畸治疗（使用常规固定矫治器治疗） 正畸保持器治疗 固定矫治器复诊处置 活动矫治器复诊处置 功能矫治器复诊处置 特殊矫治器复诊处置 特殊矫治器复诊处置（使用舌侧矫正器加收） 特殊矫治器复诊处置（推杆式矫治） | G7: 3105120050000 3105120060000 3105120070000 3105120070200 3105070070000 | H7: 制戴固定式缺隙保持器 制戴活动式缺隙保持器 制戴活动矫正器 制戴活动矫正器（混合牙列部分错合畸形的矫治） 错合畸形正中合位检查 | I7: KHS4F713 KHN4G401 KHJ4G402 KHS4G401 KHS4G402 KHS4G403 KHS4G448 KHW4G401 KHW4G402 KHS4G411 KHS4G412 | J7: 阻生磨牙矫治 错合畸形唇腭裂序列正畸治疗 错合畸形颞下颌关节紊乱病正畸治疗 错合畸形复杂咬合创伤正畸治疗 复杂咬合创伤正畸治疗 正颌外科手术前后正畸治疗 错合畸形伴牙周病活动矫治器正畸治疗 错合畸形牙周病正畸治疗 错合畸形伴重度牙周病正畸治疗 替牙期安氏Ⅰ类错合活动矫治器正畸治疗 替牙期安氏Ⅰ类错合固定矫治器正畸治疗 | K7: KHS3G405 KHS3G404 KHS3G403 KHS3G402 KHS3G401 KHE4D401 KHE4F701 KHM4D401 KHM4F401 KHM4K401 KHN4A702 KHT4B703 KHZ4A701 KHZ4A702 KHZ4A703 KHS4C402 KHS4C403 KHS4G405 KHS4G406 KHS4G407 | L7: 无托槽隐形矫治器复诊处置 功能矫治器复诊处置 活动矫治器复诊处置 固定矫治器复诊处置 舌侧固定矫治器复诊处置 颌间固定物拆除术 牵张器加力调整 矫治器拆除术 辅助性调合治疗 口腔激光治疗 唇弓制备 邻面去釉 复杂唇弓器制备 带环制备 咬合导板制备 制戴固定式缺隙保持器 制戴活动式缺隙保持器 活动正畸保持器治疗 压膜式正畸保持器治疗 固定式正畸保持器治疗 | M7: 310522002 310522002.10 310522002.20 310522003 310522003.10 310522003.20 | N7: 替牙期安氏I类错颌活动矫治器正畸治疗 替牙期安氏I类错颌活动矫治器正畸治疗(替牙障碍) 替牙期安氏I类错颌活动矫治器正畸治疗(不良口腔习惯的矫治) 替牙期安氏I类错颌固定矫治器正畸治疗 替牙期安氏I类错颌固定矫治器正畸治疗(使用简单固定矫治器) 替牙期安氏I类错颌固定矫治器正畸治疗(使用常规固定矫治器治疗) | O7: 310522028 310507003 310507004 310507005 310507006 310507006.10 | P7: 正畸保持器治疗 固定矫治器复诊处置 活动矫治器复诊处置 功能矫治器复诊处置 特殊矫治器复诊处置 特殊矫治器复诊处置(推杆式矫治)
A8: 4 | B8: 013105020040000 | C8: 替牙期Ⅰ类错合矫治费（复杂） | D8: 疗程 | E8: 3105220020000 3105220020100 3105220020200 3105220030000 3105220030100 3105220030200 3105220280000 3105070030000 3105070040000 3105070050000 3105070060000 3105070060001 3105070060100 3105220200000 3105220200100 3105220200200 3105220210000 3105220210100 3105220210200 3105220210300 3105220210400 3105220220000 3105220220100 3105220220200 3105220240000 3105220240100 3105220240200 3105220250000 3105220250100 3105220250200 | F8: 替牙期安氏I类错合活动矫治器正畸治疗 替牙期安氏I类错合活动矫治器正畸治疗（替牙障碍） 替牙期安氏I类错合活动矫治器正畸治疗（不良口腔习惯的矫治） 替牙期安氏I类错合固定矫治器正畸治疗 替牙期安氏I类错合固定矫治器正畸治疗（使用简单固定矫治器） 替牙期安氏I类错合固定矫治器正畸治疗（使用常规固定矫治器治疗） 正畸保持器治疗 固定矫治器复诊处置 活动矫治器复诊处置 功能矫治器复诊处置 特殊矫治器复诊处置 特殊矫治器复诊处置（使用舌侧矫正器加收） 特殊矫治器复诊处置（推杆式矫治） 合创伤正畸治疗 合创伤正畸治疗（由咬合因素引起的合创伤） 合创伤正畸治疗（用活动矫治器或固定矫治器治疗） 单侧唇腭裂序列正畸治疗 单侧唇腭裂序列正畸治疗（单侧牙槽突裂） 单侧唇腭裂序列正畸治疗（无骨骼畸形和面部畸形） 单侧唇腭裂序列正畸治疗（腭托使用的正畸治疗） 单侧唇腭裂序列正畸治疗（面部畸形） 早期颜面不对称正畸治疗 早期颜面不对称正畸治疗（替牙期由错合引起或颜面不对称伴错合的病例） 早期颜面不对称正畸治疗（使用活动矫治器和固定矫治器） 颅面畸形正畸治疗 颅面畸形正畸治疗（Crouzon综合征、Apert综合征、Treacher-Collins综合征） 颅面畸形正畸治疗（用活动矫治器或固定矫治器治疗） 颞下颌关节病正畸治疗 颞下颌关节病正畸治疗（颞下颌关节的弹响、疼痛、关节盘移位等的正畸治疗） 颞下颌关节病正畸治疗（用活动矫治器或固定矫治器治疗） | G8: 3105120050000 3105120060000 3105120070000 3105120070200 3105070070000 | H8: 制戴固定式缺隙保持器 制戴活动式缺隙保持器 制戴活动矫正器 制戴活动矫正器（混合牙列部分错合畸形的矫治） 错合畸形正中合位检查 | I8: KHS4F713 KHA4G401 KHS4G401 KHS4G402 KHS4G403 KHS4G448 KHW4G401 KHW4G402 KHN4G402 KHJ4G401 KHA4G403 KHJ4G401 KHS4G413 KHS4G411 | J8: 阻生磨牙矫治 错合畸形复杂颅颌面畸形辅助正畸治疗 错合畸形复杂咬合创伤正畸治疗 复杂咬合创伤正畸治疗 正颌外科手术前后正畸治疗 错合畸形伴牙周病活动矫治器正畸治疗 错合畸形牙周病正畸治疗 错合畸形伴重度牙周病正畸治疗 错合畸形复杂唇腭裂序列正畸治疗 错合畸形复杂颞下颌关节紊乱病正畸治疗 替牙期颜面不对称畸形矫形治疗 错合畸形复杂颞下颌关节紊乱病正畸治疗 替牙期复杂安氏Ⅰ类错合固定矫治器正畸治疗 替牙期安氏Ⅰ类错合活动矫治器正畸治疗 | K8: KHS3G405 KHS3G404 KHS3G403 KHS3G402 KHS3G401 KHE4D401 KHE4F701 KHM4D401 KHM4F401 KHM4K401 KHN4A702 KHT4B703 KHZ4A701 KHZ4A702 KHZ4A703 KHS4C402 KHS4C403 KHS4G405 KHS4G406 KHS4G407 | L8: 无托槽隐形矫治器复诊处置 功能矫治器复诊处置 活动矫治器复诊处置 固定矫治器复诊处置 舌侧固定矫治器复诊处置 颌间固定物拆除术 牵张器加力调整 矫治器拆除术 辅助性调合治疗 口腔激光治疗 唇弓制备 邻面去釉 复杂唇弓器制备 带环制备 咬合导板制备 制戴固定式缺隙保持器 制戴活动式缺隙保持器 活动正畸保持器治疗 压膜式正畸保持器治疗 固定式正畸保持器治疗 | M8: 310522002 310522002.10 310522002.20 310522003 310522003.10 310522003.20 310522020 310522020.10 310522020.20 310522021 310522021.10 310522021.20 310522021.30 310522021.40 310522022 310522022.10 310522022.20 310522024 310522024.10 310522024.20 310522025 310522025.10 310522025.20 | N8: 替牙期安氏I类错颌活动矫治器正畸治疗 替牙期安氏I类错颌活动矫治器正畸治疗(替牙障碍) 替牙期安氏I类错颌活动矫治器正畸治疗(不良口腔习惯的矫治) 替牙期安氏I类错颌固定矫治器正畸治疗 替牙期安氏I类错颌固定矫治器正畸治疗(使用简单固定矫治器) 替牙期安氏I类错颌固定矫治器正畸治疗(使用常规固定矫治器治疗) 颌创伤正畸治疗 合创伤正畸治疗(由咬合因素引起的颌创伤) 合创伤正畸治疗(用活动矫治器或固定矫治器治疗) 单侧唇腭裂序列正畸治疗 单侧唇腭裂序列正畸治疗(单侧牙槽突裂) 单侧唇腭裂序列正畸治疗(无骨骼畸形和面部畸形) 单侧唇腭裂序列正畸治疗(腭托使用的正畸治疗) 侧唇腭裂序列正畸治疗(面部畸形) 早期颜面不对称正畸治疗 早期颜面不对称正畸治疗(替牙期由错颌引起或颜面不对称伴错颌的病例) 早期颜面不对称正畸治疗(使用活动矫治器和固定矫治器) 颅面畸形正畸治疗 颅面畸形正畸治疗(Crouzon综合征、Apert综合征、Treacher-Collins综合征) 颅面畸形正畸治疗(用活动矫治器或固定矫治器治疗) 颞下颌关节病正畸治疗 颞下颌关节病正畸治疗(颞下颌关节的弹响、疼痛、关节盘移位等的正畸治疗) 颞下颌关节病正畸治疗(用活动矫治器或固定矫治器治疗) | O8: 310522028 310507003 310507004 310507005 310507006 310507006.10 | P8: 正畸保持器治疗 固定矫治器复诊处置 活动矫治器复诊处置 功能矫治器复诊处置 特殊矫治器复诊处置 特殊矫治器复诊处置(推杆式矫治)
A9: 5 | B9: 013105020050000 | C9: 替牙期Ⅱ类错合矫治费（常规） | D9: 疗程 | E9: 3105220060000 3105220060100 3105220060200 3105220070000 3105220070001 3105220070002 3105220070003 3105220070100 3105220070200 3105220080000 3105220080001 3105220080002 3105220080003 3105220080100 3105220080200 3105220090000 3105220090001 3105220090002 3105220090003 3105220060100 3105220060200 3105220090100 3105220090200 3105070040000 3105070050000 3105070060000 3105070060001 3105070060100 3105220200000 3105220200100 3105220200200 3105070070000 3105220210000 3105220210100 3105220210200 3105220210300 3105220210400 3105220220000 3105220220100 3105220220200 3105220240000 3105220240100 3105220240200 3105220250000 3105220250100 3105220250200 | F9: 替牙期安氏II类错合口腔不良习惯正畸治疗 替牙期安氏II类错合口腔不良习惯正畸治疗（简单固定矫治器） 替牙期安氏II类错合口腔不良习惯正畸治疗（活动矫治器） 替牙期牙性安氏II类错合活动矫治器正畸治疗 替牙期牙性安氏II类错合活动矫治器正畸治疗（前牙反合加收） 替牙期牙性安氏II类错合活动矫治器正畸治疗（前牙或后牙开合加收） 替牙期牙性安氏II类错合活动矫治器正畸治疗（严重深覆合加收） 替牙期牙性安氏II类错合活动矫治器正畸治疗（含替牙障碍） 替牙期牙性安氏II类错合活动矫治器正畸治疗（上颌前突） 替牙期牙性安氏II类错合固定矫治器正畸治疗 替牙期牙性安氏II类错合固定矫治器正畸治疗（前牙反合加收） 替牙期牙性安氏II类错合固定矫治器正畸治疗（前牙或后牙开合加收） 替牙期牙性安氏II类错合固定矫治器正畸治疗（严重深覆合加收） 替牙期牙性安氏II类错合固定矫治器正畸治疗（简单固定矫正器） 替牙期牙性安氏II类错合固定矫治器正畸治疗（常规固定矫正器） 替牙期骨性安氏II类错合正畸治疗 替牙期骨性安氏II类错合正畸治疗（前牙反合加收） 替牙期骨性安氏II类错合正畸治疗（前牙或后牙开合加收） 替牙期骨性安氏II类错合正畸治疗（严重深覆合加收） 替牙期骨性安氏II类错合正畸治疗（严重上颌前突） 替牙期骨性安氏II类错合正畸治疗（活动矫治器治疗或简单固定矫治器） 正畸保持器治疗 固定矫治器复诊处置 活动矫治器复诊处置 功能矫治器复诊处置 特殊矫治器复诊处置 特殊矫治器复诊处置（使用舌侧矫正器加收） 特殊矫治器复诊处置（推杆式矫治） 合创伤正畸治疗 合创伤正畸治疗（由咬合因素引起的合创伤） 合创伤正畸治疗（用活动矫治器或固定矫治器治疗） 错合畸形正中合位检查 单侧唇腭裂序列正畸治疗 单侧唇腭裂序列正畸治疗（单侧牙槽突裂） 单侧唇腭裂序列正畸治疗（无骨骼畸形和面部畸形） 单侧唇腭裂序列正畸治疗（腭托使用的正畸治疗） 单侧唇腭裂序列正畸治疗（面部畸形） 早期颜面不对称正畸治疗 早期颜面不对称正畸治疗（替牙期由错合引起或颜面不对称伴错合的病例） 早期颜面不对称正畸治疗（使用活动矫治器和固定矫治器） 颅面畸形正畸治疗 颅面畸形正畸治疗（Crouzon综合征、Apert综合征、Treacher-Collins综合征） 颅面畸形正畸治疗（用活动矫治器或固定矫治器治疗） 颞下颌关节病正畸治疗 颞下颌关节病正畸治疗（颞下颌关节的弹响、疼痛、关节盘移位等的正畸治疗） 颞下颌关节病正畸治疗（用活动矫治器或固定矫治器治疗） | G9: 3105120050000 3105120060000 3105120070000 3105120070200 3105070070000 | H9: 制戴固定式缺隙保持器 制戴活动式缺隙保持器 制戴活动矫正器 制戴活动矫正器（混合牙列部分错合畸形的矫治） 错合畸形正中合位检查 | I9: KHS4F713 KHJ4G402 KHS4G401 KHS4G402 KHS4G403 KHS4G448 KHW4G401 KHW4G402 KHS4G420 KHS4G422 KHS4G424 | J9: 阻生磨牙矫治 错合畸形颞下颌关节紊乱病正畸治疗 错合畸形复杂咬合创伤正畸治疗 复杂咬合创伤正畸治疗 正颌外科手术前后正畸治疗 错合畸形伴牙周病活动矫治器正畸治疗 错合畸形牙周病正畸治疗 错合畸形伴重度牙周病正畸治疗 替牙期安氏Ⅱ类错合活动矫治器正畸治疗 替牙期安氏Ⅱ类错合固定矫治器正畸治疗 替牙期骨性Ⅱ类错合正畸治疗 | K9: KHS3G405 KHS3G404 KHS3G403 KHS3G402 KHS3G401 KHE4D401 KHE4F701 KHM4D401 KHM4F401 KHM4K401 KHN4A702 KHT4B703 KHZ4A701 KHZ4A702 KHZ4A703 KHS4C402 KHS4C403 KHS4G405 KHS4G406 KHS4G407 | L9: 无托槽隐形矫治器复诊处置 功能矫治器复诊处置 活动矫治器复诊处置 固定矫治器复诊处置 舌侧固定矫治器复诊处置 颌间固定物拆除术 牵张器加力调整 矫治器拆除术 辅助性调合治疗 口腔激光治疗 唇弓制备 邻面去釉 复杂唇弓器制备 带环制备 咬合导板制备 制戴固定式缺隙保持器 制戴活动式缺隙保持器 活动正畸保持器治疗 压膜式正畸保持器治疗 固定式正畸保持器治疗 | M9: 310522006 310522006.10 310522006.20 310522007 310522007.10 310522007.20 310522008 310522008.10 310522008.20 310522009 310522009.10 310522009.20 310522020 310522020.10 310522020.20 310507007 310522021 310522021.10 310522021.20 310522021.30 310522021.40 310522022 310522022.10 310522022.20 310522024 310522024.10 310522024.20 310522025 310522025.10 310522025.20 | N9: 替牙期安氏Ⅱ类错颌口腔不良习惯正畸治疗 替牙期安氏II类错颌口腔不良习惯正畸治疗(简单固定矫治器) 替牙期安氏II类错颌口腔不良习惯正畸治疗(活动矫治器) 替牙期牙性安氏Ⅱ类错颌活动矫治器正畸治疗 替牙期牙性安氏II类错颌活动矫治器正畸治疗(含替牙障碍) 替牙期牙性安氏II类错颌活动矫治器正畸治疗(上颌前突) 替牙期牙性安氏Ⅱ类错颌固定矫治器正畸治疗 替牙期牙性安氏II类错颌固定矫治器正畸治疗(简单固定矫正器) 替牙期牙性安氏II类错颌固定矫治器正畸治疗(常规固定矫正器) 替牙期骨性安氏Ⅱ类错颌正畸治疗 替牙期骨性安氏II类错颌正畸治疗(严重上颌前突) 替牙期骨性安氏II类错颌正畸治疗(活动矫治器治疗或简单固定矫治器) 颌创伤正畸治疗 合创伤正畸治疗(由咬合因素引起的颌创伤) 合创伤正畸治疗(用活动矫治器或固定矫治器治疗) 错颌畸形正中颌位检查 单侧唇腭裂序列正畸治疗 单侧唇腭裂序列正畸治疗(单侧牙槽突裂) 单侧唇腭裂序列正畸治疗(无骨骼畸形和面部畸形) 单侧唇腭裂序列正畸治疗(腭托使用的正畸治疗) 侧唇腭裂序列正畸治疗(面部畸形) 早期颜面不对称正畸治疗 早期颜面不对称正畸治疗(替牙期由错颌引起或颜面不对称伴错颌的病例) 早期颜面不对称正畸治疗(使用活动矫治器和固定矫治器) 颅面畸形正畸治疗 颅面畸形正畸治疗(Crouzon综合征、Apert综合征、Treacher-Collins综合征) 颅面畸形正畸治疗(用活动矫治器或固定矫治器治疗) 颞下颌关节病正畸治疗 颞下颌关节病正畸治疗(颞下颌关节的弹响、疼痛、关节盘移位等的正畸治疗) 颞下颌关节病正畸治疗(用活动矫治器或固定矫治器治疗) | O9: 310522028 310507003 310507004 310507005 310507006 310507006.10 | P9: 正畸保持器治疗 固定矫治器复诊处置 活动矫治器复诊处置 功能矫治器复诊处置 特殊矫治器复诊处置 特殊矫治器复诊处置(推杆式矫治)
A10: 6 | B10: 013105020060000 | C10: 替牙期Ⅱ类错合矫治费（复杂） | D10: 疗程 | E10: 3105220060000 3105220060100 3105220060200 3105220070000 3105220070001 3105220070002 3105220070003 3105220070100 3105220070200 3105220080000 3105220080001 3105220080002 3105220080003 3105220080100 3105220080200 3105220090000 3105220090001 3105220090002 3105220090003 3105220060100 3105220060200 3105220090100 3105220090200 3105070040000 3105070050000 3105070060000 3105070060001 3105070060100 3105220200000 3105220200100 3105220200200 3105070070000 3105220210000 3105220210100 3105220210200 3105220210300 3105220210400 3105220220000 3105220220100 3105220220200 3105220240000 3105220240100 3105220240200 3105220250000 3105220250100 3105220250200 | F10: 替牙期安氏II类错合口腔不良习惯正畸治疗 替牙期安氏II类错合口腔不良习惯正畸治疗（简单固定矫治器） 替牙期安氏II类错合口腔不良习惯正畸治疗（活动矫治器） 替牙期牙性安氏II类错合活动矫治器正畸治疗 替牙期牙性安氏II类错合活动矫治器正畸治疗（前牙反合加收） 替牙期牙性安氏II类错合活动矫治器正畸治疗（前牙或后牙开合加收） 替牙期牙性安氏II类错合活动矫治器正畸治疗（严重深覆合加收） 替牙期牙性安氏II类错合活动矫治器正畸治疗（含替牙障碍） 替牙期牙性安氏II类错合活动矫治器正畸治疗（上颌前突） 替牙期牙性安氏II类错合固定矫治器正畸治疗 替牙期牙性安氏II类错合固定矫治器正畸治疗（前牙反合加收） 替牙期牙性安氏II类错合固定矫治器正畸治疗（前牙或后牙开合加收） 替牙期牙性安氏II类错合固定矫治器正畸治疗（严重深覆合加收） 替牙期牙性安氏II类错合固定矫治器正畸治疗（简单固定矫正器） 替牙期牙性安氏II类错合固定矫治器正畸治疗（常规固定矫正器） 替牙期骨性安氏II类错合正畸治疗 替牙期骨性安氏II类错合正畸治疗（前牙反合加收） 替牙期骨性安氏II类错合正畸治疗（前牙或后牙开合加收） 替牙期骨性安氏II类错合正畸治疗（严重深覆合加收） 替牙期骨性安氏II类错合正畸治疗（严重上颌前突） 替牙期骨性安氏II类错合正畸治疗（活动矫治器治疗或简单固定矫治器） 正畸保持器治疗 固定矫治器复诊处置 活动矫治器复诊处置 功能矫治器复诊处置 特殊矫治器复诊处置 特殊矫治器复诊处置（使用舌侧矫正器加收） 特殊矫治器复诊处置（推杆式矫治） 合创伤正畸治疗 合创伤正畸治疗（由咬合因素引起的合创伤） 合创伤正畸治疗（用活动矫治器或固定矫治器治疗） 错合畸形正中合位检查 单侧唇腭裂序列正畸治疗 单侧唇腭裂序列正畸治疗（单侧牙槽突裂） 单侧唇腭裂序列正畸治疗（无骨骼畸形和面部畸形） 单侧唇腭裂序列正畸治疗（腭托使用的正畸治疗） 单侧唇腭裂序列正畸治疗（面部畸形） 早期颜面不对称正畸治疗 早期颜面不对称正畸治疗（替牙期由错合引起或颜面不对称伴错合的病例） 早期颜面不对称正畸治疗（使用活动矫治器和固定矫治器） 颅面畸形正畸治疗 颅面畸形正畸治疗（Crouzon综合征、Apert综合征、Treacher-Collins综合征） 颅面畸形正畸治疗（用活动矫治器或固定矫治器治疗） 颞下颌关节病正畸治疗 颞下颌关节病正畸治疗（颞下颌关节的弹响、疼痛、关节盘移位等的正畸治疗） 颞下颌关节病正畸治疗（用活动矫治器或固定矫治器治疗） | G10: 3105120050000 3105120060000 3105120070000 3105120070200 3105070070000 | H10: 制戴固定式缺隙保持器 制戴活动式缺隙保持器 制戴活动矫正器 制戴活动矫正器（混合牙列部分错合畸形的矫治） 错合畸形正中合位检查 | I10: KHS4F713 KHA4G401 KHS4G401 KHS4G402 KHS4G403 KHS4G448 KHW4G401 KHW4G402 KHN4G402 KHJ4G401 KHA4G403 KHS4G421 KHS4G423 KHS4G425 | J10: 阻生磨牙矫治 错合畸形复杂颅颌面畸形辅助正畸治疗 错合畸形复杂咬合创伤正畸治疗 复杂咬合创伤正畸治疗 正颌外科手术前后正畸治疗 错合畸形伴牙周病活动矫治器正畸治疗 错合畸形牙周病正畸治疗 错合畸形伴重度牙周病正畸治疗 错合畸形复杂唇腭裂序列正畸治疗 错合畸形复杂颞下颌关节紊乱病正畸治疗 替牙期颜面不对称畸形矫形治疗 替牙期复杂安氏Ⅱ类错合活动矫治器正畸治疗 替牙期复杂安氏Ⅱ类错合固定矫治器正畸治疗 替牙期复杂骨性Ⅱ类错合正畸治疗 | K10: KHS3G405 KHS3G404 KHS3G403 KHS3G402 KHS3G401 KHE4D401 KHE4F701 KHM4D401 KHM4F401 KHM4K401 KHN4A702 KHT4B703 KHZ4A701 KHZ4A702 KHZ4A703 KHS4C402 KHS4C403 KHS4G405 KHS4G406 KHS4G407 | L10: 无托槽隐形矫治器复诊处置 功能矫治器复诊处置 活动矫治器复诊处置 固定矫治器复诊处置 舌侧固定矫治器复诊处置 颌间固定物拆除术 牵张器加力调整 矫治器拆除术 辅助性调合治疗 口腔激光治疗 唇弓制备 邻面去釉 复杂唇弓器制备 带环制备 咬合导板制备 制戴固定式缺隙保持器 制戴活动式缺隙保持器 活动正畸保持器治疗 压膜式正畸保持器治疗 固定式正畸保持器治疗 | M10: 310522006 310522006.10 310522006.20 310522007 310522007.10 310522007.20 310522008 310522008.10 310522008.20 310522009 310522009.10 310522009.20 310507006.10 310522020 310522020.10 310522020.20 310507007 310522021 310522021.10 310522021.20 310522021.30 310522021.40 310522022 310522022.10 310522022.20 310522024 310522024.10 310522024.20 310522025 310522025.10 310522025.20 | N10: 替牙期安氏Ⅱ类错颌口腔不良习惯正畸治疗 替牙期安氏II类错颌口腔不良习惯正畸治疗(简单固定矫治器) 替牙期安氏II类错颌口腔不良习惯正畸治疗(活动矫治器) 替牙期牙性安氏Ⅱ类错颌活动矫治器正畸治疗 替牙期牙性安氏II类错颌活动矫治器正畸治疗(含替牙障碍) 替牙期牙性安氏II类错颌活动矫治器正畸治疗(上颌前突) 替牙期牙性安氏Ⅱ类错颌固定矫治器正畸治疗 替牙期牙性安氏II类错颌固定矫治器正畸治疗(简单固定矫正器) 替牙期牙性安氏II类错颌固定矫治器正畸治疗(常规固定矫正器) 替牙期骨性安氏Ⅱ类错颌正畸治疗 替牙期骨性安氏II类错颌正畸治疗(严重上颌前突) 替牙期骨性安氏II类错颌正畸治疗(活动矫治器治疗或简单固定矫治器) 特殊矫治器复诊处置(推杆式矫治) 颌创伤正畸治疗 合创伤正畸治疗(由咬合因素引起的颌创伤) 合创伤正畸治疗(用活动矫治器或固定矫治器治疗) 错颌畸形正中颌位检查 单侧唇腭裂序列正畸治疗 单侧唇腭裂序列正畸治疗(单侧牙槽突裂) 单侧唇腭裂序列正畸治疗(无骨骼畸形和面部畸形) 单侧唇腭裂序列正畸治疗(腭托使用的正畸治疗) 侧唇腭裂序列正畸治疗(面部畸形) 早期颜面不对称正畸治疗 早期颜面不对称正畸治疗(替牙期由错颌引起或颜面不对称伴错颌的病例) 早期颜面不对称正畸治疗(使用活动矫治器和固定矫治器) 颅面畸形正畸治疗 颅面畸形正畸治疗(Crouzon综合征、Apert综合征、Treacher-Collins综合征) 颅面畸形正畸治疗(用活动矫治器或固定矫治器治疗) 颞下颌关节病正畸治疗 颞下颌关节病正畸治疗(颞下颌关节的弹响、疼痛、关节盘移位等的正畸治疗) 颞下颌关节病正畸治疗(用活动矫治器或固定矫治器治疗) | O10: 310522028 310507003 310507004 310507005 310507006 | P10: 正畸保持器治疗 固定矫治器复诊处置 活动矫治器复诊处置 功能矫治器复诊处置 特殊矫治器复诊处置
A11: 7 | B11: 013105020070000 | C11: 替牙期Ⅲ类错合矫治费（常规） | D11: 疗程 | E11: 3105220140000 3105220140001 3105220140100 3105220140200 3105220150000 3105220150001 3105220150100 3105220150200 3105220250000 3105220250100 3105220250200 3105220180000 3105220180001 3105220180100 3105220200000 3105220200100 3105220200200 3105220220000 3105220220100 3105220220200 3105070030000 3105070040000 3105070050000 3105070060000 3105070060001 3105070060100 3105220210000 3105220210100 3105220210200 3105220210300 3105220210400 3105220240000 3105220240100 3105220240200 | F11: 替牙期安氏III类错合正畸治疗 替牙期安氏III类错合正畸治疗（全牙弓反合加收） 替牙期安氏III类错合正畸治疗（前牙反合） 替牙期安氏III类错合正畸治疗（使用活动矫治器） 替牙期安氏III类错合功能矫治器治疗 替牙期安氏III类错合功能矫治器治疗（伴开合、深覆合等疑难病加收） 替牙期安氏III类错合功能矫治器治疗（严重牙性III类错合和骨性III类错合） 替牙期安氏III类错合功能矫治器治疗（使用rankel功能矫治器III型、其他功能矫治器） 颞下颌关节病正畸治疗 颞下颌关节病正畸治疗（颞下颌关节的弹响、疼痛、关节盘移位等的正畸治疗） 颞下颌关节病正畸治疗（用活动矫治器或固定矫治器治疗） 牙周病伴错合畸形活动矫治器正畸治疗 牙周病伴错合畸形活动矫治器正畸治疗（重度牙周炎的正畸治疗加收） 牙周病伴错合畸形活动矫治器正畸治疗（局部牙周炎的正畸治疗） 合创伤正畸治疗 合创伤正畸治疗（由咬合因素引起的合创伤） 合创伤正畸治疗（用活动矫治器或固定矫治器治疗） 早期颜面不对称正畸治疗 早期颜面不对称正畸治疗（替牙期由错合引起或颜面不对称伴错合的病例） 早期颜面不对称正畸治疗（使用活动矫治器和固定矫治器） 固定矫治器复诊处置 活动矫治器复诊处置 功能矫治器复诊处置 特殊矫治器复诊处置 特殊矫治器复诊处置（使用舌侧矫正器加收） 特殊矫治器复诊处置（推杆式矫治） 单侧唇腭裂序列正畸治疗 单侧唇腭裂序列正畸治疗（单侧牙槽突裂） 单侧唇腭裂序列正畸治疗（无骨骼畸形和面部畸形） 单侧唇腭裂序列正畸治疗（腭托使用的正畸治疗） 单侧唇腭裂序列正畸治疗（面部畸形） 颅面畸形正畸治疗 颅面畸形正畸治疗（Crouzon综合征、Apert综合征、Treacher-Collins综合征） 颅面畸形正畸治疗（用活动矫治器或固定矫治器治疗） | G11: 3105120050000 3105120060000 3105120070000 3105120070200 3105070070000 | H11: 制戴固定式缺隙保持器 制戴活动式缺隙保持器 制戴活动矫正器 制戴活动矫正器（混合牙列部分错合畸形的矫治） 错合畸形正中合位检查 | I11: KHS4F713 KHN4G401 KHJ4G402 KHS4G401 KHS4G402 KHS4G403 KHS4G448 KHW4G401 KHW4G402 KHS4G436 KHS4G438 KHS4G440 | J11: 阻生磨牙矫治 错合畸形唇腭裂序列正畸治疗 错合畸形颞下颌关节紊乱病正畸治疗 错合畸形复杂咬合创伤正畸治疗 复杂咬合创伤正畸治疗 正颌外科手术前后正畸治疗 错合畸形伴牙周病活动矫治器正畸治疗 错合畸形牙周病正畸治疗 错合畸形伴重度牙周病正畸治疗 替牙期安氏Ⅲ类错合活动矫治器正畸治疗 替牙期安氏Ⅲ类错合固定矫治器正畸治疗 替牙期安氏Ⅲ类错合功能矫治器正畸治疗 | K11: KHS3G405 KHS3G404 KHS3G403 KHS3G402 KHS3G401 KHE4D401 KHE4F701 KHM4D401 KHM4F401 KHM4K401 KHN4A702 KHT4B703 KHZ4A701 KHZ4A702 KHZ4A703 KHS4C402 KHS4C403 KHS4G405 KHS4G406 KHS4G407 | L11: 无托槽隐形矫治器复诊处置 功能矫治器复诊处置 活动矫治器复诊处置 固定矫治器复诊处置 舌侧固定矫治器复诊处置 颌间固定物拆除术 牵张器加力调整 矫治器拆除术 辅助性调合治疗 口腔激光治疗 唇弓制备 邻面去釉 复杂唇弓器制备 带环制备 咬合导板制备 制戴固定式缺隙保持器 制戴活动式缺隙保持器 活动正畸保持器治疗 压膜式正畸保持器治疗 固定式正畸保持器治疗 | M11: 310522014 310522014.10 310522014.20 310522015 310522015.10 310522015.20 310522025 310522025.10 310522025.20 310522018 310522018.10 310522020 310522020.10 310522020.20 310522022 310522022.10 310522022.20 310522021 310522021.10 310522021.20 310522021.30 310522021.40 310522024 310522024.10 310522024.20 | N11: 替牙期安氏Ⅲ类错颌正畸治疗 替牙期安氏III类错颌正畸治疗(前牙反颌) 替牙期安氏III类错颌正畸治疗(使用活动矫治器) 替牙期安氏Ⅲ类错颌功能矫治器治疗 替牙期安氏III类错颌功能矫治器治疗(严重牙性Ⅲ类错颌和骨性Ⅲ类错颌) 替牙期安氏III类错颌功能矫治器治疗(使用rankel功能矫治器Ⅲ型、其他功能矫治器) 颞下颌关节病正畸治疗 颞下颌关节病正畸治疗(颞下颌关节的弹响、疼痛、关节盘移位等的正畸治疗) 颞下颌关节病正畸治疗(用活动矫治器或固定矫治器治疗) 牙周病伴错颌畸形活动矫治器正畸治疗 牙周病伴错颌畸形活动矫治器正畸治疗(局部牙周炎的正畸治疗) 颌创伤正畸治疗 合创伤正畸治疗(由咬合因素引起的颌创伤) 合创伤正畸治疗(用活动矫治器或固定矫治器治疗) 早期颜面不对称正畸治疗 早期颜面不对称正畸治疗(替牙期由错颌引起或颜面不对称伴错颌的病例) 早期颜面不对称正畸治疗(使用活动矫治器和固定矫治器) 单侧唇腭裂序列正畸治疗 单侧唇腭裂序列正畸治疗(单侧牙槽突裂) 单侧唇腭裂序列正畸治疗(无骨骼畸形和面部畸形) 单侧唇腭裂序列正畸治疗(腭托使用的正畸治疗) 侧唇腭裂序列正畸治疗(面部畸形) 颅面畸形正畸治疗 颅面畸形正畸治疗(Crouzon综合征、Apert综合征、Treacher-Collins综合征) 颅面畸形正畸治疗(用活动矫治器或固定矫治器治疗) | O11: 310507003 310507004 310507005 310507006 310507006.10 | P11: 固定矫治器复诊处置 活动矫治器复诊处置 功能矫治器复诊处置 特殊矫治器复诊处置 特殊矫治器复诊处置(推杆式矫治)
A12: 8 | B12: 013105020080000 | C12: 替牙期Ⅲ类错合矫治费（复杂） | D12: 疗程 | E12: 3105220140000 3105220140001 3105220140100 3105220140200 3105220150000 3105220150001 3105220150100 3105220150200 3105220250000 3105220250100 3105220250200 3105220180000 3105220180001 3105220180100 3105220200000 3105220200100 3105220200200 3105220220000 3105220220100 3105220220200 3105070030000 3105070040000 3105070050000 3105070060000 3105070060001 3105070060100 3105220210000 3105220210100 3105220210200 3105220210300 3105220210400 3105220240000 3105220240100 3105220240200 | F12: 替牙期安氏III类错合正畸治疗 替牙期安氏III类错合正畸治疗（全牙弓反合加收） 替牙期安氏III类错合正畸治疗（前牙反合） 替牙期安氏III类错合正畸治疗（使用活动矫治器） 替牙期安氏III类错合功能矫治器治疗 替牙期安氏III类错合功能矫治器治疗（伴开合、深覆合等疑难病加收） 替牙期安氏III类错合功能矫治器治疗（严重牙性III类错合和骨性III类错合） 替牙期安氏III类错合功能矫治器治疗（使用rankel功能矫治器III型、其他功能矫治器） 颞下颌关节病正畸治疗 颞下颌关节病正畸治疗（颞下颌关节的弹响、疼痛、关节盘移位等的正畸治疗） 颞下颌关节病正畸治疗（用活动矫治器或固定矫治器治疗） 牙周病伴错合畸形活动矫治器正畸治疗 牙周病伴错合畸形活动矫治器正畸治疗（重度牙周炎的正畸治疗加收） 牙周病伴错合畸形活动矫治器正畸治疗（局部牙周炎的正畸治疗） 合创伤正畸治疗 合创伤正畸治疗（由咬合因素引起的合创伤） 合创伤正畸治疗（用活动矫治器或固定矫治器治疗） 早期颜面不对称正畸治疗 早期颜面不对称正畸治疗（替牙期由错合引起或颜面不对称伴错合的病例） 早期颜面不对称正畸治疗（使用活动矫治器和固定矫治器） 固定矫治器复诊处置 活动矫治器复诊处置 功能矫治器复诊处置 特殊矫治器复诊处置 特殊矫治器复诊处置（使用舌侧矫正器加收） 特殊矫治器复诊处置（推杆式矫治） 单侧唇腭裂序列正畸治疗 单侧唇腭裂序列正畸治疗（单侧牙槽突裂） 单侧唇腭裂序列正畸治疗（无骨骼畸形和面部畸形） 单侧唇腭裂序列正畸治疗（腭托使用的正畸治疗） 单侧唇腭裂序列正畸治疗（面部畸形） 颅面畸形正畸治疗 颅面畸形正畸治疗（Crouzon综合征、Apert综合征、Treacher-Collins综合征） 颅面畸形正畸治疗（用活动矫治器或固定矫治器治疗） | G12: 3105120050000 3105120060000 3105120070000 3105120070200 3105070070000 | H12: 制戴固定式缺隙保持器 制戴活动式缺隙保持器 制戴活动矫正器 制戴活动矫正器（混合牙列部分错合畸形的矫治） 错合畸形正中合位检查 | I12: KHS4F713 KHA4G401 KHS4G401 KHS4G402 KHS4G403 KHS4G448 KHW4G401 KHW4G402 KHN4G402 KHJ4G401 KHA4G403 KHS4G437 KHS4G439 KHS4G441 | J12: 阻生磨牙矫治 错合畸形复杂颅颌面畸形辅助正畸治疗 错合畸形复杂咬合创伤正畸治疗 复杂咬合创伤正畸治疗 正颌外科手术前后正畸治疗 错合畸形伴牙周病活动矫治器正畸治疗 错合畸形牙周病正畸治疗 错合畸形伴重度牙周病正畸治疗 错合畸形复杂唇腭裂序列正畸治疗 错合畸形复杂颞下颌关节紊乱病正畸治疗 替牙期颜面不对称畸形矫形治疗 替牙期复杂安氏Ⅲ类错合活动矫治器正畸治疗 替牙期复杂安氏Ⅲ类错合固定矫治器正畸治疗 替牙期复杂安氏Ⅲ类错合功能矫治器正畸治疗 | K12: KHS3G405 KHS3G404 KHS3G403 KHS3G402 KHS3G401 KHE4D401 KHE4F701 KHM4D401 KHM4F401 KHM4K401 KHN4A702 KHT4B703 KHZ4A701 KHZ4A702 KHZ4A703 KHS4C402 KHS4C403 KHS4G405 KHS4G406 KHS4G407 | L12: 无托槽隐形矫治器复诊处置 功能矫治器复诊处置 活动矫治器复诊处置 固定矫治器复诊处置 舌侧固定矫治器复诊处置 颌间固定物拆除术 牵张器加力调整 矫治器拆除术 辅助性调合治疗 口腔激光治疗 唇弓制备 邻面去釉 复杂唇弓器制备 带环制备 咬合导板制备 制戴固定式缺隙保持器 制戴活动式缺隙保持器 活动正畸保持器治疗 压膜式正畸保持器治疗 固定式正畸保持器治疗 | M12: 310522014 310522014.10 310522014.20 310522015 310522021 310522015.10 310522015.20 310522025 310522025.10 310522025.20 310522018 310522018.10 310522020 310522020.10 310522020.20 310522022 310522022.10 310522022.20 310522021.10 310522021.20 310522021.30 310522021.40 310522024 310522024.10 310522024.20 | N12: 替牙期安氏Ⅲ类错颌正畸治疗 替牙期安氏III类错颌正畸治疗(前牙反颌) 替牙期安氏III类错颌正畸治疗(使用活动矫治器) 替牙期安氏Ⅲ类错颌功能矫治器治疗 单侧唇腭裂序列正畸治疗 替牙期安氏III类错颌功能矫治器治疗(严重牙性Ⅲ类错颌和骨性Ⅲ类错颌) 替牙期安氏III类错颌功能矫治器治疗(使用rankel功能矫治器Ⅲ型、其他功能矫治器) 颞下颌关节病正畸治疗 颞下颌关节病正畸治疗(颞下颌关节的弹响、疼痛、关节盘移位等的正畸治疗) 颞下颌关节病正畸治疗(用活动矫治器或固定矫治器治疗) 牙周病伴错颌畸形活动矫治器正畸治疗 牙周病伴错颌畸形活动矫治器正畸治疗(局部牙周炎的正畸治疗) 颌创伤正畸治疗 合创伤正畸治疗(由咬合因素引起的颌创伤) 合创伤正畸治疗(用活动矫治器或固定矫治器治疗) 早期颜面不对称正畸治疗 早期颜面不对称正畸治疗(替牙期由错颌引起或颜面不对称伴错颌的病例) 早期颜面不对称正畸治疗(使用活动矫治器和固定矫治器) 单侧唇腭裂序列正畸治疗(单侧牙槽突裂) 单侧唇腭裂序列正畸治疗(无骨骼畸形和面部畸形) 单侧唇腭裂序列正畸治疗(腭托使用的正畸治疗) 侧唇腭裂序列正畸治疗(面部畸形) 颅面畸形正畸治疗 颅面畸形正畸治疗(Crouzon综合征、Apert综合征、Treacher-Collins综合征) 颅面畸形正畸治疗(用活动矫治器或固定矫治器治疗) | O12: 310507003 310507004 310507005 310507006 310507006.10 | P12: 固定矫治器复诊处置 活动矫治器复诊处置 功能矫治器复诊处置 特殊矫治器复诊处置 特殊矫治器复诊处置(推杆式矫治)
A13: 9 | B13: 013105020090000 | C13: 恒牙期Ⅰ类错合矫治费（常规） | D13: 疗程 | E13: 3105070030000 3105070040000 3105070050000 3105070060000 3105070060001 3105070060100 3105220040000 3105220040003 3105220040100 3105220040200 3105220040300 3105220230000 3105220230100 3105220230200 3105220250000 3105220250100 3105220250200 3105220180000 3105220180001 3105220180100 3105220190000 3105220190002 3105220190100 3105220200000 3105220200100 3105220200200 3105220040001 3105220040002 3105220190001 3105220210000 3105220210100 3105220210200 3105220210300 3105220210400 3105220240000 3105220240100 3105220240200 3105220260000 3105220260300 3105220260400 3105220260500 3105220260600 3105220260700 | F13: 固定矫治器复诊处置 活动矫治器复诊处置 功能矫治器复诊处置 特殊矫治器复诊处置 特殊矫治器复诊处置（使用舌侧矫正器加收） 特殊矫治器复诊处置（推杆式矫治） 恒牙期安氏I类错合固定矫治器正畸治疗 恒牙期安氏I类错合固定矫治器正畸治疗（拔牙病例加收） 恒牙期安氏I类错合固定矫治器正畸治疗（拥挤不拔牙病例） 恒牙期安氏I类错合固定矫治器正畸治疗（牙列间隙病例） 恒牙期安氏I类错合固定矫治器正畸治疗（简单拥挤双尖牙拔牙病例） 恒牙期颜面不对称正畸治疗 恒牙期颜面不对称正畸治疗（恒牙期由错合引起或颜面不对称伴错合的早期正畸治疗） 恒牙期颜面不对称正畸治疗（用活动矫治器或固定矫治器） 颞下颌关节病正畸治疗 颞下颌关节病正畸治疗（颞下颌关节的弹响、疼痛、关节盘移位等的正畸治疗） 颞下颌关节病正畸治疗（用活动矫治器或固定矫治器治疗） 牙周病伴错合畸形活动矫治器正畸治疗 牙周病伴错合畸形活动矫治器正畸治疗（重度牙周炎的正畸治疗加收） 牙周病伴错合畸形活动矫治器正畸治疗（局部牙周炎的正畸治疗） 牙周病伴错合畸形固定矫治器正畸治疗 牙周病伴错合畸形固定矫治器正畸治疗（拔牙矫治加收） 牙周病伴错合畸形固定矫治器正畸治疗（局部牙周炎的正畸治疗） 合创伤正畸治疗 合创伤正畸治疗（由咬合因素引起的合创伤） 合创伤正畸治疗（用活动矫治器或固定矫治器治疗） 恒牙期安氏I类错合固定矫治器正畸治疗（伴开合、深覆合等疑难病例加收） 恒牙期安氏I类错合固定矫治器正畸治疗（阻生齿开窗矫治病例加收） 牙周病伴错合畸形固定矫治器正畸治疗（伴开合、深覆合等疑难病加收） 单侧唇腭裂序列正畸治疗 单侧唇腭裂序列正畸治疗（单侧牙槽突裂） 单侧唇腭裂序列正畸治疗（无骨骼畸形和面部畸形） 单侧唇腭裂序列正畸治疗（腭托使用的正畸治疗） 单侧唇腭裂序列正畸治疗（面部畸形） 颅面畸形正畸治疗 颅面畸形正畸治疗（Crouzon综合征、Apert综合征、Treacher-Collins综合征） 颅面畸形正畸治疗（用活动矫治器或固定矫治器治疗） 正颌外科术前术后正畸治疗 正颌外科术前术后正畸治疗（严重骨性开） 正颌外科术前术后正畸治疗（严重腭裂） 正颌外科术前术后正畸治疗（面部偏斜） 正颌外科术前术后正畸治疗（其他颅面畸形的正颌外科术前、术后） 正颌外科术前术后正畸治疗（使用固定矫治器治疗） | G13: 3105120050000 3105120060000 3105120070000 3105120070200 3105070070000 | H13: 制戴固定式缺隙保持器 制戴活动式缺隙保持器 制戴活动矫正器 制戴活动矫正器（混合牙列部分错合畸形的矫治） 错合畸形正中合位检查 | I13: KHS4F713 KHN4G401 KHJ4G402 KHS4G401 KHS4G402 KHS4G403 KHS4G448 KHW4G401 KHW4G402 KHS4G414 KHS4G416 | J13: 阻生磨牙矫治 错合畸形唇腭裂序列正畸治疗 错合畸形颞下颌关节紊乱病正畸治疗 错合畸形复杂咬合创伤正畸治疗 复杂咬合创伤正畸治疗 正颌外科手术前后正畸治疗 错合畸形伴牙周病活动矫治器正畸治疗 错合畸形牙周病正畸治疗 错合畸形伴重度牙周病正畸治疗 恒牙期安氏Ⅰ类错合固定矫治器正畸治疗 成人安氏Ⅰ类错合固定矫治器正畸治疗 | K13: KHS3G405 KHS3G404 KHS3G403 KHS3G402 KHS3G401 KHE4D401 KHE4F701 KHM4D401 KHM4F401 KHM4K401 KHN4A702 KHT4B703 KHZ4A701 KHZ4A702 KHZ4A703 KHS4C402 KHS4C403 KHS4G405 KHS4G406 KHS4G407 | L13: 无托槽隐形矫治器复诊处置 功能矫治器复诊处置 活动矫治器复诊处置 固定矫治器复诊处置 舌侧固定矫治器复诊处置 颌间固定物拆除术 牵张器加力调整 矫治器拆除术 辅助性调合治疗 口腔激光治疗 唇弓制备 邻面去釉 复杂唇弓器制备 带环制备 咬合导板制备 制戴固定式缺隙保持器 制戴活动式缺隙保持器 活动正畸保持器治疗 压膜式正畸保持器治疗 固定式正畸保持器治疗 | M13: 310522004 310522004.10 310522004.20 310522004.30 310522023 310522023.10 310522023.20 310522025 310522025.10 310522025.20 310522018 310522018.10 310522019 310522019.10 310522020 310522020.10 310522020.20 310522021 310522021.10 310522021.20 310522021.30 310522021.40 310522024 310522024.10 310522024.20 310522026 310522026.30 310522026.40 310522026.50 310522026.60 310522026.70 | N13: 恒牙期安氏I类错颌固定矫治器正畸治疗 恒牙期安氏I类错颌固定矫治器正畸治疗(拥挤不拔牙病例) 恒牙期安氏I类错颌固定矫治器正畸治疗(牙列间隙病例) 恒牙期安氏I类错颌固定矫治器正畸治疗(简单拥挤双尖牙拔牙病例) 恒牙期颜面不对称正畸治疗 恒牙期颜面不对称正畸治疗(恒牙期由错颌引起或颜面不对称伴错颌的早期正畸治疗) 恒牙期颜面不对称正畸治疗(用活动矫治器或固定矫治器) 颞下颌关节病正畸治疗 颞下颌关节病正畸治疗(颞下颌关节的弹响、疼痛、关节盘移位等的正畸治疗) 颞下颌关节病正畸治疗(用活动矫治器或固定矫治器治疗) 牙周病伴错颌畸形活动矫治器正畸治疗 牙周病伴错颌畸形活动矫治器正畸治疗(局部牙周炎的正畸治疗) 牙周病伴错颌畸形固定矫治器正畸治疗 牙周病伴错颌畸形固定矫治器正畸治疗(局部牙周炎的正畸治疗) 颌创伤正畸治疗 合创伤正畸治疗(由咬合因素引起的颌创伤) 合创伤正畸治疗(用活动矫治器或固定矫治器治疗) 单侧唇腭裂序列正畸治疗 单侧唇腭裂序列正畸治疗(单侧牙槽突裂) 单侧唇腭裂序列正畸治疗(无骨骼畸形和面部畸形) 单侧唇腭裂序列正畸治疗(腭托使用的正畸治疗) 侧唇腭裂序列正畸治疗(面部畸形) 颅面畸形正畸治疗 颅面畸形正畸治疗(Crouzon综合征、Apert综合征、Treacher-Collins综合征) 颅面畸形正畸治疗(用活动矫治器或固定矫治器治疗) 正颌外科术前术后正畸治疗 正颌外科术前术后正畸治疗(严重骨性开颌) 正颌外科术前术后正畸治疗(严重腭裂) 正颌外科术前术后正畸治疗(面部偏斜) 正颌外科术前术后正畸治疗(其他颅面畸形的正颌外科术前、术后正畸治疗) 正颌外科术前术后正畸治疗(使用固定矫治器治疗) | O13: 310507003 310507004 310507005 310507006 310507006.10 310505003 310506001 310506001.10 310506002 | P13: 固定矫治器复诊处置 活动矫治器复诊处置 功能矫治器复诊处置 特殊矫治器复诊处置 特殊矫治器复诊处置(推杆式矫治) 模型外科设计 颞颌关节系统检查设计 颞颌关节系统检查设计(颞颌关节系统检查) 颞颌关节镜检查
A14: 10 | B14: 013105020100000 | C14: 恒牙期Ⅰ类错合矫治费（复杂） | D14: 疗程 | E14: 3105070030000 3105070040000 3105070050000 3105070060000 3105070060001 3105070060100 3105220040000 3105220040003 3105220040100 3105220040200 3105220040300 3105220230000 3105220230100 3105220230200 3105220250000 3105220250100 3105220250200 3105220180000 3105220180001 3105220180100 3105220190000 3105220190002 3105220190100 3105220200000 3105220200100 3105220200200 3105220040001 3105220040002 3105220190001 3105220210000 3105220210100 3105220210200 3105220210300 3105220210400 3105220240000 3105220240100 3105220240200 3105220260000 3105220260300 3105220260400 3105220260500 3105220260600 3105220260700 | F14: 固定矫治器复诊处置 活动矫治器复诊处置 功能矫治器复诊处置 特殊矫治器复诊处置 特殊矫治器复诊处置（使用舌侧矫正器加收） 特殊矫治器复诊处置（推杆式矫治） 恒牙期安氏I类错合固定矫治器正畸治疗 恒牙期安氏I类错合固定矫治器正畸治疗（拔牙病例加收） 恒牙期安氏I类错合固定矫治器正畸治疗（拥挤不拔牙病例） 恒牙期安氏I类错合固定矫治器正畸治疗（牙列间隙病例） 恒牙期安氏I类错合固定矫治器正畸治疗（简单拥挤双尖牙拔牙病例） 恒牙期颜面不对称正畸治疗 恒牙期颜面不对称正畸治疗（恒牙期由错合引起或颜面不对称伴错合的早期正畸治疗） 恒牙期颜面不对称正畸治疗（用活动矫治器或固定矫治器） 颞下颌关节病正畸治疗 颞下颌关节病正畸治疗（颞下颌关节的弹响、疼痛、关节盘移位等的正畸治疗） 颞下颌关节病正畸治疗（用活动矫治器或固定矫治器治疗） 牙周病伴错合畸形活动矫治器正畸治疗 牙周病伴错合畸形活动矫治器正畸治疗（重度牙周炎的正畸治疗加收） 牙周病伴错合畸形活动矫治器正畸治疗（局部牙周炎的正畸治疗） 牙周病伴错合畸形固定矫治器正畸治疗 牙周病伴错合畸形固定矫治器正畸治疗（拔牙矫治加收） 牙周病伴错合畸形固定矫治器正畸治疗（局部牙周炎的正畸治疗） 合创伤正畸治疗 合创伤正畸治疗（由咬合因素引起的合创伤） 合创伤正畸治疗（用活动矫治器或固定矫治器治疗） 恒牙期安氏I类错合固定矫治器正畸治疗（伴开合、深覆合等疑难病例加收） 恒牙期安氏I类错合固定矫治器正畸治疗（阻生齿开窗矫治病例加收） 牙周病伴错合畸形固定矫治器正畸治疗（伴开合、深覆合等疑难病加收） 单侧唇腭裂序列正畸治疗 单侧唇腭裂序列正畸治疗（单侧牙槽突裂） 单侧唇腭裂序列正畸治疗（无骨骼畸形和面部畸形） 单侧唇腭裂序列正畸治疗（腭托使用的正畸治疗） 单侧唇腭裂序列正畸治疗（面部畸形） 颅面畸形正畸治疗 颅面畸形正畸治疗（Crouzon综合征、Apert综合征、Treacher-Collins综合征） 颅面畸形正畸治疗（用活动矫治器或固定矫治器治疗） 正颌外科术前术后正畸治疗 正颌外科术前术后正畸治疗（严重骨性开） 正颌外科术前术后正畸治疗（严重腭裂） 正颌外科术前术后正畸治疗（面部偏斜） 正颌外科术前术后正畸治疗（其他颅面畸形的正颌外科术前、术后） 正颌外科术前术后正畸治疗（使用固定矫治器治疗） | G14: 3105120050000 3105120060000 3105120070000 3105120070200 3105070070000 | H14: 制戴固定式缺隙保持器 制戴活动式缺隙保持器 制戴活动矫正器 制戴活动矫正器（混合牙列部分错合畸形的矫治） 错合畸形正中合位检查 | I14: KHS4F713 KHA4G401 KHS4G401 KHS4G402 KHS4G403 KHS4G448 KHW4G401 KHW4G402 KHN4G402 KHJ4G401 KHA4G404 KHS4G415 KHS4G417 | J14: 阻生磨牙矫治 错合畸形复杂颅颌面畸形辅助正畸治疗 错合畸形复杂咬合创伤正畸治疗 复杂咬合创伤正畸治疗 正颌外科手术前后正畸治疗 错合畸形伴牙周病活动矫治器正畸治疗 错合畸形牙周病正畸治疗 错合畸形伴重度牙周病正畸治疗 错合畸形复杂唇腭裂序列正畸治疗 错合畸形复杂颞下颌关节紊乱病正畸治疗 错合畸形恒牙期颜面不对称畸形正畸治疗 恒牙期复杂安氏Ⅰ类错合固定矫治器正畸治疗 成人复杂安氏Ⅰ类错合固定矫治器正畸治疗 | K14: KHS3G405 KHS3G404 KHS3G403 KHS3G402 KHS3G401 KHE4D401 KHE4F701 KHM4D401 KHM4F401 KHM4K401 KHN4A702 KHT4B703 KHZ4A701 KHZ4A702 KHZ4A703 KHS4C402 KHS4C403 KHS4G405 KHS4G406 KHS4G407 | L14: 无托槽隐形矫治器复诊处置 功能矫治器复诊处置 活动矫治器复诊处置 固定矫治器复诊处置 舌侧固定矫治器复诊处置 颌间固定物拆除术 牵张器加力调整 矫治器拆除术 辅助性调合治疗 口腔激光治疗 唇弓制备 邻面去釉 复杂唇弓器制备 带环制备 咬合导板制备 制戴固定式缺隙保持器 制戴活动式缺隙保持器 活动正畸保持器治疗 压膜式正畸保持器治疗 固定式正畸保持器治疗 | M14: 310522004 310522004.10 310522004.20 310522004.30 310522023 310522023.10 310522023.20 310522025 310522025.10 310522025.20 310522018 310522018.10 310522019 310522019.10 310522020 310522020.10 310522020.20 310522021 310522021.10 310522021.20 310522021.30 310522021.40 310522024 310522024.10 310522024.20 310522026 310522026.30 310522026.40 310522026.50 310522026.60 310522026.70 | N14: 恒牙期安氏I类错颌固定矫治器正畸治疗 恒牙期安氏I类错颌固定矫治器正畸治疗(拥挤不拔牙病例) 恒牙期安氏I类错颌固定矫治器正畸治疗(牙列间隙病例) 恒牙期安氏I类错颌固定矫治器正畸治疗(简单拥挤双尖牙拔牙病例) 恒牙期颜面不对称正畸治疗 恒牙期颜面不对称正畸治疗(恒牙期由错颌引起或颜面不对称伴错颌的早期正畸治疗) 恒牙期颜面不对称正畸治疗(用活动矫治器或固定矫治器) 颞下颌关节病正畸治疗 颞下颌关节病正畸治疗(颞下颌关节的弹响、疼痛、关节盘移位等的正畸治疗) 颞下颌关节病正畸治疗(用活动矫治器或固定矫治器治疗) 牙周病伴错颌畸形活动矫治器正畸治疗 牙周病伴错颌畸形活动矫治器正畸治疗(局部牙周炎的正畸治疗) 牙周病伴错颌畸形固定矫治器正畸治疗 牙周病伴错颌畸形固定矫治器正畸治疗(局部牙周炎的正畸治疗) 颌创伤正畸治疗 合创伤正畸治疗(由咬合因素引起的颌创伤) 合创伤正畸治疗(用活动矫治器或固定矫治器治疗) 单侧唇腭裂序列正畸治疗 单侧唇腭裂序列正畸治疗(单侧牙槽突裂) 单侧唇腭裂序列正畸治疗(无骨骼畸形和面部畸形) 单侧唇腭裂序列正畸治疗(腭托使用的正畸治疗) 侧唇腭裂序列正畸治疗(面部畸形) 颅面畸形正畸治疗 颅面畸形正畸治疗(Crouzon综合征、Apert综合征、Treacher-Collins综合征) 颅面畸形正畸治疗(用活动矫治器或固定矫治器治疗) 正颌外科术前术后正畸治疗 正颌外科术前术后正畸治疗(严重骨性开颌) 正颌外科术前术后正畸治疗(严重腭裂) 正颌外科术前术后正畸治疗(面部偏斜) 正颌外科术前术后正畸治疗(其他颅面畸形的正颌外科术前、术后正畸治疗) 正颌外科术前术后正畸治疗(使用固定矫治器治疗) | O14: 310507003 310507004 310507005 310507006 310507006.10 | P14: 固定矫治器复诊处置 活动矫治器复诊处置 功能矫治器复诊处置 特殊矫治器复诊处置 特殊矫治器复诊处置(推杆式矫治)
A15: 11 | B15: 013105020110000 | C15: 恒牙期Ⅱ类错合矫治费（常规） | D15: 疗程 | E15: 3105070030000 3105070040000 3105070050000 3105070060000 3105070060001 3105070060100 3105220100000 3105220100001 3105220100002 3105220100100 3105220100200 3105220110000 3105220110100 3105220110200 3105220230000 3105220230100 3105220230200 3105220250000 3105220250100 3105220250200 3105220180000 3105220180001 3105220180100 3105220190000 3105220190002 3105220190100 3105220200000 3105220200100 3105220200200 3105220110001 3105220110002 3105220120000 3105220120001 3105220120002 3105220120100 3105220190001 3105220210000 3105220210100 3105220210200 3105220210300 3105220210400 3105220240000 3105220240100 3105220240200 3105220260000 3105220260100 3105220260300 3105220260400 3105220260500 3105220260600 3105220260700 | F15: 固定矫治器复诊处置 活动矫治器复诊处置 功能矫治器复诊处置 特殊矫治器复诊处置 特殊矫治器复诊处置（使用舌侧矫正器加收） 特殊矫治器复诊处置（推杆式矫治） 恒牙早期安氏II类错合功能矫治器治疗 恒牙早期安氏II类错合功能矫治器治疗（前牙或后牙开合加收） 恒牙早期安氏II类错合功能矫治器治疗（严重深覆合加收） 恒牙早期安氏II类错合功能矫治器治疗（严重牙性II类错合和骨性II类错合） 恒牙早期安氏II类错合功能矫治器治疗（使用Frankel功能矫治器II型或Activator功能矫治器，其他功能矫治器） 恒牙期牙性安氏II类错合固定矫治器治疗 恒牙期牙性安氏II类错合固定矫治器治疗（牙性安氏II类错合拥挤不拔牙病例） 恒牙期牙性安氏II类错合固定矫治器治疗（简单拥挤拔牙病例） 恒牙期颜面不对称正畸治疗 恒牙期颜面不对称正畸治疗（恒牙期由错合引起或颜面不对称伴错合的早期正畸治疗） 恒牙期颜面不对称正畸治疗（用活动矫治器或固定矫治器） 颞下颌关节病正畸治疗 颞下颌关节病正畸治疗（颞下颌关节的弹响、疼痛、关节盘移位等的正畸治疗） 颞下颌关节病正畸治疗（用活动矫治器或固定矫治器治疗） 牙周病伴错合畸形活动矫治器正畸治疗 牙周病伴错合畸形活动矫治器正畸治疗（重度牙周炎的正畸治疗加收） 牙周病伴错合畸形活动矫治器正畸治疗（局部牙周炎的正畸治疗） 牙周病伴错合畸形固定矫治器正畸治疗 牙周病伴错合畸形固定矫治器正畸治疗（拔牙矫治加收） 牙周病伴错合畸形固定矫治器正畸治疗（局部牙周炎的正畸治疗） 合创伤正畸治疗 合创伤正畸治疗（由咬合因素引起的合创伤） 合创伤正畸治疗（用活动矫治器或固定矫治器治疗） 恒牙期牙性安氏II类错合固定矫治器治疗（伴前牙严重开合、深覆合加收） 恒牙期牙性安氏II类错合固定矫治器治疗（阻生齿开窗矫治、磨牙拔除矫治加收） 恒牙期骨性安氏II类错合固定矫治器拔牙治疗 恒牙期骨性安氏II类错合固定矫治器拔牙治疗（伴前牙严重开合、深覆合等复杂疑难病例加收） 恒牙期骨性安氏II类错合固定矫治器拔牙治疗（阻生齿开窗矫治、磨牙拔除矫治加收） 恒牙期骨性安氏II类错合固定矫治器拔牙治疗（骨性安氏II类错合拔牙病例） 牙周病伴错合畸形固定矫治器正畸治疗（伴开合、深覆合等疑难病加收） 单侧唇腭裂序列正畸治疗 单侧唇腭裂序列正畸治疗（单侧牙槽突裂） 单侧唇腭裂序列正畸治疗（无骨骼畸形和面部畸形） 单侧唇腭裂序列正畸治疗（腭托使用的正畸治疗） 单侧唇腭裂序列正畸治疗（面部畸形） 颅面畸形正畸治疗 颅面畸形正畸治疗（Crouzon综合征、Apert综合征、Treacher-Collins综合征） 颅面畸形正畸治疗（用活动矫治器或固定矫治器治疗） 正颌外科术前术后正畸治疗 正颌外科术前术后正畸治疗（安氏II类严重骨性错） 正颌外科术前术后正畸治疗（严重骨性开） 正颌外科术前术后正畸治疗（严重腭裂） 正颌外科术前术后正畸治疗（面部偏斜） 正颌外科术前术后正畸治疗（其他颅面畸形的正颌外科术前、术后） 正颌外科术前术后正畸治疗（使用固定矫治器治疗） | G15: 3105120050000 3105120060000 3105120070000 3105120070200 3105070070000 | H15: 制戴固定式缺隙保持器 制戴活动式缺隙保持器 制戴活动矫正器 制戴活动矫正器（混合牙列部分错合畸形的矫治） 错合畸形正中合位检查 | I15: KHS4F713 KHN4G401 KHJ4G402 KHS4G401 KHS4G402 KHS4G403 KHS4G448 KHW4G401 KHW4G402 KHS4G426 KHS4G428 KHS4G430 KHS4G432 | J15: 阻生磨牙矫治 错合畸形唇腭裂序列正畸治疗 错合畸形颞下颌关节紊乱病正畸治疗 错合畸形复杂咬合创伤正畸治疗 复杂咬合创伤正畸治疗 正颌外科手术前后正畸治疗 错合畸形伴牙周病活动矫治器正畸治疗 错合畸形牙周病正畸治疗 错合畸形伴重度牙周病正畸治疗 恒牙期安氏Ⅱ类错合功能矫治器正畸治疗 恒牙期安氏Ⅱ类错合固定矫治器正畸治疗 成人安氏Ⅱ类错合固定矫治器正畸治疗 恒牙期骨性Ⅱ类错合固定矫治器正畸治疗 | K15: KHS3G405 KHS3G404 KHS3G403 KHS3G402 KHS3G401 KHE4D401 KHE4F701 KHM4D401 KHM4F401 KHM4K401 KHN4A702 KHT4B703 KHZ4A701 KHZ4A702 KHZ4A703 KHS4C402 KHS4C403 KHS4G405 KHS4G406 KHS4G407 | L15: 无托槽隐形矫治器复诊处置 功能矫治器复诊处置 活动矫治器复诊处置 固定矫治器复诊处置 舌侧固定矫治器复诊处置 颌间固定物拆除术 牵张器加力调整 矫治器拆除术 辅助性调合治疗 口腔激光治疗 唇弓制备 邻面去釉 复杂唇弓器制备 带环制备 咬合导板制备 制戴固定式缺隙保持器 制戴活动式缺隙保持器 活动正畸保持器治疗 压膜式正畸保持器治疗 固定式正畸保持器治疗 | M15: 310522010 310522010.10 310522010.20 310522011 310522011.10 310522011.20 310522023 310522023.10 310522023.20 310522025 310522025.10 310522025.20 310522018 310522018.10 310522019 310522019.10 310522020 310522020.10 310522020.20 310522012 310522012.10 310522021 310522021.10 310522021.20 310522021.30 310522021.40 310522024 310522024.10 310522024.20 310522026 310522026.10 310522026.30 310522026.40 310522026.50 310522026.60 310522026.70 | N15: 恒牙早期安氏Ⅱ类错颌功能矫治器治疗 恒牙早期安氏II类错颌功能矫治器治疗(严重牙性II类错颌和骨性II类错颌) 恒牙早期安氏II类错颌功能矫治器治疗(使用Frankel功能矫治器II型或Activator功能矫治器，其他功能矫治器) 恒牙期牙性安氏Ⅱ类错颌固定矫治器治疗 恒牙期牙性安氏II类错颌固定矫治器治疗(牙性安氏II类错颌拥挤不拔牙病例) 恒牙期牙性安氏II类错颌固定矫治器治疗(简单拥挤拔牙病例) 恒牙期颜面不对称正畸治疗 恒牙期颜面不对称正畸治疗(恒牙期由错颌引起或颜面不对称伴错颌的早期正畸治疗) 恒牙期颜面不对称正畸治疗(用活动矫治器或固定矫治器) 颞下颌关节病正畸治疗 颞下颌关节病正畸治疗(颞下颌关节的弹响、疼痛、关节盘移位等的正畸治疗) 颞下颌关节病正畸治疗(用活动矫治器或固定矫治器治疗) 牙周病伴错颌畸形活动矫治器正畸治疗 牙周病伴错颌畸形活动矫治器正畸治疗(局部牙周炎的正畸治疗) 牙周病伴错颌畸形固定矫治器正畸治疗 牙周病伴错颌畸形固定矫治器正畸治疗(局部牙周炎的正畸治疗) 颌创伤正畸治疗 合创伤正畸治疗(由咬合因素引起的颌创伤) 合创伤正畸治疗(用活动矫治器或固定矫治器治疗) 恒牙期骨性安氏Ⅱ类错颌固定矫治器拔牙治疗 恒牙期骨性安氏II类错颌固定矫治器拔牙治疗(骨性安氏II类错颌拔牙病例) 单侧唇腭裂序列正畸治疗 单侧唇腭裂序列正畸治疗(单侧牙槽突裂) 单侧唇腭裂序列正畸治疗(无骨骼畸形和面部畸形) 单侧唇腭裂序列正畸治疗(腭托使用的正畸治疗) 侧唇腭裂序列正畸治疗(面部畸形) 颅面畸形正畸治疗 颅面畸形正畸治疗(Crouzon综合征、Apert综合征、Treacher-Collins综合征) 颅面畸形正畸治疗(用活动矫治器或固定矫治器治疗) 正颌外科术前术后正畸治疗 正颌外科术前术后正畸治疗(安氏II类严重骨性错颌) 正颌外科术前术后正畸治疗(严重骨性开颌) 正颌外科术前术后正畸治疗(严重腭裂) 正颌外科术前术后正畸治疗(面部偏斜) 正颌外科术前术后正畸治疗(其他颅面畸形的正颌外科术前、术后正畸治疗) 正颌外科术前术后正畸治疗(使用固定矫治器治疗) | O15: 310507003 310507004 310507005 310507006 310507006.10 | P15: 固定矫治器复诊处置 活动矫治器复诊处置 功能矫治器复诊处置 特殊矫治器复诊处置 特殊矫治器复诊处置(推杆式矫治)
A16: 12 | B16: 013105020120000 | C16: 恒牙期Ⅱ类错合矫治费（复杂） | D16: 疗程 | E16: 3105070030000 3105070040000 3105070050000 3105070060000 3105070060001 3105070060100 3105220100000 3105220100001 3105220100002 3105220100100 3105220100200 3105220110000 3105220110100 3105220110200 3105220230000 3105220230100 3105220230200 3105220250000 3105220250100 3105220250200 3105220180000 3105220180001 3105220180100 3105220190000 3105220190002 3105220190100 3105220200000 3105220200100 3105220200200 3105220110001 3105220110002 3105220120000 3105220120001 3105220120002 3105220120100 3105220190001 3105220210000 3105220210100 3105220210200 3105220210300 3105220210400 3105220240000 3105220240100 3105220240200 3105220260000 3105220260100 3105220260300 3105220260400 3105220260500 3105220260600 3105220260700 | F16: 固定矫治器复诊处置 活动矫治器复诊处置 功能矫治器复诊处置 特殊矫治器复诊处置 特殊矫治器复诊处置（使用舌侧矫正器加收） 特殊矫治器复诊处置（推杆式矫治） 恒牙早期安氏II类错合功能矫治器治疗 恒牙早期安氏II类错合功能矫治器治疗（前牙或后牙开合加收） 恒牙早期安氏II类错合功能矫治器治疗（严重深覆合加收） 恒牙早期安氏II类错合功能矫治器治疗（严重牙性II类错合和骨性II类错合） 恒牙早期安氏II类错合功能矫治器治疗（使用Frankel功能矫治器II型或Activator功能矫治器，其他功能矫治器） 恒牙期牙性安氏II类错合固定矫治器治疗 恒牙期牙性安氏II类错合固定矫治器治疗（牙性安氏II类错合拥挤不拔牙病例） 恒牙期牙性安氏II类错合固定矫治器治疗（简单拥挤拔牙病例） 恒牙期颜面不对称正畸治疗 恒牙期颜面不对称正畸治疗（恒牙期由错合引起或颜面不对称伴错合的早期正畸治疗） 恒牙期颜面不对称正畸治疗（用活动矫治器或固定矫治器） 颞下颌关节病正畸治疗 颞下颌关节病正畸治疗（颞下颌关节的弹响、疼痛、关节盘移位等的正畸治疗） 颞下颌关节病正畸治疗（用活动矫治器或固定矫治器治疗） 牙周病伴错合畸形活动矫治器正畸治疗 牙周病伴错合畸形活动矫治器正畸治疗（重度牙周炎的正畸治疗加收） 牙周病伴错合畸形活动矫治器正畸治疗（局部牙周炎的正畸治疗） 牙周病伴错合畸形固定矫治器正畸治疗 牙周病伴错合畸形固定矫治器正畸治疗（拔牙矫治加收） 牙周病伴错合畸形固定矫治器正畸治疗（局部牙周炎的正畸治疗） 合创伤正畸治疗 合创伤正畸治疗（由咬合因素引起的合创伤） 合创伤正畸治疗（用活动矫治器或固定矫治器治疗） 恒牙期牙性安氏II类错合固定矫治器治疗（伴前牙严重开合、深覆合加收） 恒牙期牙性安氏II类错合固定矫治器治疗（阻生齿开窗矫治、磨牙拔除矫治加收） 恒牙期骨性安氏II类错合固定矫治器拔牙治疗 恒牙期骨性安氏II类错合固定矫治器拔牙治疗（伴前牙严重开合、深覆合等复杂疑难病例加收） 恒牙期骨性安氏II类错合固定矫治器拔牙治疗（阻生齿开窗矫治、磨牙拔除矫治加收） 恒牙期骨性安氏II类错合固定矫治器拔牙治疗（骨性安氏II类错合拔牙病例） 牙周病伴错合畸形固定矫治器正畸治疗（伴开合、深覆合等疑难病加收） 单侧唇腭裂序列正畸治疗 单侧唇腭裂序列正畸治疗（单侧牙槽突裂） 单侧唇腭裂序列正畸治疗（无骨骼畸形和面部畸形） 单侧唇腭裂序列正畸治疗（腭托使用的正畸治疗） 单侧唇腭裂序列正畸治疗（面部畸形） 颅面畸形正畸治疗 颅面畸形正畸治疗（Crouzon综合征、Apert综合征、Treacher-Collins综合征） 颅面畸形正畸治疗（用活动矫治器或固定矫治器治疗） 正颌外科术前术后正畸治疗 正颌外科术前术后正畸治疗（安氏II类严重骨性错） 正颌外科术前术后正畸治疗（严重骨性开） 正颌外科术前术后正畸治疗（严重腭裂） 正颌外科术前术后正畸治疗（面部偏斜） 正颌外科术前术后正畸治疗（其他颅面畸形的正颌外科术前、术后） 正颌外科术前术后正畸治疗（使用固定矫治器治疗） | G16: 3105120050000 3105120060000 3105120070000 3105120070200 3105070070000 | H16: 制戴固定式缺隙保持器 制戴活动式缺隙保持器 制戴活动矫正器 制戴活动矫正器（混合牙列部分错合畸形的矫治） 错合畸形正中合位检查 | I16: KHS4F713 KHA4G401 KHS4G401 KHS4G402 KHS4G403 KHS4G448 KHW4G401 KHW4G402 KHN4G402 KHJ4G401 KHA4G404 KHS4G427 KHS4G429 KHS4G431 KHS4G433 | J16: 阻生磨牙矫治 错合畸形复杂颅颌面畸形辅助正畸治疗 错合畸形复杂咬合创伤正畸治疗 复杂咬合创伤正畸治疗 正颌外科手术前后正畸治疗 错合畸形伴牙周病活动矫治器正畸治疗 错合畸形牙周病正畸治疗 错合畸形伴重度牙周病正畸治疗 错合畸形复杂唇腭裂序列正畸治疗 错合畸形复杂颞下颌关节紊乱病正畸治疗 错合畸形恒牙期颜面不对称畸形正畸治疗 恒牙期复杂安氏Ⅱ类错合功能矫治器正畸治疗 恒牙期复杂安氏Ⅱ类错合固定矫治器正畸治疗 成人复杂安氏Ⅱ类错合固定矫治器正畸治疗 恒牙期复杂骨性Ⅱ类错合固定矫治器正畸治疗 | K16: KHS3G405 KHS3G404 KHS3G403 KHS3G402 KHS3G401 KHE4D401 KHE4F701 KHM4D401 KHM4F401 KHM4K401 KHN4A702 KHT4B703 KHZ4A701 KHZ4A702 KHZ4A703 KHS4C402 KHS4C403 KHS4G405 KHS4G406 KHS4G407 | L16: 无托槽隐形矫治器复诊处置 功能矫治器复诊处置 活动矫治器复诊处置 固定矫治器复诊处置 舌侧固定矫治器复诊处置 颌间固定物拆除术 牵张器加力调整 矫治器拆除术 辅助性调合治疗 口腔激光治疗 唇弓制备 邻面去釉 复杂唇弓器制备 带环制备 咬合导板制备 制戴固定式缺隙保持器 制戴活动式缺隙保持器 活动正畸保持器治疗 压膜式正畸保持器治疗 固定式正畸保持器治疗 | M16: 310522010 310522010.10 310522010.20 310522011 310522011.10 310522011.20 310522023 310522023.10 310522023.20 310522025 310522025.10 310522025.20 310522018 310522018.10 310522019 310522019.10 310522020 310522020.10 310522020.20 310522012 310522012.10 310522021 310522021.10 310522021.20 310522021.30 310522021.40 310522024 310522024.10 310522024.20 310522026 310522026.30 310522026.40 310522026.50 310522026.60 310522026.70 | N16: 恒牙早期安氏Ⅱ类错颌功能矫治器治疗 恒牙早期安氏II类错颌功能矫治器治疗(严重牙性II类错颌和骨性II类错颌) 恒牙早期安氏II类错颌功能矫治器治疗(使用Frankel功能矫治器II型或Activator功能矫治器，其他功能矫治器) 恒牙期牙性安氏Ⅱ类错颌固定矫治器治疗 恒牙期牙性安氏II类错颌固定矫治器治疗(牙性安氏II类错颌拥挤不拔牙病例) 恒牙期牙性安氏II类错颌固定矫治器治疗(简单拥挤拔牙病例) 恒牙期颜面不对称正畸治疗 恒牙期颜面不对称正畸治疗(恒牙期由错颌引起或颜面不对称伴错颌的早期正畸治疗) 恒牙期颜面不对称正畸治疗(用活动矫治器或固定矫治器) 颞下颌关节病正畸治疗 颞下颌关节病正畸治疗(颞下颌关节的弹响、疼痛、关节盘移位等的正畸治疗) 颞下颌关节病正畸治疗(用活动矫治器或固定矫治器治疗) 牙周病伴错颌畸形活动矫治器正畸治疗 牙周病伴错颌畸形活动矫治器正畸治疗(局部牙周炎的正畸治疗) 牙周病伴错颌畸形固定矫治器正畸治疗 牙周病伴错颌畸形固定矫治器正畸治疗(局部牙周炎的正畸治疗) 颌创伤正畸治疗 合创伤正畸治疗(由咬合因素引起的颌创伤) 合创伤正畸治疗(用活动矫治器或固定矫治器治疗) 恒牙期骨性安氏Ⅱ类错颌固定矫治器拔牙治疗 恒牙期骨性安氏II类错颌固定矫治器拔牙治疗(骨性安氏II类错颌拔牙病例) 单侧唇腭裂序列正畸治疗 单侧唇腭裂序列正畸治疗(单侧牙槽突裂) 单侧唇腭裂序列正畸治疗(无骨骼畸形和面部畸形) 单侧唇腭裂序列正畸治疗(腭托使用的正畸治疗) 侧唇腭裂序列正畸治疗(面部畸形) 颅面畸形正畸治疗 颅面畸形正畸治疗(Crouzon综合征、Apert综合征、Treacher-Collins综合征) 颅面畸形正畸治疗(用活动矫治器或固定矫治器治疗) 正颌外科术前术后正畸治疗 正颌外科术前术后正畸治疗(严重骨性开颌) 正颌外科术前术后正畸治疗(严重腭裂) 正颌外科术前术后正畸治疗(面部偏斜) 正颌外科术前术后正畸治疗(其他颅面畸形的正颌外科术前、术后正畸治疗) 正颌外科术前术后正畸治疗(使用固定矫治器治疗) | O16: 310507003 310507004 310507005 310507006 310507006.10 | P16: 固定矫治器复诊处置 活动矫治器复诊处置 功能矫治器复诊处置 特殊矫治器复诊处置 特殊矫治器复诊处置(推杆式矫治)
... A18: 14 | B18: 013105020140000 | C18: 恒牙期Ⅲ类错合矫治费（复杂） | D18: 疗程 | E18: 3105070030000 3105070040000 3105070050000 3105070060000 3105070060001 3105070060100 3105220160000 3105220160003 3105220160100 3105220160200 3105220230000 3105220230100 3105220230200 3105220250000 3105220250100 3105220250200 3105220180000 3105220180001 3105220180100 3105220190000 3105220190002 3105220190100 3105220200000 3105220200100 3105220200200 3105220160001 3105220160002 3105220170000 3105220170001 3105220170100 3105220190001 3105220210000 3105220210100 3105220210200 3105220210300 3105220210400 3105220240000 3105220240100 3105220240200 3105220260000 3105220260200 3105220260300 3105220260400 3105220260500 3105220260600 3105220260700 | F18: 固定矫治器复诊处置 活动矫治器复诊处置 功能矫治器复诊处置 特殊矫治器复诊处置 特殊矫治器复诊处置（使用舌侧矫正器加收） 特殊矫治器复诊处置（推杆式矫治） 恒牙期安氏III类错合固定矫治器治疗 恒牙期安氏III类错合固定矫治器治疗（磨牙拔除矫治加收） 恒牙期安氏III类错合固定矫治器治疗（牙性安氏III类错合拥挤不拔牙病例） 恒牙期安氏III类错合固定矫治器治疗（简单拥挤拔牙病例） 恒牙期颜面不对称正畸治疗 恒牙期颜面不对称正畸治疗（恒牙期由错合引起或颜面不对称伴错合的早期正畸治疗） 恒牙期颜面不对称正畸治疗（用活动矫治器或固定矫治器） 颞下颌关节病正畸治疗 颞下颌关节病正畸治疗（颞下颌关节的弹响、疼痛、关节盘移位等的正畸治疗） 颞下颌关节病正畸治疗（用活动矫治器或固定矫治器治疗） 牙周病伴错合畸形活动矫治器正畸治疗 牙周病伴错合畸形活动矫治器正畸治疗（重度牙周炎的正畸治疗加收） 牙周病伴错合畸形活动矫治器正畸治疗（局部牙周炎的正畸治疗） 牙周病伴错合畸形固定矫治器正畸治疗 牙周病伴错合畸形固定矫治器正畸治疗（拔牙矫治加收） 牙周病伴错合畸形固定矫治器正畸治疗（局部牙周炎的正畸治疗） 合创伤正畸治疗 合创伤正畸治疗（由咬合因素引起的合创伤） 合创伤正畸治疗（用活动矫治器或固定矫治器治疗） 恒牙期安氏III类错合固定矫治器治疗（全牙弓反合加收） 恒牙期安氏III类错合固定矫治器治疗（伴开合、深覆合等复杂疑难病加收） 恒牙期骨性安氏III类错合固定矫治器拔牙治疗 恒牙期骨性安氏III类错合固定矫治器拔牙治疗（隐形材料加收） 恒牙期骨性安氏III类错合固定矫治器拔牙治疗（骨性安氏III类错合拔牙病例） 牙周病伴错合畸形固定矫治器正畸治疗（伴开合、深覆合等疑难病加收） 单侧唇腭裂序列正畸治疗 单侧唇腭裂序列正畸治疗（单侧牙槽突裂） 单侧唇腭裂序列正畸治疗（无骨骼畸形和面部畸形） 单侧唇腭裂序列正畸治疗（腭托使用的正畸治疗） 单侧唇腭裂序列正畸治疗（面部畸形） 颅面畸形正畸治疗 颅面畸形正畸治疗（Crouzon综合征、Apert综合征、Treacher-Collins综合征） 颅面畸形正畸治疗（用活动矫治器或固定矫治器治疗） 正颌外科术前术后正畸治疗 正颌外科术前术后正畸治疗（安氏III类严重骨性错） 正颌外科术前术后正畸治疗（严重骨性开） 正颌外科术前术后正畸治疗（严重腭裂） 正颌外科术前术后正畸治疗（面部偏斜） 正颌外科术前术后正畸治疗（其他颅面畸形的正颌外科术前、术后） 正颌外科术前术后正畸治疗（使用固定矫治器治疗） | G18: 3105120050000 3105120060000 3105120070000 3105120070200 3105070070000 | H18: 制戴固定式缺隙保持器 制戴活动式缺隙保持器 制戴活动矫正器 制戴活动矫正器（混合牙列部分错合畸形的矫治） 错合畸形正中合位检查 | I18: KHS4F713 KHA4G401 KHS4G401 KHS4G402 KHS4G403 KHS4G448 KHW4G401 KHW4G402 KHN4G402 KHJ4G401 KHA4G404 KHS4G443 KHS4G445 KHS4G447 | J18: 阻生磨牙矫治 错合畸形复杂颅颌面畸形辅助正畸治疗 错合畸形复杂咬合创伤正畸治疗 复杂咬合创伤正畸治疗 正颌外科手术前后正畸治疗 错合畸形伴牙周病活动矫治器正畸治疗 错合畸形牙周病正畸治疗 错合畸形伴重度牙周病正畸治疗 错合畸形复杂唇腭裂序列正畸治疗 错合畸形复杂颞下颌关节紊乱病正畸治疗 错合畸形恒牙期颜面不对称畸形正畸治疗 恒牙期复杂安氏Ⅲ类错合固定矫治器正畸治疗 成人复杂安氏Ⅲ类错合固定矫治器正畸治疗 恒牙期复杂骨性Ⅲ类错合固定矫治器正畸治疗 | K18: KHS3G405 KHS3G404 KHS3G403 KHS3G402 KHS3G401 KHE4D401 KHE4F701 KHM4D401 KHM4F401 KHM4K401 KHN4A702 KHT4B703 KHZ4A701 KHZ4A702 KHZ4A703 KHS4C402 KHS4C403 KHS4G405 KHS4G406 KHS4G407 | L18: 无托槽隐形矫治器复诊处置 功能矫治器复诊处置 活动矫治器复诊处置 固定矫治器复诊处置 舌侧固定矫治器复诊处置 颌间固定物拆除术 牵张器加力调整 矫治器拆除术 辅助性调合治疗 口腔激光治疗 唇弓制备 邻面去釉 复杂唇弓器制备 带环制备 咬合导板制备 制戴固定式缺隙保持器 制戴活动式缺隙保持器 活动正畸保持器治疗 压膜式正畸保持器治疗 固定式正畸保持器治疗 | M18: 310522016 310522016.10 310522016.20 310522023 310522023.10 310522023.20 310522025 310522025.10 310522025.20 310522018 310522018.10 310522019 310522019.10 310522020 310522020.10 310522020.20 310516001 310516001.10 310522017 310522017.10 310522021 310522021.10 310522021.20 310522021.30 310522021.40 310522024 310522024.10 310522024.20 310522026 310522026.30 310522026.40 310522026.50 310522026.60 310522026.70 | N18: 恒牙期安氏Ⅲ类错颌固定矫治器治疗 恒牙期安氏III类错颌固定矫治器治疗(牙性安氏Ⅲ类错颌拥挤不拔牙病例) 恒牙期安氏III类错颌固定矫治器治疗(简单拥挤拔牙病例) 恒牙期颜面不对称正畸治疗 恒牙期颜面不对称正畸治疗(恒牙期由错颌引起或颜面不对称伴错颌的早期正畸治疗) 恒牙期颜面不对称正畸治疗(用活动矫治器或固定矫治器) 颞下颌关节病正畸治疗 颞下颌关节病正畸治疗(颞下颌关节的弹响、疼痛、关节盘移位等的正畸治疗) 颞下颌关节病正畸治疗(用活动矫治器或固定矫治器治疗) 牙周病伴错颌畸形活动矫治器正畸治疗 牙周病伴错颌畸形活动矫治器正畸治疗(局部牙周炎的正畸治疗) 牙周病伴错颌畸形固定矫治器正畸治疗 牙周病伴错颌畸形固定矫治器正畸治疗(局部牙周炎的正畸治疗) 颌创伤正畸治疗 合创伤正畸治疗(由咬合因素引起的颌创伤) 合创伤正畸治疗(用活动矫治器或固定矫治器治疗) 颞颌关节腔内封闭治疗 颞颌关节腔内封闭治疗(药物注射) 恒牙期骨性安氏Ⅲ类错颌固定矫治器拔牙治疗 恒牙期骨性安氏III类错颌固定矫治器拔牙治疗(骨性安氏Ⅲ类错颌拔牙病例) 单侧唇腭裂序列正畸治疗 单侧唇腭裂序列正畸治疗(单侧牙槽突裂) 单侧唇腭裂序列正畸治疗(无骨骼畸形和面部畸形) 单侧唇腭裂序列正畸治疗(腭托使用的正畸治疗) 侧唇腭裂序列正畸治疗(面部畸形) 颅面畸形正畸治疗 颅面畸形正畸治疗(Crouzon综合征、Apert综合征、Treacher-Collins综合征) 颅面畸形正畸治疗(用活动矫治器或固定矫治器治疗) 正颌外科术前术后正畸治疗 正颌外科术前术后正畸治疗(严重骨性开颌) 正颌外科术前术后正畸治疗(严重腭裂) 正颌外科术前术后正畸治疗(面部偏斜) 正颌外科术前术后正畸治疗(其他颅面畸形的正颌外科术前、术后正畸治疗) 正颌外科术前术后正畸治疗(使用固定矫治器治疗) | O18: 310507003 310507004 310507005 310507006 310507006.10 | P18: 固定矫治器复诊处置 活动矫治器复诊处置 功能矫治器复诊处置 特殊矫治器复诊处置 特殊矫治器复诊处置(推杆式矫治)
A19: 15 | B19: 013105020150000 | C19: 恒牙期Ⅰ类错合矫形功能治疗费 | D19: 疗程 | I19: KHS4F713 KHA4G401 KHS4G401 KHS4G402 KHS4G403 KHS4G448 KHW4G401 KHW4G402 KHN4G402 KHJ4G401 KHA4G404 KHS4G415 KHS4G417 | J19: 阻生磨牙矫治 错合畸形复杂颅颌面畸形辅助正畸治疗 错合畸形复杂咬合创伤正畸治疗 复杂咬合创伤正畸治疗 正颌外科手术前后正畸治疗 错合畸形伴牙周病活动矫治器正畸治疗 错合畸形牙周病正畸治疗 错合畸形伴重度牙周病正畸治疗 错合畸形复杂唇腭裂序列正畸治疗 错合畸形复杂颞下颌关节紊乱病正畸治疗 错合畸形恒牙期颜面不对称畸形正畸治疗 恒牙期复杂安氏Ⅰ类错合固定矫治器正畸治疗 成人复杂安氏Ⅰ类错合固定矫治器正畸治疗 | K19: KHS3G405 KHS3G404 KHS3G403 KHS3G402 KHS3G401 KHE4D401 KHE4F701 KHM4D401 KHM4F401 KHM4K401 KHN4A702 KHT4B703 KHZ4A701 KHZ4A702 KHZ4A703 KHS4C402 KHS4C403 KHS4G405 KHS4G406 KHS4G407 | L19: 无托槽隐形矫治器复诊处置 功能矫治器复诊处置 活动矫治器复诊处置 固定矫治器复诊处置 舌侧固定矫治器复诊处置 颌间固定物拆除术 牵张器加力调整 矫治器拆除术 辅助性调合治疗 口腔激光治疗 唇弓制备 邻面去釉 复杂唇弓器制备 带环制备 咬合导板制备 制戴固定式缺隙保持器 制戴活动式缺隙保持器 活动正畸保持器治疗 压膜式正畸保持器治疗 固定式正畸保持器治疗 | M19: 310522018 310522018.10 310510011 310510011.10 310522025 310522023 310522004 | N19: 牙周病伴错颌畸形活动矫治器正畸治疗 牙周病伴错颌畸形活动矫治器正畸治疗(局部牙周炎的正畸治疗) 拆除固定装置 拆除固定装置(去除由各种原因使用的口腔固定材料) 颞下颌关节病正畸治疗 恒牙期颜面不对称正畸治疗 恒牙期安氏I类错颌固定矫治器正畸治疗 | O19: 310507005 310507003 310507004 310522026 310505005 310505005.01 310505004 310505006 310512005 310512006 310522028 | P19: 功能矫治器复诊处置 固定矫治器复诊处置 活动矫治器复诊处置 正颌外科术前术后正畸治疗 唇弓制备 唇弓制备(特殊要求唇弓加收) 带环制备 颌导板制备 制戴固定式缺隙保持器 制戴活动式缺隙保持器 正畸保持器治疗
A20: 16 | B20: 013105020160000 | C20: 恒牙期Ⅱ类错合矫形功能治疗费 | D20: 疗程 | I20: KHS4F713 KHA4G401 KHS4G401 KHS4G402 KHS4G403 KHS4G448 KHW4G401 KHW4G402 KHN4G402 KHJ4G401 KHA4G404 KHS4G427 KHS4G429 KHS4G431 KHS4G433 | J20: 阻生磨牙矫治 错合畸形复杂颅颌面畸形辅助正畸治疗 错合畸形复杂咬合创伤正畸治疗 复杂咬合创伤正畸治疗 正颌外科手术前后正畸治疗 错合畸形伴牙周病活动矫治器正畸治疗 错合畸形牙周病正畸治疗 错合畸形伴重度牙周病正畸治疗 错合畸形复杂唇腭裂序列正畸治疗 错合畸形复杂颞下颌关节紊乱病正畸治疗 错合畸形恒牙期颜面不对称畸形正畸治疗 恒牙期复杂安氏Ⅱ类错合功能矫治器正畸治疗 恒牙期复杂安氏Ⅱ类错合固定矫治器正畸治疗 成人复杂安氏Ⅱ类错合固定矫治器正畸治疗 恒牙期复杂骨性Ⅱ类错合固定矫治器正畸治疗 | K20: KHS3G405 KHS3G404 KHS3G403 KHS3G402 KHS3G401 KHE4D401 KHE4F701 KHM4D401 KHM4F401 KHM4K401 KHN4A702 KHT4B703 KHZ4A701 KHZ4A702 KHZ4A703 KHS4C402 KHS4C403 KHS4G405 KHS4G406 KHS4G407 | L20: 无托槽隐形矫治器复诊处置 功能矫治器复诊处置 活动矫治器复诊处置 固定矫治器复诊处置 舌侧固定矫治器复诊处置 颌间固定物拆除术 牵张器加力调整 矫治器拆除术 辅助性调合治疗 口腔激光治疗 唇弓制备 邻面去釉 复杂唇弓器制备 带环制备 咬合导板制备 制戴固定式缺隙保持器 制戴活动式缺隙保持器 活动正畸保持器治疗 压膜式正畸保持器治疗 固定式正畸保持器治疗 | M20: 310522010 310522018 310522018.10 310522024 310510011 310510011.10 310522020 310522025 310522023 310522011 | N20: 恒牙早期安氏Ⅱ类错颌功能矫治器治疗 牙周病伴错颌畸形活动矫治器正畸治疗 牙周病伴错颌畸形活动矫治器正畸治疗(局部牙周炎的正畸治疗) 颅面畸形正畸治疗 拆除固定装置 拆除固定装置(去除由各种原因使用的口腔固定材料) 颌创伤正畸治疗 颞下颌关节病正畸治疗 恒牙期颜面不对称正畸治疗 恒牙期牙性安氏Ⅱ类错颌固定矫治器治疗 | O20: 310507005 310507003 310507004 310522026 310505005 310505004 310505006 310512005 310512006 310522028 310505005.01 | P20: 功能矫治器复诊处置 固定矫治器复诊处置 活动矫治器复诊处置 正颌外科术前术后正畸治疗 唇弓制备 带环制备 颌导板制备 制戴固定式缺隙保持器 制戴活动式缺隙保持器 正畸保持器治疗 唇弓制备(特殊要求唇弓加收)
A21: 17 | B21: 013105020170000 | C21: 恒牙期Ⅲ类错合矫形功能治疗费 | D21: 疗程 | I21: KHS4F713 KHA4G401 KHS4G401 KHS4G402 KHS4G403 KHS4G448 KHW4G401 KHW4G402 KHN4G402 KHJ4G401 KHA4G404 KHS4G427 KHS4G429 KHS4G431 KHS4G433 | J21: 阻生磨牙矫治 错合畸形复杂颅颌面畸形辅助正畸治疗 错合畸形复杂咬合创伤正畸治疗 复杂咬合创伤正畸治疗 正颌外科手术前后正畸治疗 错合畸形伴牙周病活动矫治器正畸治疗 错合畸形牙周病正畸治疗 错合畸形伴重度牙周病正畸治疗 错合畸形复杂唇腭裂序列正畸治疗 错合畸形复杂颞下颌关节紊乱病正畸治疗 错合畸形恒牙期颜面不对称畸形正畸治疗 恒牙期复杂安氏Ⅱ类错合功能矫治器正畸治疗 恒牙期复杂安氏Ⅱ类错合固定矫治器正畸治疗 成人复杂安氏Ⅱ类错合固定矫治器正畸治疗 恒牙期复杂骨性Ⅱ类错合固定矫治器正畸治疗 | K21: KHS3G405 KHS3G404 KHS3G403 KHS3G402 KHS3G401 KHE4D401 KHE4F701 KHM4D401 KHM4F401 KHM4K401 KHN4A702 KHT4B703 KHZ4A701 KHZ4A702 KHZ4A703 KHS4C402 KHS4C403 KHS4G405 KHS4G406 KHS4G407 | L21: 无托槽隐形矫治器复诊处置 功能矫治器复诊处置 活动矫治器复诊处置 固定矫治器复诊处置 舌侧固定矫治器复诊处置 颌间固定物拆除术 牵张器加力调整 矫治器拆除术 辅助性调合治疗 口腔激光治疗 唇弓制备 邻面去釉 复杂唇弓器制备 带环制备 咬合导板制备 制戴固定式缺隙保持器 制戴活动式缺隙保持器 活动正畸保持器治疗 压膜式正畸保持器治疗 固定式正畸保持器治疗 | M21: 310522018 310522018.10 310522024 310510011 310510011.10 310522020 310522025 310522023 310522011 | N21: 牙周病伴错颌畸形活动矫治器正畸治疗 牙周病伴错颌畸形活动矫治器正畸治疗(局部牙周炎的正畸治疗) 颅面畸形正畸治疗 拆除固定装置 拆除固定装置(去除由各种原因使用的口腔固定材料) 颌创伤正畸治疗 颞下颌关节病正畸治疗 恒牙期颜面不对称正畸治疗 恒牙期牙性安氏Ⅱ类错颌固定矫治器治疗 | O21: 310507005 310507003 310507004 310522026 310505005 310505005.01 310505004 310505006 310512005 310512006 310522028 | P21: 功能矫治器复诊处置 固定矫治器复诊处置 活动矫治器复诊处置 正颌外科术前术后正畸治疗 唇弓制备 唇弓制备(特殊要求唇弓加收) 带环制备 颌导板制备 制戴固定式缺隙保持器 制戴活动式缺隙保持器 正畸保持器治疗
A22: 18 | B22: 013105020180000 | C22: 新生儿唇腭裂术前治疗费 | D22: 疗程 | E22: 3105220210000 3105220210100 3105220210200 3105220210300 3105220210400 3105210010000 3105210010001 3105210010002 | F22: 单侧唇腭裂序列正畸治疗 单侧唇腭裂序列正畸治疗（单侧牙槽突裂） 单侧唇腭裂序列正畸治疗（无骨骼畸形和面部畸形） 单侧唇腭裂序列正畸治疗（腭托使用的正畸治疗） 单侧唇腭裂序列正畸治疗（面部畸形） 腭护板导板矫治 腭护板导板矫治（加放射治疗装置加收） 腭护板导板矫治（间接法制作加收） | I22: KHN4A701 | J22: 新生儿唇腭裂术前修复矫治器制备 | K22: KHR4A401 KHZ4A714 | L22: 腭裂腭护板制作 面部模型制备 | M22: 310522021 310522021.10 310522021.20 310522021.30 310522021.40 310521001 | N22: 单侧唇腭裂序列正畸治疗 单侧唇腭裂序列正畸治疗(单侧牙槽突裂) 单侧唇腭裂序列正畸治疗(无骨骼畸形和面部畸形) 单侧唇腭裂序列正畸治疗(腭托使用的正畸治疗) 侧唇腭裂序列正畸治疗(面部畸形) 腭护板导板矫治 | O22: 310521001.01 310521001.02 | P22: 腭护板导板矫治(间接法制作加收) 腭护板导板矫治(加放射治疗装置加收)
A23: 19 | B23: 013105020190000 | C23: 睡眠呼吸暂停综合征口腔正畸辅助治疗费 | D23: 疗程 | E23: 3105220270000 3105220270100 | F23: 睡眠呼吸暂停综合征（OSAS）正畸治疗 睡眠呼吸暂停综合征（OSAS）正畸治疗（各种表现的睡眠呼吸暂停及相应错合的正畸治疗） | I23: KHS4G404 | J23: 睡眠呼吸暂停综合征正畸辅助治疗 | M23: 310522027 310522027.10 | N23: 睡眠呼吸暂停综合征(OSAS)正畸治疗 睡眠呼吸暂停综合征(OSAS)正畸治疗(各种表现的睡眠呼吸暂停及相应错颌的正畸治疗)
A24: 20 | B24: 013105020200000 | C24: 局部正畸矫治费 | D24: 象限•疗程 | I24: KHS4G408 | J24: 局部矫治器正畸治疗
A25: 21 | B25: 013105020210000 | C25: 口腔固定保持器安装费 | D25: 单颌 | I25: KHS4G405 KHS4G406 KHS4G407 | J25: 活动正畸保持器治疗 压膜式正畸保持器治疗 固定式正畸保持器治疗 | M25: 310512007 310512007.10 310512007.20 310512005 | N25: 制戴活动矫正器 制戴活动矫正器(乳牙列部分错颌畸形的矫治) 制戴活动矫正器(混合牙列部分错颌畸形的矫治) 制戴固定式缺隙保持器
A26: 22 | B26: 013105020220000 | C26: 口腔固定保持器拆除费 | D26: 单颌
A27: 23 | B27: 013105020230000 | C27: 错合畸形治疗设计费 | D27: 次 | E27: 3105070020000 3105070020001 3105070020100 3105070020200 | F27: 错合畸形治疗设计 错合畸形治疗设计（使用计算机进行三维牙合模型测量和X线头影测量酌情加收） 错合畸形治疗设计（牙合模型测量：含手工模型测量牙弓长度、拥挤度或三维牙合模型计算机测量） 错合畸形治疗设计（模型诊断性排牙：含上下颌模型排牙） | G27: 3105010100000 3105010100000 3105010100100 3105010100200 3105010100300 3105010100400 3105010070000 3105010080000 3105010090000 3105070010000 3105070070000 3105050020000 3105050020100 3105050020200 3105050020300 | H27: 常规面合像检查 常规面合像检查（正侧位面像） 常规面合像检查（微笑像） 常规面合像检查（正侧位合像） 常规面合像检查（上下颌合面像） 口腔模型制备 记存模型制备 面部模型制备 错合畸形初检 错合畸形正中合位检查 云纹仪检查 云纹仪检查（正位云纹照相及测量） 云纹仪检查（侧位云纹照相及测量） 云纹仪检查（斜位云纹照相及测量） 错颌畸形初检 | I27: FHS1C301 KHS4A704 KHS4A705 KHS4A706 | J27: 诊断性排牙试验 错合畸形诊断设计 错合畸形二维诊断设计 错合畸形三维诊断设计 | K27: FHA1H701 FHA1H702 KHZ4A710 KHZ4A711 KHZ4A715 | L27: 常规面部与口内照相 面部三维照相 口腔常规印模及模型制备 口腔功能印模及模型制备 正畸记存模型制备 | M27: 310507002 310507002.10 310507002.20 310507002.30 | N27: 错颌畸形治疗设计 错颌畸形治疗设计(牙合模型测量) 错颌畸形治疗设计(模型诊断性排牙) 错颌畸形治疗设计(X线头影测量) | O27: 310501010 310501010.10 310501010.20 310501010.30 310501010.40 310501007 310501008 310501009 310505002 310505002.10 310505002.20 310505002.30 310507002.01 | P27: 常规面颌像检查 常规面颌像检查(正侧位面像) 常规面颌像检查(微笑像) 常规面颌像检查(正侧位颌像) 常规面颌像检查(上下颌颌面像) 口腔模型制备 记存模型制备 面部模型制备 云纹仪检查 云纹仪检查(正位云纹照相及测量) 云纹仪检查(侧位云纹照相及测量) 云纹仪检查(斜位云纹照相及测量) 错颌畸形治疗设计(使用计算机进行三维牙合模型测量和X线头影测量酌情加收)
A28: 24 | B28: 013306020010000 | C28: 正畸支抗钉植入费 | D28: 每钉
B29: 013306020010001 | C29: 正畸支抗钉植入费-儿童（加收） | D29: 每钉
A30: 25 | B30: 013105010330000 | C30: 牙根牵引费 | D30: 牙 | E30: 3105120080000 | F30: 前牙根折根牵引 | I30: KHV4G401 | J30: 前牙牙根牵引术 | M30: 310512008 | N30: 前牙根折根牵引
A31: 26 | B31: 012406000010000 | C31: 牙髓活力测验费 | D31: 牙 | E31: 3105020010000 3105020010100 3105020010200 3105020010300 | F31: 牙髓活力检查 牙髓活力检查（冷测） 牙髓活力检查（热测） 牙髓活力检查（牙髓活力电测） | I31: FHU1B401 | J31: 牙髓活力测试 | M31: 310502001 310502001.10 310502001.20 310502001.30 | N31: 牙髓活力检查 牙髓活力检查(冷测) 牙髓活力检查(热测) 牙髓活力检查(牙髓活力电测)
A32: 27 | B32: 013105010010000 | C32: 橡皮障隔离费 | D32: 次 | E32: 3105110080000 | F32: 橡皮障隔湿法 | I32: KHS4C404 | J32: 橡皮障隔湿治疗术 | M32: 310511008 | N32: 橡皮障隔湿法
A33: 28 | B33: 013105010020000 | C33: 牙体开髓引流费 | D33: 牙 | E33: 3105110130000 3105110150000 | F33: 开髓引流术 牙髓摘除术 | I33: KHU3N401 | J33: 开髓引流术 | K33: KHU4B402 | L33: 牙髓摘除术 | M33: 310511013 310511015 | N33: 开髓引流术 牙髓摘除术
B34: 013105010020001 | C34: 牙体开髓引流费-儿童（加收） | D34: 牙
A35: 29 | B35: 013105010030000 | C35: 牙髓失活费 | D35: 牙 | E35: 3105110120000 3105120110000 | F35: 牙髓失活术 活髓切断术 | I35: KHU4E406 | J35: 牙髓失活术 | M35: 310511012 | N35: 牙髓失活术
B36: 013105010030001 | C36: 牙髓失活费-儿童（加收） | D36: 牙
A37: 30 | B37: 013105010040000 | C37: 干髓治疗费 | D37: 牙 | E37: 3105110140000 3105110200000 | F37: 干髓术 牙髓塑化治疗术 | I37: KHU4E407 | J37: 干髓术 | M37: 310511014 310511020 | N37: 干髓术 牙髓塑化治疗术
A38: 31 | B38: 013105010050000 | C38: 根管预备费 | D38: 根管 | E38: 3105110160000 3105110160001 3105110180000 3105110180001 | F38: 根管预备 根管预备（使用特殊仪器加收） 显微根管治疗术 显微根管治疗术（使用特殊仪器酌情加收） | G38: 3105020020000 3105120090000 | H38: 根管长度测量 钙化桥打通术 | I38: KHV4A402 | J38: 简单根管预备术 | K38: FHV1B401 KHU3N401 KHU4B402 | L38: 根管工作长度测量 开髓引流术 牙髓摘除术 | M38: 310511016 310511018 | N38: 根管预备 显微根管治疗术 | O38: 310511013 310511015 310502002 310511016.01 310511016.02 310512009 | P38: 开髓引流术 牙髓摘除术 根管长度测量根管预备(磨牙加收) 根管预备(使用镍钛根管器械加收) 钙化桥打通术
B39: 013105010050001 | C39: 根管预备费-儿童（加收） | D39: 根管
B40: 013105010050011 | C40: 根管预备费-根管异常（加收） | D40: 根管 | E40: 3105110180100 | F40: 显微根管治疗术（显微镜下复杂根管治疗） | K40: KHV4F402 | L40: 钙化根管疏通术 | M40: 310511018.10 | N40: 显微根管治疗术(复杂根管治疗)
A41: 32 | B41: 013105010060000 | C41: 根管冲洗费 | D41: 根管 | E41: 3105110190000 3105110190001 3105110190200 '3105110190100 | F41: 髓腔消毒术 髓腔消毒术（使用特殊仪器（微波仪等）酌情加收） 髓腔消毒术（瘘管治疗） 髓腔消毒术（髓腔或根管消毒） | M41: 310511019 310511019.10 310511019.20 310511019.30 | N41: 髓腔消毒术 髓腔消毒术(根管消毒) 髓腔消毒术(瘘管治疗) 髓腔消毒术(髓腔消毒) | O41: 310511019.01 | P41: 髓腔消毒术(使用特殊仪器(微波仪等)加收)
B42: 013105010060100 | C42: 根管冲洗费-根管封药费（扩展） | D42: 根管
A43: 33 | B43: 013105010070000 | C43: 根管充填费 | D43: 根管 | E43: 3105110170000 3105110170001 3105110180000 3105110180001 | F43: 根管充填术 根管充填术（使用特殊仪器加收） 显微根管治疗术 显微根管治疗术（使用特殊仪器酌情加收） | I43: KHV4E401 KHV4E403 | J43: 单尖法根管充填术 根管冷牙胶侧压充填术 | K43: FHV1B401 | L43: 根管工作长度测量 | M43: 310511017 310511018 310510008.10 | N43: 根管充填术 显微根管治疗术 激光口内治疗(根管处置) | O43: 310511017.01 310511017.02 | P43: 根管充填术(磨牙加收) 根管充填术(使用热牙胶装置加收)
B44: 013105010070001 | C44: 根管充填费-儿童（加收） | D44: 根管
B45: 013105010070011 | C45: 根管充填费-根管异常（加收） | D45: 根管 | E45: 3105110250000 3105110180100 | F45: 根管内固定术 显微根管治疗术（显微镜下复杂根管治疗） | I45: KHV4E404 KHV4E405 | J45: 根管热牙胶垂直加压充填术 根管常温牙胶注射式加压充填术 | K45: FHV1B401 | L45: 根管工作长度测量 | M45: 310511025 330604041 310511018.10 | N45: 根管内固定术 松动牙根管内固定术 显微根管治疗术(复杂根管治疗) | O45: 310502002 | P45: 根管长度测量
B46: 013105010070100 | C46: 根管充填费-乳牙根管充填费（扩展） | D46: 根管
A47: 34 | B47: 013105010080000 | C47: 根管再治疗费 | D47: 根管 | E47: 3105110210000 3105110210001 3105110210100 3105110210200 3105110210300 3105110180100 | F47: 根管再治疗术 根管再治疗术（使用显微镜、超声仪等特殊仪器加收） 根管再治疗术（取根管内充物） 根管再治疗术（疑难根管口的定位） 根管再治疗术（不通根管的扩通） 显微根管治疗术（显微镜下复杂根管治疗） | I47: KHV4E406 | J47: 根管再治疗术 | K47: FHV1B401 | L47: 根管工作长度测量 | M47: 310511021 310511021.10 310511021.20 310511021.30 310511018.10 | N47: 根管再治疗术 根管再治疗术(取根管内充物) 根管再治疗术(疑难根管口的定位) 根管再治疗术(不通根管的扩通) 显微根管治疗术(复杂根管治疗) | O47: 310502002 310511021.01 | P47: 根管长度测量 根管再治疗术(使用特殊仪器(镍钛仪、超声仪等)加收)
A48: 35 | B48: 013105010090000 | C48: 根管内异物取出费 | D48: 根管 | E48: 3105110210400 | F48: 根管再治疗术（取根管内折断器械） | I48: KHV4F401 | J48: 根管内分离器械取出术 | K48: FHV1B401 | L48: 根管工作长度测量 | M48: 310511021.40 | N48: 根管再治疗术(取根管内折断器械) | O48: 310502002 | P48: 根管长度测量
B49: 013105010090001 | C49: 根管内异物取出费-根尖段异物取出（加收） | D49: 根管
A50: 36 | B50: 013306020020000 | C50: 根尖诱导成形费 | D50: 根管 | E50: 3105120010000 | F50: 根尖诱导成形术 | I50: KHV4F301 | J50: 根尖诱导成形术 | K50: FHV1B401 | L50: 根管工作长度测量 | M50: 310512001 | N50: 根尖诱导成形术 | O50: 310502002 | P50: 根管长度测量
B51: 013306020020001 | C51: 根尖诱导成形费-儿童（加收） | D51: 根管
A52: 37 | B52: 013306020030000 | C52: 根尖屏障手术费 | D52: 根管 | E52: 3105110180200 3105110220000 3105110220001 3105110220200 | F52: 显微根管治疗术（根尖屏障制备） 髓腔穿孔修补术 髓腔穿孔修补术（使用特殊仪器加收） 髓腔穿孔修补术（根管穿孔） | I52: KHV4F405 KHU4E401 | J52: 根管穿孔内修补术 髓腔穿孔充填修补术 | K52: FHV1B401 FHV1B401 | L52: 根管工作长度测量 根管工作长度测量 | M52: 310511018.20 310511022 310511022.10 | N52: 显微根管治疗术(根尖屏障制备) 髓腔穿孔修补术 髓腔穿孔修补术(髓腔穿孔) | O52: 310502002 310511022.01 | P52: 根管长度测量 髓腔穿孔修补术(使用特殊仪器加收)
B53: 013306020030001 | C53: 根尖屏障手术费-儿童（加收） | D53: 根管
B54: 013306020030100 | C54: 根尖屏障手术费-髓腔穿孔修补费（扩展） | D54: 根管 | M54: 310511022.20 | N54: 髓腔穿孔修补术(根管穿孔)
A55: 38 | B55: 013306020040000 | C55: 根尖手术费 | D55: 根管 | E55: 3105110230000 3105110230001 3306040320100 3306040320200 3306040320300 3306040320000 | F55: 根管壁穿孔外科修补术 根管壁穿孔外科修补术（使用特殊仪器酌情加收） 显微根管外科手术（显微镜下的进行根管内修复） 显微根管外科手术（显微镜下的进行根管外修复） 显微根管外科手术（根尖手术） 显微根管外科手术 | I55: KHV7P401 KHV7P402 | J55: 根管外科手术 根管壁穿孔外科修补术 | K55: KHV4A401 KHV4E402 HHV6U401 HHV6U402 | L55: 超声根尖倒预备 根尖倒充填术 根尖切除术 根尖搔刮术 | M55: 310511023 330604032 | N55: 根管壁穿孔外科修补术 显微根管外科手术 | O55: 330604027 330604026 310511023.01 | P55: 根尖搔刮术 根尖切除术 根管壁穿孔外科修补术(使用特殊仪器加收)
B56: 013306020040001 | C56: 根尖手术费-儿童（加收） | D56: 根管
B57: 013306020040011 | C57: 根尖手术费-复杂根尖手术（加收） | D57: 根管
A58: 39 | B58: 013105010100000 | C58: 活髓保存治疗费 | D58: 牙 | E58: 3105120110000 | F58: 活髓切断术 | I58: KHU4E404 | J58: 直接盖髓术 | K58: KHU4E403 | L58: 活髓切断术 | O58: 310512011 | P58: 活髓切断术
B59: 013105010100001 | C59: 活髓保存治疗费-间接盖髓（减收） | D59: 牙 | E59: 3105110110000 3105110110100 | F59: 盖髓术 盖髓术（龋齿的特殊检查） | I59: KHU4E405 | J59: 间接盖髓术 | M59: 310511011 310511011.10 | N59: 盖髓术 盖髓术(龋齿的特殊检查)
A60: 40 | B60: 013105010110000 | C60: 牙髓再生治疗费 | D60: 牙 | I60: KHU4E402 | J60: 牙髓血运重建术
B61: 013105010110001 | C61: 牙髓再生治疗费-自体血支架制备（加收） | D61: 牙
A62: 41 | B62: 013105010120000 | C62: 牙体缺损直接粘接修复费 | D62: 牙 | E62: 3105110040000 | F62: 牙体缺损粘接修复术 | G62: 3105100010000 3105110010000 3105110010100 3105110050000 3105110020000 3105110020300 3105110050100 | H62: 调合 简单充填术 简单充填术（I、V类洞的充填） 充填体抛光术 复杂充填术 复杂充填术（化学微创祛龋术） 充填体抛光术（各类充填体的修整、抛光） | I62: KHS4F406 | J62: 牙体缺损直接粘接修复术 | K62: KHS4E402 KHX4A702 KHM4F401 FHS1A402 KHM4F401 KHX4A701 | L62: 牙体缺损充填术 非金属类充填体抛光术 辅助性调合治疗 纸蜡咬合图像分析检查 微创修复术 金属类充填体抛光术 | M62: 310511004 | N62: 牙体缺损粘接修复术 | O62: 310510001 310511001 310511005.10 310511002.10 310511028 310512012 310511002 310511005 310511004.01 | P62: 调颌 简单充填术 充填体抛光术(各类充填体修整) 复杂充填术(化学微创祛龋术) 牙体缺损声波充填技术 龋齿无痛微创去腐技术 复杂充填术 充填体抛光术 牙体缺损粘接修复术(复杂加收)
B63: 013105010120001 | C63: 牙体缺损直接粘接修复费-儿童（加收） | D63: 牙
B64: 013105010120011 | C64: 牙体缺损直接粘接修复费-牙体大面积缺损（加收） | D64: 牙 | G64: 3105110020100 | H64: 复杂充填术（II、III、IV类洞及大面积缺损的充填）
B65: 013105010120012 | C65: 牙体缺损直接粘接修复费-暂封（减收） | D65: 牙
B66: 013105010120013 | C66: 牙体缺损直接粘接修复费-银汞合金充填（减收） | D66: 牙 | K66: KHX4A701 | L66: 金属类充填体抛光术
A67: 42 | B67: 013105010130000 | C67: 前牙形态修复费 | D67: 牙 | E67: 3105110060000 3105110060100 3105110060200 3105110060300 3105110060600 3105110060400 3105110060500 | F67: 前牙美容修复术 前牙美容修复术（切角） 前牙美容修复术（切缘） 前牙美容修复术（关闭间隙） 前牙美容修复术（着色牙贴面） 前牙美容修复术（畸形牙改形） 前牙美容修复术（牙体缺陷） | I67: KHS4E402 KHS4F406 | J67: 牙体缺损充填术 牙体缺损直接粘接修复术 | K67: KHM4F401 KHS4C404 KHS4F407 KHS4F709 FHS1A402 | L67: 辅助性调合治疗 橡皮障隔湿治疗术 微创修复术 光固化树脂贴面直接修复术 纸蜡咬合图像分析检查 | M67: 310511006 310511006.10 310511006.30 310511006.50 310511006.60 310511006.20 310511006.40 | N67: 前牙美容修复术 前牙美容修复术(切角) 前牙美容修复术(关闭间隙) 前牙美容修复术(牙体缺陷) 前牙美容修复术(着色牙贴面) 前牙美容修复术(切缘) 前牙美容修复术(畸形牙改形) | O67: 310510001 310511008 | P67: 调颌 橡皮障隔湿法
B68: 013105010130001 | C68: 前牙形态修复费-舌腭面形态辅助修复（加收） | D68: 牙
A69: 43 | B69: 013105010140000 | C69: 窝沟封闭费 | D69: 牙 | E69: 3105120020000 | F69: 窝沟封闭 | I69: KHS4E401 | J69: 窝沟封闭术 | K69: KHX4A702 KHM4F401 | L69: 非金属类充填体抛光术 辅助性调合治疗 | M69: 310512002 | N69: 窝沟封闭 | O69: 310510001 310511005 | P69: 调颌 充填体抛光术
A70: 44 | B70: 013105010150000 | C70: 氟防龋治疗费 | D70: 牙 | E70: 3105100020000 3105100020100 3105100020200 3105100020300 | F70: 氟防龋治疗 氟防龋治疗（局部涂氟） 氟防龋治疗（氟液含漱） 氟防龋治疗（氟打磨） | I70: KHT4B401 | J70: 氟防龋治疗 | M70: 310510002 310510002.10 310510002.20 310510002.30 | N70: 氟防龋治疗 氟防龋治疗(局部涂氟) 氟防龋治疗(氟液含漱) 氟防龋治疗(氟打磨)
A71: 45 | B71: 013105010160000 | C71: 牙脱敏治疗费 | D71: 牙 | E71: 3105100030000 3105100030001 3105100030100 '3105100030200 | F71: 牙脱敏治疗 牙脱敏治疗（使用激光脱敏仪加收） 牙脱敏治疗（氟化钠） 牙脱敏治疗（酚制剂） | I71: KHS4B401 KHU4B401 MEZHU001 | J71: 药物脱敏治疗术 牙列套脱敏治疗术 激光脱敏治疗术 | M71: 310510003 310510003.10 310510003.20 | N71: 牙脱敏治疗 牙脱敏治疗(氟化钠) 牙脱敏治疗(酚制剂) | O71: 310510003.01 | P71: 牙脱敏治疗(使用激光脱敏仪加收)
A72: 46 | B72: 013105010170000 | C72: 牙齿内漂白费 | D72: 牙 | E72: 3105110100000 3105110100001 3105110100100 3105110100200 | F72: 牙齿漂白术 牙齿漂白术（使用特殊仪器酌情加收） 牙齿漂白术（内漂白） 牙齿漂白术（外漂白） | I72: KHT4B701 KHT4B402 | J72: 牙面光洁术 牙齿内漂白术 | K72: FHS1C701 | L72: 牙齿电子测色 | M72: 310511010 | N72: 牙齿漂白术 | O72: 310511010.01 | P72: 牙齿漂白术(使用特殊仪器加收)
B73: 013105010170100 | C73: 牙齿内漂白费-牙脱色费（扩展） | D73: 牙 | E73: 3105110090001 3105110090100 3105110090200 3105110090300 3105110090000 | F73: 牙脱色术（特殊仪器加收） 牙脱色术（氟斑牙） 牙脱色术（四环素牙） 牙脱色术（变色牙） 牙脱色术 | I73: KHT4B702 | J73: 牙齿脱色术 | M73: 310511009.10 310511009.20 310511009.30 310511009 | N73: 牙脱色术(氟斑牙) 牙脱色术(四环素牙) 牙脱色术(变色牙) 牙脱色术 | O73: 310511009.01 | P73: 牙脱色术(使用特殊仪器加收)
A74: 47 | B74: 013105010180000 | C74: 全口牙齿漂白费 | D74: 次 | E74: 3105110100000 3105110100001 3105110100100 3105110100200 | F74: 牙齿漂白术 牙齿漂白术（使用特殊仪器酌情加收） 牙齿漂白术（内漂白） 牙齿漂白术（外漂白） | I74: KHT4K401 | J74: 牙齿冷光漂白术 | K74: FHS1C701 | L74: 牙齿电子测色 | M74: 310511010 | N74: 牙齿漂白术 | O74: 310511010.01 | P74: 牙齿漂白术(使用特殊仪器加收)
B75: 013105010180100 | C75: 全口牙齿漂白费-牙列套漂白费（扩展） | D75: 次 | I75: KHT4B403 | J75: 牙列套漂白术
A76: 48 | B76: 013105010190000 | C76: 预成冠修复费 | D76: 牙 | E76: 3105120030000 3105120030100 3105120040000 3105120040100 | F76: 乳牙预成冠修复 乳牙预成冠修复（合金冠修复乳磨牙大面积牙体缺损） 儿童前牙树脂冠修复 儿童前牙树脂冠修复（树脂冠修复前牙大面积牙体缺损（外伤及龋患）） | I76: KHS4F401 | J76: 乳磨牙预成冠修复 | K76: FHS1A402 | L76: 纸蜡咬合图像分析检查 | M76: 310512003 310512003.10 310512004 310512004.10 310501002 | N76: 乳牙预成冠修复 乳牙预成冠修复(合金修复乳磨牙大面积牙体缺损) 儿童前牙树脂冠修复 儿童前牙树脂冠修复(树脂修复前牙大面积牙体缺损(外伤及龋患)) 咬合检查
A77: 49 | B77: 013306020050000 | C77: 牙拔除费 | D77: 牙 | E77: 3306040010000 3306040020000 3306040020100 3306040030000 3306040030100 3306040040000 3306040040100 | F77: 乳牙拔除术 前牙拔除术 前牙拔除术（该区段多生牙） 前磨牙拔除术 前磨牙拔除术（该区段多生牙） 磨牙拔除术 磨牙拔除术（该区段多生牙） | I77: KHS6P401 HHS6P404 HHS6P405 HHS6P406 | J77: 乳牙拔除术 恒前牙拔除术 恒前磨牙拔除术 恒磨牙拔除术 | K77: KHM3R401 | L77: 口腔局部缝合止血 | M77: 330604001 330604002 330604003 330604004 | N77: 乳牙拔除术 前牙拔除术 前磨牙拔除术 磨牙拔除术 | O77: 310510007.40 | P77: 口腔局部止血(缝合)
B78: 013306020050001 | C78: 牙拔除费-儿童（加收） | D78: 牙
B79: 013306020050011 | C79: 牙拔除费-复杂牙拔除（加收） | D79: 牙 | E79: 3306040050100 3306040050000 | F79: 复杂牙拔除术（死髓或牙体治疗后其脆性增加） 复杂牙拔除术 | I79: HHS6P403 HHS6P407 HHS6P402 HHS6P401 | J79: 骨融合牙拔除术 部分牙拔除术 弓外牙拔除术 微创复杂牙拔除术 | K79: KHM3R401 | L79: 口腔局部缝合止血 | M79: 330604005 | N79: 复杂牙拔除术 | O79: 330604005.01 | P79: 复杂牙拔除术(使用特殊器械下的微创拨牙加收)
A80: 50 | B80: 013306020060000 | C80: 阻生牙拔除费 | D80: 牙 | E80: 3306040060000 | F80: 阻生牙拔除术 | I80: HHS6P408 | J80: 高位阻生牙拔除术 | K80: KHM3R401 | L80: 口腔局部缝合止血 | M80: HHS65309 330604006 | N80: 萌出阻生牙拔除术 阻生牙拔除术 | O80: 330604006.03 330604006.01 310510007.40 HHS-HHV.01 | P80: 阻生牙拔除术(使用特殊器械下的微创拨牙加收) 阻生牙拔除术(完全骨阻生加收) 口腔局部止血(缝合) 使用特殊器械下的微创拨牙加收
B81: 013306020060001 | C81: 阻生牙拔除费-儿童（加收） | D81: 牙
B82: 013306020060011 | C82: 阻生牙拔除费-复杂阻生牙拔除（加收） | D82: 牙 | I82: HHS6P409 | J82: 中位阻生牙拔除术 | K82: KHM3R401 | L82: 口腔局部缝合止血 | M82: HHS65310 HHS65311 | N82: 未完全萌出阻生牙拔除术 骨性埋藏阻生牙拔除术
B83: 013306020060100 | C83: 阻生牙拔除费-多生牙拔除费（扩展） | D83: 牙 | E83: 3306040060300 | F83: 阻生牙拔除术（多生牙） | M83: 330604006.02 | N83: 阻生牙拔除术(多生牙加收)
A84: 51 | B84: 013306020070000 | C84: 阻生牙开窗助萌费 | D84: 牙 | E84: 3105100060000 3105100060100 | F84: 牙开窗助萌术 牙开窗助萌术（各类阻生恒牙） | I84: HHS6S401 | J84: 软组织内阻生恒牙开窗助萌术 | K84: KHM3R401 | L84: 口腔局部缝合止血 | M84: 310510006 310510006.10 330604023 | N84: 牙开窗助萌术 牙开窗助萌术(各类阻生恒牙) 牙齿萌出囊肿袋形术 | O84: 310510006.01 | P84: 牙开窗助萌术(位置异常加收)
B85: 013306020070001 | C85: 阻生牙开窗助萌费-儿童（加收） | D85: 牙
B86: 013306020070011 | C86: 阻生牙开窗助萌费-骨阻生开窗助萌（加收） | D86: 牙 | I86: HHS6S402 | J86: 骨阻生恒牙开窗助萌术
A87: 52 | B87: 013306020080000 | C87: 阻生牙牙冠切除费 | D87: 牙 | I87: HHS6U401 | J87: 阻生磨牙牙冠切除术 | K87: KHM3R401 | L87: 口腔局部缝合止血
B88: 013306020080001 | C88: 阻生牙牙冠切除费-儿童（加收） | D88: 牙
A89: 53 | B89: 013306020090000 | C89: 拔牙创搔刮费 | D89: 牙 | E89: 3306040070000 3306040070100 3306040070200 3306040070300 | F89: 拔牙创面搔刮术 拔牙创面搔刮术（干槽症） 拔牙创面搔刮术（拔牙后出血） 拔牙创面搔刮术（拔牙创面愈合不良） | I89: HHW6U401 HHE6U403 HHE6U402 | J89: 拔牙创面搔刮术 牙槽窝清创术 牙槽骨烧伤清创术 | K89: KHM3R401 | L89: 口腔局部缝合止血 | M89: 330604007 330604007.10 330604007.20 330604007.30 310511024 | N89: 拔牙创面搔刮术 拔牙创面搔刮术(干槽症) 拔牙创面搔刮术(拔牙后出血) 拔牙创面搔刮术(拔牙创面愈合不良) 牙槽骨烧伤清创术 | O89: 310510007.40 | P89: 口腔局部止血(缝合)
B90: 013306020090001 | C90: 拔牙创搔刮费-儿童（加收） | D90: 牙
A91: 54 | B91: 013306020100000 | C91: 阻生牙龈瓣修整费 | D91: 牙 | M91: 330604018 | N91: 阻生智齿龈瓣整形术
B92: 013306020100001 | C92: 阻生牙龈瓣修整费-儿童（加收） | D92: 牙
A93: 55 | B93: 013306020110000 | C93: 预防性拔牙窝组织封闭费 | D93: 牙
B94: 013306020110001 | C94: 预防性拔牙窝组织封闭费-儿童（加收） | D94: 牙
A95: 56 | B95: 013306020120000 | C95: 牙移植费 | D95: 牙 | E95: 3306040090000 3306040090100 3306040090200 | F95: 牙移植术 牙移植术（自体牙移植） 牙移植术（异体牙移植） | I95: KHS7Q401 | J95: 牙移植术 | K95: KHS4C405 HHE7P403 KHM3R401 HHE6U403 | L95: 自体牙植入物制备植入术 牙槽骨修整术 口腔局部缝合止血 牙槽窝清创术 | M95: 330604009 330604009.10 330604009.20 330604010 330604010.01 | N95: 牙移植术 牙移植术(自体牙移植) 牙移植术(异体牙移植) 牙槽骨修整术 牙槽骨修整术(增加一个牙加收) | O95: 310510007.40 | P95: 口腔局部止血(缝合)
B96: 013306020120001 | C96: 牙移植费-儿童（加收） | D96: 牙
B97: 013306020120100 | C97: 牙移植费-牙再植费（扩展） | D97: 牙 | E97: '003306040080100 '003306040080200 '003306040080300 '003306040080000 | F97: 牙再植术（嵌入） 牙再植术（移位） 牙再植术（脱落） 牙再植术 | I97: KHS7L401 | J97: 牙再植术 | K97: HHE7P403 KHM3R401 HHE6U403 KHS4C405 | L97: 牙槽骨修整术 口腔局部缝合止血 牙槽窝清创术 自体牙植入物制备植入术 | M97: 330604008.10 330604008.20 330604008.30 330604008 | N97: 牙再植术(嵌入) 牙再植术(移位) 牙再植术(脱落) 牙再植术
A98: 57 | B98: 013306020130000 | C98: 口腔良性肿物切除费 | D98: 病灶 | E98: '003306050010000 '003306050010100 | F98: 口腔颌面部小肿物切除术 口腔颌面部小肿物切除术（口腔良性小肿物） | I98: HHM6U401 HHM6U402 | J98: 口腔黏膜小肿物切除术 口内黏膜下黏液囊肿切除术 | M98: 330605001 | N98: 口腔颌面部小肿物切除术 | O98: 330605001.01 | P98: 口腔颌面部小肿物切除术(颌面部加收)
B99: 013306020130001 | C99: 口腔良性肿物切除费-儿童（加收） | D99: 病灶
B100: 013306020130011 | C100: 口腔良性肿物切除费-软组织缺损修复（加收） | D100: 病灶
A101: 58 | B101: 013306020140000 | C101: 口腔系带修整费 | D101: 次 | E101: '003306060010000 '003306060010100 '003306060010200 '003306060010300 | F101: 系带成形术 系带成形术（唇） 系带成形术（颊） 系带成形术（舌） | I101: HHM7P402 HHN7P401 HHN7P402 HHP7P302 | J101: 前庭沟加深术 唇颊沟加深术 唇系带修整术 颊系带修整术 | K101: HHW7P401 | L101: 修复前软组织成形术 | M101: 330606001 330606001.10 330606001.20 330606001.30 | N101: 系带成形术 系带成形术(唇) 系带成形术(颊) 系带成形术(舌系带)
...

Sheet 附件8-口腔类医疗服务价格项目意见建议反馈表
A1: 附件8 | B1: 口腔类医疗服务价格项目意见建议反馈表 | O1: 单位（盖章）
A2: 序号 | B2: 项目编码 | C2: 项目名称 | D2: 服务产出 | E2: 价格构成 | F2: 计价单位 | G2: 计价说明 | H2: 政府指导价（含耗材及消毒费） | L2: 医保属性 | M2: 医保支付限制 | N2: 归集口径 | O2: 意见/建议 | P2: 理由
H3: 三级医院 | I3: 二级医院 | J3: 一级医院 | K3: 其他医疗机构（含基层医疗机构）
A4: 使用说明： 1.本类项目以口腔治疗为重点，按照口腔治疗方式设立价格项目。根据《深化医疗服务价格改革试点方案》（医保发〔2021〕41号)“厘清价格项目与临床诊疗技术规范、医疗机构成本要素、不同应用场景和收费标准等的政策边界，分类整合现行价格项目，实现价格项目与操作步骤、诊疗部位等技术细节脱钩，增强现行价格项目对医疗技术和医疗活动改良创新的兼容性”要求，各类口腔类项目在操作层面存在差异，但在价格项目和定价水平层面具备合并同类项的条件，立项指南对目前常用的口腔类项目进行了合并。所定价格是政府指导价为最高限价，下浮不限；同时，医疗机构、医务人员实施治疗过程中有关创新改良，采取“现有项目兼容”的方式简化处理，无需申报新增医疗服务价格项目,经向本地区医保部门备案后可按照对应的项目执行。 2.本类项目所称的“价格构成”，指项目价格应涵盖的各类资源消耗，用于确定计价单元的边界，是制定调整项目价格考虑的测算因子，不应作为临床技术标准理解，不是实际操作方式、路径、步骤、程序的强制性要求，价格构成中包含但临床实践中非必要、未发生的，无需强制要求公立医疗机构减计费用。所列“设备投入”包括但不限于操作设备、器具及固定资产投入。 3.本类项目所称“加收项”，指同一项目以不同方式提供或在不同场景应用时，确有必要制定差异化收费标准而细分的一类子项，包括在原项目价格基础上增加或减少收费的情况；实际应用中，同时涉及多个加收项的，以项目单价为基础计算相应的加/减收水平后，据实收费。 4.本类项目所称“扩展项”，指同一项目下以不同方式提供或在不同场景应用时，只扩展价格项目适用范围、不额外加价的一类子项，子项的价格按主项目执行。 5.本类项目所称"基本物质资源消耗"，指原则上限于不应或不必要与医疗服务项目分割的易耗品，属于医疗服务价格项目应当使用的、市场价格和使用数量相对稳定的医用耗材，包括但不限于各类消杀用品、储存用品、清洁用品、个人防护用品、垃圾处理用品、冲洗液、润滑剂、灌洗液、棉球（卷)、棉签、纱布（垫)、绷带、护垫、衬垫、手术巾（单)、治疗巾（单)、治疗护理盘(包)、注射器、压舌板、滑石粉、防渗漏垫、标签、操作器具、冲洗工具、备皮工具、镍钛锉、口腔盒、印模材、咬合纸、引流条、修复体粘接剂、窝沟封闭剂、耗材粘接剂、充填材料、根管封闭剂、盖髓材料、一次性口杯、一次性吸唾管、氟化物、银锶制剂、酚制剂等。基本物耗成本计入项目价格，不另行收费。除基本物耗以外的其他耗材，按照实际采购价格零差率销售。 6.本类项目中涉及“包括……”“…… 等”的，属于开放型表述，所指对象不仅局限于表述中列明的事项，也包括未列明的同类事项。 7.医疗机构自行制作设计的包括但不限于如矫治器、保持器、运动护齿等个性化产品，采取“产品化”的价格形成机制，由医疗机构以物料成本、加工服务等为基础，按照适当的成本回收率自主确定价格并销售，不再按制作步骤拆分设立医疗服务价格项目。 8.口腔种植类立项指南中“口腔内植骨费”项目，扩大其服务产出适用范围，不仅局限种植牙所用，口腔学科中“牙槽骨增量手术费”和“牙周植骨费”可按照此项目执行计费。 9.涉及“复杂”等内涵未尽的表述，除立项指南中已明确的情形外，医院实践中按照“复杂”情形计费的，应以卫生行政主管部门最新版卫生技术规范、临床指南或专家共识中的明确定性为前提。满足复杂情况中的任意一种即算复杂，不同复杂情况不累计叠加收费。 10.在本医疗机构开展错合矫治治疗时，方案设计属诊查治疗应尽事项，不得同时收取设计费。 11.本类项目所称的“儿童”，指6周岁及以下。本类项目儿童加收比例为主项目价格的20%。周岁的计算方法以法律的相关规定为准。
A5: 1 | B5: 013105020010000 | C5: 乳牙期错合矫治费（常规） | D5: 通过矫治器安装调整进行乳牙错合畸形的早期矫治。 | E5: 所定价格涵盖准备、方案设计、矫治器安装、调整评估、加力、拆除、处理用物等步骤所需的人力资源和基本物质资源消耗。 | F5: 疗程 | G5: 本项目所称“疗程”指：从错合矫治治疗开始到结束。 | H5: 2900 | I5: 2636.4 | J5: 2504.6 | K5: =I5*0.9 -> 2372.76 | L5: =_xlfn.XLOOKUP(B5,[7]打印格式!$B$1:$B$65536,[7]打印格式!$H$1:$H$65536) -> 自费 | N5: 治疗费
A6: 2 | B6: 013105020020000 | C6: 乳牙期错合矫治费（复杂） | D6: 通过矫治器安装调整进行疑难复杂情况的乳牙错合畸形的早期矫治。 | E6: 所定价格涵盖准备、方案设计、矫治器安装、调整评估、加力、拆除、处理用物等步骤所需的人力资源和基本物质资源消耗。 | F6: 疗程 | G6: 1.本项目所称“复杂”指：骨性Ⅲ类、上颌或上牙弓狭窄、伴颅颌面先天畸形、后牙反合或锁合的情况。 2.本项目所称“疗程”指：从错合矫治治疗开始到结束。 | H6: 4300 | I6: 3909.0909 | J6: 3713.6 | K6: =I6*0.9 -> 3518.1818 | L6: =_xlfn.XLOOKUP(B6,[7]打印格式!$B$1:$B$65536,[7]打印格式!$H$1:$H$65536) -> 自费 | N6: 治疗费
A7: 3 | B7: 013105020030000 | C7: 替牙期Ⅰ类错合矫治费（常规） | D7: 通过矫治器安装调整进行替牙期Ⅰ类错合畸形的早期矫治。 | E7: 所定价格涵盖准备、方案设计、矫治器安装、调整评估、加力、拆除、处理用物等步骤所需的人力资源和基本物质资源消耗。 | F7: 疗程 | G7: 本项目所称“疗程”指：从错合矫治治疗开始到结束。 | H7: 8700 | I7: 7909.0909 | J7: 7513.6 | K7: =I7*0.9 -> 7118.1818 | L7: =_xlfn.XLOOKUP(B7,[7]打印格式!$B$1:$B$65536,[7]打印格式!$H$1:$H$65536) -> 自费 | N7: 治疗费
A8: 4 | B8: 013105020040000 | C8: 替牙期Ⅰ类错合矫治费（复杂） | D8: 通过矫治器安装调整进行疑难复杂情况的替牙期Ⅰ类错合畸形的早期矫治。 | E8: 所定价格涵盖准备、方案设计、矫治器安装、调整评估、加力、拆除、处理用物等步骤所需的人力资源和基本物质资源消耗。 | F8: 疗程 | G8: 1.本项目所称“复杂”指：开合、后牙反合、III度深覆合、后牙锁合、上颌前突（ANB≥7度）或下颌前突（ANB≤0度）、伴颅颌面畸形、伴颞下颌关节病、阻生牙的情况。 2.本项目所称“疗程”指：从错合矫治治疗开始到结束。 | H8: 11100 | I8: 10090.909 | J8: 9586.4 | K8: =I8*0.9 -> 9081.8182 | L8: =_xlfn.XLOOKUP(B8,[7]打印格式!$B$1:$B$65536,[7]打印格式!$H$1:$H$65536) -> 自费 | N8: 治疗费
A9: 5 | B9: 013105020050000 | C9: 替牙期Ⅱ类错合矫治费（常规） | D9: 通过矫治器安装调整进行替牙期Ⅱ类错合畸形的早期矫治。 | E9: 所定价格涵盖准备、方案设计、矫治器安装、调整评估、加力、拆除、处理用物等步骤所需的人力资源和基本物质资源消耗。 | F9: 疗程 | G9: 本项目所称“疗程”指：从错合矫治治疗开始到结束。 | H9: 9800 | I9: 8909.0909 | J9: 8463.6 | K9: =I9*0.9 -> 8018.1818 | L9: =_xlfn.XLOOKUP(B9,[7]打印格式!$B$1:$B$65536,[7]打印格式!$H$1:$H$65536) -> 自费 | N9: 治疗费
A10: 6 | B10: 013105020060000 | C10: 替牙期Ⅱ类错合矫治费（复杂） | D10: 通过矫治器安装调整进行疑难复杂情况的替牙期Ⅱ类错合畸形的早期矫治。 | E10: 所定价格涵盖准备、方案设计、矫治器安装、调整评估、加力、拆除、处理用物等步骤所需的人力资源和基本物质资源消耗。 | F10: 疗程 | G10: 1.本项目所称“复杂”指：开合、后牙反合、III度深覆合、后牙锁合、严重上颌前突（ANB≥7度）、伴颅颌面畸形、伴颞下颌关节病、阻生牙的情况。 2.本项目所称“疗程”指：从错合矫治治疗开始到结束。 | H10: 13000 | I10: 11818.182 | J10: 11227.3 | K10: =I10*0.9 -> 10636.364 | L10: =_xlfn.XLOOKUP(B10,[7]打印格式!$B$1:$B$65536,[7]打印格式!$H$1:$H$65536) -> 自费 | N10: 治疗费
A11: 7 | B11: 013105020070000 | C11: 替牙期Ⅲ类错合矫治费（常规） | D11: 通过矫治器安装调整进行替牙期Ⅲ类错合畸形的早期矫治。 | E11: 所定价格涵盖准备、方案设计、矫治器安装、调整评估、加力、拆除、处理用物等步骤所需的人力资源和基本物质资源消耗。 | F11: 疗程 | G11: 本项目所称“疗程”指：从错合矫治治疗开始到结束。 | H11: 11100 | I11: 10090.909 | J11: 9586.4 | K11: =I11*0.9 -> 9081.8182 | L11: =_xlfn.XLOOKUP(B11,[7]打印格式!$B$1:$B$65536,[7]打印格式!$H$1:$H$65536) -> 自费 | N11: 治疗费
A12: 8 | B12: 013105020080000 | C12: 替牙期Ⅲ类错合矫治费（复杂） | D12: 通过矫治器安装调整进行疑难复杂情况的替牙期Ⅲ类错合畸形的早期矫治。 | E12: 所定价格涵盖准备、方案设计、矫治器安装、调整评估、加力、拆除、处理用物等步骤所需的人力资源和基本物质资源消耗。 | F12: 疗程 | G12: 1.本项目所称“复杂”指：开合、III度深覆合、后牙反合、后牙锁合、下颌前突（ANB≤0度）、伴颅颌面畸形、伴颞下颌关节病、阻生牙的情况。 2.本项目所称“疗程”指：从错合矫治治疗开始到结束。 | H12: 15000 | I12: 13636.364 | J12: 12954.5 | K12: =I12*0.9 -> 12272.727 | L12: =_xlfn.XLOOKUP(B12,[7]打印格式!$B$1:$B$65536,[7]打印格式!$H$1:$H$65536) -> 自费 | N12: 治疗费
A13: 9 | B13: 013105020090000 | C13: 恒牙期Ⅰ类错合矫治费（常规） | D13: 通过矫治器安装调整进行恒牙期Ⅰ类错合畸形的矫治。 | E13: 所定价格涵盖准备、方案设计、矫治器安装、调整评估、加力、拆除、处理用物等步骤所需的人力资源和基本物质资源消耗。 | F13: 疗程 | G13: 1.在同一家医疗机构正畸治疗结束，复发病例再次矫治，每例按疗程费用的50%计价收费。 2.本项目所称“疗程”指：从错合矫治治疗开始到结束。 | H13: 18400 | I13: 16727.273 | J13: 15890.9 | K13: =I13*0.9 -> 15054.545 | L13: =_xlfn.XLOOKUP(B13,[7]打印格式!$B$1:$B$65536,[7]打印格式!$H$1:$H$65536) -> 自费 | N13: 治疗费
A14: 10 | B14: 013105020100000 | C14: 恒牙期Ⅰ类错合矫治费（复杂） | D14: 通过矫治器安装调整进行疑难复杂情况的恒牙期Ⅰ类错合畸形的矫治。 | E14: 所定价格涵盖准备、方案设计、矫治器安装、调整评估、加力、拆除、处理用物等步骤所需的人力资源和基本物质资源消耗。 | F14: 疗程 | G14: 1.本项目所称“复杂”指：18岁以上（不含18岁）、开合、III度深覆合、拔磨牙后关闭间隙、磨牙或牙弓远中移动、阻生牙、伴颅颌面畸形、伴颞下颌关节病、正畸-正颌手术联合治疗、舌侧矫治的情况。 2.在同一家医疗机构正畸治疗结束，复发病例再次矫治，每例按疗程费用的50%计价收费。3.本项目所称“疗程”指：从错合矫治治疗开始到结束。 | H14: 24400 | I14: 22181.818 | J14: 21072.7 | K14: =I14*0.9 -> 19963.636 | L14: =_xlfn.XLOOKUP(B14,[7]打印格式!$B$1:$B$65536,[7]打印格式!$H$1:$H$65536) -> 自费 | N14: 治疗费
A15: 11 | B15: 013105020110000 | C15: 恒牙期Ⅱ类错合矫治费（常规） | D15: 通过矫治器安装调整进行恒牙期Ⅱ类错合畸形的矫治。 | E15: 所定价格涵盖准备、方案设计、矫治器安装、调整评估、加力、拆除、处理用物等步骤所需的人力资源和基本物质资源消耗。 | F15: 疗程 | G15: 1.在同一家医疗机构正畸治疗结束，复发病例再次矫治，每例按疗程费用的50%计价收费。 2.本项目所称“疗程”指：从错合矫治治疗开始到结束。 | H15: 22700 | I15: 20636.364 | J15: 19604.5 | K15: =I15*0.9 -> 18572.727 | L15: =_xlfn.XLOOKUP(B15,[7]打印格式!$B$1:$B$65536,[7]打印格式!$H$1:$H$65536) -> 自费 | N15: 治疗费
A16: 12 | B16: 013105020120000 | C16: 恒牙期Ⅱ类错合矫治费（复杂） | D16: 通过矫治器安装调整进行疑难复杂情况的恒牙期Ⅱ类错合畸形的矫治。 | E16: 所定价格涵盖准备、方案设计、矫治器安装、调整评估、加力、拆除、处理用物等步骤所需的人力资源和基本物质资源消耗。 | F16: 疗程 | G16: 1.本项目所称“复杂”指：18岁以上（不含18岁）、开合、III度深覆合、拔磨牙后关闭间隙、阻生牙、上颌前突（ANB≥5度）的拔牙正畸治疗、磨牙或牙弓远中移动、伴颅颌面畸形、伴颞下颌关节病、正畸-正颌手术联合治疗、舌侧矫治的情况。 2.在同一家医疗机构正畸治疗结束，复发病例再次矫治，每例按疗程费用的50%计价收费。 3.本项目所称“疗程”指：从错合矫治治疗开始到结束。 | H16: 29600 | I16: 26909.091 | J16: 25563.6 | K16: =I16*0.9 -> 24218.182 | L16: =_xlfn.XLOOKUP(B16,[7]打印格式!$B$1:$B$65536,[7]打印格式!$H$1:$H$65536) -> 自费 | N16: 治疗费
... A21: 17 | B21: 013105020170000 | C21: 恒牙期Ⅲ类错合矫形功能治疗费 | D21: 通过针对性矫治器的安装进行恒牙期III类错合畸形的矫形和功能治疗。 | E21: 所定价格涵盖准备、方案设计、矫治器安装、调整评估、加力、拆除、处理用物等步骤所需的人力资源和基本物质资源消耗。 | F21: 疗程 | G21: 本项目所称“疗程”指：从错合矫形治疗开始到结束。 | H21: 9700 | I21: 8818.1818 | J21: 8377.3 | K21: =I21*0.9 -> 7936.3636 | L21: =_xlfn.XLOOKUP(B21,[7]打印格式!$B$1:$B$65536,[7]打印格式!$H$1:$H$65536) -> 自费 | N21: 治疗费
A22: 18 | B22: 013105020180000 | C22: 新生儿唇腭裂术前治疗费 | D22: 针对婴儿期唇腭裂唇裂术前，通过矫治器安装调整，实现鼻齿槽塑形。 | E22: 所定价格涵盖准备、方案设计、矫治器安装、调整、拆除、处理用物等步骤所需的人力资源和基本物质资源消耗。 | F22: 疗程 | H22: 3100 | I22: 2818.1818 | J22: 2677.3 | K22: =I22*0.9 -> 2536.3636 | L22: =_xlfn.XLOOKUP(B22,[7]打印格式!$B$1:$B$65536,[7]打印格式!$H$1:$H$65536) -> 自费 | N22: 治疗费
A23: 19 | B23: 013105020190000 | C23: 睡眠呼吸暂停综合征口腔正畸辅助治疗费 | D23: 通过口腔阻鼾器安装调整或扩弓活动矫治，减轻阻塞性睡眠呼吸暂停的症状。 | E23: 所定价格涵盖准备、方案设计、矫治器安装、调整评估、处理用物等步骤所需的人力资源和基本物质资源消耗。 | F23: 疗程 | H23: 8000 | I23: 7272.7273 | J23: 6909.1 | K23: =I23*0.9 -> 6545.4545 | L23: =_xlfn.XLOOKUP(B23,[7]打印格式!$B$1:$B$65536,[7]打印格式!$H$1:$H$65536) -> 自费 | N23: 治疗费
A24: 20 | B24: 013105020200000 | C24: 局部正畸矫治费 | D24: 使用局部矫治器矫治一个象限内的牙齿伸长、倾斜、间隙关闭或开展、微小牙齿移动等矫治。 | E24: 所定价格涵盖准备、方案设计、矫治器安装、调整评估、加力、拆除、处理用物等步骤所需的人力资源和基本物质资源消耗。 | F24: 象限•疗程 | G24: 1.全口共4个象限。 2.累计价收费格超过全口价格，按照全口价格计价收费。 | H24: 7200 | I24: 6545.4545 | J24: 6218.2 | K24: =I24*0.9 -> 5890.9091 | L24: =_xlfn.XLOOKUP(B24,[7]打印格式!$B$1:$B$65536,[7]打印格式!$H$1:$H$65536) -> 自费 | N24: 治疗费
A25: 21 | B25: 013105020210000 | C25: 口腔固定保持器安装费 | D25: 为需要正畸治疗后进行固定保持的患者安装固定保持器。 | E25: 所定价格涵盖准备、安装、调试、处理用物等步骤所需的人力资源和基本物质资源消耗。 | F25: 单颌 | H25: 500 | I25: 454.54545 | J25: 431.8 | K25: =I25*0.9 -> 409.09091 | L25: =_xlfn.XLOOKUP(B25,[7]打印格式!$B$1:$B$65536,[7]打印格式!$H$1:$H$65536) -> 自费 | N25: 治疗费
A26: 22 | B26: 013105020220000 | C26: 口腔固定保持器拆除费 | D26: 为需要拆除固定保持器的患者去除固定保持器。 | E26: 所定价格涵盖准备、拆除、处理用物等步骤所需的人力资源和基本物质资源消耗。 | F26: 单颌 | H26: 250 | I26: 227.27273 | J26: 215.9 | K26: =I26*0.9 -> 204.54545 | L26: =_xlfn.XLOOKUP(B26,[7]打印格式!$B$1:$B$65536,[7]打印格式!$H$1:$H$65536) -> 自费 | N26: 治疗费
A27: 23 | B27: 013105020230000 | C27: 错合畸形治疗设计费 | D27: 通过各项检查完成错合畸形的诊断与矫治方案设计。 | E27: 所定价格涵盖准备、模型制取和灌注、模型测量、面颌像拍照、头影测量分析、制定治疗计划和方案、处理用物等步骤所需的人力资源和基本物质资源消耗。 | F27: 次 | G27: 1.完成1个疗程计价收费1次；在本医疗机构中开展的矫治不得同时收取设计价收费，若已收取“错合畸形治疗设计费”须在错合矫治治疗费用中予以同等费用减免。 2.不含放射检查费用。 | H27: 800 | I27: 727.27273 | J27: 690.9 | K27: =I27*0.9 -> 654.54545 | L27: =_xlfn.XLOOKUP(B27,[7]打印格式!$B$1:$B$65536,[7]打印格式!$H$1:$H$65536) -> 自费 | N27: 治疗费
A28: 24 | B28: 013306020010000 | C28: 正畸支抗钉植入费 | D28: 通过将正畸支抗钉植入颌骨协助完成正畸治疗。 | E28: 所定价格涵盖手术计划、术区准备、消毒、植入、处理用物等步骤所需的人力资源和基本物质资源消耗。 | F28: 每钉 | H28: 380 | I28: 345.45455 | J28: 328.2 | K28: =I28*0.9 -> 310.90909 | L28: =_xlfn.XLOOKUP(B28,[7]打印格式!$B$1:$B$65536,[7]打印格式!$H$1:$H$65536) -> 自费 | N28: 手术费
A29: 25 | B29: 013306020010001 | C29: 正畸支抗钉植入费-儿童（加收） | F29: 每钉 | H29: 76 | I29: 69.090909 | J29: =I29*0.95 -> 65.636364 | K29: =I29*0.9 -> 62.181818 | L29: =_xlfn.XLOOKUP(B29,[7]打印格式!$B$1:$B$65536,[7]打印格式!$H$1:$H$65536) -> 自费 | N29: 手术费
A30: 26 | B30: 013105010330000 | C30: 牙根牵引费 | D30: 通过牵引方法将冠根折或根折的外伤牙齿牵引至龈上。 | E30: 所定价格涵盖准备、切开、粘接或制戴、牵引、加力、调整、处理用物等步骤所需的人力资源和基本物质资源消耗。 | F30: 牙 | H30: 333.4 | I30: 303.07273 | J30: 287.9 | K30: =I30*0.9 -> 272.76545 | L30: =_xlfn.XLOOKUP(B30,[7]打印格式!$B$1:$B$65536,[7]打印格式!$H$1:$H$65536) -> 自费 | N30: 治疗费
A31: 27 | B31: 012406000010000 | C31: 牙髓活力测验费 | D31: 通过设备检查评估牙髓活力状态。 | E31: 所定价格涵盖准备、隔离、测验、评估、处理用物等步骤所需的人力资源和基本物质资源消耗。 | F31: 牙 | H31: 7.8 | I31: 7.0727273 | J31: 6.7 | K31: =I31*0.9 -> 6.3654545 | L31: =_xlfn.XLOOKUP(B31,[7]打印格式!$B$1:$B$65536,[7]打印格式!$H$1:$H$65536) -> 乙类 | N31: 检查费
A32: 28 | B32: 013105010010000 | C32: 橡皮障隔离费 | D32: 通过专用的橡皮障套装隔开接受治疗的牙齿与口腔。 | E32: 所定价格涵盖准备、隔离、处理用物等步骤所需的人力资源和基本物质资源消耗。 | F32: 次 | H32: 19.9 | I32: 18.072727 | J32: 17.2 | K32: =I32*0.9 -> 16.265455 | L32: =_xlfn.XLOOKUP(B32,[7]打印格式!$B$1:$B$65536,[7]打印格式!$H$1:$H$65536) -> 自费 | N32: 治疗费
A33: 29 | B33: 013105010020000 | C33: 牙体开髓引流费 | D33: 对于牙髓急症患者仅行开髓引流、牙髓摘除以缓解急性疼痛。 | E33: 所定价格涵盖准备、开髓、拔髓、处理用物等步骤所需的人力资源和基本物质资源消耗。 | F33: 牙 | G33: 仅限于牙髓急症患者应急处置时收费，在其他牙髓治疗中作为相关项目的价格构成，不单独收费。 | H33: 66 | I33: 60 | J33: 57 | K33: =I33*0.9 -> 54 | L33: =_xlfn.XLOOKUP(B33,[7]打印格式!$B$1:$B$65536,[7]打印格式!$H$1:$H$65536) -> 甲类 | N33: 治疗费
A34: 30 | B34: 013105010020001 | C34: 牙体开髓引流费-儿童（加收） | F34: 牙 | G34: 仅限于牙髓急症患者应急处置时收费，在其他牙髓治疗中作为相关项目的价格构成，不单独收费。 | H34: 13.2 | I34: 12 | J34: =I34*0.95 -> 11.4 | K34: =I34*0.9 -> 10.8 | L34: =_xlfn.XLOOKUP(B34,[7]打印格式!$B$1:$B$65536,[7]打印格式!$H$1:$H$65536) -> 甲类 | N34: 治疗费
A35: 31 | B35: 013105010030000 | C35: 牙髓失活费 | D35: 通过失活剂去除牙髓的活性。 | E35: 所定价格涵盖准备、开髓、放置失活剂、处理用物等步骤所需的人力资源和基本物质资源消耗。 | F35: 牙 | H35: 40.81 | I35: 37.1 | J35: 35.245 | K35: =I35*0.9 -> 33.39 | L35: =_xlfn.XLOOKUP(B35,[7]打印格式!$B$1:$B$65536,[7]打印格式!$H$1:$H$65536) -> 甲类 | N35: 治疗费
